 Dungeon Crawl Stone Soup version 0.23.2-33-g5129a83184 (webtiles) character file.

Game seed: 4367234674812518876

1694999 DildoBatman the Petrodigitator (level 27, -6/273 HPs)
             Began as a Formicid Wizard on July 24, 2019.
             Was an Initiate of Gozag.
             Killed by the air
             ... invoked by a spriggan air mage
              (13 damage)
             ... on level 15 of a ziggurat on Aug 8, 2019.
             The game lasted 18:34:08 (225325 turns).

DildoBatman the Petrodigitator (Formicid Wizard)  Turns: 225325, Time: 18:34:08

Health: -6/273     AC: 27    Str: 24    XL:     27
Magic:  64/72      EV: 29    Int: 64    God:    Gozag
Gold:   701571     SH: 34    Dex: 13    Spells: 0/80 levels left

rFire    + + +     SeeInvis +   a - +9 staff of Wucad Mu {channel}
rCold    + + .     Gourm    .   L - +7 large shield of the Orb {*Corrode rF+ Regen+ Str+4}
rNeg     + + +     Faith    .   p - +4 troll leather armour "Uses" {rElec MR- Regen+ Int+3}
rPois    ∞         Spirit   .   (helmet unavailable)
rElec    +         Reflect  .   B - +2 cloak of the Thief {+Fog Slay-2 SInv Stlth+}
rCorr    .         Harm     .   s - +0 pair of gloves of Negligence {-Tele Regen+ MP+9 Int+4}
MR       +++..     Clarity  +   O - +0 pair of boots of Guravast {Regen+ Int+5}
Stlth    +++++++++.             r - amulet of Leaves {Regen+ Str+6 Int+10}
HPRegen  2.55/turn              I - ring of Jett {rF+++ rN+ Str+3 Int+4 Dex+4}
MPRegen  0.43/turn              j - ring of New Discoveries {rF+ rC+ MR+ MP+9 Int+4}

@: lich-form, tornado, gold aura, flying (expiring)
A: permanent stasis, dig shafts and tunnels, four strong arms, antennae 3,
hooves 1, clarity, clever 1, robust 1
}: 10/15 runes: decaying, serpentine, slimy, silver, golden, iron, obsidian,
icy, bone, abyssal
a: Dig, Shaft Self, End Transformation, Potion Petition, Call Merchant, Bribe
Branch, Renounce Religion, Evoke Fog


You were on level 15 of a ziggurat.
You worshipped Gozag.
Gozag was exalted by your worship.
You were not hungry.
You were a lich.
You visited 18 branches of the dungeon, and saw 83 of its levels.
You visited the Abyss 2 times.
You visited 17 ziggurats (completing 16), and saw 447 of their levels.
You also visited: Trove, Bailey and Wizlab.

You collected 824278 gold pieces.
You spent 16071 gold pieces at shops.
You paid 106636 gold pieces to Gozag.

Inventory:

Hand Weapons
 a - the +9 staff of Wucad Mu (weapon) {channel}
   (You found it on level 26 of a ziggurat)
 b - the +6 Majin-Bo {vamp, Archmagi MP+6 Int+6}
   (You found it on level 13 of a ziggurat)

   It inflicts no extra harm, but heals its wielder when it wounds a living foe.
   It affects your intelligence (+6).
   It affects your magic capacity (+6).
 c - the +7 Singing Sword {slice, sonic wave}
   (You found it on level 27 of a ziggurat)

   It inflicts extra damage upon your enemies.
 d - the +3 Elemental Staff {rElec rF++ rC++ MR++ AC+5}
   (You found it on level 19 of a ziggurat)

   It affects your AC (+5).
   It greatly protects you from fire.
   It greatly protects you from cold.
   It insulates you from electricity.
   It affects your resistance to hostile enchantments.
 e - the +7 lajatang of Order {silver, rMut}
   (You found it on level 19 of a ziggurat)

   It protects you from mutation.
 f - the +18 lance "Wyrmbane" {slay drac, rPois rF+ rC+ AC+3}
   (You found it on level 18 of a ziggurat)

   It affects your AC (+3).
   It protects you from fire.
   It protects you from cold.
   It protects you from poison.
Missiles
 h - 46 throwing nets
 l - 184 javelins of penetration (quivered)
Armour
 m - the +3 chain mail of Ru's Whim {+Inv rElec rPois MR+, unknown}
   (You found it on level 7 of a ziggurat)

   It insulates you from electricity.
   It protects you from poison.
   It affects your resistance to hostile enchantments.
   It lets you turn invisible.
 p - the +4 troll leather armour "Uses" (worn) {rElec MR- Regen+ Int+3}
   (You found it on level 12 of a ziggurat)

   It affects your intelligence (+3).
   It insulates you from electricity.
   It affects your resistance to hostile enchantments.
   It increases your rate of regeneration.
 s - the +0 pair of gloves of Negligence (worn) {-Tele Regen+ MP+9 Int+4}
   (You acquired it on level 4 of the Depths)

   It affects your intelligence (+4).
   It affects your magic capacity (+9).
   It prevents most forms of teleportation.
   It increases your rate of regeneration.
 B - the +2 cloak of the Thief (worn) {+Fog Slay-2 SInv Stlth+}
   (You found it on level 14 of a ziggurat)

   It affects your accuracy and damage with ranged weapons and melee attacks
   (-2).
   It lets you see invisible.
   It makes you more stealthy.
 G - the +3 chain mail of Nishur {-Tele rN+ Str+3 Dex+7, unknown}
   (You found it on level 12 of a ziggurat)

   It affects your strength (+3).
   It affects your dexterity (+7).
   It protects you from negative energy.
   It prevents most forms of teleportation.
 L - the +7 large shield of the Orb (worn) {*Corrode rF+ Regen+ Str+4}
   (You took it off a deep elf annihilator on level 3 of the Elven Halls)

   It affects your strength (+4).
   It protects you from fire.
   It increases your rate of regeneration.
   It may corrode you when you take damage.
 O - the +0 pair of boots of Guravast (worn) {Regen+ Int+5}
   (You found it on level 24 of a ziggurat)

   It affects your intelligence (+5).
   It increases your rate of regeneration.
 T - the -5 shield of the Wishes {-Tele rN++ rCorr Int+3, unknown}
   (You found it on level 14 of a ziggurat)

   It affects your intelligence (+3).
   It greatly protects you from negative energy.
   It prevents most forms of teleportation.
   It provides partial protection from all sources of acid and corrosion.
Jewellery
 i - the ring of Xom's Benevolence {Wiz MR+ Int+6}
   (You found it on level 20 of a ziggurat)

   [ring of wizardry]

   It improves your spell success rate.
   It affects your intelligence (+6).
   It affects your resistance to hostile enchantments.
 j - the ring of New Discoveries (right hand) {rF+ rC+ MR+ MP+9 Int+4}
   (You found it on level 3 of the Elven Halls)

   [ring of magical power]

   It affects your intelligence (+4).
   It protects you from fire.
   It protects you from cold.
   It affects your resistance to hostile enchantments.
   It affects your magic capacity (+9).
 o - the ring of Vungom {+Fly rPois Str+4 SInv, unknown}
   (You found it on level 8 of a ziggurat)

   [ring of poison resistance]

   It affects your strength (+4).
   It protects you from poison.
   It lets you see invisible.
   It lets you fly.
 r - the amulet of Leaves (around neck) {Regen+ Str+6 Int+10}
   (You found it on level 13 of a ziggurat)

   [amulet of regeneration]

   It affects your strength (+6).
   It affects your intelligence (+10).
   It increases your rate of regeneration.
 t - the ring of Creativity {Int+3 Slay+2 SInv, unknown}
   (You found it on level 8 of a ziggurat)

   [ring of slaying]

   It affects your intelligence (+3).
   It affects your accuracy and damage with ranged weapons and melee attacks
   (+2).
   It lets you see invisible.
 D - the ring "Deupiele" {MR+ MP+9, unknown}
   (You found it on level 8 of a ziggurat)

   [ring of magical power]

   It affects your resistance to hostile enchantments.
   It affects your magic capacity (+9).
 E - the ring of Kyxadd {rElec rC+ MP+9 Dex+2, unknown}
   (You found it on level 9 of a ziggurat)

   [ring of protection from cold]

   It affects your dexterity (+2).
   It protects you from cold.
   It insulates you from electricity.
   It affects your magic capacity (+9).
 F - the cursed ring of Greed {rPois Str-2 Dex+4 Slay-3, unknown}
   (You found it on level 10 of a ziggurat)

   [ring of slaying]

   It affects your strength (-2).
   It affects your dexterity (+4).
   It affects your accuracy and damage with ranged weapons and melee attacks
   (-3).
   It protects you from poison.
   It has a curse placed upon it.
 I - the ring of Jett (left hand) {rF+++ rN+ Str+3 Int+4 Dex+4}
   (You found it on level 7 of a ziggurat)

   [ring of positive energy]

   It affects your strength (+3).
   It affects your intelligence (+4).
   It affects your dexterity (+4).
   It renders you almost immune to fire.
   It protects you from negative energy.
 Q - the ring of the Leaf {rF- MP+9 Int+3 Dex+2 Stlth+, unknown}
   (You found it on level 13 of a ziggurat)

   [ring of stealth]

   It affects your intelligence (+3).
   It affects your dexterity (+2).
   It makes you vulnerable to fire.
   It affects your magic capacity (+9).
   It makes you more stealthy.
 S - the ring of Pytuecu {Wiz rF++ Int+7 Stlth-, unknown}
   (You found it on level 13 of a ziggurat)

   [ring of wizardry]

   It improves your spell success rate.
   It affects your intelligence (+7).
   It greatly protects you from fire.
   It makes you less stealthy.
Wands
 k - a wand of clouds (11)
 q - a wand of scattershot (20)
 A - a wand of acid (27)
Scrolls
 w - 347 scrolls of fog
 x - 380 scrolls of remove curse
 y - 31 scrolls of immolation
 z - 124 scrolls of identify
 M - 12 scrolls of acquirement
Potions
 n - 120 potions of heal wounds
 u - 12 potions of cancellation
 J - 14 potions of magic
 K - 347 potions of mutation
 N - 6 potions of invisibility
 R - 88 potions of curing
Miscellaneous
 g - a phial of floods
 C - a lightning rod (4/4)
 H - 41 phantom mirrors
 P - a lamp of fire
 U - a fan of gales
 W - 45 sacks of spiders
 Y - the horn of Geryon
 Z - 41 boxes of beasts
Comestibles
 v - 364 rations


   Skills:
 O Level 27 Fighting
 O Level 27 Short Blades
 O Level 27 Long Blades
 O Level 27 Axes
 O Level 27 Maces & Flails
 O Level 27 Polearms
 O Level 27 Staves
 O Level 27 Slings
 O Level 27 Bows
 O Level 27 Crossbows
 O Level 27 Throwing
 O Level 27 Armour
 O Level 27 Dodging
 O Level 27 Stealth
 O Level 27 Shields
 O Level 27 Unarmed Combat
 O Level 27 Spellcasting
 O Level 27 Conjurations
 O Level 27 Hexes
 O Level 27 Charms
 O Level 27 Summonings
 O Level 27 Necromancy
 O Level 27 Translocations
 O Level 27 Transmutations
 O Level 27 Fire Magic
 O Level 27 Ice Magic
 O Level 27 Air Magic
 O Level 27 Earth Magic
 O Level 27 Poison Magic
 O Level 27 Invocations
 O Level 27 Evocations


You couldn't memorise any spells.
You knew the following spells:

 Your Spells              Type           Power        Failure   Level  Hunger
a - Chain Lightning       Conj/Air       #########.   0%          8    N/A
b - Shatter               Erth           #########.   1%          9    N/A
c - Tornado               Air            #########.   1%          9    N/A
d - Necromutation         Tmut/Necr      #########.   0%          8    N/A
e - Ignition              Fire           #########.   0%          8    N/A
f - Glaciate              Conj/Ice       #########.   1%          9    N/A
g - Darkness              Hex            #########.   0%          6    N/A
h - Borgnjor's Vile Clut  Necr/Erth      #########.   0%          5    N/A
i - Ozocubu's Armour      Chrm/Ice       ########     0%          3    N/A
j - Aura of Abjuration    Summ           #########.   0%          5    N/A
k - Death's Door          Chrm/Necr      #########.   0%          8    N/A
l - Swiftness             Chrm/Air       ########     0%          2    N/A

Your spell library contained the following spells:

 Spells                   Type           Power        Failure   Level  Hunger
 Animate Skeleton         Necr           N/A          0%          1    N/A
 Apportation              Tloc           ######       0%          1    N/A
 Beastly Appendage        Tmut           ######       0%          1    N/A
 Confusing Touch          Hex            ######       0%          1    N/A
 Corona                   Hex            #######      0%          1    N/A
 Flame Tongue             Conj/Fire      #####        0%          1    N/A
 Freeze                   Ice            ####         0%          1    N/A
 Infusion                 Chrm           ####         0%          1    N/A
 Magic Dart               Conj           ####         0%          1    N/A
 Pain                     Necr           ####         0%          1    N/A
 Sandblast                Erth           ######       0%          1    N/A
 Shock                    Conj/Air       ####         0%          1    N/A
 Sting                    Conj/Pois      ####         0%          1    N/A
 Summon Butterflies       Summ           ########     0%          1    N/A
 Summon Small Mammal      Summ           ####         0%          1    N/A
 Call Imp                 Summ           ########     0%          2    N/A
 Corpse Rot               Necr           N/A          0%          2    N/A
 Ensorcelled Hibernation  Hex/Ice        ######       0%          2    N/A
 Passwall                 Tmut/Erth      ########     0%          2    N/A
 Poisonous Vapours        Pois/Air       ######       0%          2    N/A
 Searing Ray              Conj           ######       0%          2    N/A
 Shroud of Golubria       Chrm/Tloc      #########.   0%          2    N/A
 Slow                     Hex            ########     0%          2    N/A
 Song of Slaying          Chrm           ########     0%          2    N/A
 Sticks to Snakes         Tmut           ########     0%          2    N/A
 Sublimation of Blood     Necr           #########.   0%          2    N/A
 Throw Flame              Conj/Fire      ######       0%          2    N/A
 Throw Frost              Conj/Ice       ######       0%          2    N/A
 Call Canine Familiar     Summ           ########     0%          3    N/A
 Confuse                  Hex            ########     0%          3    N/A
 Conjure Flame            Conj/Fire      ########     0%          3    N/A
 Dazzling Spray           Conj/Hex       ######       0%          3    N/A
 Gell's Gravitas          Tloc           #########.   0%          3    N/A
 Ignite Poison            Fire/Tmut/Pois ########     0%          3    N/A
 Inner Flame              Hex/Fire       ########     0%          3    N/A
 Lesser Beckoning         Tloc           #########.   0%          3    N/A
 Mephitic Cloud           Conj/Pois/Air  ########     0%          3    N/A
 Portal Projectile        Hex/Tloc       ######       0%          3    N/A
 Recall                   Summ/Tloc      N/A          0%          3    N/A
 Regeneration             Chrm/Necr      #########.   0%          3    N/A
 Spectral Weapon          Hex/Chrm       ########     0%          3    N/A
 Spider Form              Tmut/Pois      #########.   0%          3    N/A
 Static Discharge         Conj/Air       ########     0%          3    N/A
 Stone Arrow              Conj/Erth      ######       0%          3    N/A
 Summon Guardian Golem    Hex/Summ       ########     0%          3    N/A
 Teleport Other           Tloc           ########     0%          3    N/A
 Tukima's Dance           Hex            ########     0%          3    N/A
 Vampiric Draining        Necr           #########.   0%          3    N/A
 Airstrike                Air            #########.   0%          4    N/A
 Animate Dead             Necr           N/A          0%          4    N/A
 Cause Fear               Hex            #########.   0%          4    N/A
 Force Lance              Conj/Tloc      ########     0%          4    N/A
 Fulminant Prism          Conj/Hex       #########.   0%          4    N/A
 Ice Form                 Ice/Tmut       ########     0%          4    N/A
 Iskenderun's Mystic Bla  Conj           ########     0%          4    N/A
 Leda's Liquefaction      Hex/Erth       #########.   0%          4    N/A
 Olgreb's Toxic Radiance  Pois           ########     0%          4    N/A
 Passage of Golubria      Tloc           N/A          0%          4    N/A
 Petrify                  Tmut/Erth      ########     0%          4    N/A
 Sticky Flame             Conj/Fire      ########     0%          4    N/A
 Summon Ice Beast         Ice/Summ       ########     0%          4    N/A
 Summon Lightning Spire   Summ/Air       ########     0%          4    N/A
 Throw Icicle             Conj/Ice       ########     0%          4    N/A
 Agony                    Necr           ########     0%          5    N/A
 Alistair's Intoxication  Tmut/Pois      ########     0%          5    N/A
 Blade Hands              Tmut           #########.   0%          5    N/A
 Bolt of Draining         Conj/Necr      #########.   0%          5    N/A
 Bolt of Magma            Conj/Fire/Erth #########.   0%          5    N/A
 Dispel Undead            Necr           ########     0%          5    N/A
 Excruciating Wounds      Chrm/Necr      #########.   0%          5    N/A
 Fireball                 Conj/Fire      #########.   0%          5    N/A
 Irradiate                Conj/Tmut      #########.   0%          5    N/A
 Iskenderun's Battlesphe  Conj/Chrm      ########     0%          5    N/A
 Lee's Rapid Deconstruct  Erth           #########.   0%          5    N/A
 Lightning Bolt           Conj/Air       #########.   0%          5    N/A
 Metabolic Englaciation   Hex/Ice        #########.   0%          5    N/A
 Silence                  Hex/Air        #########.   0%          5    N/A
 Summon Demon             Summ           #########.   0%          5    N/A
 Summon Forest            Summ/Tloc      #########.   0%          5    N/A
 Summon Mana Viper        Hex/Summ       ########     0%          5    N/A
 Venom Bolt               Conj/Pois      #########.   0%          5    N/A
 Yara's Violent Unravell  Hex/Tmut       #########.   0%          5    N/A
 Bolt of Cold             Conj/Ice       #########.   0%          6    N/A
 Bolt of Fire             Conj/Fire      #########.   0%          6    N/A
 Conjure Ball Lightning   Conj/Air       #########.   0%          6    N/A
 Death Channel            Necr           #########.   0%          6    N/A
 Deflect Missiles         Chrm/Air       #########.   0%          6    N/A
 Dispersal                Tloc           #########.   0%          6    N/A
 Freezing Cloud           Conj/Ice/Air   #########.   0%          6    N/A
 Hydra Form               Tmut           #########.   0%          6    N/A
 Invisibility             Hex            ########     0%          6    N/A
 Iron Shot                Conj/Erth      #########.   0%          6    N/A
 Ozocubu's Refrigeration  Ice            #########.   0%          6    N/A
 Poison Arrow             Conj/Pois      #########.   0%          6    N/A
 Shadow Creatures         Summ           N/A          0%          6    N/A
 Simulacrum               Ice/Necr       #########.   0%          6    N/A
 Statue Form              Tmut/Erth      #########    0%          6    N/A
 Dragon Form              Tmut           #########.   0%          7    N/A
 Haunt                    Necr/Summ      #########.   0%          7    N/A
 Malign Gateway           Summ/Tloc      #########.   0%          7    N/A
 Monstrous Menagerie      Summ           #########.   0%          7    N/A
 Orb of Destruction       Conj           #########.   0%          7    N/A
 Ring of Flames           Chrm/Fire      #########.   0%          7    N/A
 Spellforged Servitor     Conj/Summ      #########.   0%          7    N/A
 Summon Greater Demon     Summ           #########.   0%          7    N/A
 Summon Hydra             Summ           #########.   0%          7    N/A
 Borgnjor's Revivificati  Necr           #########.   0%          8    N/A
 Discord                  Hex            #########.   0%          8    N/A
 Disjunction              Tloc           #########.   0%          8    N/A
 Infestation              Necr           #########.   0%          8    N/A
 Lehudib's Crystal Spear  Conj/Erth      #########.   0%          8    N/A
 Summon Horrible Things   Summ           #########.   0%          8    N/A
 Dragon's Call            Summ           #########.   1%          9    N/A
 Fire Storm               Conj/Fire      #########.   1%          9    N/A
 Blink                    Tloc           Unusable     N/A         2    N/A
 Controlled Blink         Tloc           Unusable     N/A         8    N/A

Dungeon Overview and Level Annotations

Branches:
Dungeon (15/15)            Temple (1/1) D:4            Lair (6/6) D:10
  Swamp (4/4) Lair:4        Snake (4/4) Lair:2        Slime (5/5) Lair:6
    Orc (2/2) D:12            Elf (3/3) Orc:2        Vaults (5/5) D:13
  Crypt (3/3) Vaults:3       Tomb (3/3) Crypt:3      Depths (5/5) D:15
   Hell (1/1)                 Dis (7/7) Hell            Geh (7/7) Hell
    Coc (7/7) Hell            Tar (7/7) Hell            Zot (5/5) Depths:5

Altars:
Ashenzari
Cheibriados
Dithmenos
Elyvilon
Fedhas
Gozag
Hepliaklqana
Kikubaaqudgha
Makhleb
Nemelex Xobeh
Okawaru
Qazlal
Ru
Sif Muna
Trog
Uskayaw
Vehumet
Wu Jian
Xom
Yredelemnul
Zin
The Shining One
Jiyva

Shops:
D:4 :   D:6 *   Orc:2 %[}[   Elf:2 }%(%%   Snake:1 =}=   Vaults:1 *
Vaults:2 (   Depths:4 ![=[?([!=[[[:![[=[[(!=[[*

Portals:
Hell: Depths:1 Depths:2 Depths:3 Depths:4 Depths:5
Abyss: Depths:2 Depths:4
Pandemonium: Depths:1 Depths:2 Depths:3


Innate Abilities, Weirdness & Mutations

You cannot be hasted, slowed, berserked, paralysed or teleported.
You can dig through walls and to a lower floor.
Your four strong arms can wield two-handed weapons with a shield.
You have a pair of large antennae on your head. (SInv)
You have large cloven feet.
You possess an exceptional clarity of mind.
Your mind is acute. (Int +2)
You are robust. (+10% HP)


Message History

The bolt of lightning hits the storm dragon.
The storm dragon completely resists.
The bolt of lightning misses the spark wasp.
The bolt of lightning misses you.
An electric golem comes into view. x2
The electric golem blinks!
The electric golem crackles and sizzles.
The electric golem blinks!
The electric golem becomes distracted by the nearby gold, dreaming of imaginary riches.
A storm dragon comes into view.
The storm dragon becomes distracted by the nearby gold, dreaming of imaginary riches. x4
The air elemental becomes distracted by the nearby gold, dreaming of imaginary riches.
The spriggan air mage becomes distracted by the nearby gold, dreaming of imaginary riches.
The spriggan air mage waves its arms in wide circles.
The air twists around and violently strikes you in flight!
The spriggan air mage becomes distracted by the nearby gold, dreaming of imaginary riches.
The spriggan air mage waves its arms in wide circles.
The air twists around and violently strikes you in flight!
You die...
Your body crumbles into a pile of gold. ▓▓ ▓C{y ▓i#D# ▓8Di#≈ $ ▓iC8#§# ▓▓Cii8i§C ▓▓CiiiEiC$ ▓§LyDE§i8D

▓▓C8§8C$i.
▓▓§E§Cii8
▓§§8.i#
▓§i§#≈
▓.#i# ▓D 8
▓▓


You could see 9 electric golems, 9 titans, 5 storm dragons, 2 spark wasps, 17
spriggan air magi and 3 air elementals.

Vanquished Creatures
  Antaeus (Coc:7)
  the Royal Jelly (Slime:5)
  Asmodeus (Geh:7)
  Ereshkigal (Tar:7)
  the Serpent of Hell (Coc:7)
  Tiamat (Zot:1)
  1029 ancient liches
  Dispater (Dis:7)
  46 orbs of fire
  Mara (Crypt:1)
  Khufu (Crypt:3)
  Mennas (Tomb:3)
  317 juggernauts
  529 greater mummies
  The ghost of Ge0ff the Crack Shot, a veteran HuWn of Zin (Depths:4)
  505 Killer Klowns
  The ghost of AgonHex the Hoplite, a veteran HOFi of Qazlal (Vaults:3)
  118 shard shrikes
  4 curse toes
  7 caustic shrikes (shapeshifter)
  Geryon (Hell)
  Xtahua (Vaults:4)
  411 caustic shrikes
  11 golden dragons (shapeshifter)
  The ghost of harness the Swashbuckler, a veteran HaMo of Zin (Crypt:2)
  1082 golden dragons
  Nikola (Swamp:4)
  219 profane servitors
  559 bone dragons
  214 pearl dragons
  203 iron giants
  4 iron giants (shapeshifter)
  164 Tzitzimimeh
  322 Brimstone Fiends
  6 doom hounds
  402 hellephants
  25 Orb Guardians (Zot:5)
  187 electric golems
  794 tentacled monstrosities
  254 Ice Fiends
  326 Hell Sentinels
  842 titans
  287 deep elf master archers
  344 quicksilver dragons
  2 titans (shapeshifter)
  1550 pandemonium lords
  331 deep elf blademasters
  40 quicksilver dragons (shapeshifter)
  20 eldritch tentacles
  369 tentacled starspawn
  507 liches
  Murray (Hell)
  7 acid blobs (shapeshifter)
  51 thorn hunters
  108 shadow dragons
  195 Executioners
  7 death cobs
  1625 acid blobs
  208 sphinxes
  Kirke (D:13)
  357 ancient champions
  40 sphinxes (shapeshifter)
  3 storm dragons (shapeshifter)
  200 draconian monks
  204 storm dragons
  357 revenants
  1704 nagarajas
  78 tengu reavers
  52 shadow dragons (shapeshifter)
  624 azure jellies
  223 blood saints
  193 daevas
  47 azure jellies (shapeshifter)
  543 orc warlords
  134 fire giants
  462 balrugs
  891 ghost moths
  2 iron dragons (shapeshifter)
  80 deep elf sorcerers
  Aizul (Swamp:4)
  307 draconian knights
  13 emperor scorpions (shapeshifter)
  50 fire giants (shapeshifter)
  170 iron dragons
  159 cacodemons
  45 frost giants (shapeshifter)
  2 spectral juggernauts (Zig:25)
  Louise (D:15)
  541 emperor scorpions
  221 draconian shifters
  279 draconian scorchers
  104 frost giants
  78 caustic shrike zombies
  A spectral caustic shrike (Zig:19)
  15 ghost moths (shapeshifter)
  281 curse skulls
  137 warmongers
  76 juggernaut zombies
  125 vault wardens
  120 ironheart preservers
  66 ghouls
  524 reapers
  26 deep elf elementalists
  218 draconian stormcallers
  3 spriggan defenders
  310 war gargoyles
  108 angels
  3 elemental wellsprings (Coc:7)
  330 stone giants
  15 entropy weavers (shapeshifter)
  180 vampire knights
  40 stone giants (shapeshifter)
  53 juggernaut skeletons
  334 draconian annihilators
  415 very ugly things
  123 green draconians
  647 entropy weavers
  187 bennus
  62 caustic shrike skeletons
  99 ophanim
  Nessos (D:15)
  708 corrupters
  241 deep elf demonologists
  122 purple draconians
  95 apis
  4 spark wasps (shapeshifter)
  10 minotaurs (shapeshifter)
  225 black suns
  224 dire elephants
  117 black draconians
  293 deep elf annihilators
  58 dire elephants (shapeshifter)
  132 white draconians
  147 red draconians
  180 spark wasps
  152 yellow draconians
  2 yellow draconians (shapeshifter)
  2 spectral titans
  140 lorocyprocas
  205 eidola
  104 ettins
  80 fire dragons
  306 blizzard demons
  33 quicksilver dragon zombies
  9 ettins (shapeshifter)
  574 green deaths
  2 fire dragons (shapeshifter)
  152 deep elf death magi
  306 deep elf high priests
  36 crystal guardians
  47 jiangshi
  75 death oozes
  250 merfolk javelineers
  Josephine (D:14)
  426 mummy priests
  121 yaktaur captains
  79 merfolk impalers
  25 vault guards
  8 great orbs of eyes (shapeshifter)
  118 ice dragons
  95 hell beasts
  196 great orbs of eyes
  12 caustic shrike simulacra
  78 rakshasas
  11 catoblepae (shapeshifter)
  A spectral golden dragon (Zig:19)
  An ice dragon (shapeshifter) (Zig:24)
  11 hydras (shapeshifter)
  20 quicksilver dragon skeletons
  50 ghost crabs
  A spectral sphinx (Zig:19)
  220 spriggan air magi
  777 hydras
  29 alligator snapping turtles (shapeshifter)
  206 anacondas
  18 monstrous demonspawn
  297 naga warriors
  28 merfolk avatars
  706 shambling mangroves
  18 centaur warriors
  29 anacondas (shapeshifter)
  276 catoblepae
  125 alligators
  5 juggernaut simulacra
  48 alligator snapping turtles
  417 merfolk aquamancers
  8 satyrs (shapeshifter)
  79 two-headed ogres
  5 deep troll shamans
  16 queen ants (shapeshifter)
  A spectral spriggan (Zig:25)
  21 two-headed ogres (shapeshifter)
  81 death knights
  14 death yaks (shapeshifter)
  233 death scarabs
  274 vampire magi
  10 deep troll earth magi
  7 alligators (shapeshifter)
  22 satyrs
  454 shock serpents
  14 death yaks
  113 ogre magi
  7 tengu warriors
  7 spriggan berserkers
  625 orc high priests
  466 thrashing horrors
  47 iron golems
  164 soul eaters
  3 spectral storm dragons (Zig:19)
  24 shock serpents (shapeshifter)
  85 titan zombies
  397 naga sharpshooters
  139 hell knights
  139 hell hogs
  Sonja (D:10)
  68 sun demons
  76 storm dragon zombies
  Nergalle (D:10)
  159 iron trolls
  102 salamander mystics
  361 deep elf knights
  894 wretched stars
  61 titan skeletons
  402 death drakes
  56 storm dragon skeletons
  223 skeletal warriors
  197 shadow wraiths
  139 sixfirhies
  9 fire crabs (shapeshifter)
  51 iron trolls (shapeshifter)
  26 sea snakes (shapeshifter)
  24 fire crabs
  9 unseen horrors (shapeshifter)
  15 infernal demonspawn
  349 spriggan druids
  161 spatial maelstroms
  93 cherubim
  12 gelid demonspawn
  89 glowing orange brains
  22 swamp dragons (shapeshifter)
  27 spark wasp zombies
  A spectral iron dragon (Zig:19)
  235 flayed ghosts
  41 deep trolls
  158 naga ritualists
  442 swamp dragons
  3 anaconda zombies
  41 unseen horrors
  4 quicksilver dragon simulacra
  14 glowing orange brains (shapeshifter)
  109 golden dragon zombies
  24 deep trolls (shapeshifter)
  32 wizards
  82 sea snakes
  126 shadow demons
  20 torturous demonspawn
  67 golden dragon skeletons
  12 lindwurms
  74 shadow dragon zombies
  36 obsidian statues
  41 orange crystal statues
  145 ironbrand convokers
  1231 large abominations
  11 death drakes (shapeshifter)
  351 deep elf archers
  200 orc knights
  109 harpies
  361 wolf spiders
  77 necromancers
  18 lindwurms (shapeshifter)
  14 shining eyes (shapeshifter)
  173 mana vipers
  26 wolf spiders (shapeshifter)
  10 harpies (shapeshifter)
  14 orb spiders (shapeshifter)
  4 wolf spider zombies
  4 oklob plants
  289 ugly things
  68 sphinx zombies
  Pikel (D:8)
  4 anaconda skeletons
  16 mana vipers (shapeshifter)
  126 phantasmal warriors
  31 fire giant zombies
  724 orb spiders
  959 deep elf magi
  64 iron dragon zombies
  284 orc sorcerers
  44 sphinx skeletons
  101 worldbinders
  8 glowing shapeshifters
  20 fauns (shapeshifter)
  157 shining eyes
  34 frost giant zombies
  8 salamanders (shapeshifter)
  28 cyclopes (shapeshifter)
  79 manticores
  21 moths of wrath (shapeshifter)
  445 moths of wrath
  23 stone giant zombies
  74 tengu skeletons
  63 iron dragon skeletons
  86 salamanders
  51 shadow dragon skeletons
  97 cyclopes
  15 manticores (shapeshifter)
  44 fauns
  141 vault sentinels
  424 guardian serpents
  252 rust devils
  97 eyes of devastation
  48 elephants
  21 frost giant skeletons
  18 guardian serpents (shapeshifter)
  7 titan simulacra
  24 elephants (shapeshifter)
  10 stone giant skeletons
  961 black mambas
  2 dire elephant zombies
  332 water nymphs
  55 merfolk sirens
  Joseph (D:9)
  2 toenail golems
  21 fire giant skeletons
  407 apocalypse crabs
  8 eyes of devastation (shapeshifter)
  20 water nymphs (shapeshifter)
  43 ice statues
  93 orange demons
  5 molten gargoyles
  10 black mambas (shapeshifter)
  409 smoke demons
  20 gargoyles
  485 naga magi
  An emperor scorpion zombie (Coc:7)
  14 torpor snails (shapeshifter)
  625 torpor snails
  5 spectral elves
  20 spiny frogs (shapeshifter)
  378 hellions
  89 spriggan zombies
  6 storm dragon simulacra
  246 freezing wraiths
  268 spiny frogs
  107 yaktaurs
  116 efreet
  4 dire elephant skeletons
  8 rime drakes (shapeshifter)
  3 yaktaur zombies (Zig:3)
  4 kobold demonologists
  A death yak skeleton (Lair:3)
  A purple draconian skeleton (Crypt:1)
  48 rime drakes
  A swamp worm zombie (Crypt:2)
  2 death yak zombies (Lair:4)
  11 komodo dragons (shapeshifter)
  308 demonic crawlers
  18 yaktaurs (shapeshifter)
  A green draconian skeleton (Crypt:2)
  3 tengu conjurers
  2 anaconda simulacra (Abyss:2)
  107 komodo dragons
  A golden dragon simulacrum (Zig:16)
  147 hellwings
  478 tormentors
  2 yaktaur skeletons
  5 harpy zombies
  134 red devils
  A catoblepas skeleton (Crypt:1)
  247 ice devils
  19 jumping spiders (shapeshifter)
  2 spectral glowing shapeshifters (Zig:19)
  4 queen bees (shapeshifter)
  11 trolls (shapeshifter)
  716 guardian mummies
  313 jumping spiders
  23 merfolk (shapeshifter)
  186 elf skeletons
  14 hydra zombies
  13 silent spectres
  6 sphinx simulacra
  94 tyrant leeches
  34 polar bears
  6 meliai
  14 meliai (shapeshifter)
  137 trolls
  7 polar bears (shapeshifter)
  3 shadow dragon simulacra
  5 tengu simulacra
  12 tyrant leeches (shapeshifter)
  357 ancient zymes
  12 wind drakes (shapeshifter)
  305 merfolk
  640 raiju
  38 wind drakes
  1289 hornets
  103 bog bodies
  2 wolf spider simulacra
  137 blink frogs
  5 alligator zombies
  9 slime creatures (shapeshifter)
  11 snapping turtles (shapeshifter)
  2 harpy skeletons
  7 blink frogs (shapeshifter)
  10 hornets (shapeshifter)
  8 deep troll zombies
  10 hydra skeletons
  2 iron dragon simulacra
  8 ettin zombies
  55 snapping turtles
  86 hippogriffs
  25 dream sheep
  7 raiju (shapeshifter)
  9 fire dragon zombies
  5 stone giant simulacra
  708 slime creatures
  15 dream sheep (shapeshifter)
  3 ice dragon zombies
  A tarantella zombie (Crypt:2)
  2 fire giant simulacra
  152 air elementals
  2 frost giant simulacra
  6 hippogriffs (shapeshifter)
  A satyr skeleton (Crypt:1)
  72 spriggan skeletons
  349 redbacks
  273 tarantellas
  A shock serpent simulacrum (Crypt:2)
  57 spriggans
  5 ettin skeletons
  29 redbacks (shapeshifter)
  24 vampires
  253 ynoxinuls
  3 deep troll skeletons
  69 shadows
  An alligator skeleton (Coc:7)
  3 black mamba zombies (Lair:4)
  579 flying skulls
  8 spriggans (shapeshifter)
  5 humans (shapeshifter)
  18 tarantellas (shapeshifter)
  3 wyverns (shapeshifter)
  9 fire dragon skeletons
  1150 starcursed masses
  174 water elementals
  304 ushabtiu
  5 ice dragon skeletons
  5 spriggan simulacra
  7 yaks (shapeshifter)
  32 basilisks
  2 black mamba skeletons
  6 hogs (D:14)
  41 fire bats
  4 fire bats (shapeshifter)
  235 wraiths
  6 basilisks (shapeshifter)
  94 golden eyes
  240 elf zombies
  21 wyverns
  124 yaks
  25 hungry ghosts
  9 golden eyes (shapeshifter)
  159 fire elementals
  241 neqoxecs
  18 steam dragons
  A wind drake skeleton (Crypt:1)
  95 vampire mosquitoes
  12 hogs (shapeshifter)
  A minotaur simulacrum (Abyss:5)
  404 chaos spawn
  Menkaure (D:6)
  18 swamp worms
  3 wargs (shapeshifter)
  334 nagas
  92 spatial vortices
  An emperor scorpion simulacrum (Abyss:2)
  140 wargs
  4 nagas (shapeshifter)
  111 tengu zombies
  6 soldier ants (shapeshifter)
  3 two-headed ogre zombies
  160 insubstantial wisps
  A merfolk zombie (Dis:7)
  20 acid dragons
  A human simulacrum (Vaults:1)
  A hydra simulacrum (Coc:7)
  22 swamp worms (shapeshifter)
  A harpy simulacrum (Abyss:2)
  3 acid dragons (shapeshifter)
  A water nymph skeleton (Crypt:1)
  222 hell hounds
  11 spiny frog zombies
  3 water moccasins (shapeshifter)
  Duvessa (D:6)
  125 floating eyes
  A water nymph zombie (Crypt:2)
  166 water moccasins
  4 ice beasts (shapeshifter)
  3 porcupines (shapeshifter)
  6 porcupines
  A dream sheep zombie (Lair:4)
  2 manticore zombies
  5 spiny frog skeletons
  8 human skeletons
  139 swamp drakes
  2 sky beasts (shapeshifter)
  4 black bears (shapeshifter)
  213 eyes of draining
  12 floating eyes (shapeshifter)
  4 sky beasts
  4 slaves (D:8)
  An alligator simulacrum (Hell)
  12 black bears
  709 orc warriors
  2 ettin simulacra (Abyss:2)
  32 centaurs
  37 ice beasts
  356 ogres
  3 ogres (shapeshifter)
  11 phantoms
  32 wolves
  3 ice dragon simulacra
  51 necrophages
  6 eyes of draining (shapeshifter)
  A boggart (shapeshifter) (Zig:23)
  4 tengu (shapeshifter)
  4 snapping turtle zombies
  3 wolves (shapeshifter)
  A centaur (shapeshifter) (Zig:22)
  11 boggarts
  A dream sheep skeleton (Lair:4)
  4 crocodiles (shapeshifter)
  A snapping turtle skeleton (Geh:7)
  2 swamp dragon skeletons
  A rime drake zombie (Lair:1)
  6 big kobolds
  144 crocodiles
  5 big kobolds (shapeshifter)
  2 hippogriff zombies (Lair:1)
  5 komodo dragon zombies
  An octopode zombie (Crypt:2)
  140 earth elementals
  17 bullfrogs
  A rime drake skeleton (Lair:2)
  2 bullfrogs (shapeshifter)
  5 komodo dragon skeletons
  A wyvern zombie (D:14)
  14 gnoll sergeants
  9 glowing shapeshifter simulacra
  Dowan (D:6)
  A spiny frog simulacrum (Coc:7)
  2 water moccasin zombies (Lair:4)
  A monstrous demonspawn simulacrum (Abyss:2)
  3 wyvern skeletons
  10 troll zombies
  5 scorpions
  11 killer bees
  4 water moccasin skeletons
  A snapping turtle simulacrum (Abyss:2)
  A swamp dragon simulacrum (Tomb:2)
  A killer bee (shapeshifter) (Zig:19)
  A yak skeleton (Lair:2)
  A yak zombie (Lair:4)
  58 wights
  4 electric eels
  6 bullfrog zombies
  A howler monkey (shapeshifter) (Zig:21)
  2 howler monkeys
  28 crimson imps
  561 small abominations
  5 centaur zombies
  5 hounds
  13 human zombies
  36 quasits
  A basilisk zombie (Lair:1)
  14 elf simulacra
  2 hounds (shapeshifter)
  A jelly (shapeshifter) (Zig:21)
  11 gnoll shamans
  5 bullfrog skeletons
  3 porcupine zombies (Lair:4)
  17 jellies
  96 orc priests
  2 centaur skeletons
  4 iguanas (shapeshifter)
  276 iron imps
  126 orc wizards
  9 hell rats
  A troll simulacrum (Coc:7)
  10 worker ants
  A statue (D:8)
  A porcupine skeleton (Crypt:1)
  7 ogre zombies (WizLab)
  2 bullfrog simulacra (D:9)
  A crocodile zombie (Lair:4)
  A naga zombie (Geh:7)
  A sky beast zombie (D:10)
  A crocodile skeleton (Lair:1)
  A hound zombie (D:6)
  2 naga skeletons
  1158 mummies
  33 gnolls
  17 adders
  An adder (shapeshifter) (Zig:26)
  A river rat (shapeshifter) (Zig:21)
  A hound simulacrum (D:9)
  26 shadow imps
  157 white imps
  34 ufetubi
  5 oozes (D:12)
  An adder zombie (D:10)
  2 adder skeletons
  2 worms
  2 dart slugs (D:3)
  A worm (shapeshifter) (Zig:21)
  7 leopard geckos
  An orc (shapeshifter) (Zig:23)
  72 orcs
  A bat (shapeshifter) (Zig:23)
  6 giant cockroaches
  7 goblins
  5 hobgoblins
  6 iguanas
  23 kobolds
  8 quokkas
  2 ball pythons (Snake:1)
  3 bats
  2 frilled lizards
  A hobgoblin zombie (Crypt:2)
  A jackal zombie (D:5)
  A kobold simulacrum (Hell)
  2 orc simulacra
  An orc zombie (Tar:7)
  10 rats
  235 blocks of ice
  162 briar patches
  3 butterflies
  89 fire vortices
  7 fungi
  25 lurking horrors
  11 plants
  171 starspawn tentacles
77068 creatures vanquished.

Vanquished Creatures (collateral kills)
  An orb of fire (Zot:2)
  An anaconda (Snake:4)
2 creatures vanquished.

Vanquished Creatures (others)
  15 pandemonium lords
  4 Killer Klowns
  6 golden dragons
  A Tzitzimitl (Zig:21)
  2 tentacled monstrosities
  A titan (Zig:20)
  5 eldritch tentacles
  A storm dragon (Zig:18)
  A fire giant (Depths:2)
  A ghost moth (Abyss:5)
  A draconian knight (Zig:27)
  A frost giant (shapeshifter) (Zig:21)
  A cacodemon (Zig:7)
  2 deep elf sorcerers (Zig:2)
  A draconian scorcher (Zig:27)
  A warmonger (Zig:7)
  2 reapers
  2 draconian annihilators
  An ironheart preserver (Zig:5)
  A stone giant (shapeshifter) (Zig:19)
  A very ugly thing (Zig:21)
  2 blood saints
  2 deep elf demonologists (Zig:25)
  5 deep elf annihilators
  A deep elf death mage (Zig:8)
  3 blizzard demons
  A fire dragon (Zig:26)
  3 deep elf high priests
  A yaktaur captain (Zig:5)
  2 hell beasts
  2 spriggan air magi
  A shambling mangrove (Zig:23)
  An anaconda (shapeshifter) (Zig:27)
  481 dancing weapons
  A soul eater (Zig:11)
  5 deep elf knights
  A spatial maelstrom (Zig:24)
  A sea snake (shapeshifter) (Zig:14)
  A storm dragon skeleton (Geh:7)
  A swamp dragon (Zig:26)
  A tengu zombie (Zig:27)
  3 deep elf archers
  A gelid demonspawn (Zig:21)
  10 deep elf magi
  An ugly thing (Zig:14)
  An apocalypse crab (Zig:8)
  A smoke demon (Zig:7)
  A yaktaur (shapeshifter) (Zig:8)
  A demonic crawler (Zig:20)
  2 ancient zymes
  A tengu simulacrum (Zig:27)
  2 raiju
  7 hornets
  2 air elementals
  A ynoxinul (Zig:18)
  16 water elementals
  A wraith (Zig:13)
  2 fire elementals (Zig:2)
  A wyvern (Zig:9)
  14 golden eyes
  A vampire mosquito (Zig:22)
  A neqoxec (Zig:21)
  2 chaos spawn
  A naga (Snake:4)
  An insubstantial wisp (Zig:15)
  A hell hound (Zig:20)
  13 large abominations
  A swamp drake (Zig:23)
  An eye of draining (Zig:12)
  A black bear (shapeshifter) (Abyss:5)
  An eye of draining (shapeshifter) (Zig:25)
  A snapping turtle zombie (Geh:7)
  A boggart (Zot:2)
  A black mamba simulacrum (Abyss:5)
  An ogre (Vaults:3)
  12 small abominations
  An electric eel (D:9)
  A starcursed mass (Zig:15)
  An orc priest (Orc:2)
  An orc wizard (Orc:2)
  An adder (D:2)
  3 orcs
  A bat (D:2)
  2 goblins (D:13)
  An orc zombie (Abyss:5)
  167 blocks of ice
  3 briar patches (Zig:18)
  A fire vortex (Zig:25)
  12 fungi
  3 lurking horrors (Abyss:5)
  15 plants
  5 spectral weapons (Zot:1)
  168 starspawn tentacles
  2 withered plants (D:15)
1063 creatures vanquished.

Grand Total: 78133 creatures vanquished

Notes
Turn   | Place    | Note
-------+----------+-------------------------------------------
     0 | D:1      | DildoBatman the Formicid Wizard began the quest for the
                  | Orb.
     0 | D:1      | Reached XP level 1. HP: 13/13 MP: 4/4
   122 | D:1      | Reached skill level 1 in Conjurations
   329 | D:1      | Reached XP level 2. HP: 19/19 MP: 1/6
   474 | D:1      | You fall through a shaft!
   727 | D:1      | Reached XP level 3. HP: 24/24 MP: 5/7
   732 | D:1      | Learned a level 3 spell: Conjure Flame
   736 | D:1      | Learned a level 3 spell: Mephitic Cloud
  1294 | D:2      | Reached XP level 4. HP: 30/30 MP: 0/8
  1412 | D:2      | Found a sparkling altar of Nemelex Xobeh.
  1852 | D:3      | Reached XP level 5. HP: 35/35 MP: 5/9
  2607 | D:4      | Found an iron altar of Okawaru.
  2685 | D:4      | Noticed a hungry ghost
  2689 | D:4      | Found a shattered altar of Ashenzari.
  2816 | D:4      | Found a blossoming altar of Fedhas.
  2977 | D:4      | Noticed an ogre
  2988 | D:4      | Killed an ogre
  2988 | D:4      | Reached skill level 5 in Conjurations
  2988 | D:4      | Reached XP level 6. HP: 37/41 MP: 6/10
  3011 | D:4      | Found a staircase to the Ecumenical Temple.
  3020 | Temple   | Entered the Ecumenical Temple
  3117 | Temple   | Became a worshipper of Kikubaaqudgha
  3193 | D:4      | Killed a hungry ghost
  3193 | D:4      | Reached XP level 7. HP: 35/46 MP: 9/11
  3259 | D:4      | Found Zot Odal's Book Boutique.
  3331 | D:4      | Found a white marble altar of Elyvilon.
  3333 | D:4      | Found a glowing silver altar of Zin.
  3454 | D:5      | Entered Level 5 of the Dungeon
  3526 | D:5      | Reached skill level 1 in Fire Magic
  3526 | D:5      | Reached skill level 1 in Air Magic
  3526 | D:5      | Reached skill level 1 in Poison Magic
  3988 | D:5      | Found a shimmering altar of Xom.
  4016 | D:5      | Reached XP level 8. HP: 46/52 MP: 12/12
  4373 | D:6      | Noticed Menkaure
  4396 | D:6      | Found Umisulir's Assorted Antiques.
  4402 | D:6      | Bought a scroll labeled QOCASE VEOZ for 31 gold pieces
  4402 | D:6      | Bought a scroll labeled YDOMMA EKHUOV for 31 gold pieces
  4402 | D:6      | Bought a fuming brown potion for 27 gold pieces
  4402 | D:6      | Bought 2 scrolls labeled QOCASE VEOZ for 62 gold pieces
  4402 | D:6      | Bought 2 glowing red potions for 55 gold pieces
  4459 | D:6      | Killed Menkaure
  4620 | D:6      | You fall through a shaft for 3 floors!
  4621 | D:9      | Noticed a troll
  4650 | D:8      | Killed a troll
  4650 | D:8      | Reached skill level 5 in Poison Magic
  4804 | D:8      | Reached XP level 9. HP: 57/57 MP: 2/13
  4915 | D:8      | Noticed an unseen horror
  4964 | D:8      | Killed an unseen horror
  4964 | D:8      | Reached * piety under Kikubaaqudgha
  4964 | D:8      | Identified Kikubaaqudgha's Disquisition on Black Rituals
                  | (Kikubaaqudgha gifted it to you on level 8 of the Dungeon)
  4964 | D:8      | Received a gift from Kikubaaqudgha
  5082 | D:8      | Reached skill level 1 in Necromancy
  5344 | D:8      | Noticed Pikel
  5362 | D:8      | Killed Pikel
  5584 | D:8      | Found a radiant altar of Vehumet.
  5661 | D:9      | Reached XP level 10. HP: 63/63 MP: 16/16
  5797 | D:9      | Reached skill level 5 in Necromancy
  6013 | D:9      | Reached skill level 1 in Evocations
  6037 | D:9      | Reached skill level 1 in Fighting
  6037 | D:9      | Reached skill level 1 in Armour
  6420 | D:9      | Noticed Joseph
  6427 | D:9      | Reached ** piety under Kikubaaqudgha
  6450 | D:9      | Killed Joseph
  6450 | D:9      | Reached skill level 5 in Spellcasting
  7003 | D:7      | Reached XP level 11. HP: 55/75 MP: 3/18
  7173 | D:7      | Got a pitted chain mail
  7309 | D:7      | Reached skill level 5 in Stealth
  7451 | D:7      | Found an ornate altar of the Wu Jian Council.
  7725 | D:6      | Reached *** piety under Kikubaaqudgha
  7725 | D:6      | Identified Kikubaaqudgha's Grimoire of Sinister Rites
                  | (Kikubaaqudgha gifted it to you on level 6 of the Dungeon)
  7725 | D:6      | Received a gift from Kikubaaqudgha
  7738 | D:6      | Learned a level 5 spell: Dispel Undead
  7844 | D:6      | Noticed Duvessa
  7844 | D:6      | Noticed Dowan
  7877 | D:6      | Killed Duvessa
  7883 | D:6      | Killed Dowan
  8214 | D:8      | Identified the +2 chain mail of the Illusory Cities {rPois
                  | rCorr Str+5 Int-5} (You found it on level 7 of the Dungeon)
  8275 | D:10     | Entered Level 10 of the Dungeon
  8341 | D:10     | Noticed Sonja
  8370 | D:10     | Killed Sonja
  8428 | D:10     | Noticed Nergalle
  8515 | D:10     | Noticed a two-headed ogre
  8691 | D:10     | Reached skill level 5 in Evocations
  8702 | D:10     | Found a staircase to the Lair.
  8798 | D:10     | Killed Nergalle
  8798 | D:10     | Reached skill level 5 in Fighting
  8798 | D:10     | Reached skill level 5 in Armour
  8975 | D:10     | Killed a two-headed ogre
  9137 | D:11     | Reached **** piety under Kikubaaqudgha
  9207 | D:11     | Reached XP level 12. HP: 59/86 MP: 19/19
  9555 | D:11     | Noticed an unseen horror
  9567 | D:11     | Killed an unseen horror
 10017 | D:12     | Found a staircase to the Orcish Mines.
 10022 | Orc:1    | Entered Level 1 of the Orcish Mines
 10047 | D:12     | HP: 1/86 [warg (15)]
 10326 | D:12     | Learned a level 3 spell: Vampiric Draining
 10378 | D:12     | Found a glowing silver altar of Zin.
 10434 | D:12     | Noticed a two-headed ogre
 10447 | D:12     | Killed a two-headed ogre
 10581 | D:12     | Reached ***** piety under Kikubaaqudgha
 10685 | D:12     | Found a portal to a secret trove of treasure.
 10925 | D:12     | Reached skill level 1 in Polearms
 11118 | D:12     | Found a viscous altar of Jiyva.
 11362 | Orc:2    | Entered Level 2 of the Orcish Mines
 12129 | Orc:2    | Reached XP level 13. HP: 100/100 MP: 21/23
 12700 | Orc:2    | Reached skill level 5 in Polearms
 12841 | Orc:2    | Found a staircase to the Elven Halls.
 12843 | Orc:2    | Noticed a stone giant
 13025 | Orc:2    | Reached skill level 10 in Fighting
 13156 | Orc:2    | Found Xucis's Antique Armour Boutique.
 13156 | Orc:2    | Found Quklu's Food Shoppe.
 13158 | Orc:2    | Found Hibryi's Antique Armour Boutique.
 13158 | Orc:2    | Found Abby's Gadget Shoppe.
 13372 | Orc:2    | Killed a stone giant
 13720 | Orc:1    | Noticed an orc warlord
 13771 | Orc:1    | Killed an orc warlord
 13771 | Orc:1    | Reached skill level 5 in Dodging
 13884 | Orc:1    | Reached ****** piety under Kikubaaqudgha
 13890 | Orc:1    | Received a gift from Kikubaaqudgha
 14079 | D:5      | Fell from the grace of Kikubaaqudgha
 14159 | Temple   | Became a worshipper of Gozag Ym Sagoz the Greedy
 14588 | Orc:2    | Bought a pair of boots for 162 gold pieces
 14588 | Orc:2    | Bought a pair of glowing gloves for 270 gold pieces
 14609 | Orc:2    | Bought a translucent leather armour for 196 gold pieces
 14619 | Orc:2    | Identified the +1 leather armour "Qoiz" {rC+ rCorr SInv
                  | Stlth-} (You bought it in a shop on level 2 of the Orcish
                  | Mines)
 14777 | Lair:1   | Entered Level 1 of the Lair of Beasts
 15928 | Lair:2   | Found a staircase to the Snake Pit.
 15972 | Lair:2   | Reached XP level 14. HP: 91/110 MP: 22/24
 16517 | Lair:2   | Got a bloodstained spear
 16523 | Lair:2   | Identified the +10 spear of the Badger {elec, rPois rC+
                  | rN++ Dex-2} (You found it on level 2 of the Lair of Beasts)
 18129 | Lair:4   | Reached skill level 10 in Armour
 18836 | Lair:4   | Was forgiven by Kikubaaqudgha
 18878 | Lair:4   | Learned a level 5 spell: Borgnjor's Vile Clutch
 19007 | Lair:4   | Found a staircase to the Swamp.
 19132 | Lair:4   | Got a faintly glowing ring mail
 19144 | Lair:4   | Identified the +1 ring mail of the Blessed Realm {rF+
                  | Str+4} (You found it on level 4 of the Lair of Beasts)
 19205 | Lair:5   | Reached skill level 1 in Earth Magic
 19930 | Lair:6   | Entered Level 6 of the Lair of Beasts
 20287 | Lair:6   | Reached XP level 15. HP: 103/114 MP: 24/27
 20431 | Lair:6   | Reached skill level 10 in Necromancy
 20668 | Lair:6   | Reached skill level 5 in Earth Magic
 21460 | Lair:6   | Found a viscous altar of Jiyva.
 21460 | Lair:6   | Found a staircase to the Slime Pits.
 22359 | D:13     | Found a flagged portal.
 22430 | Bailey   | Entered a bailey
 22611 | Bailey   | Got a slimy garnet amulet
 22619 | Bailey   | Identified the amulet of Greed {-Tele +Rage Str+5 Dex+3}
                  | (You found it in a bailey)
 22904 | D:13     | Found a gate to the Vaults.
 22906 | D:13     | Reached skill level 10 in Spellcasting
 23605 | D:13     | Reached skill level 1 in Shields
 23756 | D:14     | Noticed Kirke
 23791 | D:13     | Noticed a sphinx
 23803 | D:14     | Reached XP level 16. HP: 101/121 MP: 17/30
 23892 | D:14     | Reached skill level 5 in Shields
 23948 | D:14     | Got a distressingly furry robe
 23968 | D:14     | Identified the +0 robe "Zunor" {rPois rF+} (You found it on
                  | level 14 of the Dungeon)
 24171 | D:14     | Noticed Josephine
 24195 | D:14     | Killed Josephine
 24755 | D:15     | Entered Level 15 of the Dungeon
 24833 | D:15     | Noticed Louise
 24850 | D:15     | Noticed Nessos
 24862 | D:15     | Killed Nessos
 24948 | D:15     | Killed Louise
 24964 | D:15     | Found a staircase to the Depths.
 26206 | D:13     | Killed Kirke
 26377 | Snake:1  | Entered Level 1 of the Snake Pit
 26435 | Snake:1  | Reached XP level 17. HP: 98/127 MP: 23/32
 26732 | Snake:1  | Learned a level 2 spell: Sublimation of Blood
 26963 | Snake:1  | Found Ebotwume's Jewellery Boutique.
 26963 | Snake:1  | Found Rayz's Gadget Emporium.
 26964 | Snake:1  | Found Fuerouph's Jewellery Boutique.
 26979 | Snake:1  | Bought an uncursed ring of protection from magic for 300
                  | gold pieces
 26979 | Snake:1  | Bought the ring "Anem" {rPois rF+ rC+++} for 828 gold
                  | pieces
 27124 | Snake:1  | Reached skill level 10 in Shields
 27390 | Snake:2  | Got a bloodstained dagger
 29032 | Snake:3  | Reached XP level 18. HP: 135/135 MP: 26/35
 29311 | Snake:3  | Identified the +7 dagger of Cruel Justice {antimagic, rElec
                  | rPois rF- rC-} (You found it on level 2 of the Snake Pit)
 29353 | Snake:4  | Entered Level 4 of the Snake Pit
 29384 | Snake:4  | Found a basalt altar of Yredelemnul.
 29720 | Snake:4  | Reached skill level 15 in Shields
 29902 | Snake:4  | Reached skill level 10 in Earth Magic
 30543 | Snake:4  | Learned a level 8 spell: Necromutation
 31257 | Snake:4  | Reached XP level 19. HP: 135/140 MP: 22/36
 31797 | Snake:4  | Got a serpentine rune of Zot
 32261 | Swamp:1  | Entered Level 1 of the Swamp
 32310 | Swamp:1  | Reached skill level 15 in Necromancy
 32737 | D:4      | Bought a book of Necromancy for 330 gold pieces
 32741 | D:4      | Learned a level 3 spell: Regeneration
 33120 | Swamp:1  | Reached skill level 1 in Charms
 34937 | Swamp:3  | Found a transporter.
 35267 | Swamp:3  | Reached skill level 5 in Charms
 35358 | Swamp:3  | Found a transporter.
 35832 | Swamp:3  | Got a smoking tin ring
 35847 | Swamp:3  | Got a slimy jade ring
 35879 | Swamp:3  | Identified the ring "Quwiky" {rC- rN+ Str+2 Int+4} (You
                  | found it on level 3 of the Swamp)
 35881 | Swamp:3  | Identified the ring "Xeopn" {rC+ Dex+2} (You found it on
                  | level 3 of the Swamp)
 35904 | Swamp:4  | Entered Level 4 of the Swamp
 35913 | Swamp:4  | Noticed Aizul
 35965 | Swamp:4  | Noticed Nikola
 35987 | Swamp:4  | Reached XP level 20. HP: 133/147 MP: 13/37
 35996 | Swamp:4  | Killed Nikola
 36020 | Swamp:4  | Killed Aizul
 36628 | Swamp:4  | Got a decaying rune of Zot
 37245 | D:10     | Reached XP level 21. HP: 153/153 MP: 38/38
 37358 | Elf:1    | Entered Level 1 of the Elven Halls
 37536 | Elf:1    | Reached skill level 1 in Transmutations
 37975 | Elf:1    | Reached skill level 5 in Transmutations
 38590 | Elf:2    | Found Vorch's Food Emporium.
 38610 | Elf:2    | Found Mofuar's Food Shoppe.
 38667 | Elf:2    | Found Teuhiwuz's Antique Weapon Emporium.
 38823 | Elf:2    | Found Rausuvei's Food Shop.
 38941 | Elf:2    | Found Yffaxkuci's Gadget Shop.
 39003 | Elf:2    | Found a runed translucent door.
 39032 | Elf:2    | Found a runed translucent door.
 39161 | Elf:2    | Reached skill level 10 in Transmutations
 39161 | Elf:2    | Reached XP level 22. HP: 141/160 MP: 29/39
 39431 | Elf:3    | Entered Level 3 of the Elven Halls
 39505 | Elf:3    | Found a magical portal.
 39581 | Elf:3    | Identified a scroll of acquirement
 39590 | WizLab   | Entered Zonguldrok's Shrine
 40068 | WizLab   | Noticed an antique lich
 40072 | WizLab   | Killed an antique lich
 40098 | WizLab   | Learned a level 9 spell: Shatter
 40122 | WizLab   | Found the +9 sword of Zonguldrok {reap}
 40919 | Elf:3    | Found an ancient bone altar of Kikubaaqudgha.
 41048 | Elf:3    | Identified the +5 dire flail of Efeonitt {crush, rElec
                  | rPois MR- Dex+2}
 41055 | Elf:3    | Reached skill level 15 in Transmutations
 41069 | Elf:3    | Cast into level 3 of the Abyss (a deep elf sorcerer)
 41077 | Abyss:3  | Identified Advanced Steps in Spellcraft
 41088 | Elf:3    | Escaped the Abyss
 41096 | Elf:3    | Reached XP level 23. HP: 132/165 MP: 14/40
 41252 | Elf:3    | Identified the +7 large shield of the Orb {*Corrode rF+
                  | Regen+ Str+4}
 41277 | Elf:3    | Got a twitching granite ring
 41544 | Elf:3    | Identified the ring of New Discoveries {rF+ rC+ MR+ MP+9
                  | Int+4} (You found it on level 3 of the Elven Halls)
 41556 | Elf:3    | Gained mutation: You are somewhat resistant to further
                  | mutation. [potion of mutation]
 41573 | Elf:3    | Got a pair of shimmering gloves
 41577 | Elf:3    | Got an encrusted trident
 41610 | Elf:3    | Identified the +2 pair of gloves "Qito" {*Slow rPois rN+
                  | Str+7} (You found it on level 3 of the Elven Halls)
 41622 | Elf:3    | Identified the cursed +1 trident of the Scorpion {freeze,
                  | +Inv rPois rF+++ Dex-5} (You found it on level 3 of the
                  | Elven Halls)
 42062 | D:13     | Learned a level 3 spell: Ozocubu's Armour
 42072 | D:13     | Learned a level 6 spell: Deflect Missiles
 42077 | Vaults:1 | Entered Level 1 of the Vaults
 42128 | Vaults:1 | Lost mutation: You are somewhat resistant to further
                  | mutation. [potion of mutation]
 42128 | Vaults:1 | Gained mutation: You expend magic power (3 MP) to
                  | strengthen your wands. [potion of mutation]
 42128 | Vaults:1 | Lost mutation: You expend magic power (3 MP) to strengthen
                  | your wands. [potion of mutation]
 42128 | Vaults:1 | Gained mutation: Your muscles are strong. (Str +2) [potion
                  | of mutation]
 42128 | Vaults:1 | Gained mutation: You expend magic power (3 MP) to
                  | strengthen your wands. [potion of mutation]
 42143 | Vaults:1 | Reached skill level 1 in Ice Magic
 42153 | Vaults:1 | You fall through a shaft!
 42364 | Vaults:2 | Found Nompahad's Antique Weapon Shoppe.
 42372 | Vaults:2 | Bought the +10 zealot's sword {holy, *Rage rN+ EV+3} for
                  | 3478 gold pieces
 42372 | Vaults:2 | Found the +10 zealot's sword {holy, *Rage rN+ EV+3}
 43466 | Vaults:1 | Found Wyelai's Assorted Antiques.
 44063 | Vaults:1 | Got a bloodstained robe
 44386 | Vaults:1 | Got a distressingly furry plate armour
 44529 | Vaults:1 | Identified the cursed +0 robe of the Lonely Moons {-Tele
                  | rC- Int+10 SInv} (You found it on level 1 of the Vaults)
 44562 | Vaults:1 | Identified the +6 plate armour of Vanity {rPois rF++ rN+
                  | Str-3} (You found it on level 1 of the Vaults)
 44742 | Vaults:3 | Reached XP level 24. HP: 171/172 MP: 40/40
 45005 | Vaults:3 | Found a shattered altar of Ashenzari.
 45150 | Vaults:3 | Reached skill level 15 in Earth Magic
 45221 | Vaults:3 | Found a radiant altar of Vehumet.
 45723 | Vaults:3 | Found a runed translucent door.
 45723 | Vaults:3 | Noticed AgonHex's ghost (veteran HOFi)
 45741 | Vaults:3 | Killed AgonHex's ghost
 45773 | Vaults:3 | Found a staircase to the Crypt.
 46600 | Vaults:4 | Lost mutation: Your muscles are strong. (Str +2) [potion of
                  | mutation]
 46600 | Vaults:4 | Gained mutation: Armour fits poorly on your strangely
                  | shaped body. [potion of mutation]
 46600 | Vaults:4 | Gained mutation: Your mind is acute. (Int +2) [potion of
                  | mutation]
 46665 | Vaults:4 | Identified the +1 mace "Kiap" {flame, +Rage rF- Int+6 SInv}
 47506 | Crypt:1  | Entered Level 1 of the Crypt
 47568 | Crypt:1  | Got a faintly glowing scimitar
 47619 | Crypt:1  | Reached XP level 25. HP: 178/178 MP: 12/40
 47995 | Crypt:1  | Noticed Mara
 48187 | Crypt:1  | Noticed DildoBatman's illusion
 48198 | Crypt:1  | Killed Mara
 49162 | Crypt:2  | Found a transporter.
 49162 | Crypt:2  | Found a transporter.
 49162 | Crypt:2  | Noticed harness's ghost (veteran HaMo)
 49307 | Crypt:2  | Killed harness's ghost
 49309 | Crypt:2  | Got a spiked cloak
 49412 | Crypt:2  | Identified Poxuif's Catalogue of Moulding and Poison
 49461 | Crypt:2  | Identified the +4 scimitar of Disorder {chaos, MR- Str+4
                  | Stlth+} (You found it on level 1 of the Crypt)
 49474 | Crypt:2  | Identified the +2 cloak "Ympaso Ammedgh" {Stlth+} (You
                  | found it on level 2 of the Crypt)
 49522 | Crypt:3  | Entered Level 3 of the Crypt
 49937 | Crypt:3  | Found a basalt altar of Yredelemnul.
 50581 | Crypt:3  | Reached XP level 26. HP: 174/184 MP: 32/40
 50751 | Crypt:3  | Found a staircase to the Tomb.
 50751 | Crypt:3  | Noticed Khufu
 50759 | Crypt:3  | Killed Khufu
 50809 | Crypt:3  | Got a polished buckler
 50908 | Crypt:3  | Identified the +2 buckler of the Kettle-Drum {rPois rF+
                  | Stlth-} (You found it on level 3 of the Crypt)
 50944 | Tomb:1   | Entered Level 1 of the Tomb of the Ancients
 51569 | Tomb:1   | Noticed a greater mummy
 51611 | Tomb:1   | Killed a greater mummy
 51674 | Tomb:1   | Noticed a greater mummy
 51691 | Tomb:1   | Killed a greater mummy
 52143 | Tomb:1   | Noticed a greater mummy
 52145 | Tomb:1   | Noticed a greater mummy
 52153 | Tomb:1   | Killed a greater mummy
 52153 | Tomb:1   | Killed a greater mummy
 52186 | Tomb:1   | Noticed a greater mummy
 52190 | Tomb:1   | Noticed a greater mummy
 52198 | Tomb:1   | Killed a greater mummy
 52198 | Tomb:1   | Noticed a greater mummy
 52203 | Tomb:1   | Killed a greater mummy
 52216 | Tomb:1   | Killed a greater mummy
 52216 | Tomb:1   | Noticed a greater mummy
 52217 | Tomb:1   | Noticed a greater mummy
 52229 | Tomb:1   | Killed a greater mummy
 52229 | Tomb:1   | Reached XP level 27. HP: 145/190 MP: 21/40
 52236 | Tomb:1   | Killed a greater mummy
 52294 | Tomb:1   | Noticed a greater mummy
 52312 | Tomb:1   | Killed a greater mummy
 52341 | Tomb:1   | Noticed a greater mummy
 52342 | Tomb:1   | Noticed a greater mummy
 52353 | Tomb:1   | Killed a greater mummy
 52361 | Tomb:1   | Killed a greater mummy
 52441 | Tomb:1   | Noticed a greater mummy
 52443 | Tomb:1   | Noticed a greater mummy
 52470 | Tomb:1   | Killed a greater mummy
 52470 | Tomb:1   | Killed a greater mummy
 52512 | Tomb:1   | Noticed a greater mummy
 52520 | Tomb:1   | Killed a greater mummy
 52536 | Tomb:1   | Noticed a greater mummy
 52549 | Tomb:1   | Killed a greater mummy
 52550 | Tomb:1   | Noticed a greater mummy
 52551 | Tomb:1   | Noticed a greater mummy
 52560 | Tomb:1   | Killed a greater mummy
 52564 | Tomb:1   | Killed a greater mummy
 52568 | Tomb:1   | Noticed a greater mummy
 52583 | Tomb:1   | Killed a greater mummy
 53014 | Vaults:5 | Entered Level 5 of the Vaults
 53016 | Vaults:5 | Reached skill level 27 in Earth Magic
 53016 | Vaults:5 | Reached skill level 5 in Air Magic
 53032 | Vaults:5 | Noticed Xtahua
 53485 | Depths:1 | Entered Level 1 of the Depths
 53569 | Depths:1 | Found a gateway to Hell.
 53842 | Depths:1 | Found a one-way gate leading to the halls of Pandemonium.
 53977 | Depths:1 | Found a deep blue altar of Sif Muna.
 54079 | Depths:1 | Found the +3 crown of Dyrovepreva {rElec Int+2 SInv}
 54469 | Depths:1 | Identified the Compendium of Black Arts
 54802 | Depths:2 | Reached skill level 5 in Ice Magic
 54894 | Depths:2 | Identified the Collected Works on Unstable Cold
 55398 | Depths:2 | You fall through a shaft for 2 floors!
 55707 | Depths:4 | Found Qyl Vuox's Distillery.
 55724 | Depths:4 | Bought a potion of curing for 69 gold pieces
 55724 | Depths:4 | Bought a potion of ambrosia for 184 gold pieces
 55724 | Depths:4 | Bought a potion of heal wounds for 115 gold pieces
 55724 | Depths:4 | Bought a potion of cancellation for 184 gold pieces
 55724 | Depths:4 | Bought a potion of curing for 69 gold pieces
 55724 | Depths:4 | Bought 2 potions of curing for 138 gold pieces
 55724 | Depths:4 | Bought a potion of resistance for 230 gold pieces
 55861 | Depths:4 | Found a one-way gate to the infinite horrors of the Abyss.
 56187 | Depths:4 | Found a runed translucent door.
 56188 | Depths:4 | Noticed Ge0ff's ghost (veteran HuWn)
 56195 | Depths:4 | Killed Ge0ff's ghost
 56199 | Depths:4 | Found a shimmering altar of Xom.
 56510 | Depths:3 | Reached skill level 10 in Stealth
 56515 | Depths:3 | Reached skill level 10 in Dodging
 57368 | Depths:2 | Reached skill level 10 in Evocations
 57372 | Depths:2 | Reached skill level 10 in Charms
 57439 | Depths:2 | Found an iron altar of Okawaru.
 57475 | Depths:2 | Found a deep blue altar of Sif Muna.
 57479 | Depths:2 | Found a white marble altar of Elyvilon.
 58362 | Depths:4 | Got a spiked chain mail
 58364 | Depths:4 | Got a dazzling longbow
 58462 | Depths:3 | Identified the +6 longbow "Xuan" {speed, rElec Dex+4} (You
                  | found it on level 4 of the Depths)
 58475 | Depths:3 | Identified the +6 chain mail of Blue Skies {Str-4 Int+2
                  | SInv Stlth+} (You found it on level 4 of the Depths)
 58622 | Depths:4 | Got a distressingly furry naga barding
 63120 | Depths:4 | Learned a level 9 spell: Tornado
 63129 | Depths:4 | Learned a level 8 spell: Death's Door
 63132 | Depths:4 | Learned a level 2 spell: Swiftness
 63178 | Depths:5 | Entered Level 5 of the Depths
 63185 | Depths:5 | Noticed a juggernaut
 63200 | Depths:5 | Killed a juggernaut
 63212 | Depths:5 | Reached skill level 15 in Spellcasting
 63242 | Depths:5 | Identified the +2 flail "Fixty" {crush, rC++ Int-3 SInv
                  | Stlth+}
 63312 | Depths:5 | Found a gateway to a ziggurat.
 63364 | Depths:5 | Found a gate to the Realm of Zot.
 64400 | Depths:4 | Bought the amulet of the Four Winds {rN+ MR+++ Clar} for
                  | 658 gold pieces
 64400 | Depths:4 | Found the amulet of the Four Winds {rN+ MR+++ Clar}
 64405 | Depths:4 | Bought a potion of curing for 162 gold pieces
 64413 | Depths:4 | Bought a pair of runed boots for 165 gold pieces
 64722 | Vaults:5 | Identified the ring "Enupar" {rC- rN+ SInv Stlth+}
 64733 | Vaults:4 | Killed Xtahua
 64775 | Vaults:5 | Reached skill level 10 in Air Magic
 65378 | Vaults:5 | Got a pair of shimmering gloves
 65539 | Vaults:5 | Got a silver rune of Zot
 65602 | Vaults:5 | Found the +8 orange crystal plate armour {Archmagi, Int+3
                  | Clar}
 65609 | Vaults:5 | Got a polished great sword
 65617 | Vaults:5 | Got a warped rapier
 65630 | Vaults:5 | Got a fine granite ring
 65838 | Vaults:5 | Got an ichor-stained great mace
 66170 | Vaults:5 | Identified the +10 great sword of Regicide {elec, Str+3}
                  | (You found it on level 5 of the Vaults)
 66172 | Vaults:5 | Identified the +4 rapier "Dihyucu" {pierce, Str+7 Int-3}
                  | (You found it on level 5 of the Vaults)
 66174 | Vaults:5 | Identified the +8 great mace of Change {elec, *Noise rPois
                  | MR++} (You found it on level 5 of the Vaults)
 66187 | Vaults:5 | Identified the +1 pair of gloves of Brilliance {rCorr
                  | Dex+3} (You found it on level 5 of the Vaults)
 66222 | Vaults:5 | Identified the ring "Ditilir" {rF+ Int+3} (You found it on
                  | level 5 of the Vaults)
 66514 | Tomb:2   | Noticed a greater mummy
 66522 | Tomb:2   | Killed a greater mummy
 66525 | Tomb:2   | Noticed a greater mummy
 66532 | Tomb:2   | Noticed a greater mummy
 66537 | Tomb:2   | Killed a greater mummy
 66553 | Tomb:1   | Killed a greater mummy
 66633 | Tomb:2   | Noticed a greater mummy
 66635 | Tomb:2   | Killed a greater mummy
 66654 | Tomb:2   | Reached skill level 15 in Air Magic
 66680 | Tomb:2   | Noticed a greater mummy
 66693 | Tomb:2   | Killed a greater mummy
 67388 | Tomb:3   | Entered Level 3 of the Tomb of the Ancients
 67413 | Tomb:3   | Noticed Mennas
 67419 | Tomb:3   | Noticed a greater mummy
 67493 | Tomb:3   | Noticed a greater mummy
 67493 | Tomb:3   | Noticed a greater mummy
 67494 | Tomb:3   | Noticed a greater mummy
 67495 | Tomb:3   | Noticed a greater mummy
 67600 | Tomb:3   | Noticed a greater mummy
 67603 | Tomb:3   | Noticed a greater mummy
 67603 | Tomb:3   | Noticed a greater mummy
 67604 | Tomb:3   | Noticed a greater mummy
 67610 | Tomb:3   | Killed a greater mummy
 67612 | Tomb:3   | Killed a greater mummy
 67616 | Tomb:3   | Killed a greater mummy
 67616 | Tomb:3   | Killed a greater mummy
 67616 | Tomb:3   | Killed a greater mummy
 67616 | Tomb:3   | Killed a greater mummy
 67908 | Tomb:3   | Killed a greater mummy
 67910 | Tomb:3   | Killed a greater mummy
 67912 | Tomb:3   | Killed Mennas
 68034 | Tomb:3   | Killed a greater mummy
 68193 | Tomb:3   | Found the +2 hat of the Bear Spirit {Spirit, +Rage rN+
                  | MR++}
 68301 | Tomb:3   | Got a wavering lead ring
 68552 | Tomb:3   | Got a golden rune of Zot
 68629 | Tomb:3   | Got a bloodstained whip
 68631 | Tomb:3   | Got a translucent scimitar
 68633 | Tomb:3   | Got an ichor-stained leather armour
 68670 | Tomb:3   | Identified the cursed +1 whip of the Common Good {vamp,
                  | rC+} (You found it on level 3 of the Tomb of the Ancients)
 68681 | Tomb:3   | Identified the +1 leather armour of Valour {rElec MR+} (You
                  | found it on level 3 of the Tomb of the Ancients)
 68698 | Tomb:3   | Identified the +4 scimitar of Tartarus {chaos, rC+} (You
                  | found it on level 3 of the Tomb of the Ancients)
 68712 | Tomb:3   | Identified the ring "Olaphada" {rN+ EV+3 Str-2 Dex+2} (You
                  | found it on level 3 of the Tomb of the Ancients)
 68724 | Tomb:3   | Got a spiked scale mail
 68735 | Tomb:3   | Identified the +1 scale mail of Time Monsters {Stlth+} (You
                  | found it on level 3 of the Tomb of the Ancients)
 69314 | Depths:4 | Learned a level 3 spell: Spectral Weapon
 69357 | Zot:1    | Entered Level 1 of the Realm of Zot
 69379 | Zot:1    | Reached skill level 1 in Hexes
 69678 | Zot:1    | Reached skill level 5 in Hexes
 69964 | Zot:1    | Identified the +4 dragonskin cloak
 69964 | Zot:1    | Noticed Tiamat
 69987 | Zot:1    | Killed Tiamat
 70058 | Zot:1    | Got a shadowed robe
 70599 | Zot:1    | Identified the +1 robe "Quep" {rPois MR+ Int+2 Slay+3} (You
                  | found it on level 1 of the Realm of Zot)
 70691 | Zot:2    | Noticed an orb of fire
 70694 | Zot:2    | Noticed an orb of fire
 71042 | Zot:2    | Noticed an orb of fire
 71228 | Zot:1    | Killed an orb of fire
 71465 | Zot:1    | Killed an orb of fire
 71728 | Zot:2    | Killed an orb of fire
 72895 | Zot:3    | Lost mutation: You expend magic power (3 MP) to strengthen
                  | your wands. [potion of mutation]
 72895 | Zot:3    | Lost mutation: Armour fits poorly on your strangely shaped
                  | body. [potion of mutation]
 72895 | Zot:3    | Lost mutation: Your mind is acute. (Int +2) [potion of
                  | mutation]
 72895 | Zot:3    | Gained mutation: Your mind is acute. (Int +2) [potion of
                  | mutation]
 72895 | Zot:3    | Gained mutation: You have large cloven feet. [potion of
                  | mutation]
 72895 | Zot:3    | Gained mutation: You possess an exceptional clarity of
                  | mind. [potion of mutation]
 72895 | Zot:3    | Gained mutation: You are robust. (+10% HP) [potion of
                  | mutation]
 74424 | Zot:4    | Identified the Volume of Mutagenic Lightness
 74681 | Zot:5    | Entered Level 5 of the Realm of Zot
 75419 | Zot:5    | Noticed an orb of fire
 75444 | Zot:5    | Killed an orb of fire
 75542 | Zot:5    | Noticed an ancient lich
 75565 | Zot:5    | Killed an ancient lich
 75715 | Zot:5    | Noticed a Killer Klown
 75751 | Zot:5    | Killed a Killer Klown
 75811 | Zot:5    | Noticed a Killer Klown
 75885 | Zot:5    | Noticed an orb of fire
 75885 | Zot:5    | Noticed an ancient lich
 75911 | Zot:5    | Killed an orb of fire
 75913 | Zot:5    | Killed an ancient lich
 75913 | Zot:5    | Noticed an orb of fire
 75982 | Zot:5    | Noticed an orb of fire
 75997 | Zot:5    | Killed an orb of fire
 76068 | Zot:5    | Killed a Killer Klown
 76080 | Zot:5    | Killed an orb of fire
 76138 | Zot:5    | Noticed an orb of fire
 76169 | Zot:5    | Killed an orb of fire
 76193 | Zot:5    | Noticed an orb of fire
 76210 | Zot:5    | Killed an orb of fire
 76254 | Zot:5    | Noticed an orb of fire
 76263 | Zot:5    | Killed an orb of fire
 76358 | Zot:5    | Noticed an orb of fire
 76367 | Zot:5    | Killed an orb of fire
 76530 | Zot:5    | Noticed a Killer Klown
 76533 | Zot:5    | Killed a Killer Klown
 76537 | Zot:5    | Noticed an orb of fire
 76551 | Zot:5    | Noticed a Killer Klown
 76559 | Zot:5    | Killed an orb of fire
 76560 | Zot:5    | Killed a Killer Klown
 77139 | Hell     | Entered the Vestibule of Hell
 77139 | Hell     | Noticed Geryon
 77154 | Hell     | Killed Geryon
 77157 | Hell     | Noticed Murray
 77163 | Hell     | Killed Murray
 77624 | Hell     | Found a gateway to the freezing wastes of Cocytus.
 77742 | Hell     | Found a gateway to the decaying netherworld of Tartarus.
 77788 | Hell     | Found a gateway to the ashen valley of Gehenna.
 77885 | Hell     | Found a gateway to the Iron City of Dis.
 78439 | Slime:1  | Entered Level 1 of the Pits of Slime
 80441 | Slime:5  | Entered Level 5 of the Pits of Slime
 80502 | Slime:5  | Noticed the Royal Jelly
 80627 | Slime:5  | Killed the Royal Jelly
 80799 | Slime:5  | Got a sparkling copper ring
 80811 | Slime:5  | Got a slimy rune of Zot
 81226 | Slime:5  | Got a faintly humming ring mail
 81243 | Slime:5  | Identified the +4 ring mail "Plog" {SInv} (You found it on
                  | level 5 of the Pits of Slime)
 81264 | Slime:5  | Identified the ring "Itocres" {rPois rC- Int+8 Stlth+} (You
                  | found it on level 5 of the Pits of Slime)
 81667 | Depths:4 | You are sucked into a shaft!
 81754 | Depths:4 | Found the +2 shield of Resistance {rF+ rC+ MR+}
 81755 | Depths:4 | Found the +3 pair of gauntlets of War {Slay+5}
 81880 | Depths:4 | Bought 2 potions of mutation for 288 gold pieces
 81882 | Depths:4 | Bought a blackened cloak for 361 gold pieces
 81892 | Depths:4 | Identified the cursed +0 cloak of Experimentation {Slay+2}
                  | (You bought it in a shop on level 4 of the Depths)
 81905 | Depths:4 | Bought a polished leather armour for 336 gold pieces
 81905 | Depths:4 | Bought an ancient leather armour for 336 gold pieces
 81906 | Depths:4 | Bought a translucent leather armour for 266 gold pieces
 81916 | Depths:4 | Identified the +6 leather armour of the Desolation of Salt
                  | {MR+ Int-3 SInv} (You bought it in a shop on level 4 of the
                  | Depths)
 81927 | Depths:4 | Identified the +2 leather armour "Hirphi" {+Blink rPois
                  | rCorr Dex+2} (You bought it in a shop on level 4 of the
                  | Depths)
 81937 | Depths:4 | Identified the +2 leather armour "Ochicag" {+Inv Regen+
                  | Str+3 Int-4} (You bought it in a shop on level 4 of the
                  | Depths)
 81954 | Depths:4 | Voluntarily entered the Abyss.
 82247 | Abyss:1  | Reached skill level 27 in Air Magic
 83466 | Abyss:2  | Noticed an ancient lich
 83472 | Abyss:2  | Killed an ancient lich
 83785 | Abyss:2  | Reached skill level 10 in Ice Magic
 84392 | Abyss:2  | Reached skill level 15 in Fighting
 84411 | Abyss:2  | Reached skill level 15 in Armour
 86017 | Abyss:2  | Noticed an ancient lich
 86024 | Abyss:2  | Killed an ancient lich
 86609 | Abyss:2  | Identified the +7 large shield of Beogh's Pride {rC+ Regen+
                  | SInv}
 86784 | Abyss:2  | Reached skill level 15 in Evocations
 89637 | Abyss:3  | Found a corrupted altar of Lugonu.
 89690 | Abyss:3  | Found a corrupted altar of Lugonu.
 89898 | Abyss:5  | Entered Level 5 of the Abyss
 89898 | Abyss:5  | Entered Level 5 of the Abyss
 90240 | Abyss:5  | Reached skill level 27 in Evocations
 90519 | Abyss:5  | Noticed an ancient lich
 90534 | Abyss:5  | Killed an ancient lich
 90846 | Abyss:5  | Reached skill level 27 in Fighting
 91788 | Abyss:5  | Got an abyssal rune of Zot
 92087 | Depths:4 | Escaped the Abyss
 92110 | Depths:4 | Bought a jewelled cloak for 437 gold pieces
 92110 | Depths:4 | Bought a transparent leather armour for 322 gold pieces
 92193 | Depths:4 | Identified the +0 cloak of a bailey {Dex+4} (You bought it
                  | in a shop on level 4 of the Depths)
 92213 | Depths:4 | Identified the cursed +1 leather armour of the Poles {*Slow
                  | rCorr Stlth+} (You bought it in a shop on level 4 of the
                  | Depths)
 92284 | Zig:1    | Entered Level 1 of a ziggurat
 92302 | Zig:2    | Entered Level 2 of a ziggurat
 92322 | Zig:3    | Entered Level 3 of a ziggurat
 92383 | Zig:4    | Entered Level 4 of a ziggurat
 92436 | Zig:5    | Entered Level 5 of a ziggurat
 92485 | Zig:6    | Entered Level 6 of a ziggurat
 92515 | Zig:6    | Identified the Catalogue of Bewitchment
 92536 | Zig:7    | Entered Level 7 of a ziggurat
 92596 | Zig:8    | Entered Level 8 of a ziggurat
 92671 | Zig:9    | Entered Level 9 of a ziggurat
 92792 | Zig:9    | Got a twisted shield
 92795 | Zig:9    | Got a steaming ring mail
 92802 | Zig:10   | Entered Level 10 of a ziggurat
 92847 | Zig:10   | Identified the Collected Works on the Excruciating Blaze
 92901 | Zig:11   | Entered Level 11 of a ziggurat
 92946 | Zig:11   | Found the +2 robe of Vines {NoPotionHeal Regen+7}
 93052 | Zig:11   | Identified the +5 shield of the Sunfish {Dex+2} (You found
                  | it on level 9 of a ziggurat)
 93062 | Zig:11   | Identified the +5 ring mail of the Poles {rF+ Stlth+} (You
                  | found it on level 9 of a ziggurat)
 93200 | Zig:12   | Entered Level 12 of a ziggurat
 93210 | Zig:12   | Noticed Roppuem the pandemonium lord
 93224 | Zig:12   | Killed Roppuem the pandemonium lord
 93271 | Zig:12   | Identified the Reference Book on Flight
 93293 | Zig:12   | Got a pair of blackened gloves
 93300 | Zig:13   | Entered Level 13 of a ziggurat
 93363 | Zig:13   | Got a coiled ruby amulet
 93365 | Zig:13   | Got a fine steel ring
 93411 | Zig:14   | Entered Level 14 of a ziggurat
 93434 | Zig:14   | Noticed Arimn the pandemonium lord
 93434 | Zig:14   | Noticed a Killer Klown
 93435 | Zig:14   | Noticed a Killer Klown
 93435 | Zig:14   | Noticed a Killer Klown
 93435 | Zig:14   | Noticed a Killer Klown
 93435 | Zig:14   | Noticed Nisutes the pandemonium lord
 93438 | Zig:14   | Noticed Untenaq the pandemonium lord
 93440 | Zig:14   | Noticed Guibal the pandemonium lord
 93441 | Zig:14   | Killed a Killer Klown
 93441 | Zig:14   | Killed a Killer Klown
 93442 | Zig:14   | Killed a Killer Klown
 93442 | Zig:14   | Killed Nisutes the pandemonium lord
 93443 | Zig:14   | Killed Arimn the pandemonium lord
 93443 | Zig:14   | Killed Guibal the pandemonium lord
 93444 | Zig:14   | Killed a Killer Klown
 93451 | Zig:14   | Killed Untenaq the pandemonium lord
 93469 | Zig:14   | Found the +9 staff of Olgreb {rPois}
 93490 | Zig:14   | Got a glittering golden ring
 93507 | Zig:14   | Identified the Incunabulum of Ashen Transformation
 93518 | Zig:14   | Got a bound bronze ring
 93563 | Zig:14   | Got a creamy pearl robe
 93567 | Zig:15   | Entered Level 15 of a ziggurat
 93585 | Zig:15   | Noticed a Killer Klown
 93585 | Zig:15   | Noticed a Killer Klown
 93587 | Zig:15   | Noticed Karuqose the pandemonium lord
 93589 | Zig:15   | Noticed Icydoym the pandemonium lord
 93591 | Zig:15   | Killed a Killer Klown
 93593 | Zig:15   | Killed a Killer Klown
 93594 | Zig:15   | Noticed a Killer Klown
 93595 | Zig:15   | Noticed Lutz the pandemonium lord
 93597 | Zig:15   | Noticed a Killer Klown
 93599 | Zig:15   | Killed Karuqose the pandemonium lord
 93599 | Zig:15   | Reached skill level 15 in Charms
 93605 | Zig:15   | Killed a Killer Klown
 93606 | Zig:15   | Killed Icydoym the pandemonium lord
 93606 | Zig:15   | Reached skill level 27 in Spellcasting
 93613 | Zig:15   | Killed a Killer Klown
 93616 | Zig:15   | Killed Lutz the pandemonium lord
 93657 | Zig:15   | Got a slimy silver amulet
 93747 | Zig:16   | Entered Level 16 of a ziggurat
 93766 | Zig:16   | Noticed an ancient lich
 93767 | Zig:16   | Noticed an ancient lich
 93768 | Zig:16   | Found the +3 robe of Clouds {+Thunder rCloud rElec}
 93771 | Zig:16   | Killed an ancient lich
 93776 | Zig:16   | Killed an ancient lich
 93786 | Zig:16   | Reached skill level 15 in Ice Magic
 93875 | Zig:16   | Identified the Volume of Twisted Venom
 93879 | Zig:16   | Got an ancient tin ring
 93924 | Zig:17   | Entered Level 17 of a ziggurat
 94079 | Zig:17   | Got a translucent jade ring
 94096 | Zig:17   | Identified the cursed -3 pair of gloves of Fooxomoy {MR+}
                  | (You found it on level 12 of a ziggurat)
 94106 | Zig:17   | Identified the +0 robe of Wosurcho {*Corrode rF+ rN+ Str+3}
                  | (You found it on level 14 of a ziggurat)
 94179 | Zig:17   | Identified the ring of Ofyofeyd {rF+ Str+2 Int+2 Dex+5}
                  | (You found it on level 17 of a ziggurat)
 94181 | Zig:17   | Identified the ring "Lesa" {Ice +Blink MR+ Stlth-} (You
                  | found it on level 14 of a ziggurat)
 94184 | Zig:17   | Identified the ring of Scepticism {Fire Int+5 Slay+3} (You
                  | found it on level 16 of a ziggurat)
 94194 | Zig:17   | Identified the amulet "Bokup" {RegenMP rPois rN++ Int+2
                  | Dex-5} (You found it on level 15 of a ziggurat)
 94200 | Zig:17   | Identified the amulet "Wenuvux" {*Drain rPois MR+++ Regen+
                  | Int+4} (You found it on level 13 of a ziggurat)
 94202 | Zig:17   | Identified the ring of Immorality {rF+ SInv} (You found it
                  | on level 13 of a ziggurat)
 94206 | Zig:17   | Identified the ring "Neoll" {rC++ MP+9 Int-2} (You found it
                  | on level 14 of a ziggurat)
 94227 | Zig:18   | Entered Level 18 of a ziggurat
 94243 | Zig:18   | Reached skill level 1 in Short Blades
 94254 | Zig:18   | Reached skill level 5 in Short Blades
 94440 | Zig:19   | Entered Level 19 of a ziggurat
 94464 | Zig:19   | Noticed Ifudweufu the pandemonium lord
 94464 | Zig:19   | Noticed Haheud the pandemonium lord
 94464 | Zig:19   | Noticed a Killer Klown
 94464 | Zig:19   | Noticed Vaevui the pandemonium lord
 94465 | Zig:19   | Noticed Majinled the pandemonium lord
 94466 | Zig:19   | Noticed Baexzo the pandemonium lord
 94466 | Zig:19   | Noticed a Killer Klown
 94467 | Zig:19   | Noticed a Killer Klown
 94468 | Zig:19   | Noticed a Killer Klown
 94469 | Zig:19   | Noticed Poilur the pandemonium lord
 94469 | Zig:19   | Noticed a Killer Klown
 94469 | Zig:19   | Noticed a Killer Klown
 94470 | Zig:19   | Killed a Killer Klown
 94470 | Zig:19   | Killed a Killer Klown
 94470 | Zig:19   | Killed a Killer Klown
 94471 | Zig:19   | Killed a Killer Klown
 94471 | Zig:19   | Noticed a Killer Klown
 94472 | Zig:19   | Killed Majinled the pandemonium lord
 94472 | Zig:19   | Reached skill level 10 in Short Blades
 94472 | Zig:19   | Killed a Killer Klown
 94472 | Zig:19   | Killed Ifudweufu the pandemonium lord
 94474 | Zig:19   | Killed Baexzo the pandemonium lord
 94474 | Zig:19   | Killed Poilur the pandemonium lord
 94474 | Zig:19   | Killed a Killer Klown
 94474 | Zig:19   | Killed a Killer Klown
 94482 | Zig:19   | Killed Vaevui the pandemonium lord
 94483 | Zig:19   | Killed Haheud the pandemonium lord
 94484 | Zig:19   | Found the +7 lajatang of Order {silver, rMut}
 94516 | Zig:19   | Identified the Handbook of Fire
 94643 | Zig:20   | Entered Level 20 of a ziggurat
 94790 | Zig:20   | Identified the Almanac of Dusty Toxins
 94879 | Zig:21   | Entered Level 21 of a ziggurat
 94900 | Zig:21   | Reached skill level 10 in Polearms
 95070 | Zig:21   | Identified Naruh's Catalogue of the Compass and the Oath
 95154 | Zig:22   | Entered Level 22 of a ziggurat
 95204 | Zig:22   | Noticed Adwoathu the pandemonium lord
 95226 | Zig:22   | Killed Adwoathu the pandemonium lord
 95395 | Zig:22   | Found the +0 sword of Power
 95409 | Zig:22   | Identified Haanisk's Collected Works on Summoning
 95490 | Zig:23   | Entered Level 23 of a ziggurat
 95504 | Zig:23   | Noticed a greater mummy
 95506 | Zig:23   | Noticed a greater mummy
 95509 | Zig:23   | Noticed a greater mummy
 95510 | Zig:23   | Killed a greater mummy
 95510 | Zig:23   | Killed a greater mummy
 95510 | Zig:23   | Noticed a greater mummy
 95511 | Zig:23   | Noticed a greater mummy
 95512 | Zig:23   | Noticed a greater mummy
 95514 | Zig:23   | Noticed a greater mummy
 95516 | Zig:23   | Noticed a greater mummy
 95517 | Zig:23   | Killed a greater mummy
 95517 | Zig:23   | Killed a greater mummy
 95517 | Zig:23   | Killed a greater mummy
 95518 | Zig:23   | Killed a greater mummy
 95518 | Zig:23   | Noticed a greater mummy
 95518 | Zig:23   | Noticed a greater mummy
 95521 | Zig:23   | Noticed a greater mummy
 95523 | Zig:23   | Killed a greater mummy
 95523 | Zig:23   | Noticed a greater mummy
 95524 | Zig:23   | Noticed a greater mummy
 95525 | Zig:23   | Killed a greater mummy
 95530 | Zig:23   | Noticed a greater mummy
 95533 | Zig:23   | Killed a greater mummy
 95534 | Zig:23   | Killed a greater mummy
 95535 | Zig:23   | Killed a greater mummy
 95536 | Zig:23   | Killed a greater mummy
 95536 | Zig:23   | Killed a greater mummy
 95543 | Zig:23   | Killed a greater mummy
 95716 | Zig:23   | Found the +8 whip "Snakebite" {curare, rPois}
 95717 | Zig:23   | Found the ring of Shadows {Umbra +Inv Stlth+}
 95730 | Zig:23   | Got a flickering amethyst amulet
 95737 | Zig:23   | Got a smoking steel ring
 95748 | Zig:23   | Identified the Tome of Displacement
 95815 | Zig:24   | Entered Level 24 of a ziggurat
 95976 | Zig:24   | Identified Xol Lica's Handbook of Creation
 95995 | Zig:24   | Identified Codidysu's Disquisition on Bewitching Talismans
 96092 | Zig:24   | Identified the amulet "Lexeke" {RegenMP Int+2} (You found
                  | it on level 23 of a ziggurat)
 96099 | Zig:24   | Identified the ring "Upreg" {*Tele rN+} (You found it on
                  | level 23 of a ziggurat)
 96110 | Zig:25   | Entered Level 25 of a ziggurat
 96131 | Zig:25   | Reached skill level 1 in Staves
 96131 | Zig:25   | Reached skill level 1 in Throwing
 96162 | Zig:25   | Reached skill level 5 in Staves
 96162 | Zig:25   | Reached skill level 5 in Throwing
 96390 | Zig:25   | Identified the Almanac of the Traveller and the Arsonist
 96395 | Zig:25   | Got a scorched silver amulet
 96459 | Zig:25   | Got a fine robe
 96475 | Zig:25   | Identified the +2 robe "Yshuhycs" {rF+ Slay+2} (You found
                  | it on level 25 of a ziggurat)
 96482 | Zig:25   | Got a warped crystal plate armour
 96488 | Zig:25   | Identified the +2 crystal plate armour of Siytiugh {MR-
                  | Regen+ Str+6 SInv} (You found it on level 25 of a ziggurat)
 96494 | Zig:25   | Identified an amulet "Atwuisin" {Spirit rF- Int+2 Stlth+}
                  | (You found it on level 25 of a ziggurat)
 96507 | Zig:26   | Entered Level 26 of a ziggurat
 96532 | Zig:26   | Noticed an ancient lich
 96538 | Zig:26   | Killed an ancient lich
 96561 | Zig:26   | Noticed an ancient lich
 96564 | Zig:26   | Killed an ancient lich
 96569 | Zig:26   | Noticed an ancient lich
 96576 | Zig:26   | Killed an ancient lich
 96576 | Zig:26   | Reached skill level 10 in Staves
 96576 | Zig:26   | Reached skill level 10 in Throwing
 96758 | Zig:26   | Got a steaming ivory ring
 96775 | Zig:26   | Got dazzling shadow dragon scales
 96789 | Zig:26   | Identified the +3 shadow dragon scales of Complete
                  | Protection {rElec Str+4 Stlth++++} (You found it on level
                  | 26 of a ziggurat)
 96801 | Zig:26   | Got a polished buckler
 96812 | Zig:26   | Identified the cursed +0 buckler of Grace {Str+6} (You
                  | found it on level 26 of a ziggurat)
 96830 | Zig:27   | Entered Level 27 of a ziggurat
 97171 | Zig:27   | Identified the Disquisition on Destructive Envenoming
 97175 | Zig:27   | Got a clouded platinum ring
 97177 | Zig:27   | Identified Sif Muna's Disquisition on Self-Knowledge and
                  | Summoning
 97204 | Zig:27   | Identified the ring of Xuihocat {rElec rN+ EV+2 Str+4
                  | Int-4} (You found it on level 26 of a ziggurat)
 97212 | Zig:27   | Identified the ring of Amorality {SInv Stlth+} (You found
                  | it on level 27 of a ziggurat)
 97274 | Depths:4 | Learned a level 8 spell: Ignition
 97282 | Depths:4 | Learned a level 7 spell: Ring of Flames
 97288 | Depths:4 | Learned a level 5 spell: Aura of Abjuration
 97298 | Depths:4 | Learned a level 6 spell: Darkness
 97579 | Depths:4 | Got a shimmering cloak
 97590 | Depths:4 | Identified the +1 cloak of the Iron Devil {rC- rN+ MR++
                  | Int+4} (You acquired it on level 4 of the Depths)
 97651 | Zig:1    | Entered Level 1 of a ziggurat
 97651 | Zig:1    | Noticed Fitzao the pandemonium lord
 97666 | Zig:1    | Killed Fitzao the pandemonium lord
 97698 | Zig:2    | Entered Level 2 of a ziggurat
 97699 | Zig:2    | Noticed a Killer Klown
 97705 | Zig:2    | Killed a Killer Klown
 97705 | Zig:2    | Reached skill level 1 in Maces & Flails
 97725 | Zig:3    | Entered Level 3 of a ziggurat
 97781 | Zig:4    | Entered Level 4 of a ziggurat
 97831 | Zig:5    | Entered Level 5 of a ziggurat
 97852 | Zig:5    | Got a coiled brass ring
 97901 | Zig:6    | Entered Level 6 of a ziggurat
 97904 | Zig:6    | Noticed a Killer Klown
 97904 | Zig:6    | Noticed a Killer Klown
 97905 | Zig:6    | Noticed a Killer Klown
 97906 | Zig:6    | Noticed Biukaul the pandemonium lord
 97910 | Zig:6    | Killed a Killer Klown
 97911 | Zig:6    | Killed a Killer Klown
 97911 | Zig:6    | Killed Biukaul the pandemonium lord
 97911 | Zig:6    | Reached skill level 5 in Fire Magic
 97911 | Zig:6    | Killed a Killer Klown
 97963 | Zig:7    | Entered Level 7 of a ziggurat
 97967 | Zig:7    | Noticed a shard shrike
 97972 | Zig:7    | Killed a shard shrike
 98042 | Zig:8    | Entered Level 8 of a ziggurat
 98119 | Zig:8    | Identified Sif Muna's Collected Works on Shifting
                  | Weightlessness
 98123 | Zig:8    | Identified the Disquisition on the Dusty Voyage
 98143 | Zig:9    | Entered Level 9 of a ziggurat
 98148 | Zig:9    | Noticed an ancient lich
 98149 | Zig:9    | Noticed an ancient lich
 98151 | Zig:9    | Killed an ancient lich
 98151 | Zig:9    | Reached skill level 5 in Maces & Flails
 98155 | Zig:9    | Killed an ancient lich
 98263 | Zig:10   | Entered Level 10 of a ziggurat
 98271 | Zig:10   | Noticed a shard shrike
 98272 | Zig:10   | Noticed a shard shrike
 98278 | Zig:10   | Killed a shard shrike
 98278 | Zig:10   | Killed a shard shrike
 98363 | Zig:11   | Entered Level 11 of a ziggurat
 98373 | Zig:11   | Noticed an ancient lich
 98377 | Zig:11   | Killed an ancient lich
 98378 | Zig:11   | Noticed an ancient lich
 98378 | Zig:11   | Noticed an ancient lich
 98383 | Zig:11   | Killed an ancient lich
 98383 | Zig:11   | Killed an ancient lich
 98383 | Zig:11   | Reached skill level 5 in Summonings
 98461 | Zig:11   | Identified the Guide on Boosting Beguiling
 98486 | Zig:12   | Entered Level 12 of a ziggurat
 98587 | Zig:12   | Got a twitching ruby amulet
 98588 | Zig:12   | Identified the Volume of the Snowflakes and Fire
 98637 | Zig:12   | Got an ancient leather armour
 98652 | Zig:13   | Entered Level 13 of a ziggurat
 98729 | Zig:13   | Identified the Reference Book on Conjuration and the Rocks
 98733 | Zig:13   | Got a slimy silver amulet
 98837 | Zig:13   | Identified the +1 leather armour "Wanac" {rCorr Dex+2} (You
                  | found it on level 12 of a ziggurat)
 98851 | Zig:13   | Identified the ring of Reimbursement {*Corrode rC+ rN+
                  | Str+8 Dex-2} (You found it on level 5 of a ziggurat)
 98852 | Zig:13   | Identified the amulet "Oryg Narity" {Acrobat rPois rC+
                  | Int+6} (You found it on level 13 of a ziggurat)
 98853 | Zig:13   | Identified the amulet "Uhotooce" {Reflect rElec Slay+2
                  | SH+2} (You found it on level 12 of a ziggurat)
 98866 | Zig:14   | Entered Level 14 of a ziggurat
 98890 | Zig:14   | Noticed an ancient lich
 98892 | Zig:14   | Noticed an ancient lich
 98893 | Zig:14   | Noticed an ancient lich
 98894 | Zig:14   | Killed an ancient lich
 98899 | Zig:14   | Killed an ancient lich
 98900 | Zig:14   | Killed an ancient lich
 98975 | Zig:14   | Identified the Grimoire of Displacement and Feathers
 98982 | Zig:14   | Identified Sif Muna's Reference Book on Cankerous Clay
 99037 | Zig:15   | Entered Level 15 of a ziggurat
 99063 | Zig:15   | Reached skill level 10 in Maces & Flails
 99212 | Zig:15   | Got a bound glass ring
 99218 | Zig:15   | Identified the Almanac of Freezing Displacement
 99225 | Zig:15   | Identified Xait's Tome of the Traveller and Poisoning
 99242 | Zig:15   | Got a pair of heavily runed gloves
 99261 | Zig:15   | Identified the +2 pair of gloves of Vexation {rElec rC+
                  | Int+3} (You found it on level 15 of a ziggurat)
 99265 | Zig:15   | Identified the ring "Zaunutesm" {Fire *Slow +Fly rN++
                  | Str+8} (You found it on level 15 of a ziggurat)
 99296 | Zig:16   | Entered Level 16 of a ziggurat
 99421 | Zig:16   | Got a steaming lead ring
 99423 | Zig:16   | Got a slimy bronze amulet
 99465 | Zig:16   | Identified the amulet "Cuhoschai" {RegenMP rN+ Str+4} (You
                  | found it on level 16 of a ziggurat)
 99467 | Zig:16   | Identified the ring "Ridig" {rPois rN+ MR+ Slay+3} (You
                  | found it on level 16 of a ziggurat)
 99475 | Zig:17   | Entered Level 17 of a ziggurat
 99493 | Zig:17   | Noticed an ancient lich
 99495 | Zig:17   | Killed an ancient lich
 99495 | Zig:17   | Reached skill level 10 in Fire Magic
 99589 | Zig:17   | Identified the Volume of Moulding and the Rocks
 99594 | Zig:17   | Got a slimy zirconium amulet
 99603 | Zig:17   | Identified the Tome of Flight and Good Luck
 99698 | Zig:18   | Entered Level 18 of a ziggurat
 99713 | Zig:18   | Noticed an ancient lich
 99718 | Zig:18   | Killed an ancient lich
 99727 | Zig:18   | Reached skill level 15 in Stealth
 99920 | Zig:18   | Identified the amulet "Haypp" {RegenMP Int+4 Dex+2} (You
                  | found it on level 17 of a ziggurat)
 99925 | Zig:19   | Entered Level 19 of a ziggurat
 99949 | Zig:19   | Noticed Ynkotz the pandemonium lord
 99949 | Zig:19   | Noticed Gaajoef the pandemonium lord
 99949 | Zig:19   | Noticed Anekut the pandemonium lord
 99949 | Zig:19   | Noticed Sinus the pandemonium lord
 99949 | Zig:19   | Noticed a Killer Klown
 99949 | Zig:19   | Noticed Geiblej the pandemonium lord
 99950 | Zig:19   | Noticed a Killer Klown
 99950 | Zig:19   | Noticed a Killer Klown
 99950 | Zig:19   | Noticed a Killer Klown
 99950 | Zig:19   | Noticed a Killer Klown
 99950 | Zig:19   | Noticed a Killer Klown
 99950 | Zig:19   | Noticed Iddupnun the pandemonium lord
 99950 | Zig:19   | Noticed Jyfoi the pandemonium lord
 99950 | Zig:19   | Noticed Jouriec the pandemonium lord
 99950 | Zig:19   | Noticed a Killer Klown
 99951 | Zig:19   | Noticed Goump the pandemonium lord
 99951 | Zig:19   | Noticed Ewaday the pandemonium lord
 99951 | Zig:19   | Noticed Rizorch the pandemonium lord
 99951 | Zig:19   | Noticed Hier the pandemonium lord
 99951 | Zig:19   | Noticed Cethrem the pandemonium lord
 99952 | Zig:19   | Found the macabre finger necklace {rN+}
 99953 | Zig:19   | Noticed a Killer Klown
 99953 | Zig:19   | Noticed a Killer Klown
 99953 | Zig:19   | Noticed a Killer Klown
 99954 | Zig:19   | Noticed a Killer Klown
 99954 | Zig:19   | Noticed a Killer Klown
 99955 | Zig:19   | Killed a Killer Klown
 99955 | Zig:19   | Reached skill level 10 in Summonings
 99955 | Zig:19   | Killed a Killer Klown
 99957 | Zig:19   | Killed Jyfoi the pandemonium lord
 99957 | Zig:19   | Killed a Killer Klown
 99958 | Zig:19   | Killed a Killer Klown
 99958 | Zig:19   | Killed Gaajoef the pandemonium lord
 99958 | Zig:19   | Killed Ewaday the pandemonium lord
 99958 | Zig:19   | Killed Ynkotz the pandemonium lord
 99958 | Zig:19   | Killed Goump the pandemonium lord
 99959 | Zig:19   | Killed Iddupnun the pandemonium lord
 99959 | Zig:19   | Killed a Killer Klown
 99959 | Zig:19   | Killed Sinus the pandemonium lord
 99959 | Zig:19   | Killed a Killer Klown
 99959 | Zig:19   | Killed a Killer Klown
 99959 | Zig:19   | Killed a Killer Klown
 99959 | Zig:19   | Killed a Killer Klown
 99960 | Zig:19   | Killed Jouriec the pandemonium lord
 99960 | Zig:19   | Killed Anekut the pandemonium lord
 99960 | Zig:19   | Killed Geiblej the pandemonium lord
 99960 | Zig:19   | Killed a Killer Klown
 99961 | Zig:19   | Killed Cethrem the pandemonium lord
 99962 | Zig:19   | Killed Rizorch the pandemonium lord
 99964 | Zig:19   | Found the +10 Black Knight's horse barding {ponderous,
                  | rPois rN+}
 99965 | Zig:19   | Killed Hier the pandemonium lord
 99968 | Zig:19   | Killed a Killer Klown
100052 | Zig:19   | Identified Zanegal's Collected Works on the Birds and
                  | Curses
100065 | Zig:19   | Got a crude granite ring
100066 | Zig:19   | Identified Sif Muna's Compendium of Companions
100115 | Zig:20   | Entered Level 20 of a ziggurat
100137 | Zig:20   | Noticed a greater mummy
100137 | Zig:20   | Noticed a greater mummy
100138 | Zig:20   | Noticed a greater mummy
100139 | Zig:20   | Noticed a greater mummy
100140 | Zig:20   | Noticed a greater mummy
100140 | Zig:20   | Noticed a greater mummy
100141 | Zig:20   | Noticed a greater mummy
100142 | Zig:20   | Killed a greater mummy
100142 | Zig:20   | Killed a greater mummy
100142 | Zig:20   | Killed a greater mummy
100142 | Zig:20   | Noticed a greater mummy
100143 | Zig:20   | Noticed a greater mummy
100144 | Zig:20   | Killed a greater mummy
100144 | Zig:20   | Killed a greater mummy
100144 | Zig:20   | Noticed a greater mummy
100145 | Zig:20   | Noticed a greater mummy
100145 | Zig:20   | Noticed a greater mummy
100146 | Zig:20   | Killed a greater mummy
100147 | Zig:20   | Killed a greater mummy
100157 | Zig:20   | Killed a greater mummy
100157 | Zig:20   | Noticed a greater mummy
100159 | Zig:20   | Killed a greater mummy
100161 | Zig:20   | Killed a greater mummy
100161 | Zig:20   | Reached skill level 15 in Maces & Flails
100163 | Zig:20   | Killed a greater mummy
100163 | Zig:20   | Killed a greater mummy
100168 | Zig:20   | Killed a greater mummy
100279 | Zig:20   | Got a glittering platinum ring
100309 | Zig:20   | Got a transparent golden ring
100321 | Zig:20   | Got a brightly glowing amethyst amulet
100396 | Zig:20   | Identified the amulet "Jammifopp" {Reflect rN+ Int+2 SH+5}
                  | (You found it on level 20 of a ziggurat)
100400 | Zig:20   | Identified the ring of Olorr {rElec rPois rN+ MR+ Int-5}
                  | (You found it on level 20 of a ziggurat)
100403 | Zig:20   | Identified the ring of Uraineci {rN+ MP+9} (You found it on
                  | level 19 of a ziggurat)
100406 | Zig:20   | Identified the ring of the Moon {Str+4 Stlth+} (You found
                  | it on level 20 of a ziggurat)
100413 | Zig:21   | Entered Level 21 of a ziggurat
100646 | Zig:21   | Identified the Incunabulum of Confrontation
100652 | Zig:21   | Got a scintillating wooden ring
100696 | Zig:21   | Got a warped buckler
100707 | Zig:21   | Identified the +4 buckler of the Mutiny {Str+5 Slay+4} (You
                  | found it on level 21 of a ziggurat)
100726 | Zig:22   | Entered Level 22 of a ziggurat
100742 | Zig:22   | Noticed a Killer Klown
100743 | Zig:22   | Noticed a Killer Klown
100744 | Zig:22   | Noticed Iduasch the pandemonium lord
100747 | Zig:22   | Noticed Adiul the pandemonium lord
100747 | Zig:22   | Noticed Mued the pandemonium lord
100747 | Zig:22   | Noticed Ciurum the pandemonium lord
100747 | Zig:22   | Noticed Ybyudd the pandemonium lord
100748 | Zig:22   | Noticed a Killer Klown
100748 | Zig:22   | Noticed a Killer Klown
100750 | Zig:22   | Noticed a Killer Klown
100752 | Zig:22   | Killed a Killer Klown
100752 | Zig:22   | Noticed a Killer Klown
100762 | Zig:22   | Killed a Killer Klown
100762 | Zig:22   | Killed Adiul the pandemonium lord
100762 | Zig:22   | Killed a Killer Klown
100762 | Zig:22   | Killed a Killer Klown
100762 | Zig:22   | Noticed a Killer Klown
100763 | Zig:22   | Killed Ciurum the pandemonium lord
100763 | Zig:22   | Killed Iduasch the pandemonium lord
100763 | Zig:22   | Noticed a Killer Klown
100764 | Zig:22   | Killed a Killer Klown
100764 | Zig:22   | Killed a Killer Klown
100764 | Zig:22   | Killed Mued the pandemonium lord
100765 | Zig:22   | Killed a Killer Klown
100765 | Zig:22   | Noticed a Killer Klown
100767 | Zig:22   | Killed Ybyudd the pandemonium lord
100769 | Zig:22   | Killed a Killer Klown
100769 | Zig:22   | Killed a Killer Klown
100770 | Zig:22   | Noticed Qunall the pandemonium lord
100771 | Zig:22   | Noticed a Killer Klown
100772 | Zig:22   | Noticed Zysor the pandemonium lord
100775 | Zig:22   | Noticed Xiphiso the pandemonium lord
100781 | Zig:22   | Killed a Killer Klown
100782 | Zig:22   | Killed Qunall the pandemonium lord
100791 | Zig:22   | Killed Xiphiso the pandemonium lord
100799 | Zig:22   | Noticed Pepnujaihu the pandemonium lord
100802 | Zig:22   | Noticed Zohy the pandemonium lord
100805 | Zig:22   | Killed Zysor the pandemonium lord
100815 | Zig:22   | Noticed Resuchoi the pandemonium lord
100820 | Zig:22   | Killed Zohy the pandemonium lord
100828 | Zig:22   | Killed Pepnujaihu the pandemonium lord
100835 | Zig:22   | Killed Resuchoi the pandemonium lord
100977 | Zig:22   | Identified the Reference Book on Dusty Talismans
100982 | Zig:22   | Identified Sif Muna's Papyrus of Poisonous Dark Arts
100984 | Zig:22   | Identified the Reference Book on Creative Execration
100992 | Zig:22   | Got a clouded bronze ring
101029 | Zig:23   | Entered Level 23 of a ziggurat
101261 | Zig:23   | Got an ancient steel ring
101269 | Zig:23   | Got a bound wooden ring
101360 | Zig:23   | Got a wizard robe
101364 | Zig:24   | Entered Level 24 of a ziggurat
101387 | Zig:24   | Reached skill level 1 in Translocations
101393 | Zig:24   | Reached skill level 15 in Dodging
101488 | Zig:24   | Found the ring of Robustness {AC+8}
101587 | Zig:24   | Identified the Papyrus of Flight and Malediction
101589 | Zig:24   | Identified Vuurimos's Grimoire of Earthen Snow
101591 | Zig:24   | Identified Sif Muna's Papyrus of Supportive Confrontation
101741 | Zig:24   | Identified the +1 robe of Hysteria {rF+ Regen+ Int+3} (You
                  | found it on level 23 of a ziggurat)
101758 | Zig:24   | Identified the ring of Contentment {+Fly Dex+3} (You found
                  | it on level 21 of a ziggurat)
101761 | Zig:24   | Identified the ring of Kaegow {rPois SInv Stlth+} (You
                  | found it on level 22 of a ziggurat)
101764 | Zig:24   | Identified the ring "Kiytru" {Wiz Dex+4} (You found it on
                  | level 23 of a ziggurat)
101768 | Zig:24   | Identified the ring "Ililer" {*Tele rPois rC++ Str+4
                  | Slay-2} (You found it on level 23 of a ziggurat)
101779 | Zig:25   | Entered Level 25 of a ziggurat
101793 | Zig:25   | Noticed a juggernaut
101801 | Zig:25   | Noticed a juggernaut
101802 | Zig:25   | Noticed a juggernaut
101803 | Zig:25   | Killed a juggernaut
101803 | Zig:25   | Reached skill level 5 in Translocations
101803 | Zig:25   | Noticed a juggernaut
101804 | Zig:25   | Noticed a juggernaut
101804 | Zig:25   | Noticed a juggernaut
101805 | Zig:25   | Killed a juggernaut
101806 | Zig:25   | Killed a juggernaut
101806 | Zig:25   | Reached skill level 27 in Ice Magic
101806 | Zig:25   | Noticed a juggernaut
101807 | Zig:25   | Killed a juggernaut
101807 | Zig:25   | Killed a juggernaut
101807 | Zig:25   | Noticed a juggernaut
101816 | Zig:25   | Killed a juggernaut
101816 | Zig:25   | Killed a juggernaut
101824 | Zig:25   | Killed a juggernaut
101828 | Zig:25   | Reached skill level 27 in Shields
101979 | Zig:25   | Identified Vehumet's Disquisition on Confrontation
102001 | Zig:25   | Got a wavering silver ring
102057 | Zig:26   | Entered Level 26 of a ziggurat
102175 | Zig:26   | Identified the ring "Rufe Muodgh" {+Fly MR+ Int+3} (You
                  | found it on level 25 of a ziggurat)
102433 | Zig:26   | Got a scintillating iron ring
102439 | Zig:26   | Identified the Reference Book on Unholy Air
102457 | Zig:26   | Identified the ring "Piowkuja" {EV+3 Int+2} (You found it
                  | on level 26 of a ziggurat)
102461 | Zig:26   | Got a fine tin ring
102477 | Zig:27   | Entered Level 27 of a ziggurat
102516 | Zig:27   | Reached skill level 15 in Staves
102520 | Zig:27   | Noticed a shard shrike
102532 | Zig:27   | Killed a shard shrike
102535 | Zig:27   | Reached skill level 15 in Fire Magic
102569 | Zig:27   | Noticed a shard shrike
102576 | Zig:27   | Noticed a shard shrike
102586 | Zig:27   | Killed a shard shrike
102586 | Zig:27   | Reached skill level 10 in Translocations
102587 | Zig:27   | Killed a shard shrike
102786 | Zig:27   | Got a crude brass ring
102801 | Zig:27   | Got a coiled brass ring
103052 | Depths:4 | Identified the ring "Kihet" {rCorr rElec} (You found it on
                  | level 27 of a ziggurat)
103060 | Depths:4 | Identified the ring "Ulyniy" {Wiz *Corrode Dex+5} (You
                  | found it on level 26 of a ziggurat)
103062 | Depths:4 | Identified the ring of Jiggydgh {rC+ Str+7 Int-4} (You
                  | found it on level 27 of a ziggurat)
103215 | D:14     | Reached skill level 5 in Slings
103305 | D:12     | You paid a toll of +3 ice dragon scales to enter a treasure
                  | trove
103306 | Trove    | Entered a treasure trove
103355 | Trove    | Reached skill level 15 in Summonings
103363 | Trove    | Got a wavering ruby amulet
103405 | D:12     | Identified the amulet of Telon {*Contam +Rage rF+ Str+8
                  | Int-3} (You found it in a treasure trove)
103616 | Zig:1    | Entered Level 1 of a ziggurat
103668 | Zig:2    | Entered Level 2 of a ziggurat
103721 | Zig:3    | Entered Level 3 of a ziggurat
103724 | Zig:3    | Noticed a greater mummy
103730 | Zig:3    | Killed a greater mummy
103804 | Zig:4    | Entered Level 4 of a ziggurat
103855 | Zig:5    | Entered Level 5 of a ziggurat
103884 | Zig:5    | Identified the Reference Book on Congealing Conjuration
103913 | Zig:6    | Entered Level 6 of a ziggurat
104000 | Zig:7    | Entered Level 7 of a ziggurat
104102 | Zig:8    | Entered Level 8 of a ziggurat
104131 | Zig:8    | Identified the Papyrus of the Blaze
104194 | Zig:9    | Entered Level 9 of a ziggurat
104204 | Zig:9    | Noticed a juggernaut
104208 | Zig:9    | Killed a juggernaut
104245 | Zig:9    | Got a wavering platinum ring
104254 | Zig:9    | Identified Sif Muna's Tome of Fiery Enhancements
104269 | Zig:9    | Identified Sereip's Handbook of Calling
104308 | Zig:9    | Got an ichor-stained cloak
104319 | Zig:10   | Entered Level 10 of a ziggurat
104333 | Zig:10   | Reached skill level 10 in Slings
104400 | Zig:10   | Got a crude lapis lazuli ring
104439 | Zig:10   | Identified the cursed +0 cloak of the Unbroken {+Blink
                  | rPois Regen+ MP+9 Stlth-} (You found it on level 9 of a
                  | ziggurat)
104461 | Zig:10   | Identified the ring "Oneewetu" {Fire rN+} (You found it on
                  | level 10 of a ziggurat)
104464 | Zig:10   | Identified the ring of Hospitality {+Fly rElec Str+5 Dex-3}
                  | (You found it on level 9 of a ziggurat)
104483 | Zig:11   | Entered Level 11 of a ziggurat
104621 | Zig:12   | Entered Level 12 of a ziggurat
104784 | Zig:13   | Entered Level 13 of a ziggurat
104792 | Zig:13   | Noticed a greater mummy
104793 | Zig:13   | Noticed a greater mummy
104793 | Zig:13   | Noticed a greater mummy
104797 | Zig:13   | Noticed a greater mummy
104799 | Zig:13   | Noticed a greater mummy
104800 | Zig:13   | Killed a greater mummy
104800 | Zig:13   | Noticed a greater mummy
104801 | Zig:13   | Killed a greater mummy
104802 | Zig:13   | Killed a greater mummy
104803 | Zig:13   | Killed a greater mummy
104805 | Zig:13   | Noticed a greater mummy
104812 | Zig:13   | Killed a greater mummy
104819 | Zig:13   | Killed a greater mummy
104820 | Zig:13   | Killed a greater mummy
104992 | Zig:13   | Got a steaming cloak
104996 | Zig:14   | Entered Level 14 of a ziggurat
105166 | Zig:14   | Got an ancient robe
105178 | Zig:14   | Identified the +3 cloak of the Princess {rN++ MR-} (You
                  | found it on level 13 of a ziggurat)
105199 | Zig:14   | Identified the +2 robe of Repulsion {Str+4 Int+2 Stlth+}
                  | (You found it on level 14 of a ziggurat)
105220 | Zig:15   | Entered Level 15 of a ziggurat
105421 | Zig:15   | Got a scintillating marble ring
105423 | Zig:15   | Got a scorched pewter ring
105439 | Zig:15   | Got a transparent garnet amulet
105473 | Zig:15   | Identified the ring of Surprise {rF+ Slay+3} (You found it
                  | on level 15 of a ziggurat)
105476 | Zig:15   | Identified the ring of Feuty {rF+ Str+3 Int+4 Slay+3
                  | Stlth+} (You found it on level 15 of a ziggurat)
105477 | Zig:15   | Identified the amulet of Yendor {Harm *Drain rPois rF+
                  | Stlth+} (You found it on level 15 of a ziggurat)
105489 | Zig:16   | Entered Level 16 of a ziggurat
105600 | Zig:16   | Got a clouded pewter ring
105696 | Zig:17   | Entered Level 17 of a ziggurat
105799 | Zig:17   | Got a scintillating gossamer ring
105856 | Zig:17   | Got a warped tin ring
105900 | Zig:18   | Entered Level 18 of a ziggurat
105914 | Zig:18   | Noticed a shard shrike
105916 | Zig:18   | Noticed a shard shrike
105917 | Zig:18   | Noticed a shard shrike
105919 | Zig:18   | Noticed a shard shrike
105921 | Zig:18   | Killed a shard shrike
105921 | Zig:18   | Killed a shard shrike
105922 | Zig:18   | Killed a shard shrike
105922 | Zig:18   | Killed a shard shrike
105925 | Zig:18   | Noticed a shard shrike
105926 | Zig:18   | Noticed a shard shrike
105926 | Zig:18   | Noticed a shard shrike
105927 | Zig:18   | Noticed a shard shrike
105930 | Zig:18   | Killed a shard shrike
105930 | Zig:18   | Killed a shard shrike
105931 | Zig:18   | Killed a shard shrike
105931 | Zig:18   | Killed a shard shrike
105936 | Zig:18   | Noticed a shard shrike
105941 | Zig:18   | Noticed a shard shrike
105954 | Zig:18   | Killed a shard shrike
105955 | Zig:18   | Killed a shard shrike
105975 | Zig:18   | Noticed a shard shrike
105982 | Zig:18   | Killed a shard shrike
106101 | Zig:18   | Got a pitted amber ring
106172 | Zig:19   | Entered Level 19 of a ziggurat
106244 | Zig:19   | Found the +8 demon blade "Leech" {vamp, rN+ AC-3 EV-3}
106443 | Zig:19   | Identified the ring of Wyax {rPois rC++} (You found it on
                  | level 16 of a ziggurat)
106446 | Zig:19   | Identified the ring "Faergheux" {rPois rF+ rC+ MR+} (You
                  | found it on level 18 of a ziggurat)
106449 | Zig:19   | Identified the ring of Mistrust {rCorr rPois rC- Int+3
                  | Stlth+} (You found it on level 17 of a ziggurat)
106452 | Zig:19   | Identified the ring "Wuiguymm" {rF+++ rC+ rN+++ MR- Int-3}
                  | (You found it on level 17 of a ziggurat)
106488 | Zig:19   | Identified a +2 pair of boots of running (You found it on
                  | level 19 of a ziggurat)
106500 | Zig:20   | Entered Level 20 of a ziggurat
106518 | Zig:20   | Reached skill level 27 in Necromancy
106776 | Zig:20   | Identified Fabban's Compendium of Lucky Translocation
106790 | Zig:20   | Identified the Compendium of Freezing Attacks
106844 | Zig:21   | Entered Level 21 of a ziggurat
107077 | Zig:21   | Got a faintly glowing jade ring
107079 | Zig:21   | Got a smoking amethyst amulet
107081 | Zig:21   | Got a transparent brass ring
107087 | Zig:21   | Got a slimy tin ring
107096 | Zig:21   | Got a transparent platinum ring
107174 | Zig:21   | Identified the ring "Gyamu" {rPois rN+ MR+ SInv} (You found
                  | it on level 21 of a ziggurat)
107183 | Zig:21   | Identified the ring "Nexzoru" {rF++ AC+2 Str-2} (You found
                  | it on level 21 of a ziggurat)
107186 | Zig:21   | Identified the ring of the Oracle {rPois Str+2 Dex+7} (You
                  | found it on level 21 of a ziggurat)
107189 | Zig:21   | Identified the ring "Giustunt" {rPois Int+4} (You found it
                  | on level 21 of a ziggurat)
107192 | Zig:21   | Identified the amulet "Biwiv" {RegenMP rF- rN+++ MP+9} (You
                  | found it on level 21 of a ziggurat)
107271 | Zig:22   | Entered Level 22 of a ziggurat
107434 | Zig:22   | Got a glittering bone amulet
107448 | Zig:22   | Identified the Handbook of Stones and Cold
107597 | Zig:22   | Identified the amulet "Kizeus" {+Blink +Rage rC+ Str+4}
                  | (You found it on level 22 of a ziggurat)
107612 | Zig:22   | Learned a level 8 spell: Chain Lightning
107614 | Zig:23   | Entered Level 23 of a ziggurat
107745 | Zig:23   | Found the +10 morningstar "Eos" {elec, Halo rElec}
107953 | Zig:23   | Got a pair of steaming boots
107976 | Zig:23   | Identified the +1 pair of boots "Adifesat" {Int+4} (You
                  | found it on level 23 of a ziggurat)
107987 | Zig:23   | Reached skill level 27 in Armour
108011 | Zig:23   | Learned a level 9 spell: Glaciate
108019 | Zig:24   | Entered Level 24 of a ziggurat
108039 | Zig:24   | Noticed an ancient lich
108041 | Zig:24   | Noticed an ancient lich
108043 | Zig:24   | Killed an ancient lich
108043 | Zig:24   | Killed an ancient lich
108045 | Zig:24   | Noticed an ancient lich
108046 | Zig:24   | Noticed an ancient lich
108047 | Zig:24   | Noticed an ancient lich
108048 | Zig:24   | Noticed an ancient lich
108048 | Zig:24   | Killed an ancient lich
108049 | Zig:24   | Killed an ancient lich
108049 | Zig:24   | Killed an ancient lich
108052 | Zig:24   | Killed an ancient lich
108106 | Zig:24   | Got a steaming iron amulet
108305 | Zig:24   | Got a faintly humming shield
108324 | Zig:24   | Identified the +0 shield of the Wasteland {rF+ Int+10} (You
                  | found it on level 24 of a ziggurat)
108335 | Zig:24   | Identified the amulet of Bairiwou {rPois Regen+ Str+3
                  | Int+3} (You found it on level 24 of a ziggurat)
108343 | Zig:25   | Entered Level 25 of a ziggurat
108394 | Zig:25   | Reached skill level 27 in Stealth
108635 | Zig:25   | Found the +2 Maxwell's thermic engine {flame, freeze}
108638 | Zig:25   | Found the +0 pair of fencer's gloves {Riposte Dex+3}
108645 | Zig:25   | Identified the Tome of Autotheism
108702 | Zig:25   | Got a pair of polished gloves
108727 | Zig:25   | Identified the +1 pair of gloves of Prudence {rN+ Int+2
                  | Dex+4} (You found it on level 25 of a ziggurat)
108757 | Zig:26   | Entered Level 26 of a ziggurat
108796 | Zig:26   | Noticed an orb of fire
108798 | Zig:26   | Noticed an orb of fire
108798 | Zig:26   | Noticed an orb of fire
108804 | Zig:26   | Killed an orb of fire
108804 | Zig:26   | Killed an orb of fire
108804 | Zig:26   | Killed an orb of fire
108804 | Zig:26   | Noticed an orb of fire
108806 | Zig:26   | Noticed an orb of fire
108807 | Zig:26   | Noticed an orb of fire
108810 | Zig:26   | Noticed an orb of fire
108814 | Zig:26   | Noticed an orb of fire
108815 | Zig:26   | Noticed an orb of fire
108816 | Zig:26   | Killed an orb of fire
108817 | Zig:26   | Killed an orb of fire
108817 | Zig:26   | Killed an orb of fire
108817 | Zig:26   | Reached skill level 10 in Conjurations
108821 | Zig:26   | Noticed an orb of fire
108821 | Zig:26   | Noticed an orb of fire
108823 | Zig:26   | Noticed an orb of fire
108823 | Zig:26   | Noticed an orb of fire
108824 | Zig:26   | Killed an orb of fire
108827 | Zig:26   | Killed an orb of fire
108828 | Zig:26   | Killed an orb of fire
108834 | Zig:26   | Noticed an orb of fire
108834 | Zig:26   | Noticed an orb of fire
108835 | Zig:26   | Killed an orb of fire
108836 | Zig:26   | Killed an orb of fire
108836 | Zig:26   | Killed an orb of fire
108836 | Zig:26   | Noticed an orb of fire
108837 | Zig:26   | Noticed an orb of fire
108838 | Zig:26   | Noticed an orb of fire
108839 | Zig:26   | Noticed an orb of fire
108840 | Zig:26   | Noticed an orb of fire
108841 | Zig:26   | Killed an orb of fire
108844 | Zig:26   | Killed an orb of fire
108846 | Zig:26   | Killed an orb of fire
108849 | Zig:26   | Killed an orb of fire
108849 | Zig:26   | Killed an orb of fire
108849 | Zig:26   | Killed an orb of fire
108849 | Zig:26   | Reached skill level 15 in Conjurations
108849 | Zig:26   | Killed an orb of fire
108850 | Zig:26   | Killed an orb of fire
108851 | Zig:26   | Noticed an orb of fire
108882 | Zig:26   | Killed an orb of fire
109099 | Zig:26   | Got a transparent glass ring
109152 | Zig:27   | Entered Level 27 of a ziggurat
109516 | Zig:27   | Identified Asmodeus's Compendium of the Entourage
109523 | Zig:27   | Identified the Incunabulum of Clay
109644 | Zig:27   | Identified the ring "Ukaek" {Fire +Blink} (You found it on
                  | level 26 of a ziggurat)
109882 | Zig:1    | Entered Level 1 of a ziggurat
109914 | Zig:2    | Entered Level 2 of a ziggurat
109928 | Zig:2    | Noticed Vuxuciot the pandemonium lord
109931 | Zig:2    | Reached skill level 1 in Axes
109935 | Zig:2    | Killed Vuxuciot the pandemonium lord
109935 | Zig:2    | Reached skill level 10 in Poison Magic
109993 | Zig:3    | Entered Level 3 of a ziggurat
109995 | Zig:3    | Noticed Osekuhae the pandemonium lord
109995 | Zig:3    | Noticed a Killer Klown
109995 | Zig:3    | Noticed a Killer Klown
109999 | Zig:3    | Killed a Killer Klown
110001 | Zig:3    | Killed Osekuhae the pandemonium lord
110002 | Zig:3    | Killed a Killer Klown
110022 | Zig:3    | Got an ancient bronze ring
110049 | Zig:4    | Entered Level 4 of a ziggurat
110054 | Zig:4    | Reached skill level 5 in Axes
110110 | Zig:5    | Entered Level 5 of a ziggurat
110113 | Zig:5    | Noticed an ancient lich
110118 | Zig:5    | Killed an ancient lich
110175 | Zig:6    | Entered Level 6 of a ziggurat
110179 | Zig:6    | Noticed an ancient lich
110180 | Zig:6    | Noticed an ancient lich
110183 | Zig:6    | Killed an ancient lich
110183 | Zig:6    | Reached skill level 10 in Axes
110183 | Zig:6    | Reached skill level 15 in Poison Magic
110183 | Zig:6    | Killed an ancient lich
110273 | Zig:7    | Entered Level 7 of a ziggurat
110354 | Zig:7    | Got a brightly glowing double sword
110355 | Zig:7    | Identified the +12 double sword of Fortitude {slice, Str+2}
                  | (You found it on level 7 of a ziggurat)
110374 | Zig:8    | Entered Level 8 of a ziggurat
110477 | Zig:8    | Got a scintillating lead amulet
110484 | Zig:8    | Got a vibrating ivory ring
110524 | Zig:9    | Entered Level 9 of a ziggurat
110560 | Zig:9    | Got a twitching copper amulet
110629 | Zig:9    | Got a pair of twisted gloves
110642 | Zig:10   | Entered Level 10 of a ziggurat
110767 | Zig:11   | Entered Level 11 of a ziggurat
110779 | Zig:11   | Noticed a Killer Klown
110779 | Zig:11   | Noticed Toqitoun the pandemonium lord
110780 | Zig:11   | Noticed Uthygu Aguss the pandemonium lord
110780 | Zig:11   | Noticed a Killer Klown
110780 | Zig:11   | Noticed a Killer Klown
110780 | Zig:11   | Noticed a Killer Klown
110780 | Zig:11   | Noticed a Killer Klown
110781 | Zig:11   | Noticed a Killer Klown
110781 | Zig:11   | Noticed Yduon the pandemonium lord
110781 | Zig:11   | Noticed a Killer Klown
110781 | Zig:11   | Noticed a Killer Klown
110781 | Zig:11   | Noticed Saucarui the pandemonium lord
110783 | Zig:11   | Noticed Roklulle the pandemonium lord
110783 | Zig:11   | Noticed Efres the pandemonium lord
110784 | Zig:11   | Noticed Reduodif the pandemonium lord
110785 | Zig:11   | Killed a Killer Klown
110785 | Zig:11   | Killed a Killer Klown
110785 | Zig:11   | Killed a Killer Klown
110785 | Zig:11   | Killed a Killer Klown
110785 | Zig:11   | Killed a Killer Klown
110786 | Zig:11   | Killed a Killer Klown
110786 | Zig:11   | Killed Toqitoun the pandemonium lord
110786 | Zig:11   | Killed a Killer Klown
110786 | Zig:11   | Killed Uthygu Aguss the pandemonium lord
110786 | Zig:11   | Killed a Killer Klown
110788 | Zig:11   | Killed Saucarui the pandemonium lord
110790 | Zig:11   | Killed Efres the pandemonium lord
110791 | Zig:11   | Killed Yduon the pandemonium lord
110794 | Zig:11   | Killed Reduodif the pandemonium lord
110795 | Zig:11   | Killed Roklulle the pandemonium lord
110847 | Zig:11   | Identified the Catalogue of Enchanting Augmentations
110919 | Zig:12   | Entered Level 12 of a ziggurat
110922 | Zig:12   | Noticed a greater mummy
110922 | Zig:12   | Noticed a greater mummy
110924 | Zig:12   | Noticed a greater mummy
110926 | Zig:12   | Noticed a greater mummy
110926 | Zig:12   | Noticed a greater mummy
110930 | Zig:12   | Killed a greater mummy
110930 | Zig:12   | Killed a greater mummy
110931 | Zig:12   | Killed a greater mummy
110931 | Zig:12   | Killed a greater mummy
110931 | Zig:12   | Noticed a greater mummy
110931 | Zig:12   | Noticed a greater mummy
110941 | Zig:12   | Killed a greater mummy
110943 | Zig:12   | Killed a greater mummy
110944 | Zig:12   | Killed a greater mummy
111116 | Zig:12   | Got a pair of brightly glowing gloves
111124 | Zig:13   | Entered Level 13 of a ziggurat
111130 | Zig:13   | Noticed an ancient lich
111131 | Zig:13   | Noticed an ancient lich
111131 | Zig:13   | Noticed an ancient lich
111132 | Zig:13   | Noticed an ancient lich
111134 | Zig:13   | Killed an ancient lich
111134 | Zig:13   | Killed an ancient lich
111134 | Zig:13   | Killed an ancient lich
111134 | Zig:13   | Killed an ancient lich
111253 | Zig:14   | Entered Level 14 of a ziggurat
111260 | Zig:14   | Noticed an ancient lich
111263 | Zig:14   | Noticed an ancient lich
111263 | Zig:14   | Noticed an ancient lich
111264 | Zig:14   | Killed an ancient lich
111264 | Zig:14   | Reached skill level 27 in Conjurations
111265 | Zig:14   | Killed an ancient lich
111265 | Zig:14   | Killed an ancient lich
111265 | Zig:14   | Noticed an ancient lich
111269 | Zig:14   | Noticed an ancient lich
111270 | Zig:14   | Killed an ancient lich
111284 | Zig:14   | Killed an ancient lich
111394 | Zig:15   | Entered Level 15 of a ziggurat
111406 | Zig:15   | Noticed an ancient lich
111407 | Zig:15   | Noticed an ancient lich
111409 | Zig:15   | Noticed an ancient lich
111409 | Zig:15   | Noticed an ancient lich
111410 | Zig:15   | Found the +7 great mace "Firestarter" {inner flame, rF++}
111412 | Zig:15   | Killed an ancient lich
111412 | Zig:15   | Killed an ancient lich
111413 | Zig:15   | Killed an ancient lich
111415 | Zig:15   | Killed an ancient lich
111463 | Zig:15   | Identified Ufadwe's Handbook of Flames and Boosts
111487 | Zig:15   | Identified the Disquisition on Spatial Weightlessness
111575 | Zig:16   | Entered Level 16 of a ziggurat
111750 | Zig:16   | Got a distressingly furry robe
111768 | Zig:16   | Identified the +2 robe of Purpose {rCorr Str+5 Int-4} (You
                  | found it on level 16 of a ziggurat)
111795 | Zig:16   | Identified the +0 pair of gloves "Livoe" {*Slow +Fly rN+
                  | Str+4} (You found it on level 9 of a ziggurat)
111805 | Zig:16   | Identified the +2 pair of gloves of Poor Excuses {rCorr
                  | Stlth+} (You found it on level 12 of a ziggurat)
111817 | Zig:16   | Identified the amulet of the Trout {Gourm rN+} (You found
                  | it on level 9 of a ziggurat)
111819 | Zig:16   | Identified the amulet of Roazy {Gourm Str+8} (You found it
                  | on level 8 of a ziggurat)
111821 | Zig:16   | Identified the ring "Zoock" {rPois Str+7 Dex-4 SInv} (You
                  | found it on level 3 of a ziggurat)
111823 | Zig:16   | Identified the ring "Ofooskaj" {rF+ rC+ Int+2} (You found
                  | it on level 8 of a ziggurat)
111828 | Zig:16   | Reached skill level 27 in Fire Magic
111838 | Zig:17   | Entered Level 17 of a ziggurat
111937 | Zig:17   | Got a sparkling amber ring
111950 | Zig:17   | Identified Keliy's Incunabulum of Poisoning
112086 | Zig:18   | Entered Level 18 of a ziggurat
112091 | Zig:18   | Noticed a greater mummy
112091 | Zig:18   | Noticed a greater mummy
112092 | Zig:18   | Noticed a greater mummy
112093 | Zig:18   | Noticed a greater mummy
112094 | Zig:18   | Noticed a greater mummy
112095 | Zig:18   | Noticed a greater mummy
112095 | Zig:18   | Noticed a greater mummy
112096 | Zig:18   | Noticed a greater mummy
112096 | Zig:18   | Noticed a greater mummy
112096 | Zig:18   | Noticed a greater mummy
112098 | Zig:18   | Killed a greater mummy
112098 | Zig:18   | Killed a greater mummy
112098 | Zig:18   | Killed a greater mummy
112098 | Zig:18   | Killed a greater mummy
112098 | Zig:18   | Reached skill level 15 in Short Blades
112098 | Zig:18   | Killed a greater mummy
112098 | Zig:18   | Killed a greater mummy
112098 | Zig:18   | Noticed a greater mummy
112099 | Zig:18   | Killed a greater mummy
112099 | Zig:18   | Killed a greater mummy
112100 | Zig:18   | Killed a greater mummy
112100 | Zig:18   | Noticed a greater mummy
112100 | Zig:18   | Noticed a greater mummy
112103 | Zig:18   | Noticed a greater mummy
112107 | Zig:18   | Noticed a greater mummy
112110 | Zig:18   | Noticed a greater mummy
112111 | Zig:18   | Killed a greater mummy
112112 | Zig:18   | Noticed a greater mummy
112116 | Zig:18   | Killed a greater mummy
112116 | Zig:18   | Killed a greater mummy
112116 | Zig:18   | Killed a greater mummy
112118 | Zig:18   | Killed a greater mummy
112125 | Zig:18   | Killed a greater mummy
112134 | Zig:18   | Killed a greater mummy
112138 | Zig:18   | Killed a greater mummy
112138 | Zig:18   | Reached skill level 1 in Crossbows
112283 | Zig:18   | Got a vibrating lapis lazuli ring
112292 | Zig:18   | Identified Duzal's Volume of the Torrid Escort
112357 | Zig:18   | Got a smoking robe
112365 | Zig:19   | Entered Level 19 of a ziggurat
112372 | Zig:19   | Reached skill level 15 in Polearms
112372 | Zig:19   | Reached skill level 5 in Crossbows
112390 | Zig:19   | Reached skill level 10 in Crossbows
112408 | Zig:19   | Found the +9 scales of the Dragon King {rPois rF+ rC+ MR+}
112408 | Zig:19   | Found the ring of Phasing {EV+8}
112408 | Zig:19   | Found the cursed +14 obsidian axe {chop, +Fly SInv *Curse}
112428 | Zig:19   | Found the amulet of Vitality {Regen+ HP+15}
112649 | Zig:20   | Entered Level 20 of a ziggurat
112745 | Zig:20   | Found the ring of the Mage {Wiz MR++ Int+3}
112764 | Zig:20   | Identified Quvillom's Incunabulum of Cankerous Dark Arts
112963 | Zig:21   | Entered Level 21 of a ziggurat
112990 | Zig:21   | Reached skill level 27 in Dodging
113063 | Zig:21   | Found the +8 longbow "Zephyr" {speed, Dex+3 SInv}
113198 | Zig:21   | Found the +6 lightning scales {run, rElec}
113203 | Zig:21   | Identified Witchery Continued
113226 | Zig:21   | Got a smoking tin ring
113234 | Zig:21   | Got a brightly glowing amethyst amulet
113238 | Zig:21   | Got a scorched glass ring
113251 | Zig:21   | Got a thick robe
113256 | Zig:21   | Identified the ring of Mocsimipn {rN+ Str+2} (You found it
                  | on level 17 of a ziggurat)
113258 | Zig:21   | Identified the ring of Cessaick {+Blink rN+ Dex+4} (You
                  | found it on level 18 of a ziggurat)
113260 | Zig:21   | Identified the ring of Morality {*Slow rElec rPois EV+2
                  | Stlth-} (You found it on level 21 of a ziggurat)
113262 | Zig:21   | Identified an amulet "Guan" {Spirit rPois rF+} (You found
                  | it on level 21 of a ziggurat)
113264 | Zig:21   | Identified the ring "Quits" {-Tele +Fly rElec Int+8} (You
                  | found it on level 21 of a ziggurat)
113267 | Zig:21   | Got an opalescent robe
113289 | Zig:21   | Identified the +0 robe of Fun {rPois Str+4} (You found it
                  | on level 21 of a ziggurat)
113300 | Zig:21   | Identified the cursed +1 robe of the Armoured One {Dex+3}
                  | (You found it on level 18 of a ziggurat)
113311 | Zig:21   | Identified the cursed +0 robe "Regh" {Str+4} (You found it
                  | on level 21 of a ziggurat)
113332 | Zig:22   | Entered Level 22 of a ziggurat
113439 | Zig:22   | Found the +8 Wrath of Trog {antimagic, *Rage}
113560 | Zig:22   | Identified the Reference Book on Black Rites
113575 | Zig:22   | Got a faintly glowing wooden ring
113604 | Zig:22   | Identified the ring "Bosonwas" {+Fly Int+2 Dex+2 Stlth+}
                  | (You found it on level 22 of a ziggurat)
113616 | Zig:22   | Reached skill level 15 in Throwing
113625 | Zig:23   | Entered Level 23 of a ziggurat
113638 | Zig:23   | Noticed an ancient lich
113638 | Zig:23   | Noticed an ancient lich
113638 | Zig:23   | Noticed an ancient lich
113639 | Zig:23   | Noticed an ancient lich
113640 | Zig:23   | Noticed an ancient lich
113640 | Zig:23   | Noticed an ancient lich
113640 | Zig:23   | Noticed an ancient lich
113642 | Zig:23   | Noticed an ancient lich
113643 | Zig:23   | Noticed an ancient lich
113644 | Zig:23   | Reached skill level 1 in Long Blades
113645 | Zig:23   | Noticed an ancient lich
113645 | Zig:23   | Noticed an ancient lich
113645 | Zig:23   | Killed an ancient lich
113645 | Zig:23   | Noticed an ancient lich
113646 | Zig:23   | Noticed an ancient lich
113646 | Zig:23   | Noticed an ancient lich
113646 | Zig:23   | Noticed an ancient lich
113647 | Zig:23   | Reached skill level 5 in Long Blades
113647 | Zig:23   | Noticed an ancient lich
113647 | Zig:23   | Noticed an ancient lich
113648 | Zig:23   | Killed an ancient lich
113648 | Zig:23   | Killed an ancient lich
113648 | Zig:23   | Killed an ancient lich
113648 | Zig:23   | Killed an ancient lich
113648 | Zig:23   | Killed an ancient lich
113648 | Zig:23   | Killed an ancient lich
113648 | Zig:23   | Killed an ancient lich
113648 | Zig:23   | Killed an ancient lich
113650 | Zig:23   | Killed an ancient lich
113650 | Zig:23   | Killed an ancient lich
113650 | Zig:23   | Reached skill level 10 in Long Blades
113651 | Zig:23   | Killed an ancient lich
113651 | Zig:23   | Killed an ancient lich
113651 | Zig:23   | Killed an ancient lich
113652 | Zig:23   | Killed an ancient lich
113652 | Zig:23   | Killed an ancient lich
113653 | Zig:23   | Killed an ancient lich
113657 | Zig:23   | Noticed an ancient lich
113671 | Zig:23   | Killed an ancient lich
113714 | Zig:23   | Found the -2 hat of the Alchemist {rElec rPois rF+ rC+ rN+
                  | MR+ rMut rCorr}
113732 | Zig:23   | Got a pitted marble ring
113736 | Zig:23   | Got a shimmering lapis lazuli ring
113748 | Zig:23   | Got a brightly glowing tin ring
113751 | Zig:23   | Identified the Handbook of the Freezing Oath
113758 | Zig:23   | Got a translucent granite ring
113766 | Zig:23   | Got a sparkling platinum amulet
113818 | Zig:23   | Got a steaming silver ring
113935 | Zig:24   | Entered Level 24 of a ziggurat
113949 | Zig:24   | Noticed an ancient lich
113954 | Zig:24   | Killed an ancient lich
113967 | Zig:24   | Reached skill level 27 in Charms
114157 | Zig:24   | Got a brightly glowing brass ring
114241 | Zig:24   | Got a dull robe
114252 | Zig:24   | Identified the cursed +0 robe of the Pits of Slime {*Slow
                  | rF- Str+3 Dex+8} (You found it on level 24 of a ziggurat)
114269 | Zig:24   | Identified the ring "Bibruepra" {MR+ Slay+2} (You found it
                  | on level 23 of a ziggurat)
114271 | Zig:24   | Identified the ring "Voane" {rPois MR+++ EV+3 Int+4 SInv}
                  | (You found it on level 23 of a ziggurat)
114273 | Zig:24   | Identified the ring "Adubig" {+Blink Int+3 Slay+6 Stlth+}
                  | (You found it on level 23 of a ziggurat)
114275 | Zig:24   | Identified the cursed ring of Olan {+Inv rPois rC+ rN++
                  | Dex-4} (You found it on level 23 of a ziggurat)
114277 | Zig:24   | Identified the amulet of the Disturbing Scars {RegenMP
                  | rElec rC+ SInv} (You found it on level 23 of a ziggurat)
114278 | Zig:24   | Identified the ring "Mysoywir" {+Blink rElec rN++ MP+9
                  | Stlth-} (You found it on level 24 of a ziggurat)
114280 | Zig:24   | Identified the ring "Zehub" {Ice +Blink Str+3 Int+4 Dex-5}
                  | (You found it on level 23 of a ziggurat)
114289 | Zig:25   | Entered Level 25 of a ziggurat
114337 | Zig:25   | Noticed Xaxeff the pandemonium lord
114351 | Zig:25   | Killed Xaxeff the pandemonium lord
114585 | Zig:25   | Got a vibrating amber ring
114588 | Zig:25   | Identified the Guide on Boosting Envenoming
114599 | Zig:25   | Got a clouded steel ring
114602 | Zig:25   | Identified Sif Muna's Catalogue of Dusty Envenoming
114615 | Zig:25   | Identified the ring of Lugonu's Displeasure {rF+ Int+2
                  | SInv} (You found it on level 25 of a ziggurat)
114617 | Zig:25   | Identified the cursed ring of Ciocan {Int-3 Slay+5} (You
                  | found it on level 25 of a ziggurat)
114623 | Zig:26   | Entered Level 26 of a ziggurat
114630 | Zig:26   | Noticed a juggernaut
114631 | Zig:26   | Noticed a juggernaut
114635 | Zig:26   | Noticed a juggernaut
114636 | Zig:26   | Noticed a juggernaut
114638 | Zig:26   | Noticed a juggernaut
114639 | Zig:26   | Noticed a juggernaut
114639 | Zig:26   | Noticed a juggernaut
114640 | Zig:26   | Noticed a juggernaut
114640 | Zig:26   | Reached skill level 15 in Slings
114641 | Zig:26   | Killed a juggernaut
114641 | Zig:26   | Killed a juggernaut
114641 | Zig:26   | Reached skill level 10 in Hexes
114641 | Zig:26   | Noticed a juggernaut
114641 | Zig:26   | Noticed a juggernaut
114642 | Zig:26   | Killed a juggernaut
114642 | Zig:26   | Killed a juggernaut
114642 | Zig:26   | Killed a juggernaut
114642 | Zig:26   | Killed a juggernaut
114643 | Zig:26   | Noticed a juggernaut
114644 | Zig:26   | Noticed a juggernaut
114645 | Zig:26   | Killed a juggernaut
114647 | Zig:26   | Killed a juggernaut
114648 | Zig:26   | Killed a juggernaut
114648 | Zig:26   | Killed a juggernaut
114648 | Zig:26   | Killed a juggernaut
114652 | Zig:26   | Killed a juggernaut
114654 | Zig:26   | Noticed a juggernaut
114660 | Zig:26   | Noticed a juggernaut
114670 | Zig:26   | Killed a juggernaut
114677 | Zig:26   | Killed a juggernaut
114852 | Zig:26   | Identified the Compendium of Contamination and Curses
114861 | Zig:26   | Got a warped copper ring
114864 | Zig:26   | Identified the Collected Works on the Traveller
114899 | Zig:26   | Identified the ring "Orphu" {-Tele rC+++ Dex+2 SInv} (You
                  | found it on level 26 of a ziggurat)
114907 | Zig:27   | Entered Level 27 of a ziggurat
114949 | Zig:27   | Reached skill level 15 in Hexes
114976 | Zig:27   | Found the +7 Singing Sword {slice, sonic wave}
115040 | Zig:27   | Got a fine ivory ring
115396 | Depths:4 | Identified the ring of Ifai {Ice SInv} (You found it on
                  | level 27 of a ziggurat)
115433 | Zig:1    | Entered Level 1 of a ziggurat
115487 | Zig:2    | Entered Level 2 of a ziggurat
115558 | Zig:3    | Entered Level 3 of a ziggurat
115566 | Zig:3    | Reached skill level 27 in Summonings
115614 | Zig:4    | Entered Level 4 of a ziggurat
115686 | Zig:5    | Entered Level 5 of a ziggurat
115789 | Zig:6    | Entered Level 6 of a ziggurat
115920 | Zig:7    | Entered Level 7 of a ziggurat
115931 | Zig:7    | Reached skill level 15 in Long Blades
116028 | Zig:8    | Entered Level 8 of a ziggurat
116031 | Zig:8    | Noticed an ancient lich
116032 | Zig:8    | Noticed an ancient lich
116033 | Zig:8    | Noticed an ancient lich
116036 | Zig:8    | Killed an ancient lich
116036 | Zig:8    | Reached skill level 27 in Transmutations
116036 | Zig:8    | Killed an ancient lich
116036 | Zig:8    | Killed an ancient lich
116085 | Zig:8    | Identified the Compendium of Poison and Air
116125 | Zig:8    | Got a ruby-encrusted leather armour
116153 | Zig:9    | Entered Level 9 of a ziggurat
116271 | Zig:10   | Entered Level 10 of a ziggurat
116401 | Zig:10   | Got a shimmering lead amulet
116441 | Zig:10   | Got a transparent robe
116453 | Zig:11   | Entered Level 11 of a ziggurat
116537 | Zig:11   | Got a scintillating wooden ring
116548 | Zig:11   | Identified the Papyrus of Envenoming and Ice
116585 | Zig:12   | Entered Level 12 of a ziggurat
116592 | Zig:12   | Noticed an ancient lich
116594 | Zig:12   | Noticed an ancient lich
116594 | Zig:12   | Noticed an ancient lich
116595 | Zig:12   | Noticed an ancient lich
116595 | Zig:12   | Noticed an ancient lich
116596 | Zig:12   | Noticed an ancient lich
116597 | Zig:12   | Found the +7 Spriggan's Knife {stab, EV+4 Stlth+}
116597 | Zig:12   | Killed an ancient lich
116599 | Zig:12   | Killed an ancient lich
116599 | Zig:12   | Killed an ancient lich
116599 | Zig:12   | Killed an ancient lich
116599 | Zig:12   | Killed an ancient lich
116599 | Zig:12   | Killed an ancient lich
116692 | Zig:12   | Got a transparent golden ring
116746 | Zig:12   | Identified the +3 leather armour of Iruseuck {+Blink rC+
                  | Int+2} (You found it on level 8 of a ziggurat)
116756 | Zig:12   | Identified the +1 robe of the Assorted Scars {*Corrode rF++
                  | rN+} (You found it on level 10 of a ziggurat)
116768 | Zig:12   | Identified the ring of Oluteff {rN+ MR+} (You found it on
                  | level 12 of a ziggurat)
116770 | Zig:12   | Identified the amulet of Visk {Acrobat rElec} (You found it
                  | on level 10 of a ziggurat)
116772 | Zig:12   | Identified the ring of Muox {+Inv rF+ Dex+4} (You found it
                  | on level 11 of a ziggurat)
116783 | Zig:12   | Got a heavily runed troll leather armour
116794 | Zig:12   | Identified the +4 troll leather armour "Uses" {rElec MR-
                  | Regen+ Int+3} (You found it on level 12 of a ziggurat)
116852 | Zig:13   | Entered Level 13 of a ziggurat
116854 | Zig:13   | Noticed a juggernaut
116854 | Zig:13   | Noticed a juggernaut
116854 | Zig:13   | Noticed a juggernaut
116854 | Zig:13   | Noticed a juggernaut
116855 | Zig:13   | Noticed a juggernaut
116856 | Zig:13   | Noticed a juggernaut
116859 | Zig:13   | Killed a juggernaut
116859 | Zig:13   | Noticed a juggernaut
116860 | Zig:13   | Killed a juggernaut
116860 | Zig:13   | Killed a juggernaut
116860 | Zig:13   | Killed a juggernaut
116861 | Zig:13   | Killed a juggernaut
116861 | Zig:13   | Killed a juggernaut
116862 | Zig:13   | Noticed a juggernaut
116862 | Zig:13   | Noticed a juggernaut
116863 | Zig:13   | Noticed a juggernaut
116863 | Zig:13   | Noticed a juggernaut
116867 | Zig:13   | Killed a juggernaut
116867 | Zig:13   | Killed a juggernaut
116867 | Zig:13   | Killed a juggernaut
116867 | Zig:13   | Killed a juggernaut
116872 | Zig:13   | Killed a juggernaut
117003 | Zig:14   | Entered Level 14 of a ziggurat
117214 | Zig:14   | Identified the Collected Works on the Mountains and Black
                  | Magic
117217 | Zig:14   | Got a wavering wooden ring
117267 | Zig:15   | Entered Level 15 of a ziggurat
117449 | Zig:16   | Entered Level 16 of a ziggurat
117637 | Zig:16   | Got a pitted jade amulet
117679 | Zig:17   | Entered Level 17 of a ziggurat
117684 | Zig:17   | Noticed a greater mummy
117684 | Zig:17   | Noticed a greater mummy
117685 | Zig:17   | Noticed a greater mummy
117685 | Zig:17   | Noticed a greater mummy
117685 | Zig:17   | Noticed a greater mummy
117687 | Zig:17   | Killed a greater mummy
117688 | Zig:17   | Killed a greater mummy
117688 | Zig:17   | Noticed a greater mummy
117689 | Zig:17   | Noticed a greater mummy
117690 | Zig:17   | Noticed a greater mummy
117690 | Zig:17   | Killed a greater mummy
117691 | Zig:17   | Noticed a greater mummy
117692 | Zig:17   | Noticed a greater mummy
117693 | Zig:17   | Killed a greater mummy
117699 | Zig:17   | Noticed a greater mummy
117700 | Zig:17   | Reached skill level 27 in Throwing
117700 | Zig:17   | Killed a greater mummy
117700 | Zig:17   | Killed a greater mummy
117701 | Zig:17   | Noticed a greater mummy
117703 | Zig:17   | Killed a greater mummy
117703 | Zig:17   | Killed a greater mummy
117705 | Zig:17   | Noticed a greater mummy
117710 | Zig:17   | Noticed a greater mummy
117711 | Zig:17   | Noticed a greater mummy
117712 | Zig:17   | Killed a greater mummy
117713 | Zig:17   | Killed a greater mummy
117719 | Zig:17   | Killed a greater mummy
117721 | Zig:17   | Killed a greater mummy
117728 | Zig:17   | Killed a greater mummy
117728 | Zig:17   | Reached skill level 27 in Hexes
117728 | Zig:17   | Killed a greater mummy
117728 | Zig:17   | Reached skill level 1 in Unarmed Combat
117731 | Zig:17   | Killed a greater mummy
117756 | Zig:17   | Found the +8 demon trident "Rift" {distort, reach+}
117938 | Zig:17   | Identified Sibru's Collected Works on the Glacial Traveller
117940 | Zig:17   | Identified Oschaenawn's Collected Works on Creation and
                  | Cold
117951 | Zig:17   | Got a vibrating jade ring
117977 | Zig:18   | Entered Level 18 of a ziggurat
117985 | Zig:18   | Noticed an orb of fire
117985 | Zig:18   | Noticed an orb of fire
117986 | Zig:18   | Noticed an orb of fire
117986 | Zig:18   | Noticed an orb of fire
117986 | Zig:18   | Noticed an orb of fire
117986 | Zig:18   | Noticed an orb of fire
117986 | Zig:18   | Noticed an orb of fire
117986 | Zig:18   | Noticed an orb of fire
117988 | Zig:18   | Noticed an orb of fire
117989 | Zig:18   | Noticed an orb of fire
117989 | Zig:18   | Killed an orb of fire
117989 | Zig:18   | Killed an orb of fire
117990 | Zig:18   | Noticed an orb of fire
117990 | Zig:18   | Killed an orb of fire
117990 | Zig:18   | Killed an orb of fire
117990 | Zig:18   | Killed an orb of fire
117990 | Zig:18   | Killed an orb of fire
117990 | Zig:18   | Reached skill level 5 in Unarmed Combat
117990 | Zig:18   | Killed an orb of fire
117991 | Zig:18   | Noticed an orb of fire
117992 | Zig:18   | Noticed an orb of fire
117993 | Zig:18   | Noticed an orb of fire
117994 | Zig:18   | Killed an orb of fire
117998 | Zig:18   | Killed an orb of fire
117998 | Zig:18   | Killed an orb of fire
118008 | Zig:18   | Killed an orb of fire
118008 | Zig:18   | Killed an orb of fire
118012 | Zig:18   | Killed an orb of fire
118019 | Zig:18   | Killed an orb of fire
118091 | Zig:18   | Found the +3 robe of Folly {Archmagi, MR-- Int+5}
118151 | Zig:18   | Got a wavering bone ring
118181 | Zig:19   | Entered Level 19 of a ziggurat
118198 | Zig:19   | Found the +7 mace of Variability {chain chaos}
118198 | Zig:19   | Reached skill level 10 in Unarmed Combat
118201 | Zig:19   | Found the amulet of the Air {Inacc +Fly rElec EV+5 RMsl}
118245 | Zig:19   | Got a vibrating copper ring
118451 | Zig:19   | Got a brightly glowing bardiche
118457 | Zig:19   | Got a brightly glowing robe
118464 | Zig:19   | Got a faintly glowing robe
118469 | Zig:19   | Identified the ring of the Harvest {+Fly Str-3 Int+5 Dex+4}
                  | (You found it on level 14 of a ziggurat)
118471 | Zig:19   | Identified the ring of Loirphay {Fire rPois Str-4 Int+4
                  | Stlth+} (You found it on level 19 of a ziggurat)
118473 | Zig:19   | Identified the ring "Jiupp" {*Corrode +Fly MR+ Int+4} (You
                  | found it on level 18 of a ziggurat)
118475 | Zig:19   | Identified the amulet "Hememiom" {Faith MP+9} (You found it
                  | on level 16 of a ziggurat)
118477 | Zig:19   | Identified the ring "Ylloe" {rF+ AC+2 Str+4} (You found it
                  | on level 17 of a ziggurat)
118488 | Zig:20   | Entered Level 20 of a ziggurat
118660 | Zig:20   | Identified the Grimoire of Inquiry
118712 | Zig:20   | Identified the Compendium of Dusty Envenoming
118779 | Zig:20   | Identified the Collected Works on Talismans and Bewitchment
118795 | Zig:20   | Got a translucent sapphire amulet
118809 | Zig:20   | Got a steaming robe
118817 | Zig:21   | Entered Level 21 of a ziggurat
119152 | Zig:21   | Got a shimmering silver ring
119172 | Zig:21   | Got a pair of smoking boots
119178 | Zig:21   | Identified the +8 bardiche of Hakhli Soante {antimagic,
                  | Dex+3} (You found it on level 19 of a ziggurat)
119190 | Zig:21   | Identified the +1 pair of boots "Uzxiekh" {Regen+ Str+3}
                  | (You found it on level 21 of a ziggurat)
119200 | Zig:21   | Identified the +3 robe "Taeriur" {MR++ Int+2} (You found it
                  | on level 20 of a ziggurat)
119210 | Zig:21   | Identified the +1 robe of the Shining One's Fury {rPois
                  | Dex+4} (You found it on level 19 of a ziggurat)
119220 | Zig:21   | Identified the +0 robe "Yxtufug" {rElec MR+} (You found it
                  | on level 19 of a ziggurat)
119235 | Zig:21   | Reached skill level 15 in Unarmed Combat
119241 | Zig:21   | Identified the ring "Beudgh" {*Contam rPois MR+ Str+2} (You
                  | found it on level 21 of a ziggurat)
119243 | Zig:21   | Identified an amulet "Hiesch" {Spirit rPois rC- MR- Str+9}
                  | (You found it on level 20 of a ziggurat)
119255 | Zig:22   | Entered Level 22 of a ziggurat
119289 | Zig:22   | Noticed Kafaw the pandemonium lord
119305 | Zig:22   | Killed Kafaw the pandemonium lord
119469 | Zig:22   | Got a crude brass ring
119470 | Zig:22   | Identified the Compendium of Lethal Air
119513 | Zig:22   | Got an ancient leather armour
119523 | Zig:23   | Entered Level 23 of a ziggurat
119547 | Zig:23   | Found the +5 robe of Misfortune {*Contam Harm *Corrode
                  | *Drain *Slow EV+5}
119585 | Zig:23   | Found the +8 arc blade {discharge, rElec}
119707 | Zig:23   | Identified the Handbook of the Cankerous Rocks
119871 | Zig:23   | Identified the ring "Ytulibb" {*Tele rN+ MR+ SInv} (You
                  | found it on level 22 of a ziggurat)
119886 | Zig:23   | Identified the +3 leather armour "Iggibi" {rF+ Str-5 Int+2}
                  | (You found it on level 22 of a ziggurat)
119903 | Zig:23   | Got a faintly humming robe
119914 | Zig:23   | Identified the +0 robe of the Castellan {rElec rN+ Str+4
                  | Dex-2} (You found it on level 23 of a ziggurat)
119942 | Zig:24   | Entered Level 24 of a ziggurat
119949 | Zig:24   | Noticed an ancient lich
119951 | Zig:24   | Noticed an ancient lich
119951 | Zig:24   | Noticed an ancient lich
119951 | Zig:24   | Noticed an ancient lich
119951 | Zig:24   | Noticed an ancient lich
119952 | Zig:24   | Noticed an ancient lich
119952 | Zig:24   | Noticed an ancient lich
119953 | Zig:24   | Noticed an ancient lich
119954 | Zig:24   | Killed an ancient lich
119954 | Zig:24   | Killed an ancient lich
119955 | Zig:24   | Killed an ancient lich
119955 | Zig:24   | Killed an ancient lich
119955 | Zig:24   | Killed an ancient lich
119955 | Zig:24   | Killed an ancient lich
119955 | Zig:24   | Killed an ancient lich
119956 | Zig:24   | Noticed an ancient lich
119956 | Zig:24   | Noticed an ancient lich
119957 | Zig:24   | Noticed an ancient lich
119957 | Zig:24   | Noticed an ancient lich
119957 | Zig:24   | Killed an ancient lich
119957 | Zig:24   | Noticed an ancient lich
119958 | Zig:24   | Noticed an ancient lich
119958 | Zig:24   | Noticed an ancient lich
119959 | Zig:24   | Noticed an ancient lich
119961 | Zig:24   | Killed an ancient lich
119961 | Zig:24   | Killed an ancient lich
119961 | Zig:24   | Killed an ancient lich
119961 | Zig:24   | Noticed an ancient lich
119962 | Zig:24   | Killed an ancient lich
119962 | Zig:24   | Killed an ancient lich
119962 | Zig:24   | Killed an ancient lich
119962 | Zig:24   | Killed an ancient lich
119962 | Zig:24   | Killed an ancient lich
119962 | Zig:24   | Killed an ancient lich
119962 | Zig:24   | Noticed an ancient lich
119962 | Zig:24   | Noticed an ancient lich
119974 | Zig:24   | Killed an ancient lich
119979 | Zig:24   | Killed an ancient lich
120082 | Zig:24   | Found the cursed +13 scythe of Curses {drain, *Curse}
120129 | Zig:24   | Identified the Collected Works on Companions and
                  | Weightlessness
120259 | Zig:25   | Entered Level 25 of a ziggurat
120264 | Zig:25   | Noticed Nopy the pandemonium lord
120264 | Zig:25   | Noticed Qepnom the pandemonium lord
120265 | Zig:25   | Noticed Efataequ the pandemonium lord
120265 | Zig:25   | Noticed Maruguvo the pandemonium lord
120265 | Zig:25   | Noticed a Killer Klown
120265 | Zig:25   | Noticed Wuaxtor the pandemonium lord
120266 | Zig:25   | Noticed Neunweun the pandemonium lord
120266 | Zig:25   | Noticed Qaqire the pandemonium lord
120266 | Zig:25   | Noticed a Killer Klown
120270 | Zig:25   | Noticed Hics the pandemonium lord
120271 | Zig:25   | Noticed Foem the pandemonium lord
120271 | Zig:25   | Noticed Hotiv the pandemonium lord
120272 | Zig:25   | Noticed Nearitwe the pandemonium lord
120272 | Zig:25   | Noticed Worphoogi the pandemonium lord
120272 | Zig:25   | Noticed Giofechin the pandemonium lord
120272 | Zig:25   | Noticed a Killer Klown
120272 | Zig:25   | Noticed Hutaofa the pandemonium lord
120273 | Zig:25   | Noticed Voenus the pandemonium lord
120273 | Zig:25   | Noticed a Killer Klown
120273 | Zig:25   | Noticed Ceosiext the pandemonium lord
120274 | Zig:25   | Noticed Icar the pandemonium lord
120274 | Zig:25   | Killed a Killer Klown
120274 | Zig:25   | Killed Nearitwe the pandemonium lord
120274 | Zig:25   | Killed Foem the pandemonium lord
120274 | Zig:25   | Killed Maruguvo the pandemonium lord
120274 | Zig:25   | Killed Giofechin the pandemonium lord
120274 | Zig:25   | Killed a Killer Klown
120274 | Zig:25   | Killed a Killer Klown
120274 | Zig:25   | Killed Qepnom the pandemonium lord
120274 | Zig:25   | Noticed Petryph the pandemonium lord
120275 | Zig:25   | Killed Voenus the pandemonium lord
120275 | Zig:25   | Killed Hutaofa the pandemonium lord
120275 | Zig:25   | Killed a Killer Klown
120275 | Zig:25   | Noticed Tupheame the pandemonium lord
120275 | Zig:25   | Noticed Ikich the pandemonium lord
120276 | Zig:25   | Killed Efataequ the pandemonium lord
120276 | Zig:25   | Killed Petryph the pandemonium lord
120276 | Zig:25   | Noticed Ceumat the pandemonium lord
120276 | Zig:25   | Noticed Fykam the pandemonium lord
120276 | Zig:25   | Noticed Tiakerik the pandemonium lord
120277 | Zig:25   | Killed Hics the pandemonium lord
120277 | Zig:25   | Killed Hotiv the pandemonium lord
120277 | Zig:25   | Killed Icar the pandemonium lord
120277 | Zig:25   | Killed Worphoogi the pandemonium lord
120277 | Zig:25   | Killed Qaqire the pandemonium lord
120277 | Zig:25   | Noticed Fecib the pandemonium lord
120277 | Zig:25   | Noticed Ydoifoniu the pandemonium lord
120277 | Zig:25   | Noticed Xirucau the pandemonium lord
120277 | Zig:25   | Noticed Xuomy the pandemonium lord
120277 | Zig:25   | Noticed a Killer Klown
120277 | Zig:25   | Noticed Omexkol the pandemonium lord
120277 | Zig:25   | Noticed Tinukuz the pandemonium lord
120277 | Zig:25   | Noticed Zyxiw the pandemonium lord
120277 | Zig:25   | Noticed Cige the pandemonium lord
120278 | Zig:25   | Noticed a Killer Klown
120278 | Zig:25   | Noticed Jifo Mac the pandemonium lord
120278 | Zig:25   | Noticed a Killer Klown
120278 | Zig:25   | Noticed Uba Ydip the pandemonium lord
120279 | Zig:25   | Noticed Ythor the pandemonium lord
120279 | Zig:25   | Noticed a Killer Klown
120280 | Zig:25   | Noticed Sorynaif the pandemonium lord
120280 | Zig:25   | Noticed a Killer Klown
120280 | Zig:25   | Noticed a Killer Klown
120280 | Zig:25   | Noticed a Killer Klown
120281 | Zig:25   | Noticed Tuaptiun the pandemonium lord
120285 | Zig:25   | Noticed Cyg Zecalu the pandemonium lord
120286 | Zig:25   | Killed Ceumat the pandemonium lord
120288 | Zig:25   | Killed Ceosiext the pandemonium lord
120289 | Zig:25   | Noticed Dyhuc the pandemonium lord
120289 | Zig:25   | Killed Fykam the pandemonium lord
120289 | Zig:25   | Killed Ikich the pandemonium lord
120289 | Zig:25   | Killed Omexkol the pandemonium lord
120289 | Zig:25   | Killed Nopy the pandemonium lord
120290 | Zig:25   | Noticed Leugatah the pandemonium lord
120290 | Zig:25   | Killed Tinukuz the pandemonium lord
120290 | Zig:25   | Killed Neunweun the pandemonium lord
120290 | Zig:25   | Killed a Killer Klown
120290 | Zig:25   | Killed Fecib the pandemonium lord
120290 | Zig:25   | Noticed Hoeklurr the pandemonium lord
120291 | Zig:25   | Killed Uba Ydip the pandemonium lord
120291 | Zig:25   | Killed a Killer Klown
120291 | Zig:25   | Killed Ythor the pandemonium lord
120291 | Zig:25   | Killed a Killer Klown
120291 | Zig:25   | Killed a Killer Klown
120291 | Zig:25   | Killed Tupheame the pandemonium lord
120291 | Zig:25   | Killed a Killer Klown
120291 | Zig:25   | Killed Cige the pandemonium lord
120291 | Zig:25   | Killed a Killer Klown
120291 | Zig:25   | Killed Sorynaif the pandemonium lord
120291 | Zig:25   | Noticed Qasy the pandemonium lord
120291 | Zig:25   | Noticed Sueqotil the pandemonium lord
120291 | Zig:25   | Noticed Luceq the pandemonium lord
120291 | Zig:25   | Noticed a Killer Klown
120292 | Zig:25   | Killed Xirucau the pandemonium lord
120292 | Zig:25   | Reached skill level 27 in Polearms
120292 | Zig:25   | Killed Zyxiw the pandemonium lord
120292 | Zig:25   | Killed Ydoifoniu the pandemonium lord
120292 | Zig:25   | Killed Xuomy the pandemonium lord
120292 | Zig:25   | Killed a Killer Klown
120292 | Zig:25   | Noticed Isuynt the pandemonium lord
120292 | Zig:25   | Noticed Emoebegga the pandemonium lord
120292 | Zig:25   | Noticed Zelua the pandemonium lord
120293 | Zig:25   | Killed Jifo Mac the pandemonium lord
120293 | Zig:25   | Killed Tiakerik the pandemonium lord
120293 | Zig:25   | Killed a Killer Klown
120293 | Zig:25   | Killed Luceq the pandemonium lord
120293 | Zig:25   | Noticed Afycli the pandemonium lord
120295 | Zig:25   | Noticed Vofilimy the pandemonium lord
120296 | Zig:25   | Noticed Cuaffiduc the pandemonium lord
120296 | Zig:25   | Noticed Lall the pandemonium lord
120296 | Zig:25   | Killed Qasy the pandemonium lord
120296 | Zig:25   | Noticed Oqiale the pandemonium lord
120297 | Zig:25   | Killed Hoeklurr the pandemonium lord
120297 | Zig:25   | Noticed Coticaik the pandemonium lord
120299 | Zig:25   | Killed Sueqotil the pandemonium lord
120299 | Zig:25   | Noticed Istiog the pandemonium lord
120300 | Zig:25   | Killed Wuaxtor the pandemonium lord
120300 | Zig:25   | Killed Tuaptiun the pandemonium lord
120301 | Zig:25   | Noticed Ebiry the pandemonium lord
120302 | Zig:25   | Killed Isuynt the pandemonium lord
120302 | Zig:25   | Killed Zelua the pandemonium lord
120302 | Zig:25   | Killed Cyg Zecalu the pandemonium lord
120302 | Zig:25   | Killed Leugatah the pandemonium lord
120305 | Zig:25   | Killed Dyhuc the pandemonium lord
120306 | Zig:25   | Killed Afycli the pandemonium lord
120309 | Zig:25   | Killed Emoebegga the pandemonium lord
120311 | Zig:25   | Killed Istiog the pandemonium lord
120314 | Zig:25   | Killed Cuaffiduc the pandemonium lord
120321 | Zig:25   | Killed Ebiry the pandemonium lord
120325 | Zig:25   | Killed Vofilimy the pandemonium lord
120325 | Zig:25   | Killed Lall the pandemonium lord
120328 | Zig:25   | Killed Oqiale the pandemonium lord
120328 | Zig:25   | Killed Coticaik the pandemonium lord
120569 | Zig:25   | Identified Bawiolan's Tome of Enchanting Creation
120578 | Zig:25   | Identified Xalulin's Collected Works on Igneous Conjuration
120582 | Zig:25   | Got a vibrating bone ring
120598 | Zig:26   | Entered Level 26 of a ziggurat
120621 | Zig:26   | Reached skill level 27 in Staves
120621 | Zig:26   | Reached skill level 27 in Maces & Flails
120956 | Zig:26   | Got a faintly glowing brass ring
121060 | Zig:26   | Got a clouded bronze amulet
121074 | Zig:26   | Identified the Catalogue of Cankerous Execration
121157 | Zig:27   | Entered Level 27 of a ziggurat
121172 | Zig:27   | Reached skill level 27 in Short Blades
121176 | Zig:27   | Reached skill level 27 in Long Blades
121216 | Zig:27   | Found the ring of the Octopus King
121218 | Zig:27   | Found the +7 sceptre of Torment {pain, torment}
121250 | Zig:27   | Got a ring of the Octopus King
121258 | Zig:27   | Got a fine graven amulet
121272 | Zig:27   | Identified Sif Muna's Volume of Bewitchment
121281 | Zig:27   | Identified the Tome of Changing and Creation
121295 | Zig:27   | Identified Vehumet's Collected Works on Confrontation
121635 | Zig:27   | Identified the ring of Lir Zeo {rC+ MR+} (You found it on
                  | level 26 of a ziggurat)
121637 | Zig:27   | Identified the ring of the Sky {*Tele rElec MR+} (You found
                  | it on level 25 of a ziggurat)
121639 | Zig:27   | Identified the amulet "Byajavoq" {Gourm Dex+3} (You found
                  | it on level 27 of a ziggurat)
121641 | Zig:27   | Identified the amulet of Weorrug {Gourm rElec Int+3} (You
                  | found it on level 26 of a ziggurat)
121643 | Zig:27   | Identified a ring of the Octopus King {rF+ AC+1 EV+1 Str+1
                  | Int+1 Dex+1} (You found it on level 27 of a ziggurat)
121647 | Zig:27   | Got a heavily runed cloak
121652 | Zig:27   | Got an opalescent robe
121658 | Zig:27   | Got a pair of heavily runed gloves
121671 | Zig:27   | Identified the cursed +0 cloak of Uxkepp {Str+4} (You found
                  | it on level 27 of a ziggurat)
121688 | Zig:27   | Identified the +0 robe of Oblivion {-Tele rC+ Regen+ Dex+3}
                  | (You found it on level 27 of a ziggurat)
121704 | Zig:27   | Identified the +3 pair of gloves of the Komodo Dragon {rN+
                  | Slay+6} (You found it on level 27 of a ziggurat)
121860 | Geh:1    | Entered Level 1 of Gehenna
121864 | Geh:1    | You fall through a shaft!
121867 | Geh:2    | You fall through a shaft!
121870 | Geh:3    | You fall through a shaft for 3 floors!
121873 | Geh:6    | You fall through a shaft!
121873 | Geh:7    | Entered Level 7 of Gehenna
123245 | Geh:7    | Reached skill level 27 in Unarmed Combat
123316 | Geh:7    | Identified the +7 sceptre of Asmodeus
123316 | Geh:7    | Noticed Asmodeus
123343 | Geh:7    | Killed Asmodeus
123384 | Geh:7    | Got an obsidian rune of Zot
123531 | Tar:1    | Entered Level 1 of Tartarus
123535 | Tar:1    | You fall through a shaft!
123538 | Tar:2    | You fall through a shaft!
123541 | Tar:3    | You fall through a shaft for 3 floors!
123544 | Tar:6    | You fall through a shaft!
123544 | Tar:7    | Entered Level 7 of Tartarus
124150 | Tar:7    | Noticed Ereshkigal
124162 | Tar:7    | Killed Ereshkigal
124803 | Tar:7    | Got a bone rune of Zot
124988 | Tar:7    | Found the +5 demon whip "Spellbinder" {antimagic, MR+}
125293 | Depths:4 | Got a blackened large shield
125293 | Depths:4 | Got a crude cloak
125293 | Depths:4 | Got a pair of crude gloves
125293 | Depths:4 | Got a pair of heavily runed gloves
125293 | Depths:4 | Got a pair of jewelled gloves
125306 | Depths:4 | Identified the +3 large shield of Oxeungu {+Inv MR+ Dex+3}
                  | (You acquired it on level 4 of the Depths)
125316 | Depths:4 | Identified the +0 cloak "Tisit" {rN+ Int+3 SInv Stlth-}
                  | (You acquired it on level 4 of the Depths)
125326 | Depths:4 | Identified the -2 pair of gloves "Gyohon" {MR- MP+9 Dex+3}
                  | (You acquired it on level 4 of the Depths)
125336 | Depths:4 | Identified the +0 pair of gloves of Negligence {-Tele
                  | Regen+ MP+9 Int+4} (You acquired it on level 4 of the
                  | Depths)
125346 | Depths:4 | Identified the +0 pair of gloves "Muacifro" {Int+2} (You
                  | acquired it on level 4 of the Depths)
125414 | Depths:4 | Bought a wizard robe for 171 gold pieces
125418 | Depths:4 | Bought a faintly glowing leather armour for 336 gold pieces
125453 | Depths:4 | Identified the cursed +1 robe of the Blessed Realm {Int+7}
                  | (You bought it in a shop on level 4 of the Depths)
125474 | Depths:4 | Identified the +2 leather armour of Demeyr {rPois rF- MR+}
                  | (You bought it in a shop on level 4 of the Depths)
125486 | Zig:1    | Entered Level 1 of a ziggurat
125486 | Zig:1    | Noticed a juggernaut
125488 | Zig:1    | Killed a juggernaut
125529 | Zig:2    | Entered Level 2 of a ziggurat
125529 | Zig:2    | Noticed a Killer Klown
125529 | Zig:2    | Noticed a Killer Klown
125529 | Zig:2    | Noticed a Killer Klown
125530 | Zig:2    | Noticed a Killer Klown
125533 | Zig:2    | Killed a Killer Klown
125537 | Zig:2    | Killed a Killer Klown
125538 | Zig:2    | Killed a Killer Klown
125538 | Zig:2    | Killed a Killer Klown
125609 | Zig:3    | Entered Level 3 of a ziggurat
125688 | Zig:4    | Entered Level 4 of a ziggurat
125693 | Zig:4    | Found the +18 shield of the Gong {rElec rN+ MR+ EV-5}
125783 | Zig:5    | Entered Level 5 of a ziggurat
125903 | Zig:5    | Got a steaming robe
125916 | Zig:5    | Identified the cursed +0 robe of Qazlal's Fury {+Inv +Fly
                  | rF+ Stlth+} (You found it on level 5 of a ziggurat)
125947 | Zig:6    | Entered Level 6 of a ziggurat
126082 | Zig:6    | Got a ripped robe
126103 | Zig:7    | Entered Level 7 of a ziggurat
126138 | Zig:7    | Got a translucent marble ring
126142 | Zig:7    | Identified Sif Muna's Tome of Icy Companions
126146 | Zig:7    | Got a pitted zirconium amulet
126234 | Zig:8    | Entered Level 8 of a ziggurat
126382 | Zig:9    | Entered Level 9 of a ziggurat
126442 | Zig:9    | Got a faintly glowing bronze ring
126559 | Zig:10   | Entered Level 10 of a ziggurat
126745 | Zig:11   | Entered Level 11 of a ziggurat
126841 | Zig:11   | Identified the Collected Works on Ashen Enchantment
126852 | Zig:11   | Identified the Volume of Earth
126932 | Zig:12   | Entered Level 12 of a ziggurat
127053 | Zig:12   | Identified the Incunabulum of Combat Magic
127092 | Zig:13   | Entered Level 13 of a ziggurat
127120 | Zig:13   | Found the +6 Majin-Bo {vamp, Archmagi MP+6 Int+6}
127323 | Zig:13   | Got an ominously black robe
127348 | Zig:13   | Identified the +2 robe of the Stars {Dex+2} (You found it
                  | on level 6 of a ziggurat)
127358 | Zig:13   | Identified the +2 robe of Noughts and Crosses {rN+ Int+5}
                  | (You found it on level 13 of a ziggurat)
127371 | Zig:13   | Identified the ring "Hoijaol" {-Tele +Inv rPois Dex+4} (You
                  | found it on level 7 of a ziggurat)
127373 | Zig:13   | Identified the amulet of Nuputt {Gourm +Blink rC+ Str+2
                  | Int+4} (You found it on level 7 of a ziggurat)
127375 | Zig:13   | Identified the ring "Gasmipru" {rC+ rN+ Int+5} (You found
                  | it on level 9 of a ziggurat)
127393 | Zig:14   | Entered Level 14 of a ziggurat
127412 | Zig:14   | Found the +6 shillelagh "Devastator" {shatter}
127548 | Zig:14   | Found the +6 arbalest "Damnation" {damnation}
127617 | Zig:15   | Entered Level 15 of a ziggurat
127634 | Zig:15   | Reached skill level 27 in Crossbows
127713 | Zig:15   | Identified the Catalogue of Floating Stones
127894 | Zig:16   | Entered Level 16 of a ziggurat
128185 | Zig:16   | Identified the Grimoire of Noxious Sinister Secrets
128193 | Zig:17   | Entered Level 17 of a ziggurat
128200 | Zig:17   | Noticed an ancient lich
128203 | Zig:17   | Noticed an ancient lich
128206 | Zig:17   | Noticed an ancient lich
128206 | Zig:17   | Noticed an ancient lich
128208 | Zig:17   | Killed an ancient lich
128209 | Zig:17   | Killed an ancient lich
128209 | Zig:17   | Killed an ancient lich
128218 | Zig:17   | Killed an ancient lich
128254 | Zig:17   | Found the +3 hat of Pondering {ponderous, MR+ MP+10 Int+5}
128466 | Zig:18   | Entered Level 18 of a ziggurat
128626 | Zig:18   | Found the +1 cloak of Starlight {rElec rC+ EV+4 Stlth--}
128733 | Zig:18   | Got a coiled platinum ring
128788 | Zig:19   | Entered Level 19 of a ziggurat
128798 | Zig:19   | Noticed an ancient lich
128799 | Zig:19   | Noticed an ancient lich
128799 | Zig:19   | Noticed an ancient lich
128804 | Zig:19   | Killed an ancient lich
128804 | Zig:19   | Killed an ancient lich
128804 | Zig:19   | Noticed an ancient lich
128804 | Zig:19   | Noticed an ancient lich
128805 | Zig:19   | Killed an ancient lich
128805 | Zig:19   | Killed an ancient lich
128805 | Zig:19   | Killed an ancient lich
128809 | Zig:19   | Noticed an ancient lich
128809 | Zig:19   | Noticed an ancient lich
128810 | Zig:19   | Noticed an ancient lich
128811 | Zig:19   | Killed an ancient lich
128812 | Zig:19   | Noticed an ancient lich
128814 | Zig:19   | Noticed an ancient lich
128814 | Zig:19   | Noticed an ancient lich
128818 | Zig:19   | Killed an ancient lich
128821 | Zig:19   | Noticed an ancient lich
128824 | Zig:19   | Noticed an ancient lich
128824 | Zig:19   | Killed an ancient lich
128824 | Zig:19   | Killed an ancient lich
128824 | Zig:19   | Killed an ancient lich
128824 | Zig:19   | Killed an ancient lich
128824 | Zig:19   | Killed an ancient lich
128829 | Zig:19   | Killed an ancient lich
128836 | Zig:19   | Noticed an ancient lich
128840 | Zig:19   | Killed an ancient lich
129052 | Zig:19   | Found the +7 captain's cutlass {speed, disarm}
129054 | Zig:19   | Found the +3 Elemental Staff {rElec rF++ rC++ MR++ AC+5}
129055 | Zig:19   | Found the +0 Maxwell's etheric cage {RegenMP+ *Contam rElec
                  | MP+4}
129063 | Zig:19   | Got a warped tin amulet
129069 | Zig:19   | Got a smoking golden ring
129079 | Zig:19   | Got a twitching bone ring
129129 | Zig:19   | Identified the ring "Pafeos" {EV+4 Dex+2} (You found it on
                  | level 18 of a ziggurat)
129130 | Zig:19   | Identified the amulet "Ahoedirph" {+Rage MR+ Dex-4 Slay+3}
                  | (You found it on level 19 of a ziggurat)
129131 | Zig:19   | Identified the ring of Incredulity {*Contam rN+ MP+9 Dex+4}
                  | (You found it on level 19 of a ziggurat)
129132 | Zig:19   | Identified the ring "Natec" {rF+ Int+2 Dex+2 Stlth+} (You
                  | found it on level 19 of a ziggurat)
129142 | Zig:20   | Entered Level 20 of a ziggurat
129425 | Zig:20   | Found the ring of the Octopus King
129464 | Zig:20   | Got a ring of the Octopus King
129479 | Zig:20   | Identified a ring of the Octopus King {MP+9 AC+1 EV+1 Str+1
                  | Int+1 Dex+1} (You found it on level 20 of a ziggurat)
129492 | Zig:21   | Entered Level 21 of a ziggurat
129503 | Zig:21   | Noticed a juggernaut
129503 | Zig:21   | Noticed a juggernaut
129504 | Zig:21   | Noticed a juggernaut
129506 | Zig:21   | Killed a juggernaut
129506 | Zig:21   | Killed a juggernaut
129506 | Zig:21   | Noticed a juggernaut
129508 | Zig:21   | Noticed a juggernaut
129509 | Zig:21   | Noticed a juggernaut
129510 | Zig:21   | Noticed a juggernaut
129510 | Zig:21   | Noticed a juggernaut
129511 | Zig:21   | Killed a juggernaut
129511 | Zig:21   | Noticed a juggernaut
129512 | Zig:21   | Killed a juggernaut
129512 | Zig:21   | Killed a juggernaut
129512 | Zig:21   | Killed a juggernaut
129513 | Zig:21   | Killed a juggernaut
129513 | Zig:21   | Killed a juggernaut
129514 | Zig:21   | Killed a juggernaut
129514 | Zig:21   | Noticed a juggernaut
129536 | Zig:21   | Noticed a juggernaut
129546 | Zig:21   | Killed a juggernaut
129554 | Zig:21   | Killed a juggernaut
129841 | Zig:21   | Got a warped granite ring
129844 | Zig:21   | Identified the Compendium of Sinister Enhancements
129855 | Zig:21   | Identified the Catalogue of Assistive Feathers
129921 | Zig:22   | Entered Level 22 of a ziggurat
130281 | Zig:22   | Identified the Grimoire of Attacks and Curses
130305 | Zig:22   | Got a brightly glowing marble ring
130331 | Zig:22   | Identified the Collected Works on the Creative Mountains
130339 | Zig:22   | Identified Sif Muna's Mastering Witchery
130343 | Zig:22   | Got a sheer robe
130350 | Zig:22   | Identified the ring "Lonoraipp" {*Tele Str+6} (You found it
                  | on level 21 of a ziggurat)
130352 | Zig:22   | Identified the ring "Uqeesiap" {rF+ Stlth-} (You found it
                  | on level 22 of a ziggurat)
130364 | Zig:22   | Identified the +2 robe "Ociog" {*Corrode rN+ Stlth+} (You
                  | found it on level 22 of a ziggurat)
130380 | Zig:23   | Entered Level 23 of a ziggurat
130772 | Zig:23   | Got an ancient ivory ring
130776 | Zig:23   | Got a fine glass ring
130792 | Zig:23   | Got a brightly glowing chain mail
130802 | Zig:23   | Got a heavily runed chain mail
130807 | Zig:23   | Got a transparent scale mail
130835 | Zig:24   | Entered Level 24 of a ziggurat
131133 | Zig:24   | Found the ring of the Octopus King
131209 | Zig:24   | Got a ring of the Octopus King
131215 | Zig:24   | Identified the Volume of Excruciating Cold
131251 | Zig:24   | Got a transparent scale mail
131274 | Zig:24   | Identified the +1 chain mail "Pupouh" {+Blink MR+ MP+9}
                  | (You found it on level 23 of a ziggurat)
131285 | Zig:24   | Identified the +3 chain mail "Xated" {rC+} (You found it on
                  | level 23 of a ziggurat)
131296 | Zig:24   | Identified the +3 scale mail of the Eight Boll Weevils
                  | {Regen+ MP+9 Stlth+} (You found it on level 23 of a
                  | ziggurat)
131306 | Zig:24   | Identified the +1 scale mail "Adgh" {-Cast rN+ Str+3 SInv}
                  | (You found it on level 24 of a ziggurat)
131376 | Zig:25   | Entered Level 25 of a ziggurat
131642 | Zig:25   | Found the ring of the Octopus King
131665 | Zig:25   | Got a ring of the Octopus King
131741 | Zig:25   | Got a slimy giant spiked club
131742 | Zig:25   | Identified the +7 giant spiked club of Gallantry {drain,
                  | *Corrode Dex+3 SInv} (You found it on level 25 of a
                  | ziggurat)
131747 | Zig:25   | Identified the ring of Susysyse {rCorr +Blink rElec rF+
                  | Dex-2} (You found it on level 23 of a ziggurat)
131749 | Zig:25   | Identified a ring of the Octopus King {rCorr AC+1 EV+1
                  | Str+1 Int+1 Dex+1} (You found it on level 25 of a ziggurat)
131750 | Zig:25   | Identified the ring "Vudiss" {Ice rPois rN+} (You found it
                  | on level 23 of a ziggurat)
131752 | Zig:25   | Identified a ring of the Octopus King {Wiz AC+1 EV+1 Str+1
                  | Int+1 Dex+1} (You found it on level 24 of a ziggurat)
131764 | Zig:26   | Entered Level 26 of a ziggurat
132092 | Zig:26   | Found the ring of the Octopus King
132101 | Zig:26   | Got a flickering platinum ring
132103 | Zig:26   | Got a shimmering turquoise ring
132108 | Zig:26   | Got a ring of the Octopus King
132202 | Zig:26   | Identified the ring of Xom's Amusement {rN++ MR+ Slay+2
                  | Stlth-} (You found it on level 26 of a ziggurat)
132204 | Zig:26   | Identified the ring "Qaffel" {rC+ Int+3 SInv Stlth-} (You
                  | found it on level 26 of a ziggurat)
132206 | Zig:26   | Identified a ring of the Octopus King {rN+ AC+1 EV+1 Str+1
                  | Int+1 Dex+1} (You found it on level 26 of a ziggurat)
132211 | Zig:27   | Entered Level 27 of a ziggurat
132608 | Zig:27   | Got a scorched lapis lazuli ring
132704 | Zig:27   | Got a faintly humming scale mail
132709 | Zig:27   | Identified the ring of Afefatiw {Str+4 Dex+2 SInv} (You
                  | found it on level 27 of a ziggurat)
132722 | Zig:27   | Identified the cursed +0 scale mail of Geclaamy {rF+ Dex+6
                  | Slay+2} (You found it on level 27 of a ziggurat)
132869 | Depths:4 | Reached skill level 27 in Axes
132871 | Depths:4 | Reached skill level 27 in Bows
132987 | Depths:4 | Bought the +4 skin of Zhor {Hibernate rC+++ SInv} for 665
                  | gold pieces
132987 | Depths:4 | Found the +4 skin of Zhor {Hibernate rC+++ SInv}
132989 | Depths:4 | Bought the brooch of Shielding {Reflect SH+8} for 1700 gold
                  | pieces
132989 | Depths:4 | Found the brooch of Shielding {Reflect SH+8}
132989 | Depths:4 | Bought a ring of the Octopus King {rC+ AC+1 EV+1 Str+1
                  | Int+1 Dex+1} for 747 gold pieces
132989 | Depths:4 | Found the ring of the Octopus King {rC+ AC+1 EV+1 Str+1
                  | Int+1 Dex+1}
132993 | Depths:4 | Bought the +15 Maxwell's patent armour {-Cast -Tele rElec
                  | MR+ rCorr} for 2362 gold pieces
132993 | Depths:4 | Found the +15 Maxwell's patent armour {-Cast -Tele rElec
                  | MR+ rCorr}
133317 | Zig:1    | Entered Level 1 of a ziggurat
133351 | Zig:2    | Entered Level 2 of a ziggurat
133354 | Zig:2    | Found the +8 mithril axe "Arga" {speed, MR+}
133405 | Zig:3    | Entered Level 3 of a ziggurat
133409 | Zig:3    | Found the +2 pair of boots of the Assassin {Detection Stab+
                  | Stlth++}
133524 | Zig:4    | Entered Level 4 of a ziggurat
133524 | Zig:4    | Noticed a Killer Klown
133525 | Zig:4    | Noticed Taploc the pandemonium lord
133525 | Zig:4    | Noticed Qyamigu the pandemonium lord
133525 | Zig:4    | Noticed Qadil the pandemonium lord
133526 | Zig:4    | Noticed Icwofi the pandemonium lord
133530 | Zig:4    | Killed a Killer Klown
133530 | Zig:4    | Killed Qyamigu the pandemonium lord
133535 | Zig:4    | Killed Taploc the pandemonium lord
133536 | Zig:4    | Killed Qadil the pandemonium lord
133543 | Zig:4    | Killed Icwofi the pandemonium lord
133578 | Zig:4    | Identified Zoutsur's Handbook of Ghastly Augmentations
133606 | Zig:5    | Entered Level 5 of a ziggurat
133736 | Zig:6    | Entered Level 6 of a ziggurat
133738 | Zig:6    | Noticed an ancient lich
133744 | Zig:6    | Killed an ancient lich
133816 | Zig:6    | Identified the Compendium of Contamination
133832 | Zig:7    | Entered Level 7 of a ziggurat
134003 | Zig:8    | Entered Level 8 of a ziggurat
134047 | Zig:8    | Found the +2 ratskin cloak {+Rats rPois rN+ Str-1 Int-1
                  | Dex+1}
134161 | Zig:9    | Entered Level 9 of a ziggurat
134167 | Zig:9    | Noticed a shard shrike
134167 | Zig:9    | Noticed a shard shrike
134167 | Zig:9    | Noticed a shard shrike
134168 | Zig:9    | Noticed a shard shrike
134168 | Zig:9    | Noticed a shard shrike
134170 | Zig:9    | Killed a shard shrike
134170 | Zig:9    | Killed a shard shrike
134170 | Zig:9    | Killed a shard shrike
134170 | Zig:9    | Killed a shard shrike
134170 | Zig:9    | Killed a shard shrike
134170 | Zig:9    | Noticed a shard shrike
134172 | Zig:9    | Killed a shard shrike
134173 | Zig:9    | Noticed a shard shrike
134176 | Zig:9    | Noticed a shard shrike
134178 | Zig:9    | Noticed a shard shrike
134186 | Zig:9    | Killed a shard shrike
134186 | Zig:9    | Killed a shard shrike
134198 | Zig:9    | Killed a shard shrike
134291 | Zig:9    | Got a scorched bronze ring
134326 | Zig:10   | Entered Level 10 of a ziggurat
134329 | Zig:10   | Noticed a juggernaut
134330 | Zig:10   | Noticed a juggernaut
134331 | Zig:10   | Noticed a juggernaut
134332 | Zig:10   | Noticed a juggernaut
134337 | Zig:10   | Killed a juggernaut
134337 | Zig:10   | Killed a juggernaut
134337 | Zig:10   | Killed a juggernaut
134337 | Zig:10   | Killed a juggernaut
134528 | Zig:10   | Got a slimy tin amulet
134531 | Zig:10   | Identified the Catalogue of Moulding
134572 | Zig:11   | Entered Level 11 of a ziggurat
134576 | Zig:11   | Noticed an ancient lich
134577 | Zig:11   | Noticed an ancient lich
134578 | Zig:11   | Noticed an ancient lich
134578 | Zig:11   | Noticed an ancient lich
134579 | Zig:11   | Noticed an ancient lich
134579 | Zig:11   | Noticed an ancient lich
134579 | Zig:11   | Noticed an ancient lich
134580 | Zig:11   | Killed an ancient lich
134580 | Zig:11   | Killed an ancient lich
134582 | Zig:11   | Noticed an ancient lich
134583 | Zig:11   | Killed an ancient lich
134583 | Zig:11   | Killed an ancient lich
134584 | Zig:11   | Killed an ancient lich
134584 | Zig:11   | Killed an ancient lich
134584 | Zig:11   | Noticed an ancient lich
134585 | Zig:11   | Killed an ancient lich
134585 | Zig:11   | Killed an ancient lich
134585 | Zig:11   | Killed an ancient lich
134745 | Zig:12   | Entered Level 12 of a ziggurat
134765 | Zig:12   | Noticed Canocs the pandemonium lord
134792 | Zig:12   | Killed Canocs the pandemonium lord
134937 | Zig:12   | Got a smoking bone amulet
134969 | Zig:12   | Got a smoking wooden ring
135015 | Zig:13   | Entered Level 13 of a ziggurat
135023 | Zig:13   | Noticed a juggernaut
135023 | Zig:13   | Noticed a juggernaut
135024 | Zig:13   | Noticed a juggernaut
135025 | Zig:13   | Noticed a juggernaut
135025 | Zig:13   | Noticed a juggernaut
135026 | Zig:13   | Noticed a juggernaut
135026 | Zig:13   | Noticed a juggernaut
135026 | Zig:13   | Noticed a juggernaut
135027 | Zig:13   | Noticed a juggernaut
135028 | Zig:13   | Killed a juggernaut
135028 | Zig:13   | Killed a juggernaut
135029 | Zig:13   | Killed a juggernaut
135029 | Zig:13   | Killed a juggernaut
135029 | Zig:13   | Killed a juggernaut
135029 | Zig:13   | Killed a juggernaut
135029 | Zig:13   | Killed a juggernaut
135030 | Zig:13   | Killed a juggernaut
135031 | Zig:13   | Killed a juggernaut
135031 | Zig:13   | Noticed a juggernaut
135039 | Zig:13   | Killed a juggernaut
135061 | Zig:13   | Found the +12 glaive of Prune {chop}
135092 | Zig:13   | Got a faintly glowing pewter ring
135097 | Zig:13   | Identified the Grimoire of the Unstable Compass
135225 | Zig:14   | Entered Level 14 of a ziggurat
135230 | Zig:14   | Noticed a greater mummy
135231 | Zig:14   | Noticed a greater mummy
135233 | Zig:14   | Noticed a greater mummy
135233 | Zig:14   | Noticed a greater mummy
135235 | Zig:14   | Killed a greater mummy
135235 | Zig:14   | Noticed a greater mummy
135237 | Zig:14   | Killed a greater mummy
135237 | Zig:14   | Noticed a greater mummy
135237 | Zig:14   | Noticed a greater mummy
135237 | Zig:14   | Noticed a greater mummy
135239 | Zig:14   | Killed a greater mummy
135239 | Zig:14   | Killed a greater mummy
135239 | Zig:14   | Noticed a greater mummy
135241 | Zig:14   | Killed a greater mummy
135241 | Zig:14   | Noticed a greater mummy
135241 | Zig:14   | Noticed a greater mummy
135243 | Zig:14   | Killed a greater mummy
135243 | Zig:14   | Killed a greater mummy
135245 | Zig:14   | Killed a greater mummy
135245 | Zig:14   | Noticed a greater mummy
135245 | Zig:14   | Noticed a greater mummy
135246 | Zig:14   | Killed a greater mummy
135246 | Zig:14   | Killed a greater mummy
135248 | Zig:14   | Killed a greater mummy
135249 | Zig:14   | Noticed a greater mummy
135249 | Zig:14   | Noticed a greater mummy
135250 | Zig:14   | Noticed a greater mummy
135251 | Zig:14   | Killed a greater mummy
135251 | Zig:14   | Killed a greater mummy
135253 | Zig:14   | Noticed a greater mummy
135255 | Zig:14   | Killed a greater mummy
135255 | Zig:14   | Killed a greater mummy
135255 | Zig:14   | Noticed a greater mummy
135256 | Zig:14   | Noticed a greater mummy
135259 | Zig:14   | Killed a greater mummy
135264 | Zig:14   | Killed a greater mummy
135267 | Zig:14   | Killed a greater mummy
135267 | Zig:14   | Killed a greater mummy
135272 | Zig:14   | Noticed a greater mummy
135288 | Zig:14   | Killed a greater mummy
135389 | Zig:14   | Found the ring of the Octopus King
135476 | Zig:14   | Identified Sif Muna's Handbook of Icy Displacement
135483 | Zig:14   | Got a ring of the Octopus King
135490 | Zig:14   | Got a heavily runed scale mail
135501 | Zig:15   | Entered Level 15 of a ziggurat
135709 | Zig:15   | Identified the Almanac of Excruciating Earth
135715 | Zig:15   | Identified the Tome of Dusty Lightness
135720 | Zig:15   | Got smoking pearl dragon scales
135730 | Zig:15   | Got pitted ice dragon scales
135738 | Zig:16   | Entered Level 16 of a ziggurat
135975 | Zig:16   | Got a scintillating lead ring
135985 | Zig:16   | Identified Sif Muna's Compendium of Burning Confrontation
135997 | Zig:17   | Entered Level 17 of a ziggurat
136292 | Zig:17   | Identified the ring "Egomyst" {*Corrode rPois Str+5 SInv}
                  | (You found it on level 9 of a ziggurat)
136294 | Zig:17   | Identified an amulet of Ciang {Spirit rPois rN++ Int-5
                  | Slay+5} (You found it on level 10 of a ziggurat)
136296 | Zig:17   | Identified the amulet of Exasie {Inacc MR+} (You found it
                  | on level 12 of a ziggurat)
136298 | Zig:17   | Identified the ring "Pidyuzet" {rElec MP+9 Dex+2} (You
                  | found it on level 12 of a ziggurat)
136306 | Zig:17   | Got a wavering lapis lazuli ring
136322 | Zig:17   | Identified the ring of Descent {rN+ MR+} (You found it on
                  | level 17 of a ziggurat)
136324 | Zig:17   | Identified the ring "Qohyfoni" {*Drain rPois rF++ Str+4}
                  | (You found it on level 13 of a ziggurat)
136326 | Zig:17   | Identified a ring of the Octopus King {AC+1 EV+1 Str+1
                  | Int+1 Dex+1 SInv} (You found it on level 14 of a ziggurat)
136327 | Zig:17   | Identified the ring of the Cast Vote {rC+ Str+7 Stlth-}
                  | (You found it on level 16 of a ziggurat)
136339 | Zig:17   | Identified the +3 scale mail of the Thistle {+Inv} (You
                  | found it on level 14 of a ziggurat)
136349 | Zig:17   | Identified the cursed +0 ice dragon scales "Wify" {+Fly rF-
                  | rC++ MR++ Str+2 Int-3} (You found it on level 15 of a
                  | ziggurat)
136360 | Zig:17   | Identified the cursed +1 pearl dragon scales of Discretion
                  | {rElec rN+ Str+4 Int+5 Dex-5} (You found it on level 15 of
                  | a ziggurat)
136378 | Zig:18   | Entered Level 18 of a ziggurat
136658 | Zig:18   | Identified the Almanac of Translocation and Black Rituals
136670 | Zig:18   | Identified the Grimoire of the Sinister Glacier
136698 | Zig:18   | Got a faintly glowing crystal amulet
136700 | Zig:18   | Got a shimmering golden ring
136708 | Zig:18   | Identified Kuetrun's Papyrus of Hurtful Flight
136750 | Zig:18   | Got a bloodstained troll leather armour
136755 | Zig:18   | Got a jasper-encrusted chain mail
136774 | Zig:18   | Identified the +2 troll leather armour "Nuggots" {Regen+
                  | Dex+3} (You found it on level 18 of a ziggurat)
136785 | Zig:18   | Identified the cursed +1 chain mail of the Robin {rPois
                  | Str+3} (You found it on level 18 of a ziggurat)
136797 | Zig:18   | Identified the amulet of Nageb {Regen+ Dex+4} (You found it
                  | on level 18 of a ziggurat)
136799 | Zig:18   | Identified the ring of the Komtur {+Fly rF+ rN+ Int+4 SInv}
                  | (You found it on level 18 of a ziggurat)
136808 | Zig:19   | Entered Level 19 of a ziggurat
137182 | Zig:19   | Got a faintly glowing tin amulet
137191 | Zig:19   | Got a brightly glowing triple crossbow
137196 | Zig:19   | Got a polished chain mail
137198 | Zig:19   | Identified the +6 triple crossbow "Beastslayer" {elec, +Fly
                  | rElec rF+++ Int-2} (You found it on level 19 of a ziggurat)
137210 | Zig:19   | Identified the +4 chain mail of Fortitude {rPois} (You
                  | found it on level 19 of a ziggurat)
137225 | Zig:19   | Identified the amulet "Plog" {Inacc rElec} (You found it on
                  | level 19 of a ziggurat)
137235 | Zig:20   | Entered Level 20 of a ziggurat
137248 | Zig:20   | Noticed a juggernaut
137249 | Zig:20   | Noticed a juggernaut
137249 | Zig:20   | Noticed a juggernaut
137249 | Zig:20   | Noticed a juggernaut
137251 | Zig:20   | Noticed a juggernaut
137251 | Zig:20   | Noticed a juggernaut
137253 | Zig:20   | Noticed a juggernaut
137253 | Zig:20   | Killed a juggernaut
137253 | Zig:20   | Killed a juggernaut
137253 | Zig:20   | Killed a juggernaut
137254 | Zig:20   | Noticed a juggernaut
137254 | Zig:20   | Killed a juggernaut
137254 | Zig:20   | Killed a juggernaut
137254 | Zig:20   | Killed a juggernaut
137255 | Zig:20   | Noticed a juggernaut
137256 | Zig:20   | Noticed a juggernaut
137257 | Zig:20   | Noticed a juggernaut
137259 | Zig:20   | Killed a juggernaut
137259 | Zig:20   | Noticed a juggernaut
137260 | Zig:20   | Noticed a juggernaut
137261 | Zig:20   | Noticed a juggernaut
137263 | Zig:20   | Killed a juggernaut
137270 | Zig:20   | Killed a juggernaut
137270 | Zig:20   | Killed a juggernaut
137274 | Zig:20   | Killed a juggernaut
137274 | Zig:20   | Killed a juggernaut
137274 | Zig:20   | Killed a juggernaut
137274 | Zig:20   | Killed a juggernaut
137547 | Zig:20   | Got a pitted pewter ring
137551 | Zig:20   | Identified Rihud's Compendium of Transmigration and the
                  | Rocks
137579 | Zig:20   | Identified Kuaqaz's Tome of Ghastly Companions
137588 | Zig:20   | Identified the ring of Domodooh {rC++ rN+ AC+4} (You found
                  | it on level 20 of a ziggurat)
137592 | Zig:21   | Entered Level 21 of a ziggurat
137627 | Zig:21   | Noticed Jeomiga the pandemonium lord
137636 | Zig:21   | Killed Jeomiga the pandemonium lord
137912 | Zig:21   | Got a twitching iron ring
137921 | Zig:21   | Got a sparkling iron ring
137947 | Zig:21   | Identified the ring "Suggim" {*Tele +Fly rElec MR+} (You
                  | found it on level 21 of a ziggurat)
137949 | Zig:21   | Identified the ring of Vaodghuq {*Corrode rN+ Str+2 Int+3}
                  | (You found it on level 21 of a ziggurat)
137954 | Zig:22   | Entered Level 22 of a ziggurat
138220 | Zig:22   | Found the +8 autumn katana {slice, Clar}
138223 | Zig:22   | Found the ring of the Octopus King
138238 | Zig:22   | Got a ring of the Octopus King
138249 | Zig:22   | Identified the Almanac of the Arsonist and Sinister Secrets
138289 | Zig:23   | Entered Level 23 of a ziggurat
138637 | Zig:23   | Found the +11 plutonium sword {*Contam Stlth-}
138641 | Zig:23   | Got a smoking tin ring
138644 | Zig:23   | Identified the Papyrus of Snow
138647 | Zig:23   | Got a slimy bronze ring
138655 | Zig:23   | Got a glittering ivory ring
138661 | Zig:23   | Got a twitching graven amulet
138681 | Zig:23   | Identified the Volume of Arcane Weapons
138683 | Zig:23   | Identified the Catalogue of Burning Stones
138713 | Zig:24   | Entered Level 24 of a ziggurat
139064 | Zig:24   | Identified Zaot's Almanac of the Entourage and Evil
139069 | Zig:24   | Got a scintillating steel ring
139081 | Zig:25   | Entered Level 25 of a ziggurat
139409 | Zig:25   | Identified Kikubaaqudgha's Volume of Dark Rites
139416 | Zig:25   | Got a coiled jade ring
139423 | Zig:25   | Got a coiled amber ring
139436 | Zig:25   | Identified a ring of the Octopus King {AC+1 EV+1 Str+1
                  | Int+1 Dex+1 Stlth+} (You found it on level 22 of a
                  | ziggurat)
139437 | Zig:25   | Identified the ring of Kuedo {rPois Str+8} (You found it on
                  | level 23 of a ziggurat)
139439 | Zig:25   | Identified the ring "Hithroqy" {Str+3 Int+5 Dex+3} (You
                  | found it on level 23 of a ziggurat)
139441 | Zig:25   | Identified the ring "Xyef" {MR++ MP+9} (You found it on
                  | level 23 of a ziggurat)
139443 | Zig:25   | Identified the amulet of Moral Flaws {+Rage rC+} (You found
                  | it on level 23 of a ziggurat)
139445 | Zig:25   | Identified the ring "Hohojioh" {rPois Int+4} (You found it
                  | on level 24 of a ziggurat)
139447 | Zig:25   | Identified the ring "Imonebre" {+Inv +Fly Int-4 Dex+2
                  | Stlth+} (You found it on level 25 of a ziggurat)
139449 | Zig:25   | Identified the ring of Wadaheq {Int+3 Slay+5} (You found it
                  | on level 25 of a ziggurat)
139463 | Zig:26   | Entered Level 26 of a ziggurat
139865 | Zig:26   | Identified the Papyrus of Earthen Stolen Souls
139960 | Zig:26   | Got an ichor-stained ring mail
139971 | Zig:27   | Entered Level 27 of a ziggurat
139983 | Zig:27   | Reached skill level 27 in Poison Magic
140347 | Zig:27   | Found the +4 dagger "Morg" {pain, MR+ Int+5}
140350 | Zig:27   | Found the +10 dark maul {crush}
140363 | Zig:27   | Identified the Handbook of the Rocks
140383 | Zig:27   | Identified Vuung's Reference Book on Dislocation
140396 | Zig:27   | Identified the Collected Works on the Glacier and
                  | Dislocation
140403 | Zig:27   | Identified the Almanac of Aerial Enchantment
140473 | Zig:27   | Identified the cursed +0 ring mail of Impermeability
                  | {Str+6} (You found it on level 26 of a ziggurat)
140791 | Depths:4 | Learned a level 2 spell: Swiftness
140901 | Zig:1    | Entered Level 1 of a ziggurat
140902 | Zig:1    | Noticed Ascheu Nu Zewk the pandemonium lord
140907 | Zig:1    | Reached skill level 27 in Slings
140910 | Zig:1    | Killed Ascheu Nu Zewk the pandemonium lord
140961 | Zig:2    | Entered Level 2 of a ziggurat
140963 | Zig:2    | Reached skill level 27 in Translocations
141012 | Zig:3    | Entered Level 3 of a ziggurat
141086 | Zig:4    | Entered Level 4 of a ziggurat
141086 | Zig:4    | Noticed a shard shrike
141086 | Zig:4    | Noticed a shard shrike
141086 | Zig:4    | Noticed a shard shrike
141087 | Zig:4    | Noticed a shard shrike
141089 | Zig:4    | Found the +9 heavy crossbow "Sniper" {velocity, Acc+∞ SInv}
141092 | Zig:4    | Killed a shard shrike
141093 | Zig:4    | Killed a shard shrike
141093 | Zig:4    | Killed a shard shrike
141093 | Zig:4    | Killed a shard shrike
141195 | Zig:5    | Entered Level 5 of a ziggurat
141228 | Zig:5    | Got a glittering pewter ring
141323 | Zig:6    | Entered Level 6 of a ziggurat
141460 | Zig:6    | Got a bound bronze ring
141475 | Zig:7    | Entered Level 7 of a ziggurat
141475 | Zig:7    | Noticed a greater mummy
141475 | Zig:7    | Noticed a greater mummy
141475 | Zig:7    | Noticed a greater mummy
141477 | Zig:7    | Noticed a greater mummy
141481 | Zig:7    | Noticed a greater mummy
141482 | Zig:7    | Noticed a greater mummy
141487 | Zig:7    | Noticed a greater mummy
141488 | Zig:7    | Killed a greater mummy
141488 | Zig:7    | Killed a greater mummy
141489 | Zig:7    | Killed a greater mummy
141490 | Zig:7    | Killed a greater mummy
141490 | Zig:7    | Killed a greater mummy
141490 | Zig:7    | Killed a greater mummy
141496 | Zig:7    | Killed a greater mummy
141638 | Zig:8    | Entered Level 8 of a ziggurat
141644 | Zig:8    | Found the +10 large shield of Ignorance {rN+ Int-4}
141646 | Zig:8    | Found the +3 salamander hide armour {+Rage rF++}
141779 | Zig:8    | Got a bound pewter ring
141811 | Zig:8    | Identified Sif Muna's Reference Book on Ashen Translocation
141862 | Zig:9    | Entered Level 9 of a ziggurat
141867 | Zig:9    | Reached skill level 27 in Invocations
142048 | Zig:10   | Entered Level 10 of a ziggurat
142064 | Zig:10   | Found the +7 Kryia's mail coat {PotionHeal*2 rC+}
142280 | Zig:11   | Entered Level 11 of a ziggurat
142283 | Zig:11   | Noticed an ancient lich
142285 | Zig:11   | Noticed an ancient lich
142288 | Zig:11   | Killed an ancient lich
142288 | Zig:11   | Killed an ancient lich
142289 | Zig:11   | Noticed an ancient lich
142290 | Zig:11   | Noticed an ancient lich
142290 | Zig:11   | Noticed an ancient lich
142293 | Zig:11   | Killed an ancient lich
142293 | Zig:11   | Killed an ancient lich
142293 | Zig:11   | Killed an ancient lich
142373 | Zig:11   | Identified the Guide on Burning Curses
142375 | Zig:11   | Identified the Papyrus of the Traveller and Flight
142504 | Zig:11   | Got a distressingly furry leather armour
142508 | Zig:11   | Got a steaming ring mail
142515 | Zig:12   | Entered Level 12 of a ziggurat
142529 | Zig:12   | Noticed Ulank the pandemonium lord
142555 | Zig:12   | Killed Ulank the pandemonium lord
142579 | Zig:12   | Noticed an ancient lich
142581 | Zig:12   | Killed an ancient lich
142717 | Zig:12   | Identified the Compendium of Enthralling Combat Magic
142747 | Zig:13   | Entered Level 13 of a ziggurat
142750 | Zig:13   | Noticed a Killer Klown
142750 | Zig:13   | Noticed Oxitt the pandemonium lord
142750 | Zig:13   | Noticed Qonap the pandemonium lord
142750 | Zig:13   | Noticed Hulimigg the pandemonium lord
142750 | Zig:13   | Noticed Gigen the pandemonium lord
142750 | Zig:13   | Noticed Nelacs the pandemonium lord
142751 | Zig:13   | Noticed Naedigomn the pandemonium lord
142751 | Zig:13   | Noticed Lulakoaz the pandemonium lord
142751 | Zig:13   | Noticed Tyfutwit the pandemonium lord
142751 | Zig:13   | Noticed Sagguhu the pandemonium lord
142751 | Zig:13   | Noticed a Killer Klown
142751 | Zig:13   | Noticed a Killer Klown
142751 | Zig:13   | Noticed a Killer Klown
142751 | Zig:13   | Noticed a Killer Klown
142751 | Zig:13   | Noticed Vuank the pandemonium lord
142752 | Zig:13   | Noticed Jogaasixt the pandemonium lord
142752 | Zig:13   | Noticed Ysasif the pandemonium lord
142752 | Zig:13   | Noticed a Killer Klown
142752 | Zig:13   | Noticed Pyips the pandemonium lord
142753 | Zig:13   | Noticed Ylesm the pandemonium lord
142753 | Zig:13   | Noticed Ussoich the pandemonium lord
142754 | Zig:13   | Killed Lulakoaz the pandemonium lord
142754 | Zig:13   | Noticed Wailuw the pandemonium lord
142754 | Zig:13   | Killed Gigen the pandemonium lord
142755 | Zig:13   | Noticed a Killer Klown
142755 | Zig:13   | Killed Nelacs the pandemonium lord
142755 | Zig:13   | Noticed Ommoseaf the pandemonium lord
142756 | Zig:13   | Killed a Killer Klown
142756 | Zig:13   | Killed a Killer Klown
142756 | Zig:13   | Killed Jogaasixt the pandemonium lord
142756 | Zig:13   | Killed a Killer Klown
142756 | Zig:13   | Killed Oxitt the pandemonium lord
142756 | Zig:13   | Killed Pyips the pandemonium lord
142756 | Zig:13   | Killed Vuank the pandemonium lord
142756 | Zig:13   | Killed Hulimigg the pandemonium lord
142756 | Zig:13   | Killed Naedigomn the pandemonium lord
142756 | Zig:13   | Killed a Killer Klown
142756 | Zig:13   | Noticed Maupeam the pandemonium lord
142756 | Zig:13   | Noticed a Killer Klown
142757 | Zig:13   | Killed a Killer Klown
142757 | Zig:13   | Killed Sagguhu the pandemonium lord
142757 | Zig:13   | Killed a Killer Klown
142757 | Zig:13   | Killed Qonap the pandemonium lord
142757 | Zig:13   | Killed Ussoich the pandemonium lord
142757 | Zig:13   | Killed Ysasif the pandemonium lord
142757 | Zig:13   | Noticed Pananicw the pandemonium lord
142757 | Zig:13   | Noticed a Killer Klown
142758 | Zig:13   | Killed Wailuw the pandemonium lord
142758 | Zig:13   | Killed a Killer Klown
142758 | Zig:13   | Killed a Killer Klown
142758 | Zig:13   | Noticed a Killer Klown
142759 | Zig:13   | Noticed Pytum the pandemonium lord
142759 | Zig:13   | Noticed Jiylledi the pandemonium lord
142761 | Zig:13   | Noticed a Killer Klown
142761 | Zig:13   | Noticed Qiohejer the pandemonium lord
142761 | Zig:13   | Noticed Ighit the pandemonium lord
142762 | Zig:13   | Noticed a Killer Klown
142764 | Zig:13   | Noticed Wuomud the pandemonium lord
142765 | Zig:13   | Killed a Killer Klown
142766 | Zig:13   | Noticed Ilibeurgh the pandemonium lord
142766 | Zig:13   | Killed Ommoseaf the pandemonium lord
142766 | Zig:13   | Noticed a Killer Klown
142766 | Zig:13   | Noticed a Killer Klown
142767 | Zig:13   | Killed Ylesm the pandemonium lord
142767 | Zig:13   | Noticed Deyje the pandemonium lord
142767 | Zig:13   | Noticed Oresann the pandemonium lord
142769 | Zig:13   | Noticed a Killer Klown
142774 | Zig:13   | Killed Tyfutwit the pandemonium lord
142774 | Zig:13   | Noticed a Killer Klown
142775 | Zig:13   | Killed a Killer Klown
142775 | Zig:13   | Noticed Lyommuyd the pandemonium lord
142776 | Zig:13   | Killed a Killer Klown
142776 | Zig:13   | Killed a Killer Klown
142776 | Zig:13   | Killed Pananicw the pandemonium lord
142776 | Zig:13   | Killed a Killer Klown
142776 | Zig:13   | Killed a Killer Klown
142776 | Zig:13   | Killed Wuomud the pandemonium lord
142776 | Zig:13   | Killed Qiohejer the pandemonium lord
142776 | Zig:13   | Killed a Killer Klown
142783 | Zig:13   | Killed Pytum the pandemonium lord
142783 | Zig:13   | Noticed Unaoreux the pandemonium lord
142785 | Zig:13   | Killed a Killer Klown
142786 | Zig:13   | Killed Ighit the pandemonium lord
142787 | Zig:13   | Killed Ilibeurgh the pandemonium lord
142791 | Zig:13   | Killed Lyommuyd the pandemonium lord
142791 | Zig:13   | Killed Maupeam the pandemonium lord
142791 | Zig:13   | Killed Jiylledi the pandemonium lord
142815 | Zig:13   | Killed Deyje the pandemonium lord
142817 | Zig:13   | Killed Unaoreux the pandemonium lord
142819 | Zig:13   | Killed Oresann the pandemonium lord
142968 | Zig:13   | Identified Jeovod's Disquisition on Transmutation
143000 | Zig:14   | Entered Level 14 of a ziggurat
143347 | Zig:14   | Got a crude scale mail
143354 | Zig:14   | Got a dazzling scale mail
143366 | Zig:15   | Entered Level 15 of a ziggurat
143659 | Zig:15   | Identified the Papyrus of Transformation and Ignition
143688 | Zig:15   | Got a scorched scale mail
143692 | Zig:15   | Got a slimy robe
143698 | Zig:15   | Got an encrusted cloak
143706 | Zig:15   | Got an ichor-stained robe
143725 | Zig:15   | Identified the +1 leather armour of the Moneychanger
                  | {Str+2} (You found it on level 11 of a ziggurat)
143736 | Zig:15   | Identified the cursed +1 scale mail of Astilisim {rN+
                  | Regen+ Str+4 Slay-2} (You found it on level 14 of a
                  | ziggurat)
143748 | Zig:15   | Identified the cursed +1 robe "Zurys" {MR+ SInv} (You found
                  | it on level 15 of a ziggurat)
143760 | Zig:15   | Identified the cursed +0 robe of Trog's Benevolence {MR+}
                  | (You found it on level 15 of a ziggurat)
143772 | Zig:15   | Identified the +1 scale mail of Buul {rF+ Str+6 Int+7} (You
                  | found it on level 14 of a ziggurat)
143788 | Zig:15   | Identified the cursed +0 cloak of Contentment {rN++} (You
                  | found it on level 15 of a ziggurat)
143800 | Zig:15   | Identified the +1 scale mail "Jiew Niu" {rElec rF- Regen+
                  | rCorr} (You found it on level 15 of a ziggurat)
143811 | Zig:15   | Identified the cursed +1 ring mail of Pathos {rN+} (You
                  | found it on level 11 of a ziggurat)
143829 | Zig:15   | Identified the ring of Lady Luck {*Drain rElec rPois rN+
                  | MP+9} (You found it on level 5 of a ziggurat)
143831 | Zig:15   | Identified the ring "Nez Leyps" {Wiz +Fly rC++ Int+4} (You
                  | found it on level 6 of a ziggurat)
143835 | Zig:15   | Identified the ring of Ata Now {AC+4 Int+4} (You found it
                  | on level 8 of a ziggurat)
143846 | Zig:16   | Entered Level 16 of a ziggurat
144083 | Zig:16   | Got a crude lapis lazuli ring
144085 | Zig:16   | Got a scintillating iron ring
144090 | Zig:16   | Got a brightly glowing copper ring
144096 | Zig:16   | Got a twitching jade ring
144103 | Zig:16   | Identified the Collected Works on Burning Arcane Weapons
144120 | Zig:16   | Identified the Catalogue of Warped Ice
144174 | Zig:17   | Entered Level 17 of a ziggurat
144176 | Zig:17   | Noticed Welujug the pandemonium lord
144176 | Zig:17   | Noticed Zemn the pandemonium lord
144176 | Zig:17   | Noticed a Killer Klown
144176 | Zig:17   | Noticed a Killer Klown
144176 | Zig:17   | Noticed a Killer Klown
144177 | Zig:17   | Noticed Berid the pandemonium lord
144177 | Zig:17   | Noticed Suxon the pandemonium lord
144177 | Zig:17   | Noticed Ygoiziu the pandemonium lord
144177 | Zig:17   | Noticed a Killer Klown
144177 | Zig:17   | Noticed Anunuud the pandemonium lord
144178 | Zig:17   | Noticed Siesm the pandemonium lord
144178 | Zig:17   | Noticed Vevaowea the pandemonium lord
144178 | Zig:17   | Noticed a Killer Klown
144178 | Zig:17   | Noticed Ucaulloe the pandemonium lord
144180 | Zig:17   | Noticed Ekizuf the pandemonium lord
144181 | Zig:17   | Noticed a Killer Klown
144181 | Zig:17   | Noticed Kienahea the pandemonium lord
144182 | Zig:17   | Killed Ucaulloe the pandemonium lord
144182 | Zig:17   | Killed a Killer Klown
144182 | Zig:17   | Killed a Killer Klown
144182 | Zig:17   | Killed a Killer Klown
144182 | Zig:17   | Killed a Killer Klown
144182 | Zig:17   | Noticed Xobruag the pandemonium lord
144182 | Zig:17   | Noticed a Killer Klown
144183 | Zig:17   | Noticed Wuapn the pandemonium lord
144183 | Zig:17   | Killed Anunuud the pandemonium lord
144183 | Zig:17   | Killed a Killer Klown
144183 | Zig:17   | Killed a Killer Klown
144183 | Zig:17   | Killed a Killer Klown
144183 | Zig:17   | Killed Kienahea the pandemonium lord
144183 | Zig:17   | Noticed a Killer Klown
144183 | Zig:17   | Noticed a Killer Klown
144184 | Zig:17   | Killed Ygoiziu the pandemonium lord
144184 | Zig:17   | Noticed Ulunayng the pandemonium lord
144184 | Zig:17   | Noticed Liukiov the pandemonium lord
144184 | Zig:17   | Noticed Qafri the pandemonium lord
144184 | Zig:17   | Noticed a Killer Klown
144184 | Zig:17   | Noticed Cilotawk the pandemonium lord
144185 | Zig:17   | Killed Zemn the pandemonium lord
144185 | Zig:17   | Killed Welujug the pandemonium lord
144185 | Zig:17   | Killed a Killer Klown
144185 | Zig:17   | Killed a Killer Klown
144185 | Zig:17   | Noticed Homn the pandemonium lord
144185 | Zig:17   | Noticed a Killer Klown
144186 | Zig:17   | Noticed Yjehumur the pandemonium lord
144186 | Zig:17   | Noticed Gibuck the pandemonium lord
144187 | Zig:17   | Noticed Weafuil the pandemonium lord
144188 | Zig:17   | Noticed Pily the pandemonium lord
144189 | Zig:17   | Noticed a Killer Klown
144190 | Zig:17   | Killed Vevaowea the pandemonium lord
144190 | Zig:17   | Killed Suxon the pandemonium lord
144190 | Zig:17   | Noticed a Killer Klown
144190 | Zig:17   | Noticed Hiengesch the pandemonium lord
144190 | Zig:17   | Noticed Lumiwus the pandemonium lord
144191 | Zig:17   | Killed Siesm the pandemonium lord
144191 | Zig:17   | Killed Xobruag the pandemonium lord
144191 | Zig:17   | Killed Hiengesch the pandemonium lord
144191 | Zig:17   | Killed a Killer Klown
144191 | Zig:17   | Killed a Killer Klown
144191 | Zig:17   | Killed Weafuil the pandemonium lord
144191 | Zig:17   | Noticed a Killer Klown
144192 | Zig:17   | Noticed a Killer Klown
144193 | Zig:17   | Noticed a Killer Klown
144193 | Zig:17   | Noticed a Killer Klown
144193 | Zig:17   | Noticed a Killer Klown
144194 | Zig:17   | Noticed Uficitayrph the pandemonium lord
144194 | Zig:17   | Noticed a Killer Klown
144194 | Zig:17   | Noticed Siym the pandemonium lord
144194 | Zig:17   | Noticed Uvvuoher the pandemonium lord
144195 | Zig:17   | Killed Berid the pandemonium lord
144195 | Zig:17   | Killed Wuapn the pandemonium lord
144195 | Zig:17   | Killed a Killer Klown
144195 | Zig:17   | Killed Ulunayng the pandemonium lord
144195 | Zig:17   | Killed a Killer Klown
144195 | Zig:17   | Noticed Taabbum the pandemonium lord
144196 | Zig:17   | Killed Lumiwus the pandemonium lord
144196 | Zig:17   | Killed a Killer Klown
144196 | Zig:17   | Killed a Killer Klown
144196 | Zig:17   | Killed a Killer Klown
144196 | Zig:17   | Killed a Killer Klown
144196 | Zig:17   | Killed Qafri the pandemonium lord
144196 | Zig:17   | Noticed Jidun the pandemonium lord
144196 | Zig:17   | Noticed a Killer Klown
144197 | Zig:17   | Killed Ekizuf the pandemonium lord
144198 | Zig:17   | Noticed a Killer Klown
144198 | Zig:17   | Noticed Ekheabad the pandemonium lord
144198 | Zig:17   | Noticed a Killer Klown
144198 | Zig:17   | Noticed Qyssoesoa the pandemonium lord
144198 | Zig:17   | Killed Cilotawk the pandemonium lord
144198 | Zig:17   | Noticed a Killer Klown
144199 | Zig:17   | Noticed Buesedea the pandemonium lord
144199 | Zig:17   | Noticed Kyanoah the pandemonium lord
144201 | Zig:17   | Noticed Yronygix the pandemonium lord
144202 | Zig:17   | Killed Homn the pandemonium lord
144207 | Zig:17   | Killed Gibuck the pandemonium lord
144210 | Zig:17   | Killed Uficitayrph the pandemonium lord
144210 | Zig:17   | Killed Uvvuoher the pandemonium lord
144210 | Zig:17   | Noticed a Killer Klown
144214 | Zig:17   | Killed Siym the pandemonium lord
144216 | Zig:17   | Killed Yjehumur the pandemonium lord
144216 | Zig:17   | Killed a Killer Klown
144217 | Zig:17   | Killed Buesedea the pandemonium lord
144217 | Zig:17   | Killed a Killer Klown
144217 | Zig:17   | Killed Taabbum the pandemonium lord
144218 | Zig:17   | Killed a Killer Klown
144218 | Zig:17   | Killed Kyanoah the pandemonium lord
144218 | Zig:17   | Killed Yronygix the pandemonium lord
144218 | Zig:17   | Killed a Killer Klown
144218 | Zig:17   | Killed Liukiov the pandemonium lord
144219 | Zig:17   | Noticed Ryczuc the pandemonium lord
144219 | Zig:17   | Killed a Killer Klown
144223 | Zig:17   | Killed Pily the pandemonium lord
144224 | Zig:17   | Killed Jidun the pandemonium lord
144224 | Zig:17   | Killed Qyssoesoa the pandemonium lord
144227 | Zig:17   | Killed a Killer Klown
144234 | Zig:17   | Killed Ryczuc the pandemonium lord
144240 | Zig:17   | Killed Ekheabad the pandemonium lord
144264 | Zig:17   | Found the +12 Vampire's Tooth {vamp}
144437 | Zig:17   | Identified the Guide on Arcane Weapons
144445 | Zig:17   | Got a clouded bronze ring
144467 | Zig:17   | Got a fine leather armour
144476 | Zig:17   | Got a pair of shimmering gloves
144496 | Zig:18   | Entered Level 18 of a ziggurat
144736 | Zig:18   | Found the +8 frozen axe "Frostbite" {freezing cloud, *Noise
                  | +Fly rC+}
144736 | Zig:18   | Found the +8 lance "Wyrmbane" {slay drac, rPois rF+ rC+
                  | AC+3}
144857 | Zig:18   | Identified the Tome of Poison and the Oath
144870 | Zig:18   | Got a pair of dazzling boots
144900 | Zig:19   | Entered Level 19 of a ziggurat
145027 | Zig:19   | Found the +27 Lear's hauberk
145266 | Zig:19   | Identified the Handbook of Aerial Dark Arts
145292 | Zig:19   | Identified the +1 leather armour of Indemnity {Str+4 Int+3
                  | Dex-5} (You found it on level 17 of a ziggurat)
145308 | Zig:19   | Identified the -2 pair of gloves of Catatonia {MR+ Stlth+}
                  | (You found it on level 17 of a ziggurat)
145324 | Zig:19   | Identified the +0 pair of boots of the Alphagorgon {MP+9
                  | Str+2 Int-4} (You found it on level 18 of a ziggurat)
145345 | Zig:19   | Identified the ring of the Original Sin {rN+ Stlth+} (You
                  | found it on level 16 of a ziggurat)
145347 | Zig:19   | Identified the ring of Bogid Zulo {-Tele rElec MR+ Str+3
                  | Dex+5} (You found it on level 16 of a ziggurat)
145349 | Zig:19   | Identified the ring "Dioll" {MR+ Dex+3} (You found it on
                  | level 16 of a ziggurat)
145351 | Zig:19   | Identified the ring of Kuemm {rElec rPois MR- Int+4 Stlth-}
                  | (You found it on level 16 of a ziggurat)
145353 | Zig:19   | Identified the cursed ring "Dequg" {rC++ EV-2} (You found
                  | it on level 17 of a ziggurat)
145361 | Zig:19   | Got a pair of scorched gloves
145383 | Zig:19   | Identified the cursed +0 pair of gloves of Cloud Cover
                  | {Regen+ Str+4 Int+2 Dex-3} (You found it on level 19 of a
                  | ziggurat)
145402 | Zig:20   | Entered Level 20 of a ziggurat
145722 | Zig:20   | Identified the Papyrus of the Ego
145737 | Zig:20   | Got a distressingly furry scale mail
145744 | Zig:20   | Got a faintly glowing ring mail
145755 | Zig:21   | Entered Level 21 of a ziggurat
145758 | Zig:21   | Noticed Ottuania the pandemonium lord
145758 | Zig:21   | Noticed Ifrilolo the pandemonium lord
145759 | Zig:21   | Noticed a Killer Klown
145759 | Zig:21   | Noticed Unume the pandemonium lord
145759 | Zig:21   | Noticed a Killer Klown
145760 | Zig:21   | Noticed Vaiq the pandemonium lord
145760 | Zig:21   | Noticed Qinizu the pandemonium lord
145760 | Zig:21   | Noticed Purrer the pandemonium lord
145761 | Zig:21   | Noticed a Killer Klown
145761 | Zig:21   | Noticed a Killer Klown
145762 | Zig:21   | Noticed a Killer Klown
145762 | Zig:21   | Noticed Dofrem the pandemonium lord
145762 | Zig:21   | Noticed a Killer Klown
145762 | Zig:21   | Noticed Enaim the pandemonium lord
145763 | Zig:21   | Noticed Ezay the pandemonium lord
145763 | Zig:21   | Noticed Suropit the pandemonium lord
145763 | Zig:21   | Noticed Zuuwnoer the pandemonium lord
145763 | Zig:21   | Noticed Beomaych the pandemonium lord
145763 | Zig:21   | Noticed Avigrade the pandemonium lord
145763 | Zig:21   | Noticed Toryij the pandemonium lord
145763 | Zig:21   | Noticed a Killer Klown
145764 | Zig:21   | Noticed Wuoxkelu the pandemonium lord
145764 | Zig:21   | Noticed a Killer Klown
145765 | Zig:21   | Noticed Ciunueth the pandemonium lord
145765 | Zig:21   | Noticed Vyumis the pandemonium lord
145765 | Zig:21   | Noticed a Killer Klown
145766 | Zig:21   | Noticed a Killer Klown
145766 | Zig:21   | Noticed a Killer Klown
145766 | Zig:21   | Killed Unume the pandemonium lord
145766 | Zig:21   | Killed a Killer Klown
145766 | Zig:21   | Killed a Killer Klown
145766 | Zig:21   | Killed a Killer Klown
145766 | Zig:21   | Killed a Killer Klown
145766 | Zig:21   | Killed Dofrem the pandemonium lord
145766 | Zig:21   | Noticed Rontob the pandemonium lord
145766 | Zig:21   | Noticed Anluf the pandemonium lord
145766 | Zig:21   | Noticed Ruaczoku the pandemonium lord
145766 | Zig:21   | Noticed Ximawogu the pandemonium lord
145766 | Zig:21   | Noticed Anluqeum the pandemonium lord
145767 | Zig:21   | Killed a Killer Klown
145767 | Zig:21   | Noticed Jeuqyogana the pandemonium lord
145767 | Zig:21   | Noticed Uzxof the pandemonium lord
145768 | Zig:21   | Killed Ottuania the pandemonium lord
145768 | Zig:21   | Killed Purrer the pandemonium lord
145768 | Zig:21   | Killed a Killer Klown
145768 | Zig:21   | Killed Qinizu the pandemonium lord
145768 | Zig:21   | Noticed Lateb the pandemonium lord
145768 | Zig:21   | Noticed Nywnyff the pandemonium lord
145769 | Zig:21   | Noticed Ycio the pandemonium lord
145769 | Zig:21   | Killed a Killer Klown
145769 | Zig:21   | Killed a Killer Klown
145769 | Zig:21   | Killed Beomaych the pandemonium lord
145769 | Zig:21   | Killed Ifrilolo the pandemonium lord
145769 | Zig:21   | Killed Wuoxkelu the pandemonium lord
145769 | Zig:21   | Killed Vyumis the pandemonium lord
145769 | Zig:21   | Killed a Killer Klown
145769 | Zig:21   | Noticed Zegad the pandemonium lord
145769 | Zig:21   | Noticed a Killer Klown
145769 | Zig:21   | Noticed Datytilith the pandemonium lord
145770 | Zig:21   | Noticed a Killer Klown
145770 | Zig:21   | Noticed Tiheucadgh the pandemonium lord
145770 | Zig:21   | Noticed Picaoxer the pandemonium lord
145771 | Zig:21   | Killed Vaiq the pandemonium lord
145771 | Zig:21   | Killed Anluqeum the pandemonium lord
145771 | Zig:21   | Killed Ximawogu the pandemonium lord
145771 | Zig:21   | Killed Ezay the pandemonium lord
145771 | Zig:21   | Noticed Oduwaj the pandemonium lord
145772 | Zig:21   | Noticed Oloew the pandemonium lord
145772 | Zig:21   | Noticed Negisos the pandemonium lord
145773 | Zig:21   | Noticed Ydghub the pandemonium lord
145773 | Zig:21   | Noticed a Killer Klown
145774 | Zig:21   | Noticed Buwkox the pandemonium lord
145774 | Zig:21   | Noticed Nupew the pandemonium lord
145774 | Zig:21   | Noticed Jeuraa the pandemonium lord
145774 | Zig:21   | Noticed Visusips the pandemonium lord
145774 | Zig:21   | Noticed Zeynaeff the pandemonium lord
145775 | Zig:21   | Killed Enaim the pandemonium lord
145775 | Zig:21   | Noticed Edghub the pandemonium lord
145776 | Zig:21   | Noticed Pirch the pandemonium lord
145776 | Zig:21   | Noticed Sonion the pandemonium lord
145776 | Zig:21   | Killed Rontob the pandemonium lord
145776 | Zig:21   | Killed Uzxof the pandemonium lord
145778 | Zig:21   | Killed Ruaczoku the pandemonium lord
145778 | Zig:21   | Killed Picaoxer the pandemonium lord
145778 | Zig:21   | Noticed a Killer Klown
145779 | Zig:21   | Noticed Loerum the pandemonium lord
145780 | Zig:21   | Noticed Astyomi the pandemonium lord
145781 | Zig:21   | Killed a Killer Klown
145781 | Zig:21   | Killed a Killer Klown
145781 | Zig:21   | Killed Ycio the pandemonium lord
145782 | Zig:21   | Noticed Jiuthresh the pandemonium lord
145782 | Zig:21   | Noticed Usi Isub the pandemonium lord
145783 | Zig:21   | Noticed Edityd the pandemonium lord
145784 | Zig:21   | Noticed Kusmotal the pandemonium lord
145784 | Zig:21   | Killed Edghub the pandemonium lord
145784 | Zig:21   | Killed Ydghub the pandemonium lord
145786 | Zig:21   | Killed Zuuwnoer the pandemonium lord
145786 | Zig:21   | Killed a Killer Klown
145786 | Zig:21   | Killed Avigrade the pandemonium lord
145787 | Zig:21   | Killed Anluf the pandemonium lord
145787 | Zig:21   | Killed a Killer Klown
145787 | Zig:21   | Noticed Uchuneoj the pandemonium lord
145789 | Zig:21   | Noticed Guzoce the pandemonium lord
145792 | Zig:21   | Noticed Reigai Jeaty the pandemonium lord
145793 | Zig:21   | Noticed Huse Tio the pandemonium lord
145793 | Zig:21   | Killed Nupew the pandemonium lord
145793 | Zig:21   | Killed Negisos the pandemonium lord
145794 | Zig:21   | Killed Oduwaj the pandemonium lord
145794 | Zig:21   | Killed Zegad the pandemonium lord
145794 | Zig:21   | Killed Zeynaeff the pandemonium lord
145794 | Zig:21   | Noticed Inilydim the pandemonium lord
145795 | Zig:21   | Killed Astyomi the pandemonium lord
145795 | Zig:21   | Killed Datytilith the pandemonium lord
145795 | Zig:21   | Killed Jeuraa the pandemonium lord
145795 | Zig:21   | Killed Nywnyff the pandemonium lord
145795 | Zig:21   | Killed Lateb the pandemonium lord
145795 | Zig:21   | Killed Loerum the pandemonium lord
145795 | Zig:21   | Noticed Mieress the pandemonium lord
145795 | Zig:21   | Noticed a Killer Klown
145796 | Zig:21   | Noticed Attoek the pandemonium lord
145796 | Zig:21   | Killed Ciunueth the pandemonium lord
145796 | Zig:21   | Killed Kusmotal the pandemonium lord
145796 | Zig:21   | Killed Usi Isub the pandemonium lord
145796 | Zig:21   | Noticed Qeomex the pandemonium lord
145797 | Zig:21   | Killed Oloew the pandemonium lord
145797 | Zig:21   | Killed Buwkox the pandemonium lord
145797 | Zig:21   | Killed Jeuqyogana the pandemonium lord
145797 | Zig:21   | Killed Toryij the pandemonium lord
145797 | Zig:21   | Noticed Xuucuts the pandemonium lord
145798 | Zig:21   | Killed Visusips the pandemonium lord
145798 | Zig:21   | Noticed Alanging the pandemonium lord
145798 | Zig:21   | Noticed Keafum the pandemonium lord
145799 | Zig:21   | Killed Pirch the pandemonium lord
145799 | Zig:21   | Killed Edityd the pandemonium lord
145799 | Zig:21   | Killed a Killer Klown
145799 | Zig:21   | Killed Mieress the pandemonium lord
145799 | Zig:21   | Noticed Todif the pandemonium lord
145800 | Zig:21   | Killed Inilydim the pandemonium lord
145800 | Zig:21   | Killed Tiheucadgh the pandemonium lord
145800 | Zig:21   | Killed Qeomex the pandemonium lord
145800 | Zig:21   | Noticed Ileqamuf the pandemonium lord
145800 | Zig:21   | Noticed Wyxupt the pandemonium lord
145800 | Zig:21   | Noticed Xymuwn the pandemonium lord
145801 | Zig:21   | Killed Huse Tio the pandemonium lord
145802 | Zig:21   | Killed Attoek the pandemonium lord
145802 | Zig:21   | Killed Suropit the pandemonium lord
145802 | Zig:21   | Killed Guzoce the pandemonium lord
145803 | Zig:21   | Killed Sonion the pandemonium lord
145804 | Zig:21   | Killed Uchuneoj the pandemonium lord
145804 | Zig:21   | Noticed Ijeeti the pandemonium lord
145805 | Zig:21   | Killed Reigai Jeaty the pandemonium lord
145805 | Zig:21   | Noticed a Killer Klown
145806 | Zig:21   | Noticed a Killer Klown
145806 | Zig:21   | Noticed a Killer Klown
145806 | Zig:21   | Noticed a Killer Klown
145806 | Zig:21   | Noticed Vimuecum the pandemonium lord
145807 | Zig:21   | Killed Todif the pandemonium lord
145810 | Zig:21   | Noticed Punnyic the pandemonium lord
145814 | Zig:21   | Killed Alanging the pandemonium lord
145816 | Zig:21   | Killed a Killer Klown
145816 | Zig:21   | Killed Jiuthresh the pandemonium lord
145816 | Zig:21   | Killed Ileqamuf the pandemonium lord
145816 | Zig:21   | Killed Keafum the pandemonium lord
145816 | Zig:21   | Killed Xymuwn the pandemonium lord
145816 | Zig:21   | Killed Xuucuts the pandemonium lord
145817 | Zig:21   | Killed a Killer Klown
145817 | Zig:21   | Killed Ijeeti the pandemonium lord
145824 | Zig:21   | Killed Vimuecum the pandemonium lord
145824 | Zig:21   | Killed a Killer Klown
145825 | Zig:21   | Killed Punnyic the pandemonium lord
145825 | Zig:21   | Killed a Killer Klown
145825 | Zig:21   | Killed Wyxupt the pandemonium lord
146033 | Zig:21   | Found the +7 great mace "Undeadhunter" {disrupt, rN+}
146035 | Zig:21   | Found the +8 trident of the Octopus King {venom, rElec
                  | rPois MR+}
146039 | Zig:21   | Identified Nyarghatu's Compendium of Greatest Risks and
                  | Utility
146047 | Zig:21   | Got a slimy amber ring
146059 | Zig:21   | Got a translucent scale mail
146084 | Zig:22   | Entered Level 22 of a ziggurat
146090 | Zig:22   | Noticed an ancient lich
146091 | Zig:22   | Noticed an ancient lich
146092 | Zig:22   | Noticed an ancient lich
146094 | Zig:22   | Noticed an ancient lich
146095 | Zig:22   | Killed an ancient lich
146095 | Zig:22   | Killed an ancient lich
146095 | Zig:22   | Killed an ancient lich
146096 | Zig:22   | Noticed an ancient lich
146096 | Zig:22   | Noticed an ancient lich
146097 | Zig:22   | Noticed an ancient lich
146098 | Zig:22   | Noticed an ancient lich
146098 | Zig:22   | Noticed an ancient lich
146099 | Zig:22   | Killed an ancient lich
146099 | Zig:22   | Killed an ancient lich
146100 | Zig:22   | Noticed an ancient lich
146101 | Zig:22   | Noticed an ancient lich
146106 | Zig:22   | Noticed an ancient lich
146107 | Zig:22   | Killed an ancient lich
146107 | Zig:22   | Killed an ancient lich
146107 | Zig:22   | Killed an ancient lich
146107 | Zig:22   | Killed an ancient lich
146107 | Zig:22   | Killed an ancient lich
146107 | Zig:22   | Noticed an ancient lich
146111 | Zig:22   | Noticed an ancient lich
146111 | Zig:22   | Noticed an ancient lich
146114 | Zig:22   | Killed an ancient lich
146114 | Zig:22   | Killed an ancient lich
146114 | Zig:22   | Killed an ancient lich
146114 | Zig:22   | Killed an ancient lich
146119 | Zig:22   | Noticed an ancient lich
146122 | Zig:22   | Killed an ancient lich
146128 | Zig:22   | Killed an ancient lich
146246 | Zig:22   | Found the +7 longbow "Piercer" {penet, EV-2}
146250 | Zig:22   | Found the +8 storm bow {elec}
146344 | Zig:22   | Got a coiled bronze amulet
146349 | Zig:22   | Identified the ring of the Sunfish {rN+ Str-5 Dex+4 SInv}
                  | (You found it on level 21 of a ziggurat)
146351 | Zig:22   | Identified an amulet of Generosity {Spirit rPois MP+9
                  | Str+4} (You found it on level 22 of a ziggurat)
146363 | Zig:22   | Identified the +4 scale mail of Death Resistance {rPois
                  | Str+3} (You found it on level 20 of a ziggurat)
146373 | Zig:22   | Identified the +5 ring mail "Saonys" {rElec MR- Regen+
                  | Str+2} (You found it on level 20 of a ziggurat)
146384 | Zig:22   | Identified the +5 scale mail of the Ditch-Digger {rF+
                  | Str+3} (You found it on level 21 of a ziggurat)
146397 | Zig:22   | Got a clouded garnet amulet
146402 | Zig:22   | Identified Ficsemas's Reference Book on the Destructive
                  | Entourage
146413 | Zig:22   | Got a scintillating ruby amulet
146425 | Zig:22   | Identified the amulet of the Furies {Acrobat -Tele Str+2
                  | Int+2} (You found it on level 22 of a ziggurat)
146427 | Zig:22   | Identified the amulet "Meluif" {Reflect rC+ MP+9 Str-3
                  | Int+2 SH+2} (You found it on level 22 of a ziggurat)
146445 | Zig:22   | Got a steaming scale mail
146456 | Zig:22   | Identified the +5 scale mail of Time Monsters {rElec rPois}
                  | (You found it on level 22 of a ziggurat)
146467 | Zig:22   | Got a slimy crystal plate armour
146473 | Zig:22   | Identified the cursed +1 crystal plate armour of Bad
                  | Feelings {*Corrode rC+ MP+9} (You found it on level 22 of a
                  | ziggurat)
146498 | Zig:22   | Got a translucent ring mail
146509 | Zig:22   | Identified the cursed +1 ring mail of the Demon Prince
                  | {rPois rF- rN+} (You found it on level 22 of a ziggurat)
146532 | Zig:23   | Entered Level 23 of a ziggurat
146892 | Zig:23   | Identified the Handbook of Burning Stones
146894 | Zig:23   | Identified the Disquisition on Shifting Clay
146908 | Zig:23   | Got a jewelled chain mail
146919 | Zig:24   | Entered Level 24 of a ziggurat
146942 | Zig:24   | Noticed an ancient lich
146953 | Zig:24   | Killed an ancient lich
147347 | Zig:24   | Got a scintillating bronze ring
147349 | Zig:24   | Got a steaming bronze ring
147373 | Zig:24   | Identified the ring "Cyufoadeu" {*Tele Dex+5} (You found it
                  | on level 24 of a ziggurat)
147375 | Zig:24   | Identified the ring "Syeguen" {rElec Str+5} (You found it
                  | on level 24 of a ziggurat)
147384 | Zig:24   | Got a translucent garnet amulet
147404 | Zig:24   | Got a warped silver ring
147460 | Zig:24   | Identified the cursed +0 chain mail of Impressiveness {rF+}
                  | (You found it on level 23 of a ziggurat)
147474 | Zig:24   | Got a polished chain mail
147489 | Zig:24   | Identified the cursed +0 chain mail of a bazaar {rElec
                  | SInv} (You found it on level 24 of a ziggurat)
147497 | Zig:24   | Got a bronze scale mail
147503 | Zig:24   | Identified the cursed +0 scale mail "Qilujoen" {rElec
                  | Dex+4} (You found it on level 24 of a ziggurat)
147518 | Zig:25   | Entered Level 25 of a ziggurat
147871 | Zig:25   | Got a scintillating amber ring
147883 | Zig:25   | Identified the ring of Cheibriados's Scorn {Wiz rElec
                  | Str+2} (You found it on level 25 of a ziggurat)
147885 | Zig:25   | Identified the amulet "Ydedetar" {*Slow +Rage Str+4 Int+5}
                  | (You found it on level 24 of a ziggurat)
147887 | Zig:25   | Identified the ring "Pilazus" {rPois Int+4} (You found it
                  | on level 24 of a ziggurat)
147892 | Zig:25   | Identified the Catalogue of Noxious Battle Magic
147894 | Zig:25   | Identified Witchery, Part Five
147899 | Zig:25   | Identified the Handbook of Bewitching Shape Shifting
147903 | Zig:25   | Got a fine amethyst amulet
147930 | Zig:25   | Got a wavering copper amulet
147936 | Zig:25   | Identified the amulet of the Heavens {Gourm rN+ Int+4} (You
                  | found it on level 25 of a ziggurat)
147938 | Zig:25   | Identified the amulet "Fygenob" {+Rage rPois rF+ rN+ Int+2}
                  | (You found it on level 25 of a ziggurat)
147942 | Zig:25   | Got a blackened leather armour
147944 | Zig:25   | Got a pair of smoking boots
147955 | Zig:25   | Identified the cursed +1 leather armour of the Wumpus
                  | {-Cast rElec rN+ Int+6} (You found it on level 25 of a
                  | ziggurat)
147972 | Zig:25   | Identified the cursed +0 pair of boots "Zomenosa" {+Fly
                  | rElec Int+4 SInv} (You found it on level 25 of a ziggurat)
147983 | Zig:25   | Got an ichor-stained plate armour
147989 | Zig:25   | Identified the +7 plate armour "Japyelywij" {rC- rN++} (You
                  | found it on level 25 of a ziggurat)
148008 | Zig:26   | Entered Level 26 of a ziggurat
148012 | Zig:26   | Identified the cursed +0 large shield "Nemmaok" {Str+2}
148014 | Zig:26   | Identified the +4 large shield "Jajab Pel" {*Slow rPois
                  | rCorr Str+5}
148023 | Zig:26   | Identified the +9 large shield "Aggevyeg" {Str+3}
148032 | Zig:26   | Identified the +4 large shield of Intercession {Int+5}
148046 | Zig:26   | Identified the +7 large shield "Osior" {-Cast Int+8 Dex-3
                  | Stlth+}
148052 | Zig:26   | Identified the +0 large shield of the Immovable Stars
                  | {rElec rF- rN++}
148065 | Zig:26   | Identified the +2 buckler of Paranoia {Regen+ Str+4 Int+5
                  | Dex-2}
148080 | Zig:26   | Identified the +3 large shield of the Dropbear {Int+3 Dex-4
                  | Slay+3}
148096 | Zig:26   | Identified the +0 buckler of Greater Demons {Int+3}
148303 | Zig:26   | Got a glittering pewter ring
148304 | Zig:26   | Identified Sygru's Incunabulum of Shifting Enhancements
148308 | Zig:26   | Got a flickering brass amulet
148313 | Zig:26   | Found the +9 staff of Wucad Mu {channel}
148315 | Zig:26   | Got a faintly glowing pewter amulet
148330 | Zig:26   | Identified the ring "Tecun" {-Tele +Inv MR+++ EV+1 Slay-4}
                  | (You found it on level 26 of a ziggurat)
148332 | Zig:26   | Identified the amulet of Benevolence {Gourm Str+5 Int+4}
                  | (You found it on level 26 of a ziggurat)
148334 | Zig:26   | Identified the amulet of Xom's Whimsicality {Gourm *Slow
                  | Str+5 Stlth+} (You found it on level 26 of a ziggurat)
148342 | Zig:26   | Got a steaming jade ring
148343 | Zig:26   | Identified the ring of Iliur Oli {*Tele MR+} (You found it
                  | on level 26 of a ziggurat)
148347 | Zig:26   | Identified the Incunabulum of Dislocation and Intoxication
148350 | Zig:26   | Identified Jisad's Catalogue of Attacks
148358 | Zig:26   | Got a polished scale mail
148369 | Zig:26   | Identified the +2 scale mail of Dogma {rPois Regen+ Str-4
                  | Dex+10} (You found it on level 26 of a ziggurat)
148372 | Zig:26   | Got a spiked scale mail
148383 | Zig:26   | Identified the cursed +1 scale mail of Nobility {rElec
                  | rPois Str+2} (You found it on level 26 of a ziggurat)
148544 | Zig:27   | Entered Level 27 of a ziggurat
148827 | Zig:27   | Found the +3 warlock's mirror {reflect}
148830 | Zig:27   | Found the +3 giant club "Skullcrusher" {speed, Str+7}
148835 | Zig:27   | Got a faintly glowing silver ring
148838 | Zig:27   | Got a warped jade ring
148845 | Zig:27   | Identified the Incunabulum of Sinister Rites
148847 | Zig:27   | Identified the Disquisition on the Ghastly Birds
148851 | Zig:27   | Got an ancient turquoise ring
148878 | Zig:27   | Identified the Volume of Venomous Changing
148892 | Zig:27   | Identified the cursed ring of Cogyil {MR++ Slay-4} (You
                  | found it on level 27 of a ziggurat)
148894 | Zig:27   | Identified the ring "Tuamawim" {+Fly rF+ Dex+4} (You found
                  | it on level 27 of a ziggurat)
148896 | Zig:27   | Identified the ring "Narhit" {rN+ MR+ Str+2} (You found it
                  | on level 27 of a ziggurat)
148903 | Zig:27   | Got a pitted plate armour
148914 | Zig:27   | Identified the cursed +1 plate armour of Elitism {rF- rC+
                  | MR++ Stlth+} (You found it on level 27 of a ziggurat)
149343 | Depths:4 | Got a bloodstained cloak
149343 | Depths:4 | Got an ichor-stained large shield
149343 | Depths:4 | Got a pair of bloodstained gloves
149344 | Depths:4 | Got a pair of brightly glowing boots
149344 | Depths:4 | Got a pair of spiked boots
149345 | Depths:4 | Got a transparent cloak
149359 | Depths:4 | Identified the +1 cloak of the Earth {rElec rF+ Dex-4} (You
                  | acquired it on level 4 of the Depths)
149369 | Depths:4 | Identified the +7 large shield of Freedom {Int+6} (You
                  | acquired it on level 4 of the Depths)
149379 | Depths:4 | Identified the +0 pair of gloves "Sacw" {MR- Regen+ Int+4}
                  | (You acquired it on level 4 of the Depths)
149390 | Depths:4 | Identified the +0 pair of boots of Polish {rF+} (You
                  | acquired it on level 4 of the Depths)
149400 | Depths:4 | Identified the +0 pair of boots of the King {MR+ Dex+4}
                  | (You acquired it on level 4 of the Depths)
149410 | Depths:4 | Identified the +0 cloak "Ymaehul" {Int+2 Dex+4} (You
                  | acquired it on level 4 of the Depths)
149529 | Zig:1    | Entered Level 1 of a ziggurat
149601 | Zig:2    | Entered Level 2 of a ziggurat
149658 | Zig:3    | Entered Level 3 of a ziggurat
149762 | Zig:4    | Entered Level 4 of a ziggurat
149878 | Zig:5    | Entered Level 5 of a ziggurat
149880 | Zig:5    | Noticed an ancient lich
149882 | Zig:5    | Noticed an ancient lich
149882 | Zig:5    | Noticed an ancient lich
149882 | Zig:5    | Noticed an ancient lich
149884 | Zig:5    | Killed an ancient lich
149885 | Zig:5    | Killed an ancient lich
149885 | Zig:5    | Killed an ancient lich
149885 | Zig:5    | Noticed an ancient lich
149886 | Zig:5    | Killed an ancient lich
149887 | Zig:5    | Killed an ancient lich
150011 | Zig:6    | Entered Level 6 of a ziggurat
150182 | Zig:7    | Entered Level 7 of a ziggurat
150182 | Zig:7    | Noticed an ancient lich
150183 | Zig:7    | Noticed an ancient lich
150183 | Zig:7    | Noticed an ancient lich
150184 | Zig:7    | Noticed an ancient lich
150191 | Zig:7    | Killed an ancient lich
150193 | Zig:7    | Killed an ancient lich
150194 | Zig:7    | Killed an ancient lich
150195 | Zig:7    | Killed an ancient lich
150339 | Zig:7    | Got a brightly glowing granite ring
150351 | Zig:8    | Entered Level 8 of a ziggurat
150353 | Zig:8    | Noticed Nyzoz the pandemonium lord
150354 | Zig:8    | Noticed a Killer Klown
150354 | Zig:8    | Noticed a Killer Klown
150354 | Zig:8    | Noticed a Killer Klown
150354 | Zig:8    | Noticed Ewih the pandemonium lord
150354 | Zig:8    | Noticed Ugin the pandemonium lord
150354 | Zig:8    | Noticed Retenall the pandemonium lord
150355 | Zig:8    | Noticed a Killer Klown
150355 | Zig:8    | Noticed a Killer Klown
150355 | Zig:8    | Noticed Ubesycoka the pandemonium lord
150356 | Zig:8    | Noticed Zeyr the pandemonium lord
150357 | Zig:8    | Noticed Zaipp the pandemonium lord
150357 | Zig:8    | Killed a Killer Klown
150357 | Zig:8    | Killed a Killer Klown
150357 | Zig:8    | Killed a Killer Klown
150357 | Zig:8    | Killed a Killer Klown
150358 | Zig:8    | Killed a Killer Klown
150358 | Zig:8    | Killed Retenall the pandemonium lord
150358 | Zig:8    | Noticed Peamil the pandemonium lord
150359 | Zig:8    | Noticed Nemn the pandemonium lord
150359 | Zig:8    | Noticed Fest the pandemonium lord
150359 | Zig:8    | Noticed Tuvuezac the pandemonium lord
150359 | Zig:8    | Noticed a Killer Klown
150360 | Zig:8    | Noticed a Killer Klown
150361 | Zig:8    | Killed Ugin the pandemonium lord
150361 | Zig:8    | Noticed a Killer Klown
150361 | Zig:8    | Noticed a Killer Klown
150361 | Zig:8    | Noticed Esorph the pandemonium lord
150362 | Zig:8    | Killed Zeyr the pandemonium lord
150362 | Zig:8    | Killed a Killer Klown
150362 | Zig:8    | Killed a Killer Klown
150362 | Zig:8    | Killed Tuvuezac the pandemonium lord
150362 | Zig:8    | Killed Peamil the pandemonium lord
150363 | Zig:8    | Killed Nyzoz the pandemonium lord
150363 | Zig:8    | Killed Nemn the pandemonium lord
150363 | Zig:8    | Killed Ewih the pandemonium lord
150364 | Zig:8    | Noticed Hasu the pandemonium lord
150366 | Zig:8    | Noticed Wafa the pandemonium lord
150366 | Zig:8    | Killed a Killer Klown
150366 | Zig:8    | Killed a Killer Klown
150366 | Zig:8    | Killed Esorph the pandemonium lord
150368 | Zig:8    | Noticed Pellitt the pandemonium lord
150371 | Zig:8    | Killed Fest the pandemonium lord
150371 | Zig:8    | Killed Pellitt the pandemonium lord
150375 | Zig:8    | Killed Wafa the pandemonium lord
150376 | Zig:8    | Killed Ubesycoka the pandemonium lord
150377 | Zig:8    | Killed Zaipp the pandemonium lord
150383 | Zig:8    | Killed Hasu the pandemonium lord
150540 | Zig:9    | Entered Level 9 of a ziggurat
150589 | Zig:9    | Found the +3 sling "Punk" {acid, rCorr}
150723 | Zig:9    | Identified the Guide on the Frostbite
150728 | Zig:9    | Identified Theurgy, Part One
150741 | Zig:10   | Entered Level 10 of a ziggurat
150877 | Zig:10   | Identified Weoli Ece's Collected Works on the Flying
                  | Mountains
150956 | Zig:10   | Got a shimmering amber ring
150960 | Zig:10   | Got a brightly glowing silver ring
150963 | Zig:10   | Identified the Catalogue of the Supportive Snowflakes
150978 | Zig:10   | Got a scintillating lead ring
151000 | Zig:11   | Entered Level 11 of a ziggurat
151170 | Zig:11   | Got a scintillating bone ring
151173 | Zig:11   | Got a pair of transparent boots
151179 | Zig:11   | Got an obsidian-encrusted plate armour
151185 | Zig:12   | Entered Level 12 of a ziggurat
151351 | Zig:12   | Identified the Incunabulum of Torrid Transformation
151369 | Zig:12   | Identified the Incunabulum of Flight
151410 | Zig:12   | Got a pair of faintly glowing gloves
151419 | Zig:13   | Entered Level 13 of a ziggurat
151733 | Zig:13   | Got a slimy marble ring
151739 | Zig:13   | Got a faintly glowing lead ring
151768 | Zig:13   | Got an ancient plate armour
151783 | Zig:13   | Identified the +2 pair of boots of Ureidoc {SInv Stlth+}
                  | (You found it on level 11 of a ziggurat)
151799 | Zig:13   | Identified the +0 pair of gloves of the Guild-Master {+Fly
                  | rF+ rC+ Int+3} (You found it on level 12 of a ziggurat)
151815 | Zig:13   | Identified the cursed +1 plate armour of Past Mistakes
                  | {MR+} (You found it on level 11 of a ziggurat)
151827 | Zig:13   | Identified the cursed +1 plate armour of the Yeti {rElec
                  | MP+9 Stlth+} (You found it on level 13 of a ziggurat)
151854 | Zig:13   | Identified the ring of Jett {rF+++ rN+ Str+3 Int+4 Dex+4}
                  | (You found it on level 7 of a ziggurat)
151855 | Zig:13   | Identified the ring "Esizi" {+Fly Str+3} (You found it on
                  | level 10 of a ziggurat)
151857 | Zig:13   | Identified the ring "Jantuthe" {*Tele +Inv rC+ MP+9 Str-4}
                  | (You found it on level 10 of a ziggurat)
151859 | Zig:13   | Identified the ring of Division {rPois MR- Int+2 SInv} (You
                  | found it on level 10 of a ziggurat)
151861 | Zig:13   | Identified the ring "Deicalag" {+Blink rElec rPois rC+
                  | Int-3} (You found it on level 11 of a ziggurat)
151863 | Zig:13   | Identified the ring of the Curious Seas {*Slow rF+ MR++
                  | Int+2} (You found it on level 13 of a ziggurat)
151865 | Zig:13   | Identified the ring of Tonoul {rN+ Str+2 Dex+2} (You found
                  | it on level 13 of a ziggurat)
151893 | Zig:14   | Entered Level 14 of a ziggurat
151898 | Zig:14   | Noticed Bonelug the pandemonium lord
151898 | Zig:14   | Noticed Doisefit the pandemonium lord
151899 | Zig:14   | Noticed Izxigyis the pandemonium lord
151900 | Zig:14   | Noticed Qauvej Fonoh the pandemonium lord
151900 | Zig:14   | Noticed Cogroer the pandemonium lord
151900 | Zig:14   | Noticed Maeviz the pandemonium lord
151900 | Zig:14   | Noticed Dufallen the pandemonium lord
151900 | Zig:14   | Noticed a Killer Klown
151901 | Zig:14   | Noticed a Killer Klown
151904 | Zig:14   | Noticed Ucun Era the pandemonium lord
151905 | Zig:14   | Killed a Killer Klown
151905 | Zig:14   | Killed Doisefit the pandemonium lord
151906 | Zig:14   | Killed Izxigyis the pandemonium lord
151906 | Zig:14   | Killed Maeviz the pandemonium lord
151906 | Zig:14   | Killed Dufallen the pandemonium lord
151906 | Zig:14   | Killed a Killer Klown
151906 | Zig:14   | Noticed Wubb the pandemonium lord
151906 | Zig:14   | Noticed Jeg Etul the pandemonium lord
151907 | Zig:14   | Killed Bonelug the pandemonium lord
151907 | Zig:14   | Killed Ucun Era the pandemonium lord
151907 | Zig:14   | Noticed Tik Cihu the pandemonium lord
151908 | Zig:14   | Killed Cogroer the pandemonium lord
151908 | Zig:14   | Noticed Wanwaazu the pandemonium lord
151908 | Zig:14   | Noticed a Killer Klown
151908 | Zig:14   | Noticed Xechinti the pandemonium lord
151909 | Zig:14   | Noticed Coutixte the pandemonium lord
151909 | Zig:14   | Noticed Keeheaf the pandemonium lord
151909 | Zig:14   | Noticed Pempyn the pandemonium lord
151910 | Zig:14   | Noticed a Killer Klown
151910 | Zig:14   | Noticed Ustoamap the pandemonium lord
151910 | Zig:14   | Noticed a Killer Klown
151911 | Zig:14   | Killed Qauvej Fonoh the pandemonium lord
151911 | Zig:14   | Noticed a Killer Klown
151911 | Zig:14   | Noticed Osahoff the pandemonium lord
151912 | Zig:14   | Noticed Othacuh the pandemonium lord
151912 | Zig:14   | Noticed Ugymijist the pandemonium lord
151912 | Zig:14   | Noticed Tiot Roj the pandemonium lord
151913 | Zig:14   | Killed a Killer Klown
151913 | Zig:14   | Killed Keeheaf the pandemonium lord
151914 | Zig:14   | Killed a Killer Klown
151914 | Zig:14   | Killed a Killer Klown
151914 | Zig:14   | Killed Wanwaazu the pandemonium lord
151914 | Zig:14   | Killed a Killer Klown
151914 | Zig:14   | Killed Coutixte the pandemonium lord
151914 | Zig:14   | Killed Xechinti the pandemonium lord
151914 | Zig:14   | Killed Tik Cihu the pandemonium lord
151914 | Zig:14   | Noticed Kod Zeov the pandemonium lord
151914 | Zig:14   | Noticed Horphyuva the pandemonium lord
151915 | Zig:14   | Noticed Gegul the pandemonium lord
151915 | Zig:14   | Killed Jeg Etul the pandemonium lord
151915 | Zig:14   | Noticed Ycsuck the pandemonium lord
151915 | Zig:14   | Noticed Moarghy the pandemonium lord
151916 | Zig:14   | Noticed Nacrigur the pandemonium lord
151916 | Zig:14   | Killed Wubb the pandemonium lord
151916 | Zig:14   | Killed Osahoff the pandemonium lord
151916 | Zig:14   | Noticed Leorphei the pandemonium lord
151916 | Zig:14   | Noticed Batujale the pandemonium lord
151916 | Zig:14   | Noticed a Killer Klown
151917 | Zig:14   | Killed Pempyn the pandemonium lord
151917 | Zig:14   | Noticed Reoref the pandemonium lord
151917 | Zig:14   | Noticed Peenoul the pandemonium lord
151918 | Zig:14   | Noticed Xoirex the pandemonium lord
151918 | Zig:14   | Killed a Killer Klown
151918 | Zig:14   | Killed Nacrigur the pandemonium lord
151918 | Zig:14   | Noticed Burcho the pandemonium lord
151918 | Zig:14   | Noticed a Killer Klown
151919 | Zig:14   | Killed Ugymijist the pandemonium lord
151919 | Zig:14   | Killed Gegul the pandemonium lord
151919 | Zig:14   | Noticed a Killer Klown
151920 | Zig:14   | Noticed a Killer Klown
151921 | Zig:14   | Noticed Ysatas the pandemonium lord
151922 | Zig:14   | Killed Horphyuva the pandemonium lord
151922 | Zig:14   | Noticed Plog the pandemonium lord
151923 | Zig:14   | Noticed Plog the pandemonium lord
151923 | Zig:14   | Killed a Killer Klown
151923 | Zig:14   | Killed a Killer Klown
151923 | Zig:14   | Killed a Killer Klown
151923 | Zig:14   | Killed Peenoul the pandemonium lord
151923 | Zig:14   | Noticed Xoarooc the pandemonium lord
151923 | Zig:14   | Noticed Ubbot the pandemonium lord
151924 | Zig:14   | Noticed Esuan the pandemonium lord
151924 | Zig:14   | Killed Tiot Roj the pandemonium lord
151924 | Zig:14   | Killed Moarghy the pandemonium lord
151924 | Zig:14   | Noticed a Killer Klown
151925 | Zig:14   | Killed Othacuh the pandemonium lord
151925 | Zig:14   | Killed Kod Zeov the pandemonium lord
151925 | Zig:14   | Killed Burcho the pandemonium lord
151925 | Zig:14   | Killed Batujale the pandemonium lord
151925 | Zig:14   | Killed a Killer Klown
151925 | Zig:14   | Noticed a Killer Klown
151926 | Zig:14   | Killed Plog the pandemonium lord
151926 | Zig:14   | Killed Pigy the pandemonium lord
151926 | Zig:14   | Killed Leorphei the pandemonium lord
151926 | Zig:14   | Killed a Killer Klown
151926 | Zig:14   | Killed Ysatas the pandemonium lord
151926 | Zig:14   | Noticed Begiuf the pandemonium lord
151927 | Zig:14   | Killed Plog the pandemonium lord
151927 | Zig:14   | Killed Ycsuck the pandemonium lord
151927 | Zig:14   | Noticed Piruowataff the pandemonium lord
151929 | Zig:14   | Noticed Waposub the pandemonium lord
151930 | Zig:14   | Killed Ustoamap the pandemonium lord
151930 | Zig:14   | Killed Reoref the pandemonium lord
151933 | Zig:14   | Killed Xoirex the pandemonium lord
151933 | Zig:14   | Killed Xoarooc the pandemonium lord
151934 | Zig:14   | Killed Ubbot the pandemonium lord
151935 | Zig:14   | Killed Piruowataff the pandemonium lord
151935 | Zig:14   | Killed Begiuf the pandemonium lord
151938 | Zig:14   | Killed Waposub the pandemonium lord
151942 | Zig:14   | Killed Esuan the pandemonium lord
152129 | Zig:15   | Entered Level 15 of a ziggurat
152131 | Zig:15   | Noticed a juggernaut
152133 | Zig:15   | Noticed a juggernaut
152134 | Zig:15   | Noticed a juggernaut
152136 | Zig:15   | Noticed a juggernaut
152137 | Zig:15   | Killed a juggernaut
152137 | Zig:15   | Noticed a juggernaut
152137 | Zig:15   | Noticed a juggernaut
152138 | Zig:15   | Noticed a juggernaut
152138 | Zig:15   | Noticed a juggernaut
152138 | Zig:15   | Killed a juggernaut
152138 | Zig:15   | Killed a juggernaut
152138 | Zig:15   | Noticed a juggernaut
152138 | Zig:15   | Noticed a juggernaut
152140 | Zig:15   | Noticed a juggernaut
152140 | Zig:15   | Noticed a juggernaut
152141 | Zig:15   | Killed a juggernaut
152141 | Zig:15   | Killed a juggernaut
152141 | Zig:15   | Killed a juggernaut
152142 | Zig:15   | Noticed a juggernaut
152143 | Zig:15   | Noticed a juggernaut
152143 | Zig:15   | Noticed a juggernaut
152144 | Zig:15   | Noticed a juggernaut
152144 | Zig:15   | Noticed a juggernaut
152145 | Zig:15   | Killed a juggernaut
152145 | Zig:15   | Killed a juggernaut
152146 | Zig:15   | Killed a juggernaut
152148 | Zig:15   | Killed a juggernaut
152148 | Zig:15   | Killed a juggernaut
152148 | Zig:15   | Killed a juggernaut
152148 | Zig:15   | Killed a juggernaut
152148 | Zig:15   | Killed a juggernaut
152148 | Zig:15   | Killed a juggernaut
152149 | Zig:15   | Killed a juggernaut
152154 | Zig:15   | Killed a juggernaut
152318 | Zig:15   | Got a smoking lead ring
152534 | Zig:15   | Identified the Compendium of Ashen Transmutation
152559 | Zig:15   | Got a smelly plate armour
152563 | Zig:15   | Got an encrusted scale mail
152579 | Zig:16   | Entered Level 16 of a ziggurat
152585 | Zig:16   | Noticed a shard shrike
152585 | Zig:16   | Noticed a shard shrike
152586 | Zig:16   | Noticed a shard shrike
152586 | Zig:16   | Noticed a shard shrike
152587 | Zig:16   | Noticed a shard shrike
152588 | Zig:16   | Killed a shard shrike
152588 | Zig:16   | Killed a shard shrike
152588 | Zig:16   | Killed a shard shrike
152590 | Zig:16   | Killed a shard shrike
152590 | Zig:16   | Noticed a shard shrike
152590 | Zig:16   | Noticed a shard shrike
152592 | Zig:16   | Noticed a shard shrike
152594 | Zig:16   | Killed a shard shrike
152594 | Zig:16   | Killed a shard shrike
152594 | Zig:16   | Killed a shard shrike
152594 | Zig:16   | Killed a shard shrike
152596 | Zig:16   | Noticed a shard shrike
152602 | Zig:16   | Killed a shard shrike
152603 | Zig:16   | Noticed a shard shrike
152609 | Zig:16   | Noticed a shard shrike
152612 | Zig:16   | Killed a shard shrike
152612 | Zig:16   | Noticed a shard shrike
152616 | Zig:16   | Killed a shard shrike
152619 | Zig:16   | Noticed a shard shrike
152621 | Zig:16   | Noticed a shard shrike
152622 | Zig:16   | Killed a shard shrike
152630 | Zig:16   | Killed a shard shrike
152634 | Zig:16   | Killed a shard shrike
152785 | Zig:16   | Identified The Second Course in Witchery
152788 | Zig:16   | Got a clouded silver ring
152794 | Zig:16   | Got a wavering golden ring
152796 | Zig:16   | Got a coiled steel amulet
152797 | Zig:16   | Identified the Guide on the Cloudy Snowflakes
152858 | Zig:16   | Got a faintly humming plate armour
152875 | Zig:16   | Identified the +15 plate armour of Starshine {rPois MR+}
                  | (You found it on level 15 of a ziggurat)
152959 | Zig:16   | Identified the +2 scale mail "Befirghe" {*Slow rF++ rCorr
                  | Str+2} (You found it on level 15 of a ziggurat)
152969 | Zig:16   | Identified the cursed +0 plate armour "Daolut" {+Fly rC-
                  | Regen+ Int+4} (You found it on level 16 of a ziggurat)
152982 | Zig:16   | Identified the ring of the Death Scarab {rN+ Stlth+} (You
                  | found it on level 15 of a ziggurat)
152984 | Zig:16   | Identified the ring "Oses" {MP+9 Dex+6} (You found it on
                  | level 16 of a ziggurat)
152986 | Zig:16   | Identified the ring "Ixtacos" {rCorr rPois} (You found it
                  | on level 16 of a ziggurat)
152988 | Zig:16   | Identified the amulet of Fatigue {Acrobat rElec Dex+3} (You
                  | found it on level 16 of a ziggurat)
152994 | Zig:17   | Entered Level 17 of a ziggurat
153017 | Zig:17   | Noticed Ycojiumuof the pandemonium lord
153048 | Zig:17   | Killed Ycojiumuof the pandemonium lord
153241 | Zig:17   | Got a crude wooden ring
153291 | Zig:18   | Entered Level 18 of a ziggurat
153292 | Zig:18   | Noticed a greater mummy
153293 | Zig:18   | Noticed a greater mummy
153294 | Zig:18   | Noticed a greater mummy
153295 | Zig:18   | Noticed a greater mummy
153295 | Zig:18   | Noticed a greater mummy
153298 | Zig:18   | Noticed a greater mummy
153298 | Zig:18   | Noticed a greater mummy
153298 | Zig:18   | Noticed a greater mummy
153299 | Zig:18   | Killed a greater mummy
153299 | Zig:18   | Killed a greater mummy
153300 | Zig:18   | Killed a greater mummy
153300 | Zig:18   | Killed a greater mummy
153300 | Zig:18   | Killed a greater mummy
153300 | Zig:18   | Killed a greater mummy
153300 | Zig:18   | Noticed a greater mummy
153301 | Zig:18   | Killed a greater mummy
153301 | Zig:18   | Noticed a greater mummy
153302 | Zig:18   | Killed a greater mummy
153302 | Zig:18   | Noticed a greater mummy
153302 | Zig:18   | Noticed a greater mummy
153303 | Zig:18   | Noticed a greater mummy
153304 | Zig:18   | Noticed a greater mummy
153308 | Zig:18   | Killed a greater mummy
153308 | Zig:18   | Noticed a greater mummy
153308 | Zig:18   | Noticed a greater mummy
153310 | Zig:18   | Killed a greater mummy
153312 | Zig:18   | Killed a greater mummy
153312 | Zig:18   | Killed a greater mummy
153312 | Zig:18   | Killed a greater mummy
153312 | Zig:18   | Killed a greater mummy
153312 | Zig:18   | Noticed a greater mummy
153312 | Zig:18   | Noticed a greater mummy
153313 | Zig:18   | Killed a greater mummy
153313 | Zig:18   | Killed a greater mummy
153313 | Zig:18   | Noticed a greater mummy
153315 | Zig:18   | Killed a greater mummy
153316 | Zig:18   | Killed a greater mummy
153316 | Zig:18   | Killed a greater mummy
153320 | Zig:18   | Noticed an ancient lich
153326 | Zig:18   | Killed an ancient lich
153326 | Zig:18   | Noticed a greater mummy
153326 | Zig:18   | Noticed a greater mummy
153329 | Zig:18   | Noticed a greater mummy
153332 | Zig:18   | Killed a greater mummy
153332 | Zig:18   | Killed a greater mummy
153332 | Zig:18   | Noticed a greater mummy
153333 | Zig:18   | Killed a greater mummy
153334 | Zig:18   | Noticed an ancient lich
153334 | Zig:18   | Killed a greater mummy
153334 | Zig:18   | Noticed a greater mummy
153337 | Zig:18   | Killed an ancient lich
153337 | Zig:18   | Killed a greater mummy
153339 | Zig:18   | Noticed a greater mummy
153349 | Zig:18   | Noticed a greater mummy
153350 | Zig:18   | Killed a greater mummy
153351 | Zig:18   | Noticed a greater mummy
153355 | Zig:18   | Killed a greater mummy
153355 | Zig:18   | Noticed a greater mummy
153357 | Zig:18   | Killed a greater mummy
153361 | Zig:18   | Killed a greater mummy
153572 | Zig:18   | Identified Sif Muna's Collected Works on Conjuration
153584 | Zig:18   | Identified the Grimoire of the Owl
153621 | Zig:19   | Entered Level 19 of a ziggurat
153627 | Zig:19   | Noticed an ancient lich
153628 | Zig:19   | Noticed an ancient lich
153630 | Zig:19   | Killed an ancient lich
153630 | Zig:19   | Killed an ancient lich
153632 | Zig:19   | Noticed an ancient lich
153632 | Zig:19   | Noticed an ancient lich
153634 | Zig:19   | Noticed an ancient lich
153636 | Zig:19   | Killed an ancient lich
153636 | Zig:19   | Noticed an ancient lich
153637 | Zig:19   | Noticed an ancient lich
153637 | Zig:19   | Noticed an ancient lich
153637 | Zig:19   | Killed an ancient lich
153638 | Zig:19   | Killed an ancient lich
153639 | Zig:19   | Killed an ancient lich
153639 | Zig:19   | Killed an ancient lich
153640 | Zig:19   | Noticed an ancient lich
153641 | Zig:19   | Killed an ancient lich
153642 | Zig:19   | Noticed an ancient lich
153643 | Zig:19   | Noticed an ancient lich
153644 | Zig:19   | Noticed an ancient lich
153644 | Zig:19   | Killed an ancient lich
153644 | Zig:19   | Killed an ancient lich
153646 | Zig:19   | Noticed an ancient lich
153646 | Zig:19   | Killed an ancient lich
153647 | Zig:19   | Killed an ancient lich
153647 | Zig:19   | Killed an ancient lich
153649 | Zig:19   | Noticed an ancient lich
153652 | Zig:19   | Killed an ancient lich
153653 | Zig:19   | Noticed an ancient lich
153654 | Zig:19   | Killed an ancient lich
153659 | Zig:19   | Noticed an ancient lich
153662 | Zig:19   | Killed an ancient lich
153664 | Zig:19   | Noticed an ancient lich
153664 | Zig:19   | Killed an ancient lich
153672 | Zig:19   | Noticed an ancient lich
153673 | Zig:19   | Killed an ancient lich
153844 | Zig:19   | Found the +5 pair of quick blades "Gyre" and "Gimble"
                  | {pierce, Dex-3}
153844 | Zig:19   | Found the +8 demon blade "Bloodbane" {slice, *Rage +Rage
                  | Stlth-}
153854 | Zig:19   | Identified Olauv's Incunabulum of Clay and the Voyage
153884 | Zig:19   | Got a pair of fine gloves
153904 | Zig:20   | Entered Level 20 of a ziggurat
153916 | Zig:20   | Noticed a juggernaut
153916 | Zig:20   | Noticed a juggernaut
153917 | Zig:20   | Noticed a juggernaut
153917 | Zig:20   | Noticed a juggernaut
153919 | Zig:20   | Noticed a juggernaut
153919 | Zig:20   | Noticed a juggernaut
153920 | Zig:20   | Killed a juggernaut
153920 | Zig:20   | Killed a juggernaut
153920 | Zig:20   | Noticed a juggernaut
153921 | Zig:20   | Killed a juggernaut
153921 | Zig:20   | Killed a juggernaut
153921 | Zig:20   | Killed a juggernaut
153921 | Zig:20   | Noticed a juggernaut
153921 | Zig:20   | Noticed a juggernaut
153921 | Zig:20   | Noticed a juggernaut
153922 | Zig:20   | Killed a juggernaut
153922 | Zig:20   | Killed a juggernaut
153924 | Zig:20   | Killed a juggernaut
153925 | Zig:20   | Noticed a juggernaut
153926 | Zig:20   | Killed a juggernaut
153926 | Zig:20   | Killed a juggernaut
153926 | Zig:20   | Noticed a juggernaut
153927 | Zig:20   | Killed a juggernaut
153927 | Zig:20   | Noticed a juggernaut
153930 | Zig:20   | Killed a juggernaut
153931 | Zig:20   | Noticed a juggernaut
153932 | Zig:20   | Killed a juggernaut
153932 | Zig:20   | Noticed a juggernaut
153933 | Zig:20   | Noticed a juggernaut
153934 | Zig:20   | Noticed a juggernaut
153936 | Zig:20   | Killed a juggernaut
153936 | Zig:20   | Killed a juggernaut
153938 | Zig:20   | Noticed a juggernaut
153938 | Zig:20   | Killed a juggernaut
153938 | Zig:20   | Noticed a juggernaut
153940 | Zig:20   | Killed a juggernaut
153943 | Zig:20   | Noticed a juggernaut
153943 | Zig:20   | Killed a juggernaut
153945 | Zig:20   | Killed a juggernaut
153945 | Zig:20   | Killed a juggernaut
153950 | Zig:20   | Noticed a juggernaut
153950 | Zig:20   | Noticed a juggernaut
153952 | Zig:20   | Noticed a juggernaut
153956 | Zig:20   | Killed a juggernaut
153956 | Zig:20   | Killed a juggernaut
153958 | Zig:20   | Killed a juggernaut
153958 | Zig:20   | Noticed a juggernaut
153962 | Zig:20   | Killed a juggernaut
154194 | Zig:20   | Got a bloodstained chain mail
154201 | Zig:21   | Entered Level 21 of a ziggurat
154249 | Zig:21   | Identified the +5 large shield of the Poles {*Contam rPois
                  | Str-5 Int+9}
154259 | Zig:21   | Identified the +0 buckler of the Pit {+Fly Dex+3}
154259 | Zig:21   | Identified the cursed +0 large shield of Decompression
                  | {MR++ Str+4 Int-3} (You took it off a daeva on level 21 of
                  | a ziggurat)
154413 | Zig:21   | Identified Koig's Grimoire of Hexes
154418 | Zig:21   | Got a wavering golden amulet
154434 | Zig:21   | Got a translucent lead amulet
154436 | Zig:21   | Got a smoking amethyst amulet
154440 | Zig:21   | Got a pitted crystal amulet
154456 | Zig:21   | Got a distressingly furry scale mail
154459 | Zig:21   | Got a translucent ring mail
154465 | Zig:21   | Got a crude chain mail
154467 | Zig:21   | Identified the ring of Terra Nullius {+Blink rPois rC-
                  | Dex+5} (You found it on level 17 of a ziggurat)
154469 | Zig:21   | Identified the amulet of the Immovable Ghosts {Inacc rElec
                  | Str-5 Int+8 Stlth+} (You found it on level 21 of a
                  | ziggurat)
154471 | Zig:21   | Identified the amulet of Curiosity {Gourm MR+ Int+2} (You
                  | found it on level 21 of a ziggurat)
154473 | Zig:21   | Identified the amulet of Amucviytei {+Rage rElec rC++} (You
                  | found it on level 21 of a ziggurat)
154475 | Zig:21   | Identified the amulet "Tihaiwno" {Reflect rF+ Str+5 Int+4
                  | SH+3 Stlth+} (You found it on level 21 of a ziggurat)
154487 | Zig:21   | Identified the cursed -1 pair of gloves of Roexkyu {rElec
                  | MR+ Str+4} (You found it on level 19 of a ziggurat)
154498 | Zig:21   | Identified the +2 ring mail "Rasop" {+Inv rElec MR+ Regen+}
                  | (You found it on level 21 of a ziggurat)
154508 | Zig:21   | Identified the cursed +0 scale mail "Uqots" {rPois Dex+2}
                  | (You found it on level 21 of a ziggurat)
154519 | Zig:21   | Identified the +6 chain mail of Hopscotch {*Slow rF+ SInv}
                  | (You found it on level 20 of a ziggurat)
154529 | Zig:21   | Identified the cursed +1 chain mail "Romynnuh" {rPois MP+9
                  | Int+3} (You found it on level 21 of a ziggurat)
154560 | Zig:22   | Entered Level 22 of a ziggurat
154574 | Zig:22   | Noticed Gix Jil the pandemonium lord
154574 | Zig:22   | Noticed Wycleg the pandemonium lord
154574 | Zig:22   | Noticed a Killer Klown
154574 | Zig:22   | Noticed Poprudd the pandemonium lord
154575 | Zig:22   | Noticed Guraw the pandemonium lord
154575 | Zig:22   | Noticed Dyqarr the pandemonium lord
154575 | Zig:22   | Noticed Yxoginuy the pandemonium lord
154575 | Zig:22   | Noticed Hirun the pandemonium lord
154576 | Zig:22   | Noticed Emeacull the pandemonium lord
154576 | Zig:22   | Noticed Haceal the pandemonium lord
154579 | Zig:22   | Noticed Yrixys the pandemonium lord
154582 | Zig:22   | Noticed Ebbuor the pandemonium lord
154583 | Zig:22   | Noticed Ishadu the pandemonium lord
154583 | Zig:22   | Noticed a Killer Klown
154584 | Zig:22   | Noticed Ilocleb the pandemonium lord
154584 | Zig:22   | Killed a Killer Klown
154584 | Zig:22   | Noticed a Killer Klown
154585 | Zig:22   | Killed a Killer Klown
154585 | Zig:22   | Killed Gix Jil the pandemonium lord
154585 | Zig:22   | Noticed Dalorul the pandemonium lord
154585 | Zig:22   | Noticed Gulahugg the pandemonium lord
154586 | Zig:22   | Noticed Mich the pandemonium lord
154586 | Zig:22   | Noticed Haocw the pandemonium lord
154586 | Zig:22   | Killed Dyqarr the pandemonium lord
154586 | Zig:22   | Killed Guraw the pandemonium lord
154586 | Zig:22   | Killed Poprudd the pandemonium lord
154586 | Zig:22   | Noticed a Killer Klown
154586 | Zig:22   | Noticed Qagizick the pandemonium lord
154586 | Zig:22   | Noticed Cexkarits the pandemonium lord
154587 | Zig:22   | Noticed Ycack the pandemonium lord
154587 | Zig:22   | Killed Ebbuor the pandemonium lord
154587 | Zig:22   | Killed Wycleg the pandemonium lord
154587 | Zig:22   | Killed a Killer Klown
154587 | Zig:22   | Noticed Apieweh the pandemonium lord
154588 | Zig:22   | Noticed Lifestui the pandemonium lord
154588 | Zig:22   | Noticed Epymn the pandemonium lord
154589 | Zig:22   | Noticed Paismuof the pandemonium lord
154590 | Zig:22   | Noticed Vutsihae the pandemonium lord
154591 | Zig:22   | Killed Ilocleb the pandemonium lord
154592 | Zig:22   | Killed Yrixys the pandemonium lord
154592 | Zig:22   | Noticed Ocues the pandemonium lord
154593 | Zig:22   | Killed Haceal the pandemonium lord
154593 | Zig:22   | Killed Gulahugg the pandemonium lord
154594 | Zig:22   | Noticed Konusa the pandemonium lord
154594 | Zig:22   | Killed a Killer Klown
154594 | Zig:22   | Killed Paismuof the pandemonium lord
154594 | Zig:22   | Killed Ishadu the pandemonium lord
154594 | Zig:22   | Noticed Kegyer the pandemonium lord
154594 | Zig:22   | Noticed Juoxyemo the pandemonium lord
154594 | Zig:22   | Noticed a Killer Klown
154595 | Zig:22   | Killed Mich the pandemonium lord
154595 | Zig:22   | Killed Apieweh the pandemonium lord
154595 | Zig:22   | Killed Ocues the pandemonium lord
154595 | Zig:22   | Killed Konusa the pandemonium lord
154595 | Zig:22   | Noticed Mablyfai the pandemonium lord
154595 | Zig:22   | Noticed Hifi the pandemonium lord
154595 | Zig:22   | Noticed Nuyll the pandemonium lord
154595 | Zig:22   | Noticed Bol Goalad the pandemonium lord
154596 | Zig:22   | Killed Ycack the pandemonium lord
154596 | Zig:22   | Noticed Enuhosux the pandemonium lord
154596 | Zig:22   | Noticed Ahuezxos the pandemonium lord
154596 | Zig:22   | Noticed Ozuix the pandemonium lord
154596 | Zig:22   | Noticed Uwidukh the pandemonium lord
154596 | Zig:22   | Noticed Doewanto the pandemonium lord
154596 | Zig:22   | Noticed a Killer Klown
154596 | Zig:22   | Noticed Jeole the pandemonium lord
154596 | Zig:22   | Noticed a Killer Klown
154596 | Zig:22   | Noticed Suekutug the pandemonium lord
154596 | Zig:22   | Noticed Sasouzan the pandemonium lord
154597 | Zig:22   | Noticed Epry the pandemonium lord
154597 | Zig:22   | Noticed a Killer Klown
154597 | Zig:22   | Noticed Fatsaulole the pandemonium lord
154597 | Zig:22   | Killed Hirun the pandemonium lord
154597 | Zig:22   | Killed Juoxyemo the pandemonium lord
154597 | Zig:22   | Killed Emeacull the pandemonium lord
154597 | Zig:22   | Killed Cexkarits the pandemonium lord
154597 | Zig:22   | Noticed Hotorph the pandemonium lord
154598 | Zig:22   | Noticed Tagh the pandemonium lord
154598 | Zig:22   | Noticed Fomojuka the pandemonium lord
154598 | Zig:22   | Noticed Riuwn the pandemonium lord
154598 | Zig:22   | Noticed Qutee the pandemonium lord
154599 | Zig:22   | Noticed Kyerghat the pandemonium lord
154599 | Zig:22   | Noticed Xeurchiu the pandemonium lord
154601 | Zig:22   | Noticed Otziy the pandemonium lord
154602 | Zig:22   | Killed a Killer Klown
154603 | Zig:22   | Noticed a Killer Klown
154603 | Zig:22   | Killed Nuyll the pandemonium lord
154603 | Zig:22   | Noticed Zusif the pandemonium lord
154603 | Zig:22   | Noticed a Killer Klown
154604 | Zig:22   | Noticed Jemegh the pandemonium lord
154604 | Zig:22   | Noticed Rar Rokafemn the pandemonium lord
154605 | Zig:22   | Noticed a Killer Klown
154605 | Zig:22   | Killed Haocw the pandemonium lord
154605 | Zig:22   | Killed Kegyer the pandemonium lord
154606 | Zig:22   | Noticed Geeh the pandemonium lord
154606 | Zig:22   | Noticed a Killer Klown
154606 | Zig:22   | Killed Dalorul the pandemonium lord
154606 | Zig:22   | Killed a Killer Klown
154606 | Zig:22   | Killed Qagizick the pandemonium lord
154606 | Zig:22   | Killed Hifi the pandemonium lord
154606 | Zig:22   | Killed Enuhosux the pandemonium lord
154606 | Zig:22   | Killed Suekutug the pandemonium lord
154606 | Zig:22   | Killed Fatsaulole the pandemonium lord
154606 | Zig:22   | Killed Fomojuka the pandemonium lord
154606 | Zig:22   | Killed Tagh the pandemonium lord
154606 | Zig:22   | Killed Xeurchiu the pandemonium lord
154606 | Zig:22   | Killed a Killer Klown
154606 | Zig:22   | Killed Yxoginuy the pandemonium lord
154606 | Zig:22   | Noticed Eneimu the pandemonium lord
154607 | Zig:22   | Killed a Killer Klown
154607 | Zig:22   | Killed a Killer Klown
154607 | Zig:22   | Killed a Killer Klown
154607 | Zig:22   | Killed a Killer Klown
154607 | Zig:22   | Killed Epymn the pandemonium lord
154607 | Zig:22   | Killed Ahuezxos the pandemonium lord
154607 | Zig:22   | Killed Kyerghat the pandemonium lord
154607 | Zig:22   | Killed Lifestui the pandemonium lord
154607 | Zig:22   | Killed Vutsihae the pandemonium lord
154607 | Zig:22   | Killed Jeole the pandemonium lord
154607 | Zig:22   | Noticed Uqyczeaf the pandemonium lord
154607 | Zig:22   | Noticed Byskubb the pandemonium lord
154607 | Zig:22   | Noticed Bommud the pandemonium lord
154608 | Zig:22   | Killed a Killer Klown
154608 | Zig:22   | Killed Kejucek the pandemonium lord
154608 | Zig:22   | Killed Otziy the pandemonium lord
154608 | Zig:22   | Killed Jemegh the pandemonium lord
154608 | Zig:22   | Killed Bol Goalad the pandemonium lord
154608 | Zig:22   | Killed Mablyfai the pandemonium lord
154608 | Zig:22   | Noticed a Killer Klown
154608 | Zig:22   | Noticed Tath the pandemonium lord
154609 | Zig:22   | Killed a Killer Klown
154609 | Zig:22   | Killed Doewanto the pandemonium lord
154609 | Zig:22   | Killed Sasouzan the pandemonium lord
154609 | Zig:22   | Noticed Gaifuetru the pandemonium lord
154609 | Zig:22   | Noticed a Killer Klown
154609 | Zig:22   | Noticed Siablen the pandemonium lord
154609 | Zig:22   | Noticed Waodwergh the pandemonium lord
154611 | Zig:22   | Killed Ozuix the pandemonium lord
154611 | Zig:22   | Killed Epry the pandemonium lord
154611 | Zig:22   | Killed Zusif the pandemonium lord
154611 | Zig:22   | Killed Gaifuetru the pandemonium lord
154611 | Zig:22   | Noticed a Killer Klown
154613 | Zig:22   | Noticed Loyseula the pandemonium lord
154614 | Zig:22   | Noticed a Killer Klown
154615 | Zig:22   | Noticed Ecuot the pandemonium lord
154615 | Zig:22   | Noticed Palolif the pandemonium lord
154615 | Zig:22   | Noticed Buwniaj the pandemonium lord
154615 | Zig:22   | Killed Riuwn the pandemonium lord
154615 | Zig:22   | Killed Geeh the pandemonium lord
154615 | Zig:22   | Killed a Killer Klown
154615 | Zig:22   | Killed Waodwergh the pandemonium lord
154617 | Zig:22   | Noticed a Killer Klown
154617 | Zig:22   | Noticed Izigodoe the pandemonium lord
154617 | Zig:22   | Noticed a Killer Klown
154617 | Zig:22   | Noticed a Killer Klown
154617 | Zig:22   | Noticed Yreps the pandemonium lord
154617 | Zig:22   | Killed Bommud the pandemonium lord
154617 | Zig:22   | Noticed Diyvof the pandemonium lord
154618 | Zig:22   | Killed a Killer Klown
154618 | Zig:22   | Noticed a Killer Klown
154618 | Zig:22   | Noticed a Killer Klown
154619 | Zig:22   | Noticed Ympu the pandemonium lord
154619 | Zig:22   | Noticed Iwijol the pandemonium lord
154619 | Zig:22   | Noticed Qateqiothru the pandemonium lord
154619 | Zig:22   | Killed Byskubb the pandemonium lord
154619 | Zig:22   | Killed Uwidukh the pandemonium lord
154621 | Zig:22   | Noticed Xef Laco the pandemonium lord
154622 | Zig:22   | Killed Qutee the pandemonium lord
154625 | Zig:22   | Noticed Feddefry the pandemonium lord
154626 | Zig:22   | Killed Uqyczeaf the pandemonium lord
154626 | Zig:22   | Killed Siablen the pandemonium lord
154627 | Zig:22   | Killed Tath the pandemonium lord
154627 | Zig:22   | Killed a Killer Klown
154627 | Zig:22   | Killed a Killer Klown
154627 | Zig:22   | Killed a Killer Klown
154627 | Zig:22   | Killed a Killer Klown
154627 | Zig:22   | Killed a Killer Klown
154627 | Zig:22   | Killed a Killer Klown
154627 | Zig:22   | Noticed Xitwuiju the pandemonium lord
154628 | Zig:22   | Noticed Hiafruz the pandemonium lord
154628 | Zig:22   | Killed Loyseula the pandemonium lord
154628 | Zig:22   | Killed Rar Rokafemn the pandemonium lord
154628 | Zig:22   | Killed Izigodoe the pandemonium lord
154628 | Zig:22   | Killed Palolif the pandemonium lord
154628 | Zig:22   | Killed Buwniaj the pandemonium lord
154628 | Zig:22   | Killed Yreps the pandemonium lord
154628 | Zig:22   | Noticed a Killer Klown
154628 | Zig:22   | Noticed a Killer Klown
154629 | Zig:22   | Killed Hotorph the pandemonium lord
154629 | Zig:22   | Killed Ecuot the pandemonium lord
154630 | Zig:22   | Killed Eneimu the pandemonium lord
154630 | Zig:22   | Killed Xitwuiju the pandemonium lord
154631 | Zig:22   | Noticed Keniniz the pandemonium lord
154636 | Zig:22   | Killed a Killer Klown
154637 | Zig:22   | Killed a Killer Klown
154638 | Zig:22   | Killed Feddefry the pandemonium lord
154638 | Zig:22   | Killed Ympu the pandemonium lord
154638 | Zig:22   | Killed Diyvof the pandemonium lord
154638 | Zig:22   | Noticed Qiextume the pandemonium lord
154639 | Zig:22   | Killed Iwijol the pandemonium lord
154642 | Zig:22   | Noticed Hoazem the pandemonium lord
154644 | Zig:22   | Killed Xef Laco the pandemonium lord
154647 | Zig:22   | Noticed Efison the pandemonium lord
154648 | Zig:22   | Killed Qateqiothru the pandemonium lord
154651 | Zig:22   | Killed Qiextume the pandemonium lord
154658 | Zig:22   | Killed Hoazem the pandemonium lord
154658 | Zig:22   | Killed Keniniz the pandemonium lord
154658 | Zig:22   | Killed Efison the pandemonium lord
154661 | Zig:22   | Killed Hiafruz the pandemonium lord
154881 | Zig:22   | Found the +4 moon troll leather armour {Spirit, Regen++
                  | MP+5}
154890 | Zig:22   | Identified Githaila's Compendium of Icy Self-Knowledge
154902 | Zig:22   | Got a shimmering granite ring
154941 | Zig:22   | Got an encrusted troll leather armour
154945 | Zig:22   | Got an ancient scale mail
154954 | Zig:22   | Got an ancient scale mail
154972 | Zig:23   | Entered Level 23 of a ziggurat
154981 | Zig:23   | Noticed an ancient lich
154983 | Zig:23   | Noticed an ancient lich
154983 | Zig:23   | Noticed an ancient lich
154984 | Zig:23   | Killed an ancient lich
154984 | Zig:23   | Killed an ancient lich
154984 | Zig:23   | Noticed an ancient lich
154984 | Zig:23   | Noticed an ancient lich
154985 | Zig:23   | Noticed an ancient lich
154986 | Zig:23   | Killed an ancient lich
154986 | Zig:23   | Noticed an ancient lich
154988 | Zig:23   | Killed an ancient lich
154988 | Zig:23   | Killed an ancient lich
154988 | Zig:23   | Killed an ancient lich
154990 | Zig:23   | Killed an ancient lich
154990 | Zig:23   | Noticed an ancient lich
154992 | Zig:23   | Noticed an ancient lich
154992 | Zig:23   | Noticed an ancient lich
154993 | Zig:23   | Noticed an ancient lich
154994 | Zig:23   | Killed an ancient lich
154994 | Zig:23   | Killed an ancient lich
154996 | Zig:23   | Killed an ancient lich
154996 | Zig:23   | Killed an ancient lich
154998 | Zig:23   | Noticed an ancient lich
155000 | Zig:23   | Noticed an ancient lich
155001 | Zig:23   | Noticed an ancient lich
155002 | Zig:23   | Noticed an ancient lich
155003 | Zig:23   | Noticed an ancient lich
155003 | Zig:23   | Noticed an ancient lich
155004 | Zig:23   | Killed an ancient lich
155004 | Zig:23   | Killed an ancient lich
155004 | Zig:23   | Killed an ancient lich
155004 | Zig:23   | Noticed an ancient lich
155005 | Zig:23   | Noticed an ancient lich
155006 | Zig:23   | Killed an ancient lich
155006 | Zig:23   | Killed an ancient lich
155006 | Zig:23   | Killed an ancient lich
155008 | Zig:23   | Killed an ancient lich
155008 | Zig:23   | Killed an ancient lich
155008 | Zig:23   | Noticed an ancient lich
155011 | Zig:23   | Killed an ancient lich
155017 | Zig:23   | Noticed an ancient lich
155018 | Zig:23   | Noticed an ancient lich
155019 | Zig:23   | Noticed an ancient lich
155019 | Zig:23   | Noticed an ancient lich
155021 | Zig:23   | Killed an ancient lich
155021 | Zig:23   | Noticed an ancient lich
155025 | Zig:23   | Killed an ancient lich
155025 | Zig:23   | Killed an ancient lich
155025 | Zig:23   | Killed an ancient lich
155025 | Zig:23   | Noticed an ancient lich
155026 | Zig:23   | Noticed an ancient lich
155027 | Zig:23   | Killed an ancient lich
155028 | Zig:23   | Killed an ancient lich
155031 | Zig:23   | Noticed an ancient lich
155031 | Zig:23   | Killed an ancient lich
155031 | Zig:23   | Killed an ancient lich
155038 | Zig:23   | Noticed an ancient lich
155043 | Zig:23   | Killed an ancient lich
155043 | Zig:23   | Noticed an ancient lich
155051 | Zig:23   | Killed an ancient lich
155241 | Zig:23   | Identified Yka Hos's Guide on Combat Magic
155247 | Zig:23   | Identified the Papyrus of Stones and the Traveller
155288 | Zig:23   | Got a topaz-studded chain mail
155299 | Zig:23   | Got a dazzling plate armour
155306 | Zig:23   | Got an encrusted scale mail
155315 | Zig:23   | Identified the ring "Tylu" {rF+ rC+ Dex+3 Slay+3} (You
                  | found it on level 22 of a ziggurat)
155327 | Zig:23   | Identified the +4 troll leather armour of the Oligarchy
                  | {+Inv +Fly MR+ Regen+} (You found it on level 22 of a
                  | ziggurat)
155337 | Zig:23   | Identified the +1 scale mail of Nefropp {rF+ Str+3 Int+2}
                  | (You found it on level 22 of a ziggurat)
155347 | Zig:23   | Identified the cursed +1 scale mail of Pelopp {rC+} (You
                  | found it on level 22 of a ziggurat)
155358 | Zig:23   | Identified the +7 chain mail of the Maze {rElec rF+ MR+
                  | SInv} (You found it on level 23 of a ziggurat)
155368 | Zig:23   | Identified the +8 plate armour of a Billion Blessings
                  | {Int+4} (You found it on level 23 of a ziggurat)
155378 | Zig:23   | Identified the cursed +1 scale mail "Ahatyk" {*Corrode
                  | Int+9} (You found it on level 23 of a ziggurat)
155418 | Zig:24   | Entered Level 24 of a ziggurat
155753 | Zig:24   | Got an ancient iron ring
155768 | Zig:24   | Identified the Grimoire of Dislocated Malediction
155770 | Zig:24   | Identified the Catalogue of Shifting Bewitchment
155813 | Zig:25   | Entered Level 25 of a ziggurat
156090 | Zig:25   | Got a pitted bone ring
156133 | Zig:26   | Entered Level 26 of a ziggurat
156249 | Zig:26   | Killed a starcursed mass
156256 | Zig:26   | Killed a starcursed mass
156256 | Zig:26   | Killed a starcursed mass
156564 | Zig:26   | Identified Capnixkiyri's Catalogue of Destructive Black
                  | Arts
156607 | Zig:26   | Got a slimy plate armour
156616 | Zig:27   | Entered Level 27 of a ziggurat
157218 | Zig:27   | Identified the cursed ring of the Bruised Friends {rC- MR-
                  | EV-3 Int+8 Dex+7} (You found it on level 24 of a ziggurat)
157220 | Zig:27   | Identified the ring of Kaaxeiva {Fire Int+9 Dex+2 Stlth-}
                  | (You found it on level 25 of a ziggurat)
157232 | Zig:27   | Identified the +1 plate armour of Zympuq {rPois} (You found
                  | it on level 26 of a ziggurat)
157335 | Zig:1    | Entered Level 1 of a ziggurat
157376 | Zig:2    | Entered Level 2 of a ziggurat
157376 | Zig:2    | Noticed an ancient lich
157377 | Zig:2    | Noticed an ancient lich
157378 | Zig:2    | Killed an ancient lich
157379 | Zig:2    | Killed an ancient lich
157380 | Zig:2    | Noticed an ancient lich
157385 | Zig:2    | Killed an ancient lich
157447 | Zig:3    | Entered Level 3 of a ziggurat
157546 | Zig:4    | Entered Level 4 of a ziggurat
157546 | Zig:4    | Noticed an ancient lich
157546 | Zig:4    | Noticed an ancient lich
157547 | Zig:4    | Noticed an ancient lich
157551 | Zig:4    | Killed an ancient lich
157552 | Zig:4    | Killed an ancient lich
157552 | Zig:4    | Killed an ancient lich
157599 | Zig:4    | Identified A Thorough Guide to Spellweaving
157644 | Zig:5    | Entered Level 5 of a ziggurat
157644 | Zig:5    | Noticed a Killer Klown
157644 | Zig:5    | Noticed a Killer Klown
157644 | Zig:5    | Noticed Welepogh the pandemonium lord
157645 | Zig:5    | Noticed Wibbudy the pandemonium lord
157645 | Zig:5    | Noticed Vashueqi the pandemonium lord
157646 | Zig:5    | Noticed Xugin the pandemonium lord
157646 | Zig:5    | Noticed a Killer Klown
157646 | Zig:5    | Noticed a Killer Klown
157646 | Zig:5    | Noticed Ydwag the pandemonium lord
157646 | Zig:5    | Noticed Asesy the pandemonium lord
157647 | Zig:5    | Noticed a Killer Klown
157647 | Zig:5    | Noticed Buastion the pandemonium lord
157648 | Zig:5    | Noticed a Killer Klown
157649 | Zig:5    | Noticed a Killer Klown
157649 | Zig:5    | Killed a Killer Klown
157649 | Zig:5    | Killed Vashueqi the pandemonium lord
157649 | Zig:5    | Killed a Killer Klown
157649 | Zig:5    | Killed a Killer Klown
157649 | Zig:5    | Killed a Killer Klown
157649 | Zig:5    | Noticed Socuqoul the pandemonium lord
157650 | Zig:5    | Noticed a Killer Klown
157650 | Zig:5    | Noticed Qyifoomm the pandemonium lord
157652 | Zig:5    | Killed a Killer Klown
157652 | Zig:5    | Killed a Killer Klown
157653 | Zig:5    | Killed Xugin the pandemonium lord
157653 | Zig:5    | Killed a Killer Klown
157653 | Zig:5    | Killed Ydwag the pandemonium lord
157663 | Zig:5    | Killed Wibbudy the pandemonium lord
157665 | Zig:5    | Killed Welepogh the pandemonium lord
157666 | Zig:5    | Killed a Killer Klown
157666 | Zig:5    | Killed Buastion the pandemonium lord
157668 | Zig:5    | Killed Asesy the pandemonium lord
157668 | Zig:5    | Killed Qyifoomm the pandemonium lord
157670 | Zig:5    | Killed Socuqoul the pandemonium lord
157770 | Zig:5    | Got a shimmering plate armour
157772 | Zig:6    | Entered Level 6 of a ziggurat
157772 | Zig:6    | Noticed a juggernaut
157772 | Zig:6    | Noticed a juggernaut
157772 | Zig:6    | Noticed a juggernaut
157774 | Zig:6    | Noticed a juggernaut
157774 | Zig:6    | Noticed a juggernaut
157775 | Zig:6    | Killed a juggernaut
157776 | Zig:6    | Killed a juggernaut
157776 | Zig:6    | Killed a juggernaut
157776 | Zig:6    | Killed a juggernaut
157777 | Zig:6    | Noticed a juggernaut
157779 | Zig:6    | Killed a juggernaut
157782 | Zig:6    | Killed a juggernaut
157976 | Zig:6    | Got a pair of slimy gloves
157981 | Zig:7    | Entered Level 7 of a ziggurat
158159 | Zig:8    | Entered Level 8 of a ziggurat
158162 | Zig:8    | Noticed Muamie the pandemonium lord
158162 | Zig:8    | Noticed Noily the pandemonium lord
158162 | Zig:8    | Noticed Giassa the pandemonium lord
158162 | Zig:8    | Noticed Pufibeh the pandemonium lord
158162 | Zig:8    | Noticed Dixuom the pandemonium lord
158162 | Zig:8    | Noticed Quuplef the pandemonium lord
158162 | Zig:8    | Noticed Toumm the pandemonium lord
158162 | Zig:8    | Noticed Uceny the pandemonium lord
158163 | Zig:8    | Noticed Qyevel the pandemonium lord
158163 | Zig:8    | Noticed a Killer Klown
158163 | Zig:8    | Noticed Rayzoe the pandemonium lord
158163 | Zig:8    | Noticed a Killer Klown
158163 | Zig:8    | Noticed Oplimaot the pandemonium lord
158163 | Zig:8    | Noticed a Killer Klown
158164 | Zig:8    | Noticed a Killer Klown
158165 | Zig:8    | Noticed Jyfacvyi the pandemonium lord
158165 | Zig:8    | Noticed Duogh the pandemonium lord
158166 | Zig:8    | Killed Noily the pandemonium lord
158166 | Zig:8    | Killed a Killer Klown
158166 | Zig:8    | Killed Dixuom the pandemonium lord
158166 | Zig:8    | Noticed a Killer Klown
158167 | Zig:8    | Killed Duogh the pandemonium lord
158167 | Zig:8    | Killed a Killer Klown
158167 | Zig:8    | Killed Pufibeh the pandemonium lord
158167 | Zig:8    | Killed a Killer Klown
158167 | Zig:8    | Noticed Oshon the pandemonium lord
158168 | Zig:8    | Noticed a Killer Klown
158168 | Zig:8    | Noticed a Killer Klown
158168 | Zig:8    | Killed Rayzoe the pandemonium lord
158168 | Zig:8    | Killed a Killer Klown
158168 | Zig:8    | Killed Jyfacvyi the pandemonium lord
158168 | Zig:8    | Killed Oplimaot the pandemonium lord
158168 | Zig:8    | Killed a Killer Klown
158168 | Zig:8    | Killed Qyevel the pandemonium lord
158169 | Zig:8    | Killed Quuplef the pandemonium lord
158169 | Zig:8    | Killed a Killer Klown
158169 | Zig:8    | Killed Giassa the pandemonium lord
158169 | Zig:8    | Killed Muamie the pandemonium lord
158169 | Zig:8    | Noticed a Killer Klown
158169 | Zig:8    | Noticed a Killer Klown
158169 | Zig:8    | Noticed a Killer Klown
158170 | Zig:8    | Killed Toumm the pandemonium lord
158170 | Zig:8    | Killed Uceny the pandemonium lord
158170 | Zig:8    | Killed a Killer Klown
158170 | Zig:8    | Noticed a Killer Klown
158170 | Zig:8    | Noticed Goqom the pandemonium lord
158171 | Zig:8    | Killed a Killer Klown
158171 | Zig:8    | Noticed Wount the pandemonium lord
158172 | Zig:8    | Killed a Killer Klown
158172 | Zig:8    | Killed a Killer Klown
158177 | Zig:8    | Killed a Killer Klown
158178 | Zig:8    | Noticed Rutioz the pandemonium lord
158180 | Zig:8    | Killed Oshon the pandemonium lord
158180 | Zig:8    | Killed Wount the pandemonium lord
158180 | Zig:8    | Noticed Nubalun the pandemonium lord
158181 | Zig:8    | Killed Rutioz the pandemonium lord
158181 | Zig:8    | Noticed Izuk the pandemonium lord
158184 | Zig:8    | Noticed a Killer Klown
158184 | Zig:8    | Killed Goqom the pandemonium lord
158184 | Zig:8    | Noticed Ririodai the pandemonium lord
158186 | Zig:8    | Killed Ririodai the pandemonium lord
158186 | Zig:8    | Killed Nubalun the pandemonium lord
158200 | Zig:8    | Killed Izuk the pandemonium lord
158345 | Zig:9    | Entered Level 9 of a ziggurat
158345 | Zig:9    | Noticed a juggernaut
158347 | Zig:9    | Killed a juggernaut
158347 | Zig:9    | Noticed a juggernaut
158353 | Zig:9    | Noticed a juggernaut
158358 | Zig:9    | Killed a juggernaut
158358 | Zig:9    | Killed a juggernaut
158405 | Zig:9    | Got a smoking amber ring
158657 | Zig:9    | Got a faintly humming plate armour
158662 | Zig:9    | Got a faintly glowing shield
158666 | Zig:9    | Got distressingly furry swamp dragon scales
158673 | Zig:10   | Entered Level 10 of a ziggurat
158907 | Zig:11   | Entered Level 11 of a ziggurat
159174 | Zig:11   | Got a pitted garnet amulet
159185 | Zig:12   | Entered Level 12 of a ziggurat
159186 | Zig:12   | Noticed a juggernaut
159186 | Zig:12   | Noticed a juggernaut
159186 | Zig:12   | Noticed a juggernaut
159186 | Zig:12   | Noticed a juggernaut
159189 | Zig:12   | Noticed a juggernaut
159189 | Zig:12   | Noticed a juggernaut
159190 | Zig:12   | Noticed a juggernaut
159192 | Zig:12   | Killed a juggernaut
159192 | Zig:12   | Killed a juggernaut
159192 | Zig:12   | Killed a juggernaut
159193 | Zig:12   | Noticed a juggernaut
159195 | Zig:12   | Noticed a juggernaut
159195 | Zig:12   | Killed a juggernaut
159198 | Zig:12   | Killed a juggernaut
159198 | Zig:12   | Killed a juggernaut
159200 | Zig:12   | Killed a juggernaut
159200 | Zig:12   | Killed a juggernaut
159200 | Zig:12   | Killed a juggernaut
159517 | Zig:12   | Got a glittering bronze ring
159527 | Zig:12   | Identified Duops's Grimoire of Congealing Earth
159549 | Zig:12   | Got a scorched scale mail
159556 | Zig:12   | Got a jewelled ring mail
159560 | Zig:12   | Got a heavily runed scale mail
159571 | Zig:13   | Entered Level 13 of a ziggurat
159577 | Zig:13   | Noticed a Killer Klown
159577 | Zig:13   | Noticed a Killer Klown
159577 | Zig:13   | Noticed Toupn the pandemonium lord
159577 | Zig:13   | Noticed a Killer Klown
159579 | Zig:13   | Noticed a Killer Klown
159579 | Zig:13   | Noticed Xauttil the pandemonium lord
159579 | Zig:13   | Noticed a Killer Klown
159580 | Zig:13   | Noticed Honeon the pandemonium lord
159582 | Zig:13   | Noticed a Killer Klown
159582 | Zig:13   | Noticed Tide Vowk the pandemonium lord
159583 | Zig:13   | Noticed Hinaoteg the pandemonium lord
159584 | Zig:13   | Killed a Killer Klown
159584 | Zig:13   | Killed a Killer Klown
159584 | Zig:13   | Killed a Killer Klown
159584 | Zig:13   | Noticed a Killer Klown
159584 | Zig:13   | Noticed Bifoott the pandemonium lord
159584 | Zig:13   | Noticed Hujocu Uzytu the pandemonium lord
159585 | Zig:13   | Noticed Pakhuc the pandemonium lord
159585 | Zig:13   | Noticed Xaalaisi the pandemonium lord
159585 | Zig:13   | Killed Toupn the pandemonium lord
159585 | Zig:13   | Noticed Xowkoube the pandemonium lord
159585 | Zig:13   | Noticed Xaocises the pandemonium lord
159585 | Zig:13   | Noticed Luqimm the pandemonium lord
159586 | Zig:13   | Noticed Zaid the pandemonium lord
159586 | Zig:13   | Noticed Tilewk Xulon the pandemonium lord
159586 | Zig:13   | Noticed Foepur the pandemonium lord
159586 | Zig:13   | Noticed a Killer Klown
159586 | Zig:13   | Noticed a Killer Klown
159586 | Zig:13   | Noticed Kechuv the pandemonium lord
159586 | Zig:13   | Noticed a Killer Klown
159587 | Zig:13   | Noticed Uticais the pandemonium lord
159587 | Zig:13   | Noticed Mageotot the pandemonium lord
159588 | Zig:13   | Killed a Killer Klown
159588 | Zig:13   | Noticed Dyqodd the pandemonium lord
159588 | Zig:13   | Noticed Puv Qefi the pandemonium lord
159589 | Zig:13   | Noticed Lomaxt the pandemonium lord
159589 | Zig:13   | Noticed a Killer Klown
159589 | Zig:13   | Killed Xauttil the pandemonium lord
159589 | Zig:13   | Killed a Killer Klown
159589 | Zig:13   | Killed a Killer Klown
159589 | Zig:13   | Killed a Killer Klown
159589 | Zig:13   | Killed a Killer Klown
159589 | Zig:13   | Killed a Killer Klown
159590 | Zig:13   | Noticed Bumad the pandemonium lord
159590 | Zig:13   | Killed Xowkoube the pandemonium lord
159590 | Zig:13   | Killed Tilewk Xulon the pandemonium lord
159590 | Zig:13   | Noticed Laiz the pandemonium lord
159590 | Zig:13   | Noticed Ereluafi the pandemonium lord
159591 | Zig:13   | Noticed a Killer Klown
159591 | Zig:13   | Noticed Xyneczio the pandemonium lord
159592 | Zig:13   | Killed a Killer Klown
159592 | Zig:13   | Killed Kechuv the pandemonium lord
159592 | Zig:13   | Killed a Killer Klown
159592 | Zig:13   | Killed Tide Vowk the pandemonium lord
159592 | Zig:13   | Killed Pakhuc the pandemonium lord
159592 | Zig:13   | Noticed Gaireli the pandemonium lord
159592 | Zig:13   | Noticed a Killer Klown
159593 | Zig:13   | Killed Honeon the pandemonium lord
159593 | Zig:13   | Killed Hujocu Uzytu the pandemonium lord
159595 | Zig:13   | Killed Dyqodd the pandemonium lord
159595 | Zig:13   | Killed Luqimm the pandemonium lord
159596 | Zig:13   | Killed Puv Qefi the pandemonium lord
159596 | Zig:13   | Killed Lomaxt the pandemonium lord
159596 | Zig:13   | Killed a Killer Klown
159596 | Zig:13   | Noticed Woled the pandemonium lord
159596 | Zig:13   | Noticed a Killer Klown
159597 | Zig:13   | Killed Xaalaisi the pandemonium lord
159597 | Zig:13   | Noticed Nuhur the pandemonium lord
159598 | Zig:13   | Noticed Higuez the pandemonium lord
159600 | Zig:13   | Killed a Killer Klown
159600 | Zig:13   | Killed Ereluafi the pandemonium lord
159600 | Zig:13   | Noticed Ossane the pandemonium lord
159600 | Zig:13   | Noticed Apnigeha the pandemonium lord
159601 | Zig:13   | Noticed a Killer Klown
159601 | Zig:13   | Noticed Fimiyf the pandemonium lord
159602 | Zig:13   | Killed Bifoott the pandemonium lord
159602 | Zig:13   | Noticed a Killer Klown
159603 | Zig:13   | Killed Foepur the pandemonium lord
159603 | Zig:13   | Killed a Killer Klown
159603 | Zig:13   | Killed Zaid the pandemonium lord
159603 | Zig:13   | Killed Gaireli the pandemonium lord
159603 | Zig:13   | Noticed Cuicineg the pandemonium lord
159603 | Zig:13   | Noticed a Killer Klown
159604 | Zig:13   | Killed a Killer Klown
159604 | Zig:13   | Killed Uticais the pandemonium lord
159604 | Zig:13   | Killed Xaocises the pandemonium lord
159604 | Zig:13   | Killed Laiz the pandemonium lord
159604 | Zig:13   | Killed Bumad the pandemonium lord
159604 | Zig:13   | Killed Hinaoteg the pandemonium lord
159605 | Zig:13   | Killed Mageotot the pandemonium lord
159606 | Zig:13   | Noticed Xusas the pandemonium lord
159606 | Zig:13   | Killed Nuhur the pandemonium lord
159606 | Zig:13   | Killed Apnigeha the pandemonium lord
159606 | Zig:13   | Killed Higuez the pandemonium lord
159606 | Zig:13   | Killed a Killer Klown
159606 | Zig:13   | Noticed a Killer Klown
159606 | Zig:13   | Noticed Feecs the pandemonium lord
159607 | Zig:13   | Killed Xyneczio the pandemonium lord
159607 | Zig:13   | Noticed Dywy the pandemonium lord
159607 | Zig:13   | Noticed Qiexo the pandemonium lord
159609 | Zig:13   | Killed Ossane the pandemonium lord
159609 | Zig:13   | Killed a Killer Klown
159610 | Zig:13   | Noticed Qiniob the pandemonium lord
159611 | Zig:13   | Noticed a Killer Klown
159616 | Zig:13   | Killed Fimiyf the pandemonium lord
159616 | Zig:13   | Killed Dywy the pandemonium lord
159616 | Zig:13   | Killed a Killer Klown
159618 | Zig:13   | Noticed Paoxyscho the pandemonium lord
159618 | Zig:13   | Noticed Ebetice the pandemonium lord
159620 | Zig:13   | Killed Qiniob the pandemonium lord
159620 | Zig:13   | Killed Paoxyscho the pandemonium lord
159620 | Zig:13   | Killed Xusas the pandemonium lord
159620 | Zig:13   | Killed a Killer Klown
159621 | Zig:13   | Killed Woled the pandemonium lord
159621 | Zig:13   | Killed Qiexo the pandemonium lord
159621 | Zig:13   | Killed Feecs the pandemonium lord
159623 | Zig:13   | Killed Ebetice the pandemonium lord
159623 | Zig:13   | Killed Cuicineg the pandemonium lord
159816 | Zig:13   | Identified the ring "Liuben" {rF+ Int+3 Dex+2} (You found
                  | it on level 9 of a ziggurat)
159818 | Zig:13   | Identified the amulet "Nimp" {Gourm rElec Int+2} (You found
                  | it on level 11 of a ziggurat)
159820 | Zig:13   | Identified the ring of Vesak {AC+3 Int+5} (You found it on
                  | level 12 of a ziggurat)
159841 | Zig:13   | Identified the Reference Book on Harmful Augmentations
159848 | Zig:13   | Got an ancient golden ring
159895 | Zig:13   | Identified the +2 plate armour "Oderarell" {Regen+} (You
                  | found it on level 5 of a ziggurat)
159911 | Zig:13   | Identified the +0 pair of gloves of the Slightly Bent
                  | {Stlth+} (You found it on level 6 of a ziggurat)
159922 | Zig:13   | Identified the +11 plate armour "Lucik" {*Corrode rElec
                  | rPois Int-3} (You found it on level 9 of a ziggurat)
159938 | Zig:13   | Identified the +4 shield of Happy Babbling {*Contam Dex+2
                  | Slay+5} (You found it on level 9 of a ziggurat)
159950 | Zig:13   | Identified the cursed +1 scale mail of Keapt {rC+} (You
                  | found it on level 12 of a ziggurat)
159962 | Zig:13   | Identified the +3 ring mail "Luopam Kagu" {rElec rF- rN+
                  | SInv} (You found it on level 12 of a ziggurat)
159973 | Zig:13   | Identified the +3 scale mail of Bixogg {-Cast Str+2 Int+5}
                  | (You found it on level 12 of a ziggurat)
159989 | Zig:13   | Identified the cursed +1 swamp dragon scales "Raerog"
                  | {rPois Int+4} (You found it on level 9 of a ziggurat)
160006 | Zig:13   | Identified the ring of Ashenzari's Reproof {+Inv +Fly rC-
                  | Str+4 Stlth+} (You found it on level 13 of a ziggurat)
160012 | Zig:14   | Entered Level 14 of a ziggurat
160047 | Zig:14   | Noticed Ycozom the pandemonium lord
160061 | Zig:14   | Killed Ycozom the pandemonium lord
160229 | Zig:14   | Found the +2 cloak of the Thief {+Fog Slay-2 SInv Stlth+}
160233 | Zig:14   | Identified Sif Muna's Collected Works on the Excruciating
                  | Mountains
160236 | Zig:14   | Got a brightly glowing marble ring
160270 | Zig:14   | Identified the ring "Xeuss" {Wiz Slay+3} (You found it on
                  | level 14 of a ziggurat)
160274 | Zig:15   | Entered Level 15 of a ziggurat
160349 | Zig:15   | Found the +0 mask of the Dragon {MR+ Slay+3 SInv}
160458 | Zig:15   | Got a transparent jade ring
160771 | Zig:15   | Got a shimmering chain mail
160781 | Zig:15   | Got a fine chain mail
160786 | Zig:16   | Entered Level 16 of a ziggurat
161063 | Zig:16   | Identified Ufoocong's Spellcraft, Part Two
161068 | Zig:16   | Identified the Incunabulum of Damaging Black Rites
161096 | Zig:17   | Entered Level 17 of a ziggurat
161176 | Zig:17   | Got a fine iron ring
161525 | Zig:17   | Identified the Compendium of Bewitchment
161542 | Zig:17   | Got a crude ring mail
161551 | Zig:18   | Entered Level 18 of a ziggurat
162179 | Zig:18   | Identified Sif Muna's Disquisition on Slavery
162246 | Zig:19   | Entered Level 19 of a ziggurat
162528 | Zig:19   | Identified the Guide on Lightness and Orientation
162535 | Zig:19   | Got a topaz-encrusted scale mail
162544 | Zig:20   | Entered Level 20 of a ziggurat
162549 | Zig:20   | Noticed a greater mummy
162550 | Zig:20   | Noticed a greater mummy
162550 | Zig:20   | Noticed a greater mummy
162552 | Zig:20   | Noticed a greater mummy
162553 | Zig:20   | Noticed a greater mummy
162553 | Zig:20   | Noticed a greater mummy
162553 | Zig:20   | Noticed a greater mummy
162553 | Zig:20   | Noticed a greater mummy
162553 | Zig:20   | Noticed a greater mummy
162553 | Zig:20   | Noticed a greater mummy
162557 | Zig:20   | Killed a greater mummy
162557 | Zig:20   | Killed a greater mummy
162557 | Zig:20   | Noticed a greater mummy
162557 | Zig:20   | Noticed a greater mummy
162558 | Zig:20   | Killed a greater mummy
162558 | Zig:20   | Noticed a greater mummy
162558 | Zig:20   | Noticed a greater mummy
162558 | Zig:20   | Noticed a greater mummy
162559 | Zig:20   | Noticed a greater mummy
162560 | Zig:20   | Noticed a greater mummy
162561 | Zig:20   | Killed a greater mummy
162561 | Zig:20   | Killed a greater mummy
162561 | Zig:20   | Killed a greater mummy
162561 | Zig:20   | Killed a greater mummy
162561 | Zig:20   | Noticed a greater mummy
162561 | Zig:20   | Noticed a greater mummy
162562 | Zig:20   | Killed a greater mummy
162562 | Zig:20   | Killed a greater mummy
162562 | Zig:20   | Killed a greater mummy
162562 | Zig:20   | Noticed a greater mummy
162562 | Zig:20   | Noticed a greater mummy
162563 | Zig:20   | Killed a greater mummy
162563 | Zig:20   | Killed a greater mummy
162563 | Zig:20   | Killed a greater mummy
162563 | Zig:20   | Killed a greater mummy
162563 | Zig:20   | Killed a greater mummy
162563 | Zig:20   | Noticed a greater mummy
162563 | Zig:20   | Noticed a greater mummy
162563 | Zig:20   | Noticed a greater mummy
162564 | Zig:20   | Noticed a greater mummy
162564 | Zig:20   | Noticed a greater mummy
162564 | Zig:20   | Killed a greater mummy
162564 | Zig:20   | Killed a greater mummy
162564 | Zig:20   | Noticed a greater mummy
162565 | Zig:20   | Killed a greater mummy
162565 | Zig:20   | Killed a greater mummy
162565 | Zig:20   | Killed a greater mummy
162565 | Zig:20   | Killed a greater mummy
162566 | Zig:20   | Killed a greater mummy
162566 | Zig:20   | Killed a greater mummy
162566 | Zig:20   | Killed a greater mummy
162566 | Zig:20   | Noticed a greater mummy
162567 | Zig:20   | Killed a greater mummy
162567 | Zig:20   | Killed a greater mummy
162567 | Zig:20   | Killed a greater mummy
162567 | Zig:20   | Noticed a greater mummy
162568 | Zig:20   | Noticed a greater mummy
162568 | Zig:20   | Noticed a greater mummy
162568 | Zig:20   | Noticed a greater mummy
162568 | Zig:20   | Noticed a greater mummy
162572 | Zig:20   | Noticed a greater mummy
162572 | Zig:20   | Noticed a greater mummy
162573 | Zig:20   | Noticed a greater mummy
162574 | Zig:20   | Noticed a greater mummy
162574 | Zig:20   | Noticed a greater mummy
162574 | Zig:20   | Noticed a greater mummy
162575 | Zig:20   | Noticed a greater mummy
162576 | Zig:20   | Killed a greater mummy
162576 | Zig:20   | Killed a greater mummy
162576 | Zig:20   | Killed a greater mummy
162576 | Zig:20   | Noticed a greater mummy
162576 | Zig:20   | Noticed a greater mummy
162577 | Zig:20   | Killed a greater mummy
162577 | Zig:20   | Killed a greater mummy
162577 | Zig:20   | Killed a greater mummy
162577 | Zig:20   | Killed a greater mummy
162577 | Zig:20   | Killed a greater mummy
162577 | Zig:20   | Killed a greater mummy
162577 | Zig:20   | Killed a greater mummy
162578 | Zig:20   | Noticed a greater mummy
162581 | Zig:20   | Killed a greater mummy
162581 | Zig:20   | Killed a greater mummy
162581 | Zig:20   | Killed a greater mummy
162581 | Zig:20   | Noticed a greater mummy
162582 | Zig:20   | Killed a greater mummy
162582 | Zig:20   | Killed a greater mummy
162584 | Zig:20   | Killed a greater mummy
162586 | Zig:20   | Killed a greater mummy
162590 | Zig:20   | Noticed a greater mummy
162591 | Zig:20   | Noticed a greater mummy
162592 | Zig:20   | Noticed a greater mummy
162593 | Zig:20   | Killed a greater mummy
162593 | Zig:20   | Noticed a greater mummy
162594 | Zig:20   | Killed a greater mummy
162597 | Zig:20   | Killed a greater mummy
162597 | Zig:20   | Noticed a greater mummy
162598 | Zig:20   | Noticed a greater mummy
162600 | Zig:20   | Noticed a greater mummy
162604 | Zig:20   | Killed a greater mummy
162604 | Zig:20   | Killed a greater mummy
162604 | Zig:20   | Killed a greater mummy
162605 | Zig:20   | Killed a greater mummy
162607 | Zig:20   | Noticed a greater mummy
162607 | Zig:20   | Noticed a greater mummy
162611 | Zig:20   | Noticed a greater mummy
162612 | Zig:20   | Noticed a greater mummy
162612 | Zig:20   | Noticed a greater mummy
162614 | Zig:20   | Noticed a greater mummy
162616 | Zig:20   | Killed a greater mummy
162617 | Zig:20   | Killed a greater mummy
162617 | Zig:20   | Killed a greater mummy
162619 | Zig:20   | Killed a greater mummy
162619 | Zig:20   | Killed a greater mummy
162619 | Zig:20   | Noticed a greater mummy
162620 | Zig:20   | Killed a greater mummy
162620 | Zig:20   | Noticed a greater mummy
162625 | Zig:20   | Killed a greater mummy
162626 | Zig:20   | Noticed a greater mummy
162631 | Zig:20   | Killed a greater mummy
162639 | Zig:20   | Killed a greater mummy
162653 | Zig:20   | Noticed a greater mummy
162658 | Zig:20   | Killed a greater mummy
162894 | Zig:20   | Got a vibrating wooden ring
162897 | Zig:20   | Got a shimmering lapis lazuli ring
162909 | Zig:20   | Got a clouded platinum ring
162941 | Zig:21   | Entered Level 21 of a ziggurat
163293 | Zig:21   | Identified the Collected Works on Shape Shifting and Venom
163296 | Zig:21   | Identified Hoekearega's Volume of Transmutation
163324 | Zig:22   | Entered Level 22 of a ziggurat
163687 | Zig:22   | Got a bound ruby amulet
163715 | Zig:22   | Identified the +8 chain mail of the Untouchables {*Corrode
                  | rC+ Str+8 Dex+3} (You found it on level 15 of a ziggurat)
163726 | Zig:22   | Identified the +2 chain mail of Resilience {rC+ rN+ MR-}
                  | (You found it on level 15 of a ziggurat)
163737 | Zig:22   | Identified the +4 ring mail of Impatience {MR++ Dex+4} (You
                  | found it on level 17 of a ziggurat)
163748 | Zig:22   | Identified the cursed +1 scale mail "Dathudasm" {rElec
                  | Regen+ Str-2 SInv} (You found it on level 19 of a ziggurat)
163761 | Zig:22   | Identified the cursed ring "Zuse" {-Tele rF+ rN+++ EV-2
                  | Str-2} (You found it on level 15 of a ziggurat)
163763 | Zig:22   | Identified the ring "Mamomp" {rF+ MR+ SInv} (You found it
                  | on level 17 of a ziggurat)
163765 | Zig:22   | Identified the ring of Vyotwioz {+Blink Int+2 Stlth-} (You
                  | found it on level 20 of a ziggurat)
163767 | Zig:22   | Identified the ring of Ruschefo {MR+ Str+2 Dex+4} (You
                  | found it on level 20 of a ziggurat)
163769 | Zig:22   | Identified the ring "Zacakupn" {rPois Dex+5} (You found it
                  | on level 20 of a ziggurat)
163771 | Zig:22   | Identified the amulet of Bolitus {Gourm *Slow rElec MR+}
                  | (You found it on level 22 of a ziggurat)
163775 | Zig:22   | Got a brightly glowing turquoise ring
163779 | Zig:22   | Identified Tal Acuwn's Grimoire of Doomed Self-Knowledge
163873 | Zig:22   | Identified the ring "Ipak" {+Fly rC+ Str+2 Int-5 Stlth+}
                  | (You found it on level 22 of a ziggurat)
163886 | Zig:22   | Got a pair of distressingly furry boots
163894 | Zig:23   | Entered Level 23 of a ziggurat
163970 | Zig:23   | Got a sparkling lapis lazuli ring
164009 | Zig:23   | Got a vibrating tin ring
164010 | Zig:23   | Identified Juecaig's Almanac of Quantum Toxins
164026 | Zig:23   | Got a heavily runed lapis lazuli ring
164571 | Zig:23   | Got an ancient triple sword
164575 | Zig:23   | Got a pair of pitted boots
164578 | Zig:23   | Got a heavily runed shield
164588 | Zig:23   | Identified the cursed +1 triple sword "Wuaph" {slice, rPois
                  | Int+5} (You found it on level 23 of a ziggurat)
164601 | Zig:23   | Identified the +0 pair of boots "Bituiluv" {MR++ Regen+
                  | Dex-3} (You found it on level 22 of a ziggurat)
164622 | Zig:23   | Identified the +2 pair of boots of Bad Feelings {rC+ rCorr}
                  | (You found it on level 23 of a ziggurat)
164643 | Zig:23   | Identified the +2 shield of the Peasants {+Fly rF+ rC+}
                  | (You found it on level 23 of a ziggurat)
164666 | Zig:23   | Identified the ring "Utiuvema" {Int+3 Stlth+} (You found it
                  | on level 23 of a ziggurat)
164668 | Zig:23   | Identified the ring "Nuzusir" {Wiz +Blink rN+++ Str-3
                  | Int+4} (You found it on level 23 of a ziggurat)
164670 | Zig:23   | Identified the ring of the Hippo {Fire +Blink Str+4 Slay+2
                  | Stlth+} (You found it on level 23 of a ziggurat)
164677 | Zig:24   | Entered Level 24 of a ziggurat
164978 | Zig:24   | Identified Dobboid's Collected Works on Harmful Snow
164987 | Zig:24   | Got a clouded amber ring
164996 | Zig:24   | Got a glittering lapis lazuli ring
165003 | Zig:24   | Identified Sif Muna's Volume of Mutagenic Ignition
165009 | Zig:24   | Identified the Grimoire of Air
165053 | Zig:25   | Entered Level 25 of a ziggurat
165543 | Zig:25   | Found the +4 robe of Augmentation {Str+4 Int+4 Dex+4}
165554 | Zig:25   | Got a scintillating granite ring
165560 | Zig:25   | Identified Qyto Ymp's Catalogue of Flight and Creation
165565 | Zig:25   | Identified the Grimoire of Frigorific Clay
165633 | Zig:25   | Got a faintly humming crystal plate armour
165643 | Zig:26   | Entered Level 26 of a ziggurat
165699 | Zig:26   | Noticed Cusat the pandemonium lord
165709 | Zig:26   | Killed Cusat the pandemonium lord
166035 | Zig:26   | Identified the Tome of Damaging Displacement
166037 | Zig:26   | Identified Sif Muna's Grimoire of Supportive Heat
166080 | Zig:26   | Identified Kamn's Tome of Destructive Unholy Secrets
166088 | Zig:26   | Got a scorched brass ring
166173 | Zig:26   | Got a pair of smoking gloves
166180 | Zig:26   | Got a bronze chain mail
166182 | Zig:26   | Got a translucent chain mail
166196 | Zig:27   | Entered Level 27 of a ziggurat
166687 | Zig:27   | Identified Sif Muna's Collected Works on Destructive
                  | Feathers
166690 | Zig:27   | Got a clouded platinum amulet
166692 | Zig:27   | Identified the Almanac of Quantum Augmentations
166699 | Zig:27   | Identified Mizuih's Volume of Slavery and the Voyage
166701 | Zig:27   | Identified the Papyrus of the Beekeeper
166708 | Zig:27   | Identified the ring "Potevit" {rElec rPois rC+ Dex+4} (You
                  | found it on level 24 of a ziggurat)
166710 | Zig:27   | Identified the +8 crystal plate armour "Vausoxt" {MR+ Int-3
                  | SInv Stlth+} (You found it on level 25 of a ziggurat)
166712 | Zig:27   | Identified the cursed +0 pair of gloves "Noriast" {rC+
                  | rCorr Dex-3} (You found it on level 26 of a ziggurat)
166714 | Zig:27   | Identified the cursed +0 chain mail of Qeged {rF- rC+ MR++
                  | Stlth+} (You found it on level 26 of a ziggurat)
166716 | Zig:27   | Identified the cursed +1 chain mail "Lucil" {rF+ rC+ Dex-2}
                  | (You found it on level 26 of a ziggurat)
166718 | Zig:27   | Identified the ring of Sereock {+Fly Str+3} (You found it
                  | on level 24 of a ziggurat)
166720 | Zig:27   | Identified the ring of Pinos {*Tele rC+} (You found it on
                  | level 25 of a ziggurat)
166722 | Zig:27   | Identified the ring "Obuxoumo" {rC+ rN+ Dex+4} (You found
                  | it on level 26 of a ziggurat)
166724 | Zig:27   | Identified the amulet "Ugenyiso" {Acrobat rC- Str+9 Dex-5
                  | SInv} (You found it on level 27 of a ziggurat)
166727 | Zig:27   | Got a wavering platinum amulet
166767 | Zig:27   | Got a scintillating bronze ring
166895 | Zig:27   | Got an ichor-stained troll leather armour
166903 | Zig:27   | Got a pitted cloak
166991 | Depths:4 | Identified the +0 cloak of the Lumpy Shrikes {rC+} (You
                  | found it on level 27 of a ziggurat)
167001 | Depths:4 | Identified the cursed +0 troll leather armour of Qihitaerph
                  | {Regen+ Str+6} (You found it on level 27 of a ziggurat)
167002 | Depths:4 | Identified the amulet "Eczydod" {rC+ Regen+} (You found it
                  | on level 27 of a ziggurat)
167003 | Depths:4 | Identified the ring of Zoamugg {+Fly Dex-3 Slay+5} (You
                  | found it on level 27 of a ziggurat)
167090 | Tar:1    | You fall through a shaft!
167096 | Tar:2    | You fall through a shaft for 2 floors!
167099 | Tar:4    | You fall through a shaft for 2 floors!
167102 | Tar:6    | You fall through a shaft!
167161 | Dis:1    | Entered Level 1 of the Iron City of Dis
167165 | Dis:1    | You fall through a shaft!
167168 | Dis:2    | You fall through a shaft!
167171 | Dis:3    | You fall through a shaft for 3 floors!
167174 | Dis:6    | You fall through a shaft!
167174 | Dis:7    | Entered Level 7 of the Iron City of Dis
167603 | Dis:7    | Identified the +4 staff of Dispater
167603 | Dis:7    | Noticed Dispater
167650 | Dis:7    | Killed Dispater
167774 | Dis:7    | Got an iron rune of Zot
168648 | Dis:7    | Found the +5 robe of Night {Dark MR+ SInv}
168651 | Dis:7    | Identified the Disquisition on Burning Poisoning
169044 | Coc:1    | Entered Level 1 of Cocytus
169048 | Coc:1    | You fall through a shaft!
169051 | Coc:2    | You fall through a shaft for 2 floors!
169054 | Coc:4    | You fall through a shaft for 2 floors!
169057 | Coc:6    | You fall through a shaft!
169057 | Coc:7    | Entered Level 7 of Cocytus
169852 | Coc:7    | Noticed the Serpent of Hell
169866 | Coc:7    | Killed the Serpent of Hell
170333 | Coc:7    | Identified the +3 war axe "Qoaraeq" {chop, MR+}
170333 | Coc:7    | Noticed Antaeus
170377 | Coc:7    | Killed Antaeus
170434 | Coc:7    | Got an icy rune of Zot
170610 | Coc:7    | Noticed a shard shrike
170613 | Coc:7    | Killed a shard shrike
171094 | Coc:7    | Noticed a shard shrike
171097 | Coc:7    | Killed a shard shrike
171359 | Depths:4 | Got an ichor-stained cloak
171359 | Depths:4 | Got a pair of bloodstained gloves
171359 | Depths:4 | Got a pair of dazzling gloves
171360 | Depths:4 | Got a pair of heavily runed gloves
171360 | Depths:4 | Got a pair of twisted gloves
171373 | Depths:4 | Identified the +0 cloak of the Monkey's Uncle {SInv Stlth+}
                  | (You acquired it on level 4 of the Depths)
171383 | Depths:4 | Identified the +1 pair of gloves of Twilight {Dex+5} (You
                  | acquired it on level 4 of the Depths)
171393 | Depths:4 | Identified the +0 pair of gloves of the Beginning {rF-
                  | Int+4 Slay+2 SInv} (You acquired it on level 4 of the
                  | Depths)
171414 | Depths:4 | Identified the +1 pair of gloves of Nemelex Xobeh's Whim
                  | {rPois Str+2} (You acquired it on level 4 of the Depths)
171424 | Depths:4 | Identified the +1 pair of gloves of Parts Unknown {*Drain
                  | rC++ MR+ rCorr} (You acquired it on level 4 of the Depths)
171514 | Zig:1    | Entered Level 1 of a ziggurat
171574 | Zig:2    | Entered Level 2 of a ziggurat
171683 | Zig:3    | Entered Level 3 of a ziggurat
171683 | Zig:3    | Noticed a greater mummy
171683 | Zig:3    | Noticed a greater mummy
171683 | Zig:3    | Noticed a greater mummy
171683 | Zig:3    | Noticed a greater mummy
171683 | Zig:3    | Noticed a greater mummy
171684 | Zig:3    | Noticed a greater mummy
171687 | Zig:3    | Killed a greater mummy
171687 | Zig:3    | Killed a greater mummy
171688 | Zig:3    | Killed a greater mummy
171688 | Zig:3    | Killed a greater mummy
171688 | Zig:3    | Killed a greater mummy
171691 | Zig:3    | Killed a greater mummy
171719 | Zig:3    | Identified the Tome of Ghastly Attacks
171822 | Zig:4    | Entered Level 4 of a ziggurat
171945 | Zig:5    | Entered Level 5 of a ziggurat
172071 | Zig:5    | Got a heavily runed ring mail
172103 | Zig:5    | Identified the cursed +1 ring mail of Past Mistakes {Int+6
                  | Slay+3 Stlth+} (You found it on level 5 of a ziggurat)
172125 | Zig:6    | Entered Level 6 of a ziggurat
172327 | Zig:7    | Entered Level 7 of a ziggurat
172327 | Zig:7    | Noticed a juggernaut
172327 | Zig:7    | Noticed a juggernaut
172327 | Zig:7    | Noticed a juggernaut
172328 | Zig:7    | Killed a juggernaut
172328 | Zig:7    | Killed a juggernaut
172328 | Zig:7    | Noticed a juggernaut
172329 | Zig:7    | Killed a juggernaut
172330 | Zig:7    | Noticed a juggernaut
172331 | Zig:7    | Noticed a juggernaut
172333 | Zig:7    | Killed a juggernaut
172334 | Zig:7    | Killed a juggernaut
172344 | Zig:7    | Killed a juggernaut
172580 | Zig:8    | Entered Level 8 of a ziggurat
172582 | Zig:8    | Noticed an ancient lich
172582 | Zig:8    | Noticed an ancient lich
172583 | Zig:8    | Noticed an ancient lich
172583 | Zig:8    | Noticed an ancient lich
172583 | Zig:8    | Noticed an ancient lich
172584 | Zig:8    | Noticed an ancient lich
172587 | Zig:8    | Killed an ancient lich
172587 | Zig:8    | Killed an ancient lich
172587 | Zig:8    | Killed an ancient lich
172587 | Zig:8    | Killed an ancient lich
172587 | Zig:8    | Killed an ancient lich
172588 | Zig:8    | Killed an ancient lich
172594 | Zig:8    | Noticed an ancient lich
172596 | Zig:8    | Killed an ancient lich
172760 | Zig:9    | Entered Level 9 of a ziggurat
173035 | Zig:9    | Got a steaming ring mail
173042 | Zig:10   | Entered Level 10 of a ziggurat
173044 | Zig:10   | Noticed an ancient lich
173044 | Zig:10   | Noticed an ancient lich
173044 | Zig:10   | Noticed an ancient lich
173044 | Zig:10   | Noticed an ancient lich
173044 | Zig:10   | Noticed an ancient lich
173045 | Zig:10   | Noticed an ancient lich
173045 | Zig:10   | Noticed an ancient lich
173046 | Zig:10   | Noticed an ancient lich
173046 | Zig:10   | Noticed an ancient lich
173047 | Zig:10   | Noticed an ancient lich
173048 | Zig:10   | Killed an ancient lich
173048 | Zig:10   | Killed an ancient lich
173050 | Zig:10   | Killed an ancient lich
173050 | Zig:10   | Killed an ancient lich
173050 | Zig:10   | Killed an ancient lich
173050 | Zig:10   | Killed an ancient lich
173050 | Zig:10   | Killed an ancient lich
173050 | Zig:10   | Killed an ancient lich
173050 | Zig:10   | Noticed an ancient lich
173051 | Zig:10   | Killed an ancient lich
173051 | Zig:10   | Noticed an ancient lich
173052 | Zig:10   | Killed an ancient lich
173054 | Zig:10   | Killed an ancient lich
173054 | Zig:10   | Killed an ancient lich
173054 | Zig:10   | Noticed an ancient lich
173055 | Zig:10   | Noticed an ancient lich
173058 | Zig:10   | Killed an ancient lich
173058 | Zig:10   | Noticed an ancient lich
173058 | Zig:10   | Noticed an ancient lich
173060 | Zig:10   | Killed an ancient lich
173060 | Zig:10   | Noticed an ancient lich
173062 | Zig:10   | Killed an ancient lich
173062 | Zig:10   | Killed an ancient lich
173064 | Zig:10   | Noticed an ancient lich
173064 | Zig:10   | Killed an ancient lich
173064 | Zig:10   | Killed an ancient lich
173218 | Zig:10   | Got a transparent tin ring
173244 | Zig:11   | Entered Level 11 of a ziggurat
173448 | Zig:12   | Entered Level 12 of a ziggurat
173572 | Zig:12   | Identified the Tome of Ice
173577 | Zig:12   | Identified the Tome of Boosts
173582 | Zig:12   | Identified Qopan's Lost Grimoire of the Prophet
173739 | Zig:13   | Entered Level 13 of a ziggurat
174037 | Zig:13   | Identified the Volume of Clay and Intoxication
174380 | Zig:14   | Entered Level 14 of a ziggurat
174380 | Zig:14   | Noticed a juggernaut
174381 | Zig:14   | Noticed a juggernaut
174382 | Zig:14   | Noticed a juggernaut
174383 | Zig:14   | Noticed a juggernaut
174384 | Zig:14   | Killed a juggernaut
174386 | Zig:14   | Noticed a juggernaut
174387 | Zig:14   | Noticed a juggernaut
174388 | Zig:14   | Noticed a juggernaut
174388 | Zig:14   | Killed a juggernaut
174388 | Zig:14   | Killed a juggernaut
174388 | Zig:14   | Killed a juggernaut
174388 | Zig:14   | Noticed a juggernaut
174390 | Zig:14   | Killed a juggernaut
174392 | Zig:14   | Killed a juggernaut
174392 | Zig:14   | Noticed a juggernaut
174394 | Zig:14   | Killed a juggernaut
174394 | Zig:14   | Killed a juggernaut
174394 | Zig:14   | Noticed a juggernaut
174396 | Zig:14   | Killed a juggernaut
174398 | Zig:14   | Noticed a juggernaut
174398 | Zig:14   | Noticed a juggernaut
174400 | Zig:14   | Killed a juggernaut
174400 | Zig:14   | Killed a juggernaut
174401 | Zig:14   | Noticed a juggernaut
174401 | Zig:14   | Noticed a juggernaut
174404 | Zig:14   | Noticed a juggernaut
174405 | Zig:14   | Killed a juggernaut
174405 | Zig:14   | Killed a juggernaut
174405 | Zig:14   | Killed a juggernaut
174409 | Zig:14   | Noticed a juggernaut
174409 | Zig:14   | Killed a juggernaut
174409 | Zig:14   | Noticed a juggernaut
174411 | Zig:14   | Noticed a juggernaut
174412 | Zig:14   | Killed a juggernaut
174414 | Zig:14   | Killed a juggernaut
174418 | Zig:14   | Killed a juggernaut
174634 | Zig:14   | Got a flickering turquoise ring
174636 | Zig:14   | Got a warped crystal amulet
174661 | Zig:15   | Entered Level 15 of a ziggurat
174765 | Zig:15   | Killed a starcursed mass
175158 | Zig:16   | Entered Level 16 of a ziggurat
175483 | Zig:16   | Got a glittering silver ring
175499 | Zig:16   | Got a jewelled chain mail
175555 | Zig:17   | Entered Level 17 of a ziggurat
175806 | Zig:17   | Got a slimy pewter amulet
175818 | Zig:17   | Identified the Collected Works on Moulding and Cold
175821 | Zig:17   | Got a transparent bone ring
175826 | Zig:17   | Got a twitching brass amulet
175829 | Zig:17   | Got a heavily runed lead ring
175837 | Zig:17   | Identified the Compendium of Good Luck and Weightlessness
175848 | Zig:17   | Identified the +4 ring mail of Xaphytah {MR+} (You found it
                  | on level 9 of a ziggurat)
175850 | Zig:17   | Identified the +13 chain mail "Odempaso" {rElec} (You found
                  | it on level 16 of a ziggurat)
175852 | Zig:17   | Identified the ring of Yzulaak {+Fly rN+ Stlth+} (You found
                  | it on level 10 of a ziggurat)
175857 | Zig:17   | Identified the ring of Pessimism {Wiz +Inv MR+ Dex-5} (You
                  | found it on level 14 of a ziggurat)
175859 | Zig:17   | Identified the amulet of Maemur {Acrobat rElec Dex-3 SInv}
                  | (You found it on level 14 of a ziggurat)
175861 | Zig:17   | Identified the ring of the Special Wars {rC+ MP-9 Slay+4}
                  | (You found it on level 16 of a ziggurat)
175863 | Zig:17   | Identified the amulet of the Original Sin {Harm *Drain rC+}
                  | (You found it on level 17 of a ziggurat)
175865 | Zig:17   | Identified the ring "Texkab" {MR+ Dex+5} (You found it on
                  | level 17 of a ziggurat)
175867 | Zig:17   | Identified the amulet "Somuplug" {+Rage rElec rN+ Int+3}
                  | (You found it on level 17 of a ziggurat)
175869 | Zig:17   | Identified the ring of Biffyekhos {rF+ Slay+2 SInv} (You
                  | found it on level 17 of a ziggurat)
175879 | Zig:17   | Got a flickering tin amulet
175892 | Zig:17   | Got a smoking scale mail
175901 | Zig:18   | Entered Level 18 of a ziggurat
175906 | Zig:18   | Noticed an ancient lich
175906 | Zig:18   | Noticed an ancient lich
175907 | Zig:18   | Noticed an ancient lich
175907 | Zig:18   | Noticed an ancient lich
175907 | Zig:18   | Noticed an ancient lich
175909 | Zig:18   | Killed an ancient lich
175910 | Zig:18   | Killed an ancient lich
175910 | Zig:18   | Killed an ancient lich
175912 | Zig:18   | Noticed an ancient lich
175912 | Zig:18   | Noticed an ancient lich
175912 | Zig:18   | Noticed an ancient lich
175914 | Zig:18   | Killed an ancient lich
175914 | Zig:18   | Killed an ancient lich
175915 | Zig:18   | Noticed an ancient lich
175915 | Zig:18   | Killed an ancient lich
175915 | Zig:18   | Killed an ancient lich
175915 | Zig:18   | Killed an ancient lich
175917 | Zig:18   | Noticed an ancient lich
175918 | Zig:18   | Noticed an ancient lich
175918 | Zig:18   | Noticed an ancient lich
175919 | Zig:18   | Noticed an ancient lich
175919 | Zig:18   | Noticed an ancient lich
175919 | Zig:18   | Noticed an ancient lich
175919 | Zig:18   | Killed an ancient lich
175919 | Zig:18   | Noticed an ancient lich
175921 | Zig:18   | Killed an ancient lich
175921 | Zig:18   | Killed an ancient lich
175921 | Zig:18   | Killed an ancient lich
175921 | Zig:18   | Killed an ancient lich
175922 | Zig:18   | Noticed an ancient lich
175923 | Zig:18   | Killed an ancient lich
175923 | Zig:18   | Killed an ancient lich
175923 | Zig:18   | Killed an ancient lich
175923 | Zig:18   | Noticed an ancient lich
175925 | Zig:18   | Killed an ancient lich
175927 | Zig:18   | Noticed an ancient lich
175927 | Zig:18   | Killed an ancient lich
175929 | Zig:18   | Noticed an ancient lich
175929 | Zig:18   | Noticed an ancient lich
175929 | Zig:18   | Killed an ancient lich
175929 | Zig:18   | Noticed an ancient lich
175931 | Zig:18   | Killed an ancient lich
175931 | Zig:18   | Killed an ancient lich
175931 | Zig:18   | Noticed an ancient lich
175931 | Zig:18   | Noticed an ancient lich
175931 | Zig:18   | Noticed an ancient lich
175932 | Zig:18   | Noticed an ancient lich
175933 | Zig:18   | Killed an ancient lich
175935 | Zig:18   | Killed an ancient lich
175935 | Zig:18   | Killed an ancient lich
175935 | Zig:18   | Killed an ancient lich
175936 | Zig:18   | Noticed an ancient lich
175937 | Zig:18   | Killed an ancient lich
175939 | Zig:18   | Killed an ancient lich
175941 | Zig:18   | Noticed an ancient lich
175943 | Zig:18   | Killed an ancient lich
175945 | Zig:18   | Noticed an ancient lich
175949 | Zig:18   | Killed an ancient lich
176132 | Zig:18   | Identified the Disquisition on Creative Transmigration
176148 | Zig:18   | Got a vibrating amethyst amulet
176156 | Zig:19   | Entered Level 19 of a ziggurat
176487 | Zig:19   | Identified Ihupyll's Papyrus of Burning Hexes
176491 | Zig:19   | Identified the Reference Book on Entrancing Dislocation
176498 | Zig:19   | Got a crude ruby amulet
176499 | Zig:19   | Identified Osijikuh's Disquisition on Torrid Protection
176510 | Zig:19   | Got a sparkling golden ring
176513 | Zig:19   | Identified the Handbook of Displaced Enchantment
176516 | Zig:19   | Got a heavily runed glass ring
176520 | Zig:19   | Identified the Disquisition on Floating Dark Magic
176549 | Zig:20   | Entered Level 20 of a ziggurat
176841 | Zig:20   | Identified the Volume of Shape Shifting and the Mountains
176854 | Zig:20   | Identified the Disquisition on the Sinister Voyage
176865 | Zig:20   | Got a steaming jade amulet
176871 | Zig:20   | Got a warped amber ring
176881 | Zig:20   | Got tiger eye-studded gold dragon scales
176891 | Zig:21   | Entered Level 21 of a ziggurat
176901 | Zig:21   | Noticed an ancient lich
176902 | Zig:21   | Noticed an ancient lich
176902 | Zig:21   | Noticed an ancient lich
176903 | Zig:21   | Noticed an ancient lich
176903 | Zig:21   | Killed an ancient lich
176903 | Zig:21   | Killed an ancient lich
176903 | Zig:21   | Noticed an ancient lich
176904 | Zig:21   | Killed an ancient lich
176904 | Zig:21   | Killed an ancient lich
176904 | Zig:21   | Noticed an ancient lich
176904 | Zig:21   | Noticed an ancient lich
176905 | Zig:21   | Noticed an ancient lich
176905 | Zig:21   | Killed an ancient lich
176905 | Zig:21   | Noticed an ancient lich
176906 | Zig:21   | Noticed an ancient lich
176906 | Zig:21   | Killed an ancient lich
176906 | Zig:21   | Noticed an ancient lich
176907 | Zig:21   | Noticed an ancient lich
176907 | Zig:21   | Killed an ancient lich
176907 | Zig:21   | Killed an ancient lich
176907 | Zig:21   | Killed an ancient lich
176907 | Zig:21   | Killed an ancient lich
176907 | Zig:21   | Killed an ancient lich
176907 | Zig:21   | Noticed an ancient lich
176908 | Zig:21   | Noticed an ancient lich
176909 | Zig:21   | Noticed an ancient lich
176912 | Zig:21   | Noticed an ancient lich
176914 | Zig:21   | Killed an ancient lich
176914 | Zig:21   | Killed an ancient lich
176914 | Zig:21   | Noticed an ancient lich
176915 | Zig:21   | Noticed an ancient lich
176916 | Zig:21   | Killed an ancient lich
176916 | Zig:21   | Noticed an ancient lich
176916 | Zig:21   | Noticed an ancient lich
176917 | Zig:21   | Killed an ancient lich
176917 | Zig:21   | Killed an ancient lich
176917 | Zig:21   | Killed an ancient lich
176917 | Zig:21   | Killed an ancient lich
176917 | Zig:21   | Killed an ancient lich
176917 | Zig:21   | Noticed an ancient lich
176918 | Zig:21   | Killed an ancient lich
176919 | Zig:21   | Noticed an ancient lich
176920 | Zig:21   | Noticed an ancient lich
176920 | Zig:21   | Killed an ancient lich
176921 | Zig:21   | Noticed an ancient lich
176922 | Zig:21   | Killed an ancient lich
176922 | Zig:21   | Killed an ancient lich
176922 | Zig:21   | Noticed an ancient lich
176924 | Zig:21   | Killed an ancient lich
176924 | Zig:21   | Noticed an ancient lich
176924 | Zig:21   | Noticed an ancient lich
176926 | Zig:21   | Noticed an ancient lich
176926 | Zig:21   | Killed an ancient lich
176926 | Zig:21   | Noticed an ancient lich
176927 | Zig:21   | Noticed an ancient lich
176928 | Zig:21   | Killed an ancient lich
176928 | Zig:21   | Killed an ancient lich
176928 | Zig:21   | Killed an ancient lich
176928 | Zig:21   | Noticed an ancient lich
176929 | Zig:21   | Noticed an ancient lich
176930 | Zig:21   | Killed an ancient lich
176930 | Zig:21   | Killed an ancient lich
176930 | Zig:21   | Noticed an ancient lich
176930 | Zig:21   | Noticed an ancient lich
176932 | Zig:21   | Killed an ancient lich
176932 | Zig:21   | Killed an ancient lich
176932 | Zig:21   | Noticed an ancient lich
176932 | Zig:21   | Noticed an ancient lich
176932 | Zig:21   | Noticed an ancient lich
176933 | Zig:21   | Noticed an ancient lich
176934 | Zig:21   | Killed an ancient lich
176934 | Zig:21   | Noticed an ancient lich
176935 | Zig:21   | Noticed an ancient lich
176936 | Zig:21   | Killed an ancient lich
176936 | Zig:21   | Killed an ancient lich
176936 | Zig:21   | Killed an ancient lich
176936 | Zig:21   | Killed an ancient lich
176937 | Zig:21   | Killed an ancient lich
176937 | Zig:21   | Killed an ancient lich
176937 | Zig:21   | Killed an ancient lich
176937 | Zig:21   | Noticed an ancient lich
176939 | Zig:21   | Noticed an ancient lich
176940 | Zig:21   | Killed an ancient lich
176940 | Zig:21   | Killed an ancient lich
176943 | Zig:21   | Noticed an ancient lich
176943 | Zig:21   | Noticed an ancient lich
176943 | Zig:21   | Noticed an ancient lich
176943 | Zig:21   | Noticed an ancient lich
176944 | Zig:21   | Noticed an ancient lich
176944 | Zig:21   | Noticed an ancient lich
176945 | Zig:21   | Killed an ancient lich
176945 | Zig:21   | Killed an ancient lich
176945 | Zig:21   | Killed an ancient lich
176947 | Zig:21   | Killed an ancient lich
176950 | Zig:21   | Noticed an ancient lich
176954 | Zig:21   | Killed an ancient lich
176954 | Zig:21   | Killed an ancient lich
176960 | Zig:21   | Killed an ancient lich
177181 | Zig:21   | Got a shimmering steel ring
177191 | Zig:21   | Identified the Volume of Creation
177198 | Zig:21   | Identified the +2 scale mail "Weisk" {MR+ Str+3} (You found
                  | it on level 17 of a ziggurat)
177200 | Zig:21   | Identified the +11 gold dragon scales of the Crown {rPois
                  | rF+ rC+ SInv Stlth+} (You found it on level 20 of a
                  | ziggurat)
177202 | Zig:21   | Identified an amulet "Uckoiwag" {Spirit Int+2} (You found
                  | it on level 17 of a ziggurat)
177204 | Zig:21   | Identified the amulet "Tidgha" {Faith *Drain rF+++ rN+
                  | Dex+4} (You found it on level 18 of a ziggurat)
177206 | Zig:21   | Identified the amulet of Xom's Flight of Fancy {rC- rN+
                  | Regen+ Str+4 SInv} (You found it on level 19 of a ziggurat)
177208 | Zig:21   | Identified the ring "Ajime" {MR+ Int+7} (You found it on
                  | level 19 of a ziggurat)
177210 | Zig:21   | Identified the ring "Loron" {*Corrode rF+ Int+4 Stlth+}
                  | (You found it on level 19 of a ziggurat)
177212 | Zig:21   | Identified an amulet of Henisu Goim {Spirit rC+ Str+3} (You
                  | found it on level 20 of a ziggurat)
177214 | Zig:21   | Identified the ring of Beesic {rC+ Str+4 Int+5} (You found
                  | it on level 20 of a ziggurat)
177216 | Zig:21   | Identified the ring "Voirul" {rCorr +Inv rPois MR+ SInv}
                  | (You found it on level 21 of a ziggurat)
177241 | Zig:21   | Got a brightly glowing wooden ring
177245 | Zig:21   | Got a translucent turquoise ring
177252 | Zig:21   | Got a steaming scale mail
177254 | Zig:21   | Identified the +5 scale mail of Filth {rF+ Dex+4} (You
                  | found it on level 21 of a ziggurat)
177256 | Zig:21   | Identified the ring "Juemoth" {Wiz rF+} (You found it on
                  | level 21 of a ziggurat)
177258 | Zig:21   | Identified the ring of Harmony {+Inv +Fly rF+++ rC- EV+3}
                  | (You found it on level 21 of a ziggurat)
177268 | Zig:22   | Entered Level 22 of a ziggurat
177283 | Zig:22   | Noticed an ancient lich
177292 | Zig:22   | Killed an ancient lich
177342 | Zig:22   | Noticed an ancient lich
177342 | Zig:22   | Killed an ancient lich
177359 | Zig:22   | Noticed a starcursed mass
177402 | Zig:22   | Killed a starcursed mass
177404 | Zig:22   | Killed a starcursed mass
177404 | Zig:22   | Killed a starcursed mass
177598 | Zig:22   | Identified the Reference Book on the Snowflakes
177650 | Zig:22   | Got a crystal demon blade
177659 | Zig:22   | Identified the +9 demon blade of the Volcano {freeze, +Rage
                  | rF- MR+ Dex+8} (You found it on level 22 of a ziggurat)
177663 | Zig:23   | Entered Level 23 of a ziggurat
177672 | Zig:23   | Noticed an ancient lich
177673 | Zig:23   | Noticed an ancient lich
177673 | Zig:23   | Noticed an ancient lich
177674 | Zig:23   | Killed an ancient lich
177674 | Zig:23   | Noticed an ancient lich
177674 | Zig:23   | Noticed an ancient lich
177674 | Zig:23   | Noticed an ancient lich
177675 | Zig:23   | Killed an ancient lich
177675 | Zig:23   | Killed an ancient lich
177676 | Zig:23   | Killed an ancient lich
177676 | Zig:23   | Killed an ancient lich
177677 | Zig:23   | Killed an ancient lich
177677 | Zig:23   | Noticed an ancient lich
177678 | Zig:23   | Noticed an ancient lich
177678 | Zig:23   | Killed an ancient lich
177678 | Zig:23   | Noticed an ancient lich
177678 | Zig:23   | Noticed an ancient lich
177679 | Zig:23   | Noticed an ancient lich
177679 | Zig:23   | Noticed an ancient lich
177679 | Zig:23   | Noticed an ancient lich
177682 | Zig:23   | Noticed an ancient lich
177682 | Zig:23   | Killed an ancient lich
177682 | Zig:23   | Noticed an ancient lich
177684 | Zig:23   | Killed an ancient lich
177685 | Zig:23   | Killed an ancient lich
177687 | Zig:23   | Noticed an ancient lich
177688 | Zig:23   | Noticed an ancient lich
177692 | Zig:23   | Killed an ancient lich
177692 | Zig:23   | Noticed an ancient lich
177693 | Zig:23   | Killed an ancient lich
177693 | Zig:23   | Killed an ancient lich
177693 | Zig:23   | Killed an ancient lich
177693 | Zig:23   | Killed an ancient lich
177693 | Zig:23   | Noticed an ancient lich
177694 | Zig:23   | Killed an ancient lich
177694 | Zig:23   | Killed an ancient lich
177694 | Zig:23   | Killed an ancient lich
177695 | Zig:23   | Killed an ancient lich
177698 | Zig:23   | Noticed an ancient lich
177698 | Zig:23   | Noticed an ancient lich
177699 | Zig:23   | Noticed an ancient lich
177702 | Zig:23   | Killed an ancient lich
177702 | Zig:23   | Noticed an ancient lich
177703 | Zig:23   | Noticed an ancient lich
177703 | Zig:23   | Killed an ancient lich
177703 | Zig:23   | Killed an ancient lich
177706 | Zig:23   | Noticed an ancient lich
177706 | Zig:23   | Killed an ancient lich
177706 | Zig:23   | Killed an ancient lich
177706 | Zig:23   | Noticed an ancient lich
177709 | Zig:23   | Killed an ancient lich
177709 | Zig:23   | Killed an ancient lich
177709 | Zig:23   | Noticed an ancient lich
177711 | Zig:23   | Noticed an ancient lich
177711 | Zig:23   | Noticed an ancient lich
177711 | Zig:23   | Noticed an ancient lich
177711 | Zig:23   | Noticed an ancient lich
177712 | Zig:23   | Killed an ancient lich
177712 | Zig:23   | Killed an ancient lich
177712 | Zig:23   | Killed an ancient lich
177712 | Zig:23   | Noticed an ancient lich
177714 | Zig:23   | Killed an ancient lich
177714 | Zig:23   | Killed an ancient lich
177714 | Zig:23   | Noticed an ancient lich
177715 | Zig:23   | Noticed an ancient lich
177715 | Zig:23   | Noticed an ancient lich
177716 | Zig:23   | Killed an ancient lich
177716 | Zig:23   | Killed an ancient lich
177718 | Zig:23   | Killed an ancient lich
177718 | Zig:23   | Killed an ancient lich
177720 | Zig:23   | Noticed an ancient lich
177723 | Zig:23   | Noticed an ancient lich
177724 | Zig:23   | Noticed an ancient lich
177726 | Zig:23   | Killed an ancient lich
177728 | Zig:23   | Killed an ancient lich
177728 | Zig:23   | Killed an ancient lich
177728 | Zig:23   | Noticed an ancient lich
177731 | Zig:23   | Killed an ancient lich
177735 | Zig:23   | Noticed an ancient lich
177740 | Zig:23   | Killed an ancient lich
177971 | Zig:23   | Identified the Papyrus of Love and Death
177978 | Zig:23   | Identified the Disquisition on Shifting Black Arts
177987 | Zig:23   | Got a spiked ring mail
177996 | Zig:24   | Entered Level 24 of a ziggurat
178281 | Zig:24   | Got a faintly glowing silver ring
178288 | Zig:24   | Got a faintly glowing golden amulet
178290 | Zig:24   | Got a wavering glass ring
178291 | Zig:24   | Identified the Tome of Stones
178300 | Zig:24   | Identified the Compendium of the Escort and the Rocks
178303 | Zig:24   | Got a sparkling pewter amulet
178322 | Zig:24   | Identified the Collected Works on Aid
178333 | Zig:24   | Identified the Volume of Glacial Dark Magic
178342 | Zig:24   | Got a sparkling ivory amulet
178356 | Zig:24   | Got a pair of ichor-stained boots
178380 | Zig:25   | Entered Level 25 of a ziggurat
178727 | Zig:25   | Got a twitching brass ring
178732 | Zig:25   | Identified the Compendium of the Snowflakes and Sinister
                  | Rituals
178740 | Zig:25   | Identified the Catalogue of Toxins and Air
178765 | Zig:25   | Got a pitted chain mail
178769 | Zig:25   | Got a distressingly furry plate armour
178775 | Zig:26   | Entered Level 26 of a ziggurat
178786 | Zig:26   | Noticed a Killer Klown
178787 | Zig:26   | Noticed Unoimeth the pandemonium lord
178787 | Zig:26   | Noticed Hannauko the pandemonium lord
178788 | Zig:26   | Noticed a Killer Klown
178788 | Zig:26   | Noticed Woggureq the pandemonium lord
178788 | Zig:26   | Noticed a Killer Klown
178788 | Zig:26   | Noticed Negampos the pandemonium lord
178788 | Zig:26   | Noticed Faruz the pandemonium lord
178789 | Zig:26   | Noticed Gunysiun the pandemonium lord
178789 | Zig:26   | Noticed a Killer Klown
178789 | Zig:26   | Noticed a Killer Klown
178791 | Zig:26   | Noticed a Killer Klown
178792 | Zig:26   | Noticed Bobroun the pandemonium lord
178792 | Zig:26   | Noticed a Killer Klown
178796 | Zig:26   | Killed a Killer Klown
178796 | Zig:26   | Killed a Killer Klown
178796 | Zig:26   | Killed a Killer Klown
178796 | Zig:26   | Noticed Plog the pandemonium lord
178797 | Zig:26   | Killed a Killer Klown
178797 | Zig:26   | Killed Bobroun the pandemonium lord
178797 | Zig:26   | Killed Faruz the pandemonium lord
178797 | Zig:26   | Killed Negampos the pandemonium lord
178797 | Zig:26   | Noticed Vepif the pandemonium lord
178797 | Zig:26   | Noticed Kaitwiecw the pandemonium lord
178798 | Zig:26   | Killed a Killer Klown
178798 | Zig:26   | Noticed Betyo the pandemonium lord
178798 | Zig:26   | Noticed Jukhuyq the pandemonium lord
178799 | Zig:26   | Killed Hannauko the pandemonium lord
178799 | Zig:26   | Noticed Kuackoep the pandemonium lord
178799 | Zig:26   | Noticed Pefe the pandemonium lord
178800 | Zig:26   | Noticed Royniwet the pandemonium lord
178800 | Zig:26   | Noticed Weajouc the pandemonium lord
178801 | Zig:26   | Noticed Nuyschat the pandemonium lord
178801 | Zig:26   | Noticed Loeshunt the pandemonium lord
178803 | Zig:26   | Noticed a Killer Klown
178804 | Zig:26   | Noticed a Killer Klown
178806 | Zig:26   | Killed Plog the pandemonium lord
178806 | Zig:26   | Noticed Dimivax the pandemonium lord
178806 | Zig:26   | Noticed Ubbeofao the pandemonium lord
178807 | Zig:26   | Noticed Basab the pandemonium lord
178807 | Zig:26   | Noticed a Killer Klown
178807 | Zig:26   | Noticed Cuashoat the pandemonium lord
178808 | Zig:26   | Killed a Killer Klown
178809 | Zig:26   | Killed Vepif the pandemonium lord
178809 | Zig:26   | Killed a Killer Klown
178809 | Zig:26   | Killed a Killer Klown
178809 | Zig:26   | Killed a Killer Klown
178809 | Zig:26   | Killed Betyo the pandemonium lord
178809 | Zig:26   | Killed Gunysiun the pandemonium lord
178809 | Zig:26   | Killed Jukhuyq the pandemonium lord
178809 | Zig:26   | Killed Weajouc the pandemonium lord
178809 | Zig:26   | Killed Ubbeofao the pandemonium lord
178809 | Zig:26   | Noticed a Killer Klown
178809 | Zig:26   | Noticed Ilebuo the pandemonium lord
178809 | Zig:26   | Noticed Vistryogo the pandemonium lord
178809 | Zig:26   | Noticed Hugakhlops the pandemonium lord
178810 | Zig:26   | Noticed Siulil the pandemonium lord
178810 | Zig:26   | Killed Kaitwiecw the pandemonium lord
178810 | Zig:26   | Killed a Killer Klown
178810 | Zig:26   | Noticed a Killer Klown
178810 | Zig:26   | Noticed Ziyrim the pandemonium lord
178811 | Zig:26   | Noticed Hios the pandemonium lord
178811 | Zig:26   | Noticed Siska the pandemonium lord
178811 | Zig:26   | Killed Royniwet the pandemonium lord
178811 | Zig:26   | Killed Pefe the pandemonium lord
178811 | Zig:26   | Killed Loeshunt the pandemonium lord
178811 | Zig:26   | Killed Cuashoat the pandemonium lord
178811 | Zig:26   | Noticed Niukinge the pandemonium lord
178811 | Zig:26   | Noticed a Killer Klown
178811 | Zig:26   | Noticed Qumoj the pandemonium lord
178812 | Zig:26   | Killed a Killer Klown
178812 | Zig:26   | Killed a Killer Klown
178812 | Zig:26   | Noticed Sifosk the pandemonium lord
178812 | Zig:26   | Noticed Enwup the pandemonium lord
178812 | Zig:26   | Noticed Xunif the pandemonium lord
178812 | Zig:26   | Noticed Haedaami the pandemonium lord
178813 | Zig:26   | Killed Kuackoep the pandemonium lord
178813 | Zig:26   | Noticed Veiclob the pandemonium lord
178813 | Zig:26   | Noticed Ruskeenu the pandemonium lord
178814 | Zig:26   | Noticed Necis the pandemonium lord
178814 | Zig:26   | Killed Xunif the pandemonium lord
178814 | Zig:26   | Noticed Kinleot the pandemonium lord
178815 | Zig:26   | Noticed Wuskeax the pandemonium lord
178815 | Zig:26   | Noticed a Killer Klown
178815 | Zig:26   | Noticed Muwnum the pandemonium lord
178816 | Zig:26   | Killed Ziyrim the pandemonium lord
178816 | Zig:26   | Killed a Killer Klown
178816 | Zig:26   | Killed Hugakhlops the pandemonium lord
178816 | Zig:26   | Noticed a Killer Klown
178816 | Zig:26   | Noticed Lesmytsi the pandemonium lord
178816 | Zig:26   | Noticed Esick the pandemonium lord
178816 | Zig:26   | Noticed Hipreudi the pandemonium lord
178816 | Zig:26   | Noticed Roawnaig the pandemonium lord
178816 | Zig:26   | Noticed a Killer Klown
178816 | Zig:26   | Noticed Jigegroh the pandemonium lord
178817 | Zig:26   | Noticed Hiwnoorph the pandemonium lord
178817 | Zig:26   | Noticed Kyjisk the pandemonium lord
178817 | Zig:26   | Noticed Kusoy the pandemonium lord
178817 | Zig:26   | Noticed Racirruck the pandemonium lord
178817 | Zig:26   | Noticed Wovvyas the pandemonium lord
178818 | Zig:26   | Noticed Olyse the pandemonium lord
178818 | Zig:26   | Noticed Lalefo the pandemonium lord
178818 | Zig:26   | Noticed Qihuomp Noinn the pandemonium lord
178818 | Zig:26   | Killed Niukinge the pandemonium lord
178818 | Zig:26   | Noticed Furpheklo the pandemonium lord
178818 | Zig:26   | Noticed Sumoc the pandemonium lord
178818 | Zig:26   | Noticed Qagha the pandemonium lord
178819 | Zig:26   | Noticed a Killer Klown
178819 | Zig:26   | Noticed a Killer Klown
178819 | Zig:26   | Noticed Xettia the pandemonium lord
178820 | Zig:26   | Noticed Sibuwn the pandemonium lord
178820 | Zig:26   | Killed Hios the pandemonium lord
178821 | Zig:26   | Noticed Yvoyr the pandemonium lord
178821 | Zig:26   | Noticed Garhoot the pandemonium lord
178821 | Zig:26   | Killed Basab the pandemonium lord
178821 | Zig:26   | Killed Vistryogo the pandemonium lord
178821 | Zig:26   | Killed Dimivax the pandemonium lord
178821 | Zig:26   | Killed a Killer Klown
178821 | Zig:26   | Killed Nuyschat the pandemonium lord
178821 | Zig:26   | Killed Ilebuo the pandemonium lord
178822 | Zig:26   | Killed Siulil the pandemonium lord
178822 | Zig:26   | Killed a Killer Klown
178823 | Zig:26   | Killed Veiclob the pandemonium lord
178823 | Zig:26   | Killed Siska the pandemonium lord
178823 | Zig:26   | Killed Necis the pandemonium lord
178823 | Zig:26   | Killed Haedaami the pandemonium lord
178823 | Zig:26   | Killed Sifosk the pandemonium lord
178823 | Zig:26   | Killed Enwup the pandemonium lord
178823 | Zig:26   | Killed Ruskeenu the pandemonium lord
178823 | Zig:26   | Killed Kinleot the pandemonium lord
178823 | Zig:26   | Killed Roawnaig the pandemonium lord
178823 | Zig:26   | Noticed a Killer Klown
178824 | Zig:26   | Noticed Akamosk the pandemonium lord
178824 | Zig:26   | Killed Wuskeax the pandemonium lord
178824 | Zig:26   | Killed Muwnum the pandemonium lord
178824 | Zig:26   | Killed Qumoj the pandemonium lord
178824 | Zig:26   | Killed Hipreudi the pandemonium lord
178825 | Zig:26   | Noticed a Killer Klown
178825 | Zig:26   | Noticed Poty the pandemonium lord
178826 | Zig:26   | Noticed Yfiobiri the pandemonium lord
178826 | Zig:26   | Noticed a Killer Klown
178829 | Zig:26   | Noticed Oqam Rom the pandemonium lord
178829 | Zig:26   | Noticed Lomur the pandemonium lord
178830 | Zig:26   | Killed Unoimeth the pandemonium lord
178830 | Zig:26   | Killed a Killer Klown
178830 | Zig:26   | Killed Lalefo the pandemonium lord
178830 | Zig:26   | Killed a Killer Klown
178830 | Zig:26   | Killed a Killer Klown
178830 | Zig:26   | Killed Xettia the pandemonium lord
178830 | Zig:26   | Killed Esick the pandemonium lord
178830 | Zig:26   | Noticed Kaingaug the pandemonium lord
178830 | Zig:26   | Noticed Jesobes the pandemonium lord
178830 | Zig:26   | Noticed Lociafeq the pandemonium lord
178831 | Zig:26   | Killed a Killer Klown
178831 | Zig:26   | Killed Wovvyas the pandemonium lord
178831 | Zig:26   | Killed a Killer Klown
178831 | Zig:26   | Killed Garhoot the pandemonium lord
178831 | Zig:26   | Killed Jigegroh the pandemonium lord
178831 | Zig:26   | Killed Lesmytsi the pandemonium lord
178831 | Zig:26   | Killed a Killer Klown
178831 | Zig:26   | Noticed Xuoqasopp the pandemonium lord
178831 | Zig:26   | Noticed a Killer Klown
178832 | Zig:26   | Noticed a Killer Klown
178832 | Zig:26   | Killed Lomur the pandemonium lord
178832 | Zig:26   | Killed a Killer Klown
178832 | Zig:26   | Killed Racirruck the pandemonium lord
178832 | Zig:26   | Killed Qagha the pandemonium lord
178832 | Zig:26   | Killed Qihuomp Noinn the pandemonium lord
178832 | Zig:26   | Noticed Erruodant the pandemonium lord
178833 | Zig:26   | Noticed Zucyr the pandemonium lord
178833 | Zig:26   | Killed Erruodant the pandemonium lord
178833 | Zig:26   | Killed Yfiobiri the pandemonium lord
178833 | Zig:26   | Killed Kaingaug the pandemonium lord
178833 | Zig:26   | Noticed Hiseb the pandemonium lord
178833 | Zig:26   | Noticed Itylampi the pandemonium lord
178833 | Zig:26   | Noticed a Killer Klown
178833 | Zig:26   | Noticed Jududuix the pandemonium lord
178834 | Zig:26   | Noticed Gewe the pandemonium lord
178834 | Zig:26   | Killed Kusoy the pandemonium lord
178834 | Zig:26   | Killed Jesobes the pandemonium lord
178834 | Zig:26   | Killed Oqam Rom the pandemonium lord
178834 | Zig:26   | Killed Zucyr the pandemonium lord
178834 | Zig:26   | Killed Poty the pandemonium lord
178834 | Zig:26   | Killed Kyjisk the pandemonium lord
178834 | Zig:26   | Killed Lociafeq the pandemonium lord
178834 | Zig:26   | Killed Yvoyr the pandemonium lord
178834 | Zig:26   | Noticed Gavot the pandemonium lord
178834 | Zig:26   | Noticed Ybingeni the pandemonium lord
178834 | Zig:26   | Noticed Loff the pandemonium lord
178835 | Zig:26   | Noticed Tetounef the pandemonium lord
178835 | Zig:26   | Noticed Qattuirgh the pandemonium lord
178835 | Zig:26   | Killed Akamosk the pandemonium lord
178836 | Zig:26   | Killed Sibuwn the pandemonium lord
178836 | Zig:26   | Killed Sumoc the pandemonium lord
178836 | Zig:26   | Killed Itylampi the pandemonium lord
178836 | Zig:26   | Noticed Pynerchog the pandemonium lord
178838 | Zig:26   | Noticed Zummigh the pandemonium lord
178838 | Zig:26   | Killed Ybingeni the pandemonium lord
178838 | Zig:26   | Killed a Killer Klown
178838 | Zig:26   | Killed Woggureq the pandemonium lord
178838 | Zig:26   | Noticed a Killer Klown
178839 | Zig:26   | Noticed Ivutaski the pandemonium lord
178839 | Zig:26   | Killed Jududuix the pandemonium lord
178839 | Zig:26   | Noticed Veviut the pandemonium lord
178840 | Zig:26   | Noticed Haik the pandemonium lord
178840 | Zig:26   | Noticed a Killer Klown
178842 | Zig:26   | Killed Ivutaski the pandemonium lord
178842 | Zig:26   | Killed Pynerchog the pandemonium lord
178842 | Zig:26   | Killed a Killer Klown
178842 | Zig:26   | Killed a Killer Klown
178842 | Zig:26   | Killed Lyeshrur the pandemonium lord
178842 | Zig:26   | Noticed Moar the pandemonium lord
178842 | Zig:26   | Noticed Icvolur Beff the pandemonium lord
178842 | Zig:26   | Noticed Sawuix Oppil the pandemonium lord
178843 | Zig:26   | Noticed a Killer Klown
178844 | Zig:26   | Killed Gewe the pandemonium lord
178844 | Zig:26   | Killed Xuoqasopp the pandemonium lord
178844 | Zig:26   | Killed Loff the pandemonium lord
178844 | Zig:26   | Killed Icvolur Beff the pandemonium lord
178844 | Zig:26   | Killed a Killer Klown
178844 | Zig:26   | Killed Hiseb the pandemonium lord
178844 | Zig:26   | Noticed Ysyf the pandemonium lord
178844 | Zig:26   | Noticed a Killer Klown
178844 | Zig:26   | Noticed Bugouher the pandemonium lord
178845 | Zig:26   | Killed Sawuix Oppil the pandemonium lord
178845 | Zig:26   | Killed Tetounef the pandemonium lord
178845 | Zig:26   | Killed Veviut the pandemonium lord
178845 | Zig:26   | Noticed Fooppob the pandemonium lord
178845 | Zig:26   | Noticed Kesiogub the pandemonium lord
178846 | Zig:26   | Noticed Ogauhife the pandemonium lord
178847 | Zig:26   | Noticed a Killer Klown
178847 | Zig:26   | Noticed Peoqo the pandemonium lord
178847 | Zig:26   | Noticed Lifioxt the pandemonium lord
178847 | Zig:26   | Noticed a Killer Klown
178848 | Zig:26   | Killed Hiwnoorph the pandemonium lord
178849 | Zig:26   | Killed Qattuirgh the pandemonium lord
178850 | Zig:26   | Killed Olyse the pandemonium lord
178851 | Zig:26   | Noticed Faneigud the pandemonium lord
178851 | Zig:26   | Killed a Killer Klown
178851 | Zig:26   | Noticed a Killer Klown
178851 | Zig:26   | Noticed a Killer Klown
178851 | Zig:26   | Noticed Fus Zyony the pandemonium lord
178852 | Zig:26   | Killed Gavot the pandemonium lord
178852 | Zig:26   | Killed Haik the pandemonium lord
178852 | Zig:26   | Killed Moar the pandemonium lord
178852 | Zig:26   | Killed Ogauhife the pandemonium lord
178852 | Zig:26   | Noticed Xoetsikoqo the pandemonium lord
178852 | Zig:26   | Noticed Foofiqyo the pandemonium lord
178853 | Zig:26   | Noticed Yckur the pandemonium lord
178853 | Zig:26   | Noticed a Killer Klown
178853 | Zig:26   | Noticed Voleovil the pandemonium lord
178853 | Zig:26   | Noticed Maell the pandemonium lord
178854 | Zig:26   | Noticed Cutisist the pandemonium lord
178854 | Zig:26   | Noticed Cergh the pandemonium lord
178855 | Zig:26   | Noticed Xosuhen the pandemonium lord
178857 | Zig:26   | Noticed Toximalayf the pandemonium lord
178858 | Zig:26   | Killed a Killer Klown
178858 | Zig:26   | Noticed a Killer Klown
178859 | Zig:26   | Killed Peoqo the pandemonium lord
178859 | Zig:26   | Killed Lifioxt the pandemonium lord
178859 | Zig:26   | Killed a Killer Klown
178859 | Zig:26   | Killed Ysyf the pandemonium lord
178860 | Zig:26   | Noticed a Killer Klown
178860 | Zig:26   | Killed Zummigh the pandemonium lord
178860 | Zig:26   | Killed Kesiogub the pandemonium lord
178860 | Zig:26   | Noticed a Killer Klown
178861 | Zig:26   | Noticed Juho the pandemonium lord
178861 | Zig:26   | Noticed Baheith the pandemonium lord
178862 | Zig:26   | Noticed Byguxt the pandemonium lord
178862 | Zig:26   | Noticed Bek Rua the pandemonium lord
178862 | Zig:26   | Noticed Gipnixke the pandemonium lord
178864 | Zig:26   | Noticed Eseguf the pandemonium lord
178865 | Zig:26   | Noticed a Killer Klown
178866 | Zig:26   | Noticed Roil the pandemonium lord
178867 | Zig:26   | Noticed Ema Noet the pandemonium lord
178871 | Zig:26   | Killed Cutisist the pandemonium lord
178871 | Zig:26   | Killed Bugouher the pandemonium lord
178872 | Zig:26   | Killed a Killer Klown
178872 | Zig:26   | Killed a Killer Klown
178872 | Zig:26   | Killed a Killer Klown
178872 | Zig:26   | Killed Furpheklo the pandemonium lord
178872 | Zig:26   | Killed a Killer Klown
178872 | Zig:26   | Killed a Killer Klown
178872 | Zig:26   | Noticed a Killer Klown
178872 | Zig:26   | Noticed Ysuuhes the pandemonium lord
178872 | Zig:26   | Noticed Suppiela the pandemonium lord
178872 | Zig:26   | Noticed a Killer Klown
178872 | Zig:26   | Noticed Loelown the pandemonium lord
178873 | Zig:26   | Noticed Etaabrib the pandemonium lord
178873 | Zig:26   | Killed Toximalayf the pandemonium lord
178873 | Zig:26   | Killed a Killer Klown
178873 | Zig:26   | Killed a Killer Klown
178874 | Zig:26   | Killed Foofiqyo the pandemonium lord
178874 | Zig:26   | Killed Yckur the pandemonium lord
178874 | Zig:26   | Killed Eseguf the pandemonium lord
178874 | Zig:26   | Killed Byguxt the pandemonium lord
178874 | Zig:26   | Killed Baheith the pandemonium lord
178874 | Zig:26   | Killed Cergh the pandemonium lord
178874 | Zig:26   | Killed Voleovil the pandemonium lord
178874 | Zig:26   | Killed Maell the pandemonium lord
178874 | Zig:26   | Killed Ema Noet the pandemonium lord
178875 | Zig:26   | Killed Roil the pandemonium lord
178875 | Zig:26   | Killed Xoetsikoqo the pandemonium lord
178875 | Zig:26   | Killed a Killer Klown
178875 | Zig:26   | Killed Fooppob the pandemonium lord
178875 | Zig:26   | Killed Xosuhen the pandemonium lord
178875 | Zig:26   | Killed Fus Zyony the pandemonium lord
178875 | Zig:26   | Killed Faneigud the pandemonium lord
178875 | Zig:26   | Killed Juho the pandemonium lord
178883 | Zig:26   | Killed Etaabrib the pandemonium lord
178884 | Zig:26   | Killed Loelown the pandemonium lord
178884 | Zig:26   | Killed Gipnixke the pandemonium lord
178884 | Zig:26   | Noticed Ilenn the pandemonium lord
178885 | Zig:26   | Noticed a Killer Klown
178887 | Zig:26   | Killed Suppiela the pandemonium lord
178887 | Zig:26   | Killed a Killer Klown
178887 | Zig:26   | Killed a Killer Klown
178887 | Zig:26   | Noticed Buwivil the pandemonium lord
178889 | Zig:26   | Noticed Boicwyx the pandemonium lord
178892 | Zig:26   | Killed Bek Rua the pandemonium lord
178894 | Zig:26   | Killed Ysuuhes the pandemonium lord
178895 | Zig:26   | Killed Ilenn the pandemonium lord
178897 | Zig:26   | Noticed Syoly the pandemonium lord
178898 | Zig:26   | Killed Buwivil the pandemonium lord
178898 | Zig:26   | Noticed Yfao the pandemonium lord
178901 | Zig:26   | Killed Yfao the pandemonium lord
178903 | Zig:26   | Noticed Onkuo the pandemonium lord
178907 | Zig:26   | Killed Boicwyx the pandemonium lord
178909 | Zig:26   | Killed Onkuo the pandemonium lord
178911 | Zig:26   | Killed Syoly the pandemonium lord
179182 | Zig:26   | Identified Foyzaate's Disquisition on Frigorific Darkness
179208 | Zig:26   | Identified the +2 ring mail "Facim" {rF+} (You found it on
                  | level 23 of a ziggurat)
179224 | Zig:26   | Identified the cursed +0 pair of boots of Guravast {Regen+
                  | Int+5} (You found it on level 24 of a ziggurat)
179230 | Zig:26   | Identified the cursed +0 chain mail "Kokix" {+Inv rF- MR+}
                  | (You found it on level 25 of a ziggurat)
179242 | Zig:26   | Identified the +9 plate armour of Too Many Cooks {rPois}
                  | (You found it on level 25 of a ziggurat)
179253 | Zig:26   | Identified the ring of the Past {rPois rN+ MP+9 EV+5 Str+4}
                  | (You found it on level 24 of a ziggurat)
179255 | Zig:26   | Identified the ring of the Clam {*Tele +Inv rC+ Str+3} (You
                  | found it on level 24 of a ziggurat)
179257 | Zig:26   | Identified the amulet "Jofai" {Faith Str+4 Dex+4} (You
                  | found it on level 24 of a ziggurat)
179259 | Zig:26   | Identified the amulet "Ynanug" {+Rage Str+3 Dex-4 SInv}
                  | (You found it on level 24 of a ziggurat)
179261 | Zig:26   | Identified the amulet "Jukha" {Reflect rPois rN++ Int-3
                  | Slay+2 SH+5} (You found it on level 24 of a ziggurat)
179263 | Zig:26   | Identified the ring "Todyhoxt" {Fire rElec Int+4 SInv} (You
                  | found it on level 25 of a ziggurat)
179273 | Zig:26   | Got a steaming silver ring
179276 | Zig:26   | Got a crude golden amulet
179277 | Zig:26   | Identified the Collected Works on Earthen Transmutation
179280 | Zig:26   | Got a transparent glass ring
179281 | Zig:26   | Identified Riosolad's Catalogue of Companions and
                  | Transmigration
179285 | Zig:26   | Identified Gotoe's Collected Works on the Birds and Curses
179292 | Zig:26   | Identified the Almanac of Helpful Air
179294 | Zig:26   | Identified the Collected Works on Mutagenic Boosts
179304 | Zig:26   | Got a transparent glass ring
179307 | Zig:26   | Got a steaming steel amulet
179311 | Zig:26   | Identified Wota's Reference Book on Supportive
                  | Confrontation
179323 | Zig:26   | Got a faintly humming chain mail
179341 | Zig:26   | Got an encrusted double sword
179346 | Zig:26   | Identified the +11 double sword of Skirmishing {slice, rN+}
                  | (You found it on level 26 of a ziggurat)
179358 | Zig:26   | Identified the +4 chain mail "Ythar Soar" {rN+ Int+8} (You
                  | found it on level 26 of a ziggurat)
179371 | Zig:26   | Identified the ring "Zuyhed" {rC+ EV+5 Str+3} (You found it
                  | on level 26 of a ziggurat)
179373 | Zig:26   | Identified the amulet of Otizarch {Faith rN+ Str-2 Int+6}
                  | (You found it on level 26 of a ziggurat)
179375 | Zig:26   | Identified the ring "Qahoqogh" {rF+ Slay+3} (You found it
                  | on level 26 of a ziggurat)
179377 | Zig:26   | Identified the ring of the Endless Expanse {+Blink MR+
                  | Str-5 Slay+4 SInv} (You found it on level 26 of a ziggurat)
179379 | Zig:26   | Identified the amulet of Autotheism {Harm *Drain Stlth+}
                  | (You found it on level 26 of a ziggurat)
179392 | Zig:27   | Entered Level 27 of a ziggurat
179398 | Zig:27   | Noticed Ikuarox the pandemonium lord
179401 | Zig:27   | Noticed a Killer Klown
179402 | Zig:27   | Noticed Imofeixi the pandemonium lord
179404 | Zig:27   | Killed a Killer Klown
179404 | Zig:27   | Noticed a Killer Klown
179405 | Zig:27   | Noticed Ecsiq the pandemonium lord
179405 | Zig:27   | Noticed Pilolim the pandemonium lord
179405 | Zig:27   | Noticed Nioleuco the pandemonium lord
179405 | Zig:27   | Noticed Rysir the pandemonium lord
179405 | Zig:27   | Noticed Paukak the pandemonium lord
179406 | Zig:27   | Noticed Voolecve the pandemonium lord
179406 | Zig:27   | Noticed Qimuko the pandemonium lord
179406 | Zig:27   | Noticed Jyeschopuu the pandemonium lord
179406 | Zig:27   | Noticed Qefups the pandemonium lord
179406 | Zig:27   | Noticed a Killer Klown
179407 | Zig:27   | Killed a Killer Klown
179407 | Zig:27   | Noticed a Killer Klown
179407 | Zig:27   | Noticed a Killer Klown
179408 | Zig:27   | Noticed Yteov the pandemonium lord
179408 | Zig:27   | Noticed Tubaycsuchy the pandemonium lord
179408 | Zig:27   | Noticed Waatsysa the pandemonium lord
179409 | Zig:27   | Noticed a Killer Klown
179410 | Zig:27   | Killed Ikuarox the pandemonium lord
179410 | Zig:27   | Killed Ecsiq the pandemonium lord
179410 | Zig:27   | Killed Paukak the pandemonium lord
179410 | Zig:27   | Killed Pilolim the pandemonium lord
179410 | Zig:27   | Killed Qefups the pandemonium lord
179411 | Zig:27   | Killed a Killer Klown
179411 | Zig:27   | Noticed Xaonis the pandemonium lord
179411 | Zig:27   | Noticed Faut the pandemonium lord
179412 | Zig:27   | Noticed Wuitz the pandemonium lord
179413 | Zig:27   | Killed a Killer Klown
179413 | Zig:27   | Killed Voolecve the pandemonium lord
179413 | Zig:27   | Killed Jyeschopuu the pandemonium lord
179413 | Zig:27   | Noticed Jetyaw Ujuk the pandemonium lord
179413 | Zig:27   | Noticed Isopypti the pandemonium lord
179413 | Zig:27   | Noticed a Killer Klown
179413 | Zig:27   | Noticed Veownaq the pandemonium lord
179414 | Zig:27   | Killed Rysir the pandemonium lord
179414 | Zig:27   | Killed Yteov the pandemonium lord
179414 | Zig:27   | Noticed Peuz the pandemonium lord
179414 | Zig:27   | Noticed Verippuj the pandemonium lord
179415 | Zig:27   | Noticed Oroa the pandemonium lord
179415 | Zig:27   | Killed a Killer Klown
179415 | Zig:27   | Killed Qimuko the pandemonium lord
179415 | Zig:27   | Noticed a Killer Klown
179416 | Zig:27   | Killed Nioleuco the pandemonium lord
179416 | Zig:27   | Killed Oroa the pandemonium lord
179416 | Zig:27   | Killed a Killer Klown
179416 | Zig:27   | Noticed Zyoh the pandemonium lord
179416 | Zig:27   | Noticed Paap the pandemonium lord
179416 | Zig:27   | Noticed Itwuniso the pandemonium lord
179417 | Zig:27   | Killed Faut the pandemonium lord
179417 | Zig:27   | Killed Xaonis the pandemonium lord
179417 | Zig:27   | Killed Veownaq the pandemonium lord
179417 | Zig:27   | Killed Imofeixi the pandemonium lord
179417 | Zig:27   | Killed Wuitz the pandemonium lord
179417 | Zig:27   | Killed a Killer Klown
179417 | Zig:27   | Noticed Biqe the pandemonium lord
179418 | Zig:27   | Noticed Oduij the pandemonium lord
179418 | Zig:27   | Killed Tubaycsuchy the pandemonium lord
179418 | Zig:27   | Noticed Kurey the pandemonium lord
179418 | Zig:27   | Noticed Mair the pandemonium lord
179419 | Zig:27   | Killed Waatsysa the pandemonium lord
179419 | Zig:27   | Noticed Beudaon the pandemonium lord
179419 | Zig:27   | Noticed Ifu Nebb the pandemonium lord
179420 | Zig:27   | Noticed Jirut the pandemonium lord
179420 | Zig:27   | Noticed Odyw the pandemonium lord
179421 | Zig:27   | Noticed Pumeweno the pandemonium lord
179421 | Zig:27   | Noticed a Killer Klown
179421 | Zig:27   | Noticed a Killer Klown
179421 | Zig:27   | Noticed Didoxon the pandemonium lord
179422 | Zig:27   | Noticed Goded the pandemonium lord
179422 | Zig:27   | Killed Peuz the pandemonium lord
179423 | Zig:27   | Noticed Gunel the pandemonium lord
179423 | Zig:27   | Killed Verippuj the pandemonium lord
179423 | Zig:27   | Noticed Jaolejuese the pandemonium lord
179423 | Zig:27   | Noticed Haofokh the pandemonium lord
179423 | Zig:27   | Noticed Witypp the pandemonium lord
179423 | Zig:27   | Noticed a Killer Klown
179423 | Zig:27   | Noticed Luowuno the pandemonium lord
179423 | Zig:27   | Noticed Tulitir the pandemonium lord
179423 | Zig:27   | Noticed Faxzor the pandemonium lord
179423 | Zig:27   | Noticed a Killer Klown
179424 | Zig:27   | Noticed Ciopp the pandemonium lord
179424 | Zig:27   | Noticed Feap the pandemonium lord
179424 | Zig:27   | Noticed Noahoosk the pandemonium lord
179424 | Zig:27   | Killed Isopypti the pandemonium lord
179425 | Zig:27   | Noticed Puptol the pandemonium lord
179425 | Zig:27   | Killed Biqe the pandemonium lord
179425 | Zig:27   | Noticed Letsimp the pandemonium lord
179425 | Zig:27   | Noticed Dedig the pandemonium lord
179426 | Zig:27   | Noticed Mafuuky the pandemonium lord
179426 | Zig:27   | Killed a Killer Klown
179426 | Zig:27   | Killed Jetyaw Ujuk the pandemonium lord
179426 | Zig:27   | Killed Kurey the pandemonium lord
179426 | Zig:27   | Noticed a Killer Klown
179427 | Zig:27   | Killed Mair the pandemonium lord
179427 | Zig:27   | Killed Itwuniso the pandemonium lord
179427 | Zig:27   | Killed a Killer Klown
179427 | Zig:27   | Noticed Ryowosaz the pandemonium lord
179427 | Zig:27   | Noticed Mounec the pandemonium lord
179427 | Zig:27   | Noticed a Killer Klown
179428 | Zig:27   | Noticed Keub the pandemonium lord
179428 | Zig:27   | Noticed Bopioxos the pandemonium lord
179428 | Zig:27   | Noticed Dedadgh the pandemonium lord
179428 | Zig:27   | Noticed a Killer Klown
179430 | Zig:27   | Killed Jirut the pandemonium lord
179430 | Zig:27   | Killed Beudaon the pandemonium lord
179430 | Zig:27   | Killed Tulitir the pandemonium lord
179430 | Zig:27   | Killed a Killer Klown
179430 | Zig:27   | Killed a Killer Klown
179431 | Zig:27   | Noticed Tinumil the pandemonium lord
179431 | Zig:27   | Noticed Ypeyjar the pandemonium lord
179433 | Zig:27   | Killed Paap the pandemonium lord
179433 | Zig:27   | Killed Didoxon the pandemonium lord
179433 | Zig:27   | Killed Zyoh the pandemonium lord
179433 | Zig:27   | Killed Odyw the pandemonium lord
179433 | Zig:27   | Killed Gunel the pandemonium lord
179435 | Zig:27   | Killed Luowuno the pandemonium lord
179435 | Zig:27   | Noticed Kylid the pandemonium lord
179436 | Zig:27   | Killed Pumeweno the pandemonium lord
179436 | Zig:27   | Killed Oduij the pandemonium lord
179436 | Zig:27   | Noticed Geecsi the pandemonium lord
179437 | Zig:27   | Noticed Guxaroc the pandemonium lord
179437 | Zig:27   | Killed a Killer Klown
179437 | Zig:27   | Killed Witypp the pandemonium lord
179437 | Zig:27   | Killed Bopioxos the pandemonium lord
179437 | Zig:27   | Noticed a Killer Klown
179437 | Zig:27   | Noticed Hygosk the pandemonium lord
179437 | Zig:27   | Noticed Bimaufo the pandemonium lord
179438 | Zig:27   | Killed a Killer Klown
179438 | Zig:27   | Killed Jaolejuese the pandemonium lord
179438 | Zig:27   | Killed Goded the pandemonium lord
179438 | Zig:27   | Killed Faxzor the pandemonium lord
179438 | Zig:27   | Killed a Killer Klown
179438 | Zig:27   | Killed Letsimp the pandemonium lord
179438 | Zig:27   | Noticed Ziop the pandemonium lord
179438 | Zig:27   | Noticed Sithac the pandemonium lord
179438 | Zig:27   | Noticed Mocanifrin the pandemonium lord
179439 | Zig:27   | Killed Keub the pandemonium lord
179439 | Zig:27   | Killed Dedadgh the pandemonium lord
179439 | Zig:27   | Killed Puptol the pandemonium lord
179439 | Zig:27   | Noticed Peuh the pandemonium lord
179439 | Zig:27   | Noticed Xuina the pandemonium lord
179440 | Zig:27   | Noticed Miepluavit the pandemonium lord
179440 | Zig:27   | Killed Mafuuky the pandemonium lord
179440 | Zig:27   | Killed Geecsi the pandemonium lord
179440 | Zig:27   | Killed a Killer Klown
179440 | Zig:27   | Noticed Epeymn the pandemonium lord
179441 | Zig:27   | Noticed Xyrel the pandemonium lord
179442 | Zig:27   | Noticed a Killer Klown
179442 | Zig:27   | Noticed Kugyowat the pandemonium lord
179443 | Zig:27   | Noticed Cyoliut the pandemonium lord
179443 | Zig:27   | Noticed Boil the pandemonium lord
179444 | Zig:27   | Noticed Becemya the pandemonium lord
179445 | Zig:27   | Noticed Suirhaok the pandemonium lord
179445 | Zig:27   | Killed Guxaroc the pandemonium lord
179445 | Zig:27   | Noticed a Killer Klown
179445 | Zig:27   | Noticed Meudokh the pandemonium lord
179445 | Zig:27   | Noticed Yveemni the pandemonium lord
179445 | Zig:27   | Noticed a Killer Klown
179445 | Zig:27   | Noticed Ysibb the pandemonium lord
179445 | Zig:27   | Noticed a Killer Klown
179446 | Zig:27   | Noticed Uthruw the pandemonium lord
179446 | Zig:27   | Noticed Zouziq the pandemonium lord
179446 | Zig:27   | Noticed Yreiwoc the pandemonium lord
179446 | Zig:27   | Noticed Juasun the pandemonium lord
179446 | Zig:27   | Noticed Rossauw the pandemonium lord
179446 | Zig:27   | Noticed Waxicaibb the pandemonium lord
179446 | Zig:27   | Noticed Ofaum the pandemonium lord
179446 | Zig:27   | Killed Tinumil the pandemonium lord
179446 | Zig:27   | Noticed Jyrom the pandemonium lord
179447 | Zig:27   | Noticed Nyilubut the pandemonium lord
179447 | Zig:27   | Killed Ypeyjar the pandemonium lord
179447 | Zig:27   | Killed a Killer Klown
179447 | Zig:27   | Killed Noahoosk the pandemonium lord
179447 | Zig:27   | Killed Ciopp the pandemonium lord
179447 | Zig:27   | Killed Kylid the pandemonium lord
179447 | Zig:27   | Killed Ifu Nebb the pandemonium lord
179448 | Zig:27   | Noticed a Killer Klown
179448 | Zig:27   | Noticed Odeklac the pandemonium lord
179448 | Zig:27   | Noticed Narecs the pandemonium lord
179448 | Zig:27   | Noticed Tyotam Iwiwk the pandemonium lord
179448 | Zig:27   | Killed Dedig the pandemonium lord
179448 | Zig:27   | Killed Ziop the pandemonium lord
179448 | Zig:27   | Killed Xuina the pandemonium lord
179448 | Zig:27   | Killed Bimaufo the pandemonium lord
179448 | Zig:27   | Killed Peuh the pandemonium lord
179448 | Zig:27   | Noticed a Killer Klown
179449 | Zig:27   | Noticed Tucumequ the pandemonium lord
179453 | Zig:27   | Killed Boil the pandemonium lord
179453 | Zig:27   | Noticed Ebocomp the pandemonium lord
179454 | Zig:27   | Killed Meudokh the pandemonium lord
179455 | Zig:27   | Killed Suirhaok the pandemonium lord
179455 | Zig:27   | Killed Yveemni the pandemonium lord
179455 | Zig:27   | Noticed a Killer Klown
179456 | Zig:27   | Killed Xyrel the pandemonium lord
179456 | Zig:27   | Killed Feap the pandemonium lord
179456 | Zig:27   | Killed a Killer Klown
179456 | Zig:27   | Killed Hygosk the pandemonium lord
179457 | Zig:27   | Killed Miepluavit the pandemonium lord
179457 | Zig:27   | Killed Jyrom the pandemonium lord
179457 | Zig:27   | Killed a Killer Klown
179457 | Zig:27   | Killed Sithac the pandemonium lord
179457 | Zig:27   | Killed Epeymn the pandemonium lord
179458 | Zig:27   | Noticed Tiamaola the pandemonium lord
179458 | Zig:27   | Noticed a Killer Klown
179458 | Zig:27   | Noticed a Killer Klown
179459 | Zig:27   | Noticed Terob the pandemonium lord
179459 | Zig:27   | Killed Cyoliut the pandemonium lord
179459 | Zig:27   | Killed a Killer Klown
179459 | Zig:27   | Killed Haofokh the pandemonium lord
179459 | Zig:27   | Killed Mounec the pandemonium lord
179459 | Zig:27   | Killed Ofaum the pandemonium lord
179459 | Zig:27   | Noticed Fufioz the pandemonium lord
179459 | Zig:27   | Noticed Qysmytz the pandemonium lord
179459 | Zig:27   | Noticed Gaqar the pandemonium lord
179460 | Zig:27   | Noticed Kesygh the pandemonium lord
179460 | Zig:27   | Noticed Plog the pandemonium lord
179460 | Zig:27   | Killed a Killer Klown
179460 | Zig:27   | Killed Ebocomp the pandemonium lord
179460 | Zig:27   | Killed a Killer Klown
179460 | Zig:27   | Killed a Killer Klown
179460 | Zig:27   | Killed Narecs the pandemonium lord
179460 | Zig:27   | Noticed Jaczostre the pandemonium lord
179460 | Zig:27   | Noticed Tynlinn the pandemonium lord
179462 | Zig:27   | Killed Tyotam Iwiwk the pandemonium lord
179462 | Zig:27   | Killed Tucumequ the pandemonium lord
179463 | Zig:27   | Killed Waxicaibb the pandemonium lord
179463 | Zig:27   | Killed Juasun the pandemonium lord
179464 | Zig:27   | Noticed Idyprej the pandemonium lord
179465 | Zig:27   | Killed Nyilubut the pandemonium lord
179465 | Zig:27   | Killed Terob the pandemonium lord
179465 | Zig:27   | Killed a Killer Klown
179465 | Zig:27   | Killed Rossauw the pandemonium lord
179465 | Zig:27   | Killed Kugyowat the pandemonium lord
179465 | Zig:27   | Killed Odeklac the pandemonium lord
179465 | Zig:27   | Noticed Nowolamu the pandemonium lord
179465 | Zig:27   | Noticed Xiegeak the pandemonium lord
179465 | Zig:27   | Noticed Miqebooh the pandemonium lord
179466 | Zig:27   | Killed Fufioz the pandemonium lord
179466 | Zig:27   | Killed Mocanifrin the pandemonium lord
179466 | Zig:27   | Killed Tynlinn the pandemonium lord
179466 | Zig:27   | Killed Yreiwoc the pandemonium lord
179466 | Zig:27   | Killed Kesygh the pandemonium lord
179466 | Zig:27   | Killed Becemya the pandemonium lord
179466 | Zig:27   | Killed Plog the pandemonium lord
179466 | Zig:27   | Noticed Hocih the pandemonium lord
179466 | Zig:27   | Noticed a Killer Klown
179466 | Zig:27   | Noticed a Killer Klown
179467 | Zig:27   | Killed Jaczostre the pandemonium lord
179467 | Zig:27   | Killed Zouziq the pandemonium lord
179467 | Zig:27   | Killed Tiamaola the pandemonium lord
179467 | Zig:27   | Killed Xiegeak the pandemonium lord
179467 | Zig:27   | Killed Uthruw the pandemonium lord
179467 | Zig:27   | Noticed Sicvipek the pandemonium lord
179468 | Zig:27   | Killed Gaqar the pandemonium lord
179468 | Zig:27   | Noticed Qietutar the pandemonium lord
179468 | Zig:27   | Noticed Alosech the pandemonium lord
179468 | Zig:27   | Noticed a Killer Klown
179468 | Zig:27   | Noticed Nearphome the pandemonium lord
179469 | Zig:27   | Noticed Vesol the pandemonium lord
179469 | Zig:27   | Killed Sicvipek the pandemonium lord
179469 | Zig:27   | Killed a Killer Klown
179469 | Zig:27   | Killed a Killer Klown
179469 | Zig:27   | Noticed Cuthroz the pandemonium lord
179469 | Zig:27   | Noticed Piude the pandemonium lord
179470 | Zig:27   | Killed Idyprej the pandemonium lord
179470 | Zig:27   | Killed Vesol the pandemonium lord
179470 | Zig:27   | Killed a Killer Klown
179470 | Zig:27   | Noticed Ziannoll the pandemonium lord
179470 | Zig:27   | Noticed a Killer Klown
179470 | Zig:27   | Noticed a Killer Klown
179471 | Zig:27   | Killed Qysmytz the pandemonium lord
179472 | Zig:27   | Noticed Jureto the pandemonium lord
179476 | Zig:27   | Killed Ysibb the pandemonium lord
179476 | Zig:27   | Killed a Killer Klown
179476 | Zig:27   | Killed Nowolamu the pandemonium lord
179476 | Zig:27   | Noticed Atwoeklo the pandemonium lord
179476 | Zig:27   | Noticed Liufebi the pandemonium lord
179476 | Zig:27   | Noticed Ocaochox the pandemonium lord
179477 | Zig:27   | Killed Miqebooh the pandemonium lord
179477 | Zig:27   | Killed a Killer Klown
179477 | Zig:27   | Noticed Qiunyiku the pandemonium lord
179477 | Zig:27   | Noticed Toquel the pandemonium lord
179479 | Zig:27   | Noticed Peev the pandemonium lord
179480 | Zig:27   | Noticed Muinicot the pandemonium lord
179480 | Zig:27   | Killed Hocih the pandemonium lord
179480 | Zig:27   | Noticed a Killer Klown
179480 | Zig:27   | Noticed Onnyoral the pandemonium lord
179480 | Zig:27   | Noticed Oshiufets the pandemonium lord
179482 | Zig:27   | Noticed a Killer Klown
179482 | Zig:27   | Killed Qietutar the pandemonium lord
179482 | Zig:27   | Killed Atwoeklo the pandemonium lord
179482 | Zig:27   | Killed Liufebi the pandemonium lord
179482 | Zig:27   | Killed Jureto the pandemonium lord
179482 | Zig:27   | Noticed a Killer Klown
179482 | Zig:27   | Noticed Maetinum the pandemonium lord
179483 | Zig:27   | Noticed Saumighor the pandemonium lord
179483 | Zig:27   | Killed Nearphome the pandemonium lord
179483 | Zig:27   | Killed Onnyoral the pandemonium lord
179483 | Zig:27   | Killed Muinicot the pandemonium lord
179483 | Zig:27   | Killed a Killer Klown
179483 | Zig:27   | Noticed Eroxkyschu the pandemonium lord
179483 | Zig:27   | Noticed Ifantelo the pandemonium lord
179484 | Zig:27   | Killed Saumighor the pandemonium lord
179484 | Zig:27   | Killed Piude the pandemonium lord
179484 | Zig:27   | Killed Ziannoll the pandemonium lord
179484 | Zig:27   | Killed a Killer Klown
179484 | Zig:27   | Noticed a Killer Klown
179485 | Zig:27   | Noticed Hotare the pandemonium lord
179485 | Zig:27   | Killed Oshiufets the pandemonium lord
179485 | Zig:27   | Killed Ocaochox the pandemonium lord
179485 | Zig:27   | Killed Ifantelo the pandemonium lord
179485 | Zig:27   | Killed Alosech the pandemonium lord
179485 | Zig:27   | Noticed Mofo the pandemonium lord
179485 | Zig:27   | Noticed Iryucwor the pandemonium lord
179486 | Zig:27   | Killed Cuthroz the pandemonium lord
179486 | Zig:27   | Noticed Fuanav the pandemonium lord
179486 | Zig:27   | Noticed a Killer Klown
179487 | Zig:27   | Noticed Peclim the pandemonium lord
179489 | Zig:27   | Noticed Xouf the pandemonium lord
179489 | Zig:27   | Noticed a Killer Klown
179489 | Zig:27   | Killed a Killer Klown
179489 | Zig:27   | Killed Maetinum the pandemonium lord
179489 | Zig:27   | Noticed Vyth the pandemonium lord
179490 | Zig:27   | Killed a Killer Klown
179490 | Zig:27   | Killed Mofo the pandemonium lord
179490 | Zig:27   | Killed a Killer Klown
179490 | Zig:27   | Killed a Killer Klown
179491 | Zig:27   | Killed Ryowosaz the pandemonium lord
179491 | Zig:27   | Killed Fuanav the pandemonium lord
179491 | Zig:27   | Killed Vyth the pandemonium lord
179491 | Zig:27   | Noticed Ziepifaph the pandemonium lord
179492 | Zig:27   | Noticed a Killer Klown
179492 | Zig:27   | Noticed Dior the pandemonium lord
179494 | Zig:27   | Noticed Ecutzut the pandemonium lord
179494 | Zig:27   | Killed Qiunyiku the pandemonium lord
179494 | Zig:27   | Killed Toquel the pandemonium lord
179494 | Zig:27   | Killed a Killer Klown
179494 | Zig:27   | Noticed Vesim the pandemonium lord
179494 | Zig:27   | Noticed Seipliq the pandemonium lord
179494 | Zig:27   | Noticed Naavinez the pandemonium lord
179495 | Zig:27   | Killed Dior the pandemonium lord
179495 | Zig:27   | Killed Peev the pandemonium lord
179496 | Zig:27   | Killed Xouf the pandemonium lord
179497 | Zig:27   | Killed Peclim the pandemonium lord
179497 | Zig:27   | Noticed Dofrabba the pandemonium lord
179498 | Zig:27   | Noticed Suschehefu the pandemonium lord
179498 | Zig:27   | Noticed Warpho the pandemonium lord
179499 | Zig:27   | Killed Ziepifaph the pandemonium lord
179499 | Zig:27   | Killed Eroxkyschu the pandemonium lord
179500 | Zig:27   | Killed Vesim the pandemonium lord
179500 | Zig:27   | Killed Iryucwor the pandemonium lord
179502 | Zig:27   | Killed Ecutzut the pandemonium lord
179502 | Zig:27   | Killed Naavinez the pandemonium lord
179502 | Zig:27   | Killed Hotare the pandemonium lord
179505 | Zig:27   | Killed Suschehefu the pandemonium lord
179505 | Zig:27   | Killed Warpho the pandemonium lord
179505 | Zig:27   | Noticed Ocero the pandemonium lord
179506 | Zig:27   | Noticed Mishimm the pandemonium lord
179508 | Zig:27   | Killed Dofrabba the pandemonium lord
179508 | Zig:27   | Noticed Pumol the pandemonium lord
179514 | Zig:27   | Noticed Rofifuf the pandemonium lord
179518 | Zig:27   | Killed Ocero the pandemonium lord
179518 | Zig:27   | Killed Seipliq the pandemonium lord
179520 | Zig:27   | Killed Mishimm the pandemonium lord
179520 | Zig:27   | Killed Pumol the pandemonium lord
179523 | Zig:27   | Killed Rofifuf the pandemonium lord
179839 | Zig:27   | Got a fine silver amulet
179847 | Zig:27   | Got a vibrating steel ring
179858 | Zig:27   | Got a wavering copper ring
179862 | Zig:27   | Got a slimy platinum amulet
179867 | Zig:27   | Identified the Handbook of Ashen Feathers
179877 | Zig:27   | Got a clouded marble ring
179880 | Zig:27   | Identified the Guide on Unstable Augmentations
179885 | Zig:27   | Identified Sif Muna's Grimoire of Earth
179895 | Zig:27   | Identified the Volume of the Nocuous Entourage
179898 | Zig:27   | Got a faintly glowing bronze amulet
179935 | Zig:27   | Got a pair of fine gloves
179950 | Zig:27   | Got a smoking ring mail
179954 | Zig:27   | Identified the amulet of Brawling {Faith rElec rPois Slay-5
                  | SInv} (You found it on level 27 of a ziggurat)
179956 | Zig:27   | Identified the ring "Itoiklukh" {Fire Int+3 Stlth+} (You
                  | found it on level 27 of a ziggurat)
179968 | Zig:27   | Identified the +4 ring mail of Oblivion {rC+ Str+2 Stlth+}
                  | (You found it on level 27 of a ziggurat)
179984 | Zig:27   | Identified the cursed -3 pair of gloves of the Armoured One
                  | {*Slow rC+ Dex+3} (You found it on level 27 of a ziggurat)
179992 | Zig:27   | Got a smoking troll leather armour
179998 | Zig:27   | Identified the +2 troll leather armour "Ytarch" {+Blink rF+
                  | Regen+ rCorr} (You found it on level 27 of a ziggurat)
179999 | Zig:27   | Identified the ring "Ephyol" {rC- MR+++ Str-3 Dex+8 Stlth-}
                  | (You found it on level 27 of a ziggurat)
180001 | Zig:27   | Identified the amulet "Qetayjes" {Harm *Drain rF++ MP+9
                  | Dex-3} (You found it on level 27 of a ziggurat)
180003 | Zig:27   | Identified the ring of Eheppiel {rPois rN+ Str+3 Dex-4}
                  | (You found it on level 27 of a ziggurat)
180005 | Zig:27   | Identified an amulet of Kiniogi {Spirit rN+} (You found it
                  | on level 27 of a ziggurat)
180097 | Zig:1    | Entered Level 1 of a ziggurat
180164 | Zig:2    | Entered Level 2 of a ziggurat
180164 | Zig:2    | Noticed a greater mummy
180167 | Zig:2    | Killed a greater mummy
180168 | Zig:2    | Noticed a greater mummy
180171 | Zig:2    | Killed a greater mummy
180291 | Zig:3    | Entered Level 3 of a ziggurat
180380 | Zig:4    | Entered Level 4 of a ziggurat
180380 | Zig:4    | Noticed a juggernaut
180382 | Zig:4    | Killed a juggernaut
180509 | Zig:4    | Got a vibrating lead amulet
180518 | Zig:4    | Got a slimy scale mail
180522 | Zig:5    | Entered Level 5 of a ziggurat
180633 | Zig:5    | Got a coiled ivory ring
180639 | Zig:6    | Entered Level 6 of a ziggurat
180799 | Zig:6    | Identified the Collected Works on Sinister Magic and Air
180806 | Zig:6    | Identified Sif Muna's Collected Works on Mutagenic Hexes
180832 | Zig:7    | Entered Level 7 of a ziggurat
180854 | Zig:7    | Killed a starcursed mass
181008 | Zig:7    | Got an ichor-stained plate armour
181012 | Zig:8    | Entered Level 8 of a ziggurat
181203 | Zig:9    | Entered Level 9 of a ziggurat
181417 | Zig:9    | Got a vibrating glass ring
181418 | Zig:9    | Identified Advanced Steps in Witchcraft
181424 | Zig:9    | Got a fine graven amulet
181444 | Zig:9    | Got a faintly glowing plate armour
181450 | Zig:10   | Entered Level 10 of a ziggurat
181664 | Zig:10   | Got a crude ring mail
181671 | Zig:11   | Entered Level 11 of a ziggurat
181671 | Zig:11   | Noticed a shard shrike
181671 | Zig:11   | Noticed a shard shrike
181671 | Zig:11   | Noticed a shard shrike
181671 | Zig:11   | Noticed a shard shrike
181671 | Zig:11   | Noticed a shard shrike
181672 | Zig:11   | Killed a shard shrike
181672 | Zig:11   | Killed a shard shrike
181672 | Zig:11   | Killed a shard shrike
181672 | Zig:11   | Noticed a shard shrike
181672 | Zig:11   | Noticed a shard shrike
181673 | Zig:11   | Killed a shard shrike
181673 | Zig:11   | Killed a shard shrike
181673 | Zig:11   | Killed a shard shrike
181673 | Zig:11   | Noticed a shard shrike
181674 | Zig:11   | Killed a shard shrike
181676 | Zig:11   | Killed a shard shrike
181678 | Zig:11   | Noticed a shard shrike
181679 | Zig:11   | Noticed a shard shrike
181680 | Zig:11   | Killed a shard shrike
181683 | Zig:11   | Killed a shard shrike
181698 | Zig:11   | Noticed a shard shrike
181701 | Zig:11   | Killed a shard shrike
181864 | Zig:11   | Got a polished scale mail
181873 | Zig:12   | Entered Level 12 of a ziggurat
182085 | Zig:12   | Identified the Almanac of Evil Air
182106 | Zig:12   | Got a scintillating brass amulet
182121 | Zig:13   | Entered Level 13 of a ziggurat
182351 | Zig:13   | Identified the Grimoire of Quantum Toxins
182357 | Zig:13   | Identified Naown's Tome of Glacial Intoxication
182364 | Zig:13   | Identified The Advanced Guide to Spellcasting
182372 | Zig:14   | Entered Level 14 of a ziggurat
182645 | Zig:14   | Identified the +1 scale mail of Resonance {Dex+3 Stlth+}
                  | (You found it on level 4 of a ziggurat)
182656 | Zig:14   | Identified the +10 plate armour of Cyibbaj {rF+ MR+ MP+9
                  | Str+3} (You found it on level 7 of a ziggurat)
182667 | Zig:14   | Identified the +9 plate armour of Xuutz {rF+ rCorr} (You
                  | found it on level 9 of a ziggurat)
182678 | Zig:14   | Identified the +5 ring mail of the Kettle-Drum {Str+4} (You
                  | found it on level 10 of a ziggurat)
182689 | Zig:14   | Identified the +0 scale mail "Qoith" {rF+ rC- rN+ Dex+2}
                  | (You found it on level 11 of a ziggurat)
182696 | Zig:14   | Identified the amulet "Lyedut" {Faith Str+6} (You found it
                  | on level 4 of a ziggurat)
182698 | Zig:14   | Identified the ring of the Final Decision {*Drain rElec
                  | rPois rN++ Stlth-} (You found it on level 5 of a ziggurat)
182700 | Zig:14   | Identified the cursed ring "Ykhialed" {rPois Str-2 Dex-2
                  | SInv Stlth+} (You found it on level 9 of a ziggurat)
182702 | Zig:14   | Identified the amulet "Pemoz" {RegenMP rC+ rN++ Dex+8
                  | Slay-5} (You found it on level 9 of a ziggurat)
182703 | Zig:14   | Identified the amulet "Wimiefan" {Reflect Dex+4 SH+2} (You
                  | found it on level 12 of a ziggurat)
182720 | Zig:14   | Got a transparent wooden ring
182724 | Zig:14   | Got a steaming ring mail
182729 | Zig:14   | Got a pair of fine gloves
182744 | Zig:14   | Identified the +5 ring mail of the Vaults {+Inv rC+++ MR-
                  | Dex-2} (You found it on level 14 of a ziggurat)
182760 | Zig:14   | Identified the +2 pair of gloves of Kathyqu {rF++} (You
                  | found it on level 14 of a ziggurat)
182776 | Zig:14   | Identified the ring of Ruipt {Ice Str+3} (You found it on
                  | level 14 of a ziggurat)
182796 | Zig:15   | Entered Level 15 of a ziggurat
183030 | Zig:15   | Got a coiled glass ring
183054 | Zig:15   | Identified the Volume of the Neverending Gods
183068 | Zig:16   | Entered Level 16 of a ziggurat
183068 | Zig:16   | Noticed an ancient lich
183068 | Zig:16   | Noticed an ancient lich
183068 | Zig:16   | Noticed an ancient lich
183068 | Zig:16   | Noticed an ancient lich
183068 | Zig:16   | Noticed an ancient lich
183068 | Zig:16   | Noticed an ancient lich
183068 | Zig:16   | Noticed an ancient lich
183068 | Zig:16   | Noticed an ancient lich
183071 | Zig:16   | Noticed an ancient lich
183071 | Zig:16   | Killed an ancient lich
183071 | Zig:16   | Killed an ancient lich
183072 | Zig:16   | Killed an ancient lich
183072 | Zig:16   | Killed an ancient lich
183072 | Zig:16   | Killed an ancient lich
183072 | Zig:16   | Killed an ancient lich
183072 | Zig:16   | Killed an ancient lich
183073 | Zig:16   | Killed an ancient lich
183073 | Zig:16   | Killed an ancient lich
183074 | Zig:16   | Noticed an ancient lich
183078 | Zig:16   | Killed an ancient lich
183078 | Zig:16   | Noticed an ancient lich
183080 | Zig:16   | Killed an ancient lich
183080 | Zig:16   | Noticed an ancient lich
183086 | Zig:16   | Noticed an ancient lich
183087 | Zig:16   | Killed an ancient lich
183087 | Zig:16   | Killed an ancient lich
183087 | Zig:16   | Noticed an ancient lich
183087 | Zig:16   | Noticed an ancient lich
183088 | Zig:16   | Noticed an ancient lich
183089 | Zig:16   | Killed an ancient lich
183089 | Zig:16   | Killed an ancient lich
183090 | Zig:16   | Noticed an ancient lich
183090 | Zig:16   | Killed an ancient lich
183090 | Zig:16   | Killed an ancient lich
183090 | Zig:16   | Noticed an ancient lich
183094 | Zig:16   | Noticed an ancient lich
183094 | Zig:16   | Killed an ancient lich
183095 | Zig:16   | Killed an ancient lich
183095 | Zig:16   | Noticed an ancient lich
183096 | Zig:16   | Noticed an ancient lich
183100 | Zig:16   | Killed an ancient lich
183101 | Zig:16   | Killed an ancient lich
183105 | Zig:16   | Noticed an ancient lich
183108 | Zig:16   | Noticed an ancient lich
183108 | Zig:16   | Noticed an ancient lich
183109 | Zig:16   | Noticed an ancient lich
183110 | Zig:16   | Killed an ancient lich
183111 | Zig:16   | Killed an ancient lich
183111 | Zig:16   | Noticed an ancient lich
183112 | Zig:16   | Killed an ancient lich
183114 | Zig:16   | Killed an ancient lich
183114 | Zig:16   | Killed an ancient lich
183115 | Zig:16   | Noticed an ancient lich
183119 | Zig:16   | Killed an ancient lich
183122 | Zig:16   | Noticed an ancient lich
183125 | Zig:16   | Killed an ancient lich
183281 | Zig:16   | Identified the Guide on Attacks and Lightness
183284 | Zig:16   | Got a scintillating silver ring
183286 | Zig:16   | Identified Jontiune's Handbook of Dusty Poisoning
183298 | Zig:16   | Got a transparent copper amulet
183333 | Zig:17   | Entered Level 17 of a ziggurat
183650 | Zig:17   | Got a brightly glowing silver ring
183655 | Zig:17   | Got a smoking lapis lazuli ring
183660 | Zig:17   | Identified the Tome of Boosts
183663 | Zig:17   | Got a fine golden ring
183673 | Zig:18   | Entered Level 18 of a ziggurat
183673 | Zig:18   | Noticed an ancient lich
183673 | Zig:18   | Noticed an ancient lich
183673 | Zig:18   | Noticed an ancient lich
183673 | Zig:18   | Noticed an ancient lich
183673 | Zig:18   | Noticed an ancient lich
183673 | Zig:18   | Noticed an ancient lich
183674 | Zig:18   | Noticed an ancient lich
183675 | Zig:18   | Noticed an ancient lich
183675 | Zig:18   | Killed an ancient lich
183676 | Zig:18   | Killed an ancient lich
183676 | Zig:18   | Killed an ancient lich
183676 | Zig:18   | Killed an ancient lich
183676 | Zig:18   | Killed an ancient lich
183676 | Zig:18   | Killed an ancient lich
183677 | Zig:18   | Noticed an ancient lich
183677 | Zig:18   | Noticed an ancient lich
183678 | Zig:18   | Noticed an ancient lich
183678 | Zig:18   | Noticed an ancient lich
183678 | Zig:18   | Killed an ancient lich
183678 | Zig:18   | Killed an ancient lich
183679 | Zig:18   | Killed an ancient lich
183679 | Zig:18   | Killed an ancient lich
183680 | Zig:18   | Killed an ancient lich
183680 | Zig:18   | Killed an ancient lich
183681 | Zig:18   | Noticed an ancient lich
183681 | Zig:18   | Noticed an ancient lich
183682 | Zig:18   | Noticed an ancient lich
183682 | Zig:18   | Killed an ancient lich
183682 | Zig:18   | Noticed an ancient lich
183683 | Zig:18   | Killed an ancient lich
183685 | Zig:18   | Killed an ancient lich
183685 | Zig:18   | Killed an ancient lich
183685 | Zig:18   | Noticed an ancient lich
183686 | Zig:18   | Killed an ancient lich
183691 | Zig:18   | Noticed an ancient lich
183695 | Zig:18   | Noticed an ancient lich
183696 | Zig:18   | Noticed an ancient lich
183696 | Zig:18   | Noticed an ancient lich
183698 | Zig:18   | Killed an ancient lich
183698 | Zig:18   | Killed an ancient lich
183700 | Zig:18   | Killed an ancient lich
183700 | Zig:18   | Killed an ancient lich
183700 | Zig:18   | Noticed an ancient lich
183700 | Zig:18   | Noticed an ancient lich
183702 | Zig:18   | Killed an ancient lich
183702 | Zig:18   | Noticed an ancient lich
183704 | Zig:18   | Killed an ancient lich
183706 | Zig:18   | Killed an ancient lich
183706 | Zig:18   | Noticed an ancient lich
183711 | Zig:18   | Killed an ancient lich
183954 | Zig:18   | Got a warped ruby amulet
183963 | Zig:18   | Got a glittering lead ring
183965 | Zig:18   | Got an ancient silver ring
183988 | Zig:19   | Entered Level 19 of a ziggurat
183988 | Zig:19   | Noticed Utikkius the pandemonium lord
183988 | Zig:19   | Noticed a Killer Klown
183988 | Zig:19   | Noticed Wurad the pandemonium lord
183988 | Zig:19   | Noticed a Killer Klown
183988 | Zig:19   | Noticed a Killer Klown
183988 | Zig:19   | Noticed Noykav the pandemonium lord
183988 | Zig:19   | Noticed Vutudokk the pandemonium lord
183988 | Zig:19   | Noticed Bogrihod the pandemonium lord
183988 | Zig:19   | Noticed Jaqosm the pandemonium lord
183988 | Zig:19   | Noticed Ufoedy the pandemonium lord
183988 | Zig:19   | Noticed a Killer Klown
183988 | Zig:19   | Noticed Giapse the pandemonium lord
183988 | Zig:19   | Noticed Fekhlimmi the pandemonium lord
183988 | Zig:19   | Noticed Kuateri the pandemonium lord
183988 | Zig:19   | Noticed Imushil the pandemonium lord
183988 | Zig:19   | Noticed Zukkyeng the pandemonium lord
183988 | Zig:19   | Noticed Manu Uca the pandemonium lord
183988 | Zig:19   | Noticed Durgh the pandemonium lord
183988 | Zig:19   | Noticed Yhaim the pandemonium lord
183988 | Zig:19   | Noticed Utrontat the pandemonium lord
183988 | Zig:19   | Noticed Ysi Xyth the pandemonium lord
183988 | Zig:19   | Noticed Qairghofeu the pandemonium lord
183988 | Zig:19   | Noticed Villatan the pandemonium lord
183988 | Zig:19   | Noticed a Killer Klown
183988 | Zig:19   | Noticed Niroth the pandemonium lord
183988 | Zig:19   | Noticed Ruxtewn the pandemonium lord
183988 | Zig:19   | Noticed Qaappir the pandemonium lord
183988 | Zig:19   | Noticed Guegores the pandemonium lord
183988 | Zig:19   | Noticed Tilobbat the pandemonium lord
183988 | Zig:19   | Noticed Acsyl the pandemonium lord
183993 | Zig:19   | Noticed Waotos the pandemonium lord
183993 | Zig:19   | Killed Ruxtewn the pandemonium lord
183993 | Zig:19   | Killed a Killer Klown
183993 | Zig:19   | Killed Yhaim the pandemonium lord
183993 | Zig:19   | Noticed Olet the pandemonium lord
183993 | Zig:19   | Noticed Rutyv the pandemonium lord
183994 | Zig:19   | Noticed Tomof the pandemonium lord
183994 | Zig:19   | Killed Utrontat the pandemonium lord
183994 | Zig:19   | Killed Giapse the pandemonium lord
183994 | Zig:19   | Noticed Elexot the pandemonium lord
183995 | Zig:19   | Noticed Luicw the pandemonium lord
183996 | Zig:19   | Noticed a Killer Klown
183996 | Zig:19   | Noticed Xivuicw the pandemonium lord
183996 | Zig:19   | Killed Tilobbat the pandemonium lord
183996 | Zig:19   | Killed Guegores the pandemonium lord
183996 | Zig:19   | Killed Jaqosm the pandemonium lord
183996 | Zig:19   | Noticed Veat the pandemonium lord
183997 | Zig:19   | Noticed Yluddaef the pandemonium lord
183998 | Zig:19   | Noticed a Killer Klown
183999 | Zig:19   | Killed Fekhlimmi the pandemonium lord
183999 | Zig:19   | Killed Niroth the pandemonium lord
183999 | Zig:19   | Killed Durgh the pandemonium lord
183999 | Zig:19   | Killed Acsyl the pandemonium lord
183999 | Zig:19   | Killed Manu Uca the pandemonium lord
183999 | Zig:19   | Killed Qaappir the pandemonium lord
183999 | Zig:19   | Killed Olet the pandemonium lord
183999 | Zig:19   | Noticed a Killer Klown
183999 | Zig:19   | Noticed Diqoodav the pandemonium lord
183999 | Zig:19   | Noticed Qucem the pandemonium lord
184000 | Zig:19   | Noticed Rosyteny the pandemonium lord
184000 | Zig:19   | Noticed Cumohayr the pandemonium lord
184001 | Zig:19   | Killed Rutyv the pandemonium lord
184001 | Zig:19   | Killed Zukkyeng the pandemonium lord
184001 | Zig:19   | Noticed Rytolets the pandemonium lord
184002 | Zig:19   | Noticed Utweuta the pandemonium lord
184002 | Zig:19   | Noticed a Killer Klown
184002 | Zig:19   | Killed a Killer Klown
184002 | Zig:19   | Killed a Killer Klown
184002 | Zig:19   | Noticed Tenogu the pandemonium lord
184003 | Zig:19   | Noticed Ycebliw the pandemonium lord
184003 | Zig:19   | Killed Villatan the pandemonium lord
184003 | Zig:19   | Killed Qairghofeu the pandemonium lord
184003 | Zig:19   | Killed a Killer Klown
184003 | Zig:19   | Noticed Uxouse the pandemonium lord
184004 | Zig:19   | Noticed Oclou the pandemonium lord
184005 | Zig:19   | Killed a Killer Klown
184005 | Zig:19   | Killed a Killer Klown
184005 | Zig:19   | Killed Elexot the pandemonium lord
184005 | Zig:19   | Noticed Anal the pandemonium lord
184007 | Zig:19   | Noticed Xuidghymm the pandemonium lord
184007 | Zig:19   | Noticed Fannolets the pandemonium lord
184007 | Zig:19   | Noticed Nohef the pandemonium lord
184007 | Zig:19   | Killed Tomof the pandemonium lord
184007 | Zig:19   | Killed Bogrihod the pandemonium lord
184007 | Zig:19   | Killed a Killer Klown
184007 | Zig:19   | Noticed a Killer Klown
184007 | Zig:19   | Noticed Udiesioth the pandemonium lord
184008 | Zig:19   | Noticed Sizxasih the pandemonium lord
184008 | Zig:19   | Noticed Jysaumeaqi the pandemonium lord
184008 | Zig:19   | Killed Imushil the pandemonium lord
184008 | Zig:19   | Killed Wurad the pandemonium lord
184008 | Zig:19   | Killed Utikkius the pandemonium lord
184008 | Zig:19   | Noticed Huferask the pandemonium lord
184008 | Zig:19   | Noticed Niliymn the pandemonium lord
184008 | Zig:19   | Noticed a Killer Klown
184009 | Zig:19   | Noticed Igimuad the pandemonium lord
184009 | Zig:19   | Killed a Killer Klown
184010 | Zig:19   | Noticed Maosiph the pandemonium lord
184010 | Zig:19   | Noticed Eciul the pandemonium lord
184010 | Zig:19   | Noticed a Killer Klown
184010 | Zig:19   | Noticed Seoj Dat the pandemonium lord
184010 | Zig:19   | Noticed Uleoc the pandemonium lord
184010 | Zig:19   | Noticed a Killer Klown
184010 | Zig:19   | Noticed a Killer Klown
184010 | Zig:19   | Noticed Unlozyox the pandemonium lord
184011 | Zig:19   | Noticed Jyret the pandemonium lord
184011 | Zig:19   | Noticed a Killer Klown
184011 | Zig:19   | Noticed Marriwuo the pandemonium lord
184011 | Zig:19   | Killed Veat the pandemonium lord
184011 | Zig:19   | Killed a Killer Klown
184012 | Zig:19   | Noticed Bisit the pandemonium lord
184012 | Zig:19   | Noticed a Killer Klown
184012 | Zig:19   | Killed Fannolets the pandemonium lord
184012 | Zig:19   | Killed Nohef the pandemonium lord
184012 | Zig:19   | Killed Noykav the pandemonium lord
184012 | Zig:19   | Killed a Killer Klown
184012 | Zig:19   | Killed Kuateri the pandemonium lord
184012 | Zig:19   | Killed Xivuicw the pandemonium lord
184012 | Zig:19   | Noticed Rimanna the pandemonium lord
184013 | Zig:19   | Noticed Visudaot the pandemonium lord
184013 | Zig:19   | Noticed Dyreer the pandemonium lord
184013 | Zig:19   | Noticed a Killer Klown
184013 | Zig:19   | Noticed a Killer Klown
184013 | Zig:19   | Killed Yluddaef the pandemonium lord
184013 | Zig:19   | Killed a Killer Klown
184013 | Zig:19   | Noticed a Killer Klown
184014 | Zig:19   | Noticed Kimehu the pandemonium lord
184014 | Zig:19   | Killed Uxouse the pandemonium lord
184015 | Zig:19   | Killed Diqoodav the pandemonium lord
184016 | Zig:19   | Killed Cumohayr the pandemonium lord
184017 | Zig:19   | Noticed Feosolle the pandemonium lord
184020 | Zig:19   | Killed Xuidghymm the pandemonium lord
184026 | Zig:19   | Noticed Domuduf the pandemonium lord
184031 | Zig:19   | Killed Ysi Xyth the pandemonium lord
184033 | Zig:19   | Killed Utweuta the pandemonium lord
184033 | Zig:19   | Killed Ycebliw the pandemonium lord
184034 | Zig:19   | Noticed Odghis the pandemonium lord
184036 | Zig:19   | Killed Sizxasih the pandemonium lord
184036 | Zig:19   | Killed Vutudokk the pandemonium lord
184036 | Zig:19   | Killed Jyret the pandemonium lord
184036 | Zig:19   | Killed Kimehu the pandemonium lord
184036 | Zig:19   | Killed Niliymn the pandemonium lord
184036 | Zig:19   | Killed Anal the pandemonium lord
184036 | Zig:19   | Killed Tenogu the pandemonium lord
184036 | Zig:19   | Killed a Killer Klown
184036 | Zig:19   | Killed Rosyteny the pandemonium lord
184036 | Zig:19   | Killed Jysaumeaqi the pandemonium lord
184036 | Zig:19   | Killed a Killer Klown
184036 | Zig:19   | Killed a Killer Klown
184036 | Zig:19   | Killed a Killer Klown
184036 | Zig:19   | Killed Uleoc the pandemonium lord
184036 | Zig:19   | Killed Marriwuo the pandemonium lord
184036 | Zig:19   | Killed a Killer Klown
184036 | Zig:19   | Killed Qucem the pandemonium lord
184036 | Zig:19   | Killed Oclou the pandemonium lord
184036 | Zig:19   | Killed Waotos the pandemonium lord
184036 | Zig:19   | Killed a Killer Klown
184036 | Zig:19   | Killed Rytolets the pandemonium lord
184036 | Zig:19   | Killed Seoj Dat the pandemonium lord
184036 | Zig:19   | Killed Maosiph the pandemonium lord
184037 | Zig:19   | Killed Udiesioth the pandemonium lord
184037 | Zig:19   | Killed a Killer Klown
184037 | Zig:19   | Killed Igimuad the pandemonium lord
184037 | Zig:19   | Killed Unlozyox the pandemonium lord
184037 | Zig:19   | Killed Rimanna the pandemonium lord
184037 | Zig:19   | Killed Dyreer the pandemonium lord
184037 | Zig:19   | Killed a Killer Klown
184037 | Zig:19   | Noticed a Killer Klown
184038 | Zig:19   | Noticed Otoset the pandemonium lord
184039 | Zig:19   | Killed a Killer Klown
184039 | Zig:19   | Killed a Killer Klown
184039 | Zig:19   | Noticed Wiasa the pandemonium lord
184039 | Zig:19   | Noticed Hanedoud the pandemonium lord
184039 | Zig:19   | Noticed a Killer Klown
184040 | Zig:19   | Killed Odghis the pandemonium lord
184040 | Zig:19   | Noticed Ocus the pandemonium lord
184041 | Zig:19   | Noticed a Killer Klown
184041 | Zig:19   | Noticed Yxaozec the pandemonium lord
184041 | Zig:19   | Noticed Ujiroff the pandemonium lord
184042 | Zig:19   | Noticed Osaits the pandemonium lord
184042 | Zig:19   | Killed Luicw the pandemonium lord
184042 | Zig:19   | Noticed Meackaof the pandemonium lord
184043 | Zig:19   | Killed Yxaozec the pandemonium lord
184043 | Zig:19   | Killed a Killer Klown
184043 | Zig:19   | Killed Ocus the pandemonium lord
184043 | Zig:19   | Killed Feosolle the pandemonium lord
184043 | Zig:19   | Noticed a Killer Klown
184044 | Zig:19   | Noticed Fesan the pandemonium lord
184044 | Zig:19   | Killed a Killer Klown
184044 | Zig:19   | Killed Ufoedy the pandemonium lord
184044 | Zig:19   | Killed Eciul the pandemonium lord
184044 | Zig:19   | Noticed Okomezxepu the pandemonium lord
184045 | Zig:19   | Killed Otoset the pandemonium lord
184045 | Zig:19   | Killed Wiasa the pandemonium lord
184045 | Zig:19   | Killed Ujiroff the pandemonium lord
184045 | Zig:19   | Killed Domuduf the pandemonium lord
184045 | Zig:19   | Killed Bisit the pandemonium lord
184046 | Zig:19   | Noticed a Killer Klown
184046 | Zig:19   | Noticed Wiulaol the pandemonium lord
184047 | Zig:19   | Noticed Umysiuf the pandemonium lord
184048 | Zig:19   | Killed a Killer Klown
184048 | Zig:19   | Killed Meackaof the pandemonium lord
184048 | Zig:19   | Noticed Kum Jops the pandemonium lord
184048 | Zig:19   | Noticed Yrroschi the pandemonium lord
184055 | Zig:19   | Killed a Killer Klown
184056 | Zig:19   | Noticed Lounwik the pandemonium lord
184056 | Zig:19   | Noticed a Killer Klown
184057 | Zig:19   | Killed a Killer Klown
184058 | Zig:19   | Noticed a Killer Klown
184060 | Zig:19   | Noticed Goycocan the pandemonium lord
184061 | Zig:19   | Killed Wiulaol the pandemonium lord
184061 | Zig:19   | Killed Visudaot the pandemonium lord
184061 | Zig:19   | Killed Huferask the pandemonium lord
184062 | Zig:19   | Killed Okomezxepu the pandemonium lord
184062 | Zig:19   | Killed Umysiuf the pandemonium lord
184062 | Zig:19   | Killed Lounwik the pandemonium lord
184062 | Zig:19   | Noticed Oklusih the pandemonium lord
184062 | Zig:19   | Noticed Sedekuf the pandemonium lord
184063 | Zig:19   | Killed a Killer Klown
184063 | Zig:19   | Killed Hanedoud the pandemonium lord
184063 | Zig:19   | Noticed Xuefudet the pandemonium lord
184064 | Zig:19   | Killed Fesan the pandemonium lord
184064 | Zig:19   | Noticed Jetaxt the pandemonium lord
184064 | Zig:19   | Noticed Jywnimov the pandemonium lord
184065 | Zig:19   | Killed Yrroschi the pandemonium lord
184065 | Zig:19   | Killed Jywnimov the pandemonium lord
184065 | Zig:19   | Killed Kum Jops the pandemonium lord
184065 | Zig:19   | Killed Vivach the pandemonium lord
184068 | Zig:19   | Noticed Fashrufo the pandemonium lord
184070 | Zig:19   | Killed Sedekuf the pandemonium lord
184070 | Zig:19   | Noticed Yvoememn the pandemonium lord
184070 | Zig:19   | Noticed Naqik the pandemonium lord
184071 | Zig:19   | Killed Jetaxt the pandemonium lord
184072 | Zig:19   | Killed Xuefudet the pandemonium lord
184076 | Zig:19   | Killed Naqik the pandemonium lord
184084 | Zig:19   | Killed Osaits the pandemonium lord
184084 | Zig:19   | Killed Goycocan the pandemonium lord
184087 | Zig:19   | Killed Yvoememn the pandemonium lord
184087 | Zig:19   | Killed Fashrufo the pandemonium lord
184092 | Zig:19   | Killed Oklusih the pandemonium lord
184255 | Zig:19   | Identified the Catalogue of Aid and Creation
184260 | Zig:19   | Identified Utwaid's Guide on Unholy Beguiling
184269 | Zig:19   | Identified the Reference Book on the Cloudy Escort
184279 | Zig:19   | Identified Gachine's Reference Book on Icy Lightness
184291 | Zig:19   | Identified the ring "Miabir" {Int+4 SInv} (You found it on
                  | level 15 of a ziggurat)
184294 | Zig:19   | Identified the ring "Cafoo" {*Corrode rF+ rC+ Int+6 Dex-2}
                  | (You found it on level 16 of a ziggurat)
184296 | Zig:19   | Identified the amulet of Omus {MR+ Regen+ Int+4 SInv} (You
                  | found it on level 16 of a ziggurat)
184298 | Zig:19   | Identified the ring of Lilaupil {rPois MP+9 Slay+2 SInv}
                  | (You found it on level 17 of a ziggurat)
184300 | Zig:19   | Identified the ring of Xom's Full Attention {*Contam rC+
                  | Int+3 Stlth+} (You found it on level 17 of a ziggurat)
184302 | Zig:19   | Identified the ring of Pufyitev {rPois rN+ Int+3} (You
                  | found it on level 17 of a ziggurat)
184304 | Zig:19   | Identified the amulet of Uzeuri Jiox {Reflect Str+4 Dex+2
                  | Slay+3 SH+2} (You found it on level 18 of a ziggurat)
184306 | Zig:19   | Identified the ring "Udghuka" {Str+2 Dex+2 SInv} (You found
                  | it on level 18 of a ziggurat)
184308 | Zig:19   | Identified the ring of Eternal Harmony {-Tele rElec rN+++
                  | AC+1 Dex+4} (You found it on level 18 of a ziggurat)
184314 | Zig:19   | Got a smoking lead ring
184316 | Zig:19   | Got a warped jade ring
184320 | Zig:19   | Got a shimmering bronze ring
184333 | Zig:19   | Identified the Tome of Mutagenic Evil Arts
184339 | Zig:19   | Got a warped turquoise ring
184348 | Zig:19   | Got an ichor-stained ring mail
184352 | Zig:19   | Got a jewelled chain mail
184365 | Zig:20   | Entered Level 20 of a ziggurat
184637 | Zig:20   | Got a crude lead ring
184667 | Zig:20   | Got a distressingly furry scale mail
184674 | Zig:21   | Entered Level 21 of a ziggurat
184674 | Zig:21   | Noticed a shard shrike
184674 | Zig:21   | Noticed a shard shrike
184674 | Zig:21   | Noticed a shard shrike
184674 | Zig:21   | Noticed a shard shrike
184674 | Zig:21   | Noticed a shard shrike
184675 | Zig:21   | Killed a shard shrike
184675 | Zig:21   | Killed a shard shrike
184675 | Zig:21   | Killed a shard shrike
184675 | Zig:21   | Killed a shard shrike
184675 | Zig:21   | Killed a shard shrike
184675 | Zig:21   | Noticed a shard shrike
184675 | Zig:21   | Noticed a shard shrike
184675 | Zig:21   | Noticed a shard shrike
184676 | Zig:21   | Killed a shard shrike
184676 | Zig:21   | Killed a shard shrike
184677 | Zig:21   | Noticed a shard shrike
184678 | Zig:21   | Killed a shard shrike
184678 | Zig:21   | Noticed a shard shrike
184680 | Zig:21   | Killed a shard shrike
184682 | Zig:21   | Killed a shard shrike
184682 | Zig:21   | Noticed a shard shrike
184683 | Zig:21   | Noticed a shard shrike
184684 | Zig:21   | Killed a shard shrike
184684 | Zig:21   | Killed a shard shrike
184685 | Zig:21   | Noticed a shard shrike
184687 | Zig:21   | Noticed a shard shrike
184687 | Zig:21   | Noticed a shard shrike
184689 | Zig:21   | Noticed a shard shrike
184690 | Zig:21   | Killed a shard shrike
184690 | Zig:21   | Killed a shard shrike
184690 | Zig:21   | Killed a shard shrike
184692 | Zig:21   | Killed a shard shrike
184692 | Zig:21   | Noticed a shard shrike
184698 | Zig:21   | Killed a shard shrike
184701 | Zig:21   | Noticed a shard shrike
184702 | Zig:21   | Killed a shard shrike
184711 | Zig:21   | Noticed a shard shrike
184711 | Zig:21   | Noticed a shard shrike
184712 | Zig:21   | Killed a shard shrike
184712 | Zig:21   | Noticed a shard shrike
184714 | Zig:21   | Killed a shard shrike
184718 | Zig:21   | Killed a shard shrike
184721 | Zig:21   | Noticed a shard shrike
184727 | Zig:21   | Noticed a shard shrike
184728 | Zig:21   | Killed a shard shrike
184732 | Zig:21   | Killed a shard shrike
184771 | Zig:21   | Noticed a shard shrike
184776 | Zig:21   | Killed a shard shrike
184790 | Zig:21   | Noticed a shard shrike
184793 | Zig:21   | Killed a shard shrike
184960 | Zig:21   | Got a sparkling bone ring
184985 | Zig:21   | Identified the +3 ring mail of the Sturgeon {*Corrode
                  | Regen+ Str+8 Int+4} (You found it on level 19 of a
                  | ziggurat)
184996 | Zig:21   | Identified the +10 chain mail of Hafraoff {rF+} (You found
                  | it on level 19 of a ziggurat)
185007 | Zig:21   | Identified the +1 scale mail of the End {Str+4} (You found
                  | it on level 20 of a ziggurat)
185013 | Zig:21   | Identified the ring of Akili {rCorr *Drain +Blink Int+6
                  | Slay+3} (You found it on level 19 of a ziggurat)
185015 | Zig:21   | Identified the ring of Otoptoen {rF+ EV+4 SInv} (You found
                  | it on level 19 of a ziggurat)
185017 | Zig:21   | Identified the ring of Uliluti {MR+++ AC+2 Str-4 Dex-2
                  | Slay+5} (You found it on level 19 of a ziggurat)
185019 | Zig:21   | Identified the ring "Ureavo" {AC+6 Int+6} (You found it on
                  | level 19 of a ziggurat)
185021 | Zig:21   | Identified the ring "Tehyamy" {rC+ Stlth-} (You found it on
                  | level 20 of a ziggurat)
185023 | Zig:21   | Identified the cursed ring of Carrit {rElec EV-5 Int-4
                  | Dex+2} (You found it on level 21 of a ziggurat)
185041 | Zig:21   | Got a sparkling ivory ring
185048 | Zig:21   | Got a clouded bone ring
185052 | Zig:21   | Got a twitching ivory amulet
185081 | Zig:21   | Got an ichor-stained ring mail
185090 | Zig:21   | Identified the +5 ring mail of the Constellations {Stlth+}
                  | (You found it on level 21 of a ziggurat)
185098 | Zig:21   | Identified the ring of Contention {rF+ Int+3} (You found it
                  | on level 21 of a ziggurat)
185100 | Zig:21   | Identified the ring "Udusol" {*Drain *Slow rN+++ MP+9} (You
                  | found it on level 21 of a ziggurat)
185102 | Zig:21   | Identified the amulet of Qohekotu {Reflect rElec rN+ Int-2
                  | SH+4} (You found it on level 21 of a ziggurat)
185130 | Zig:22   | Entered Level 22 of a ziggurat
185130 | Zig:22   | Noticed a juggernaut
185130 | Zig:22   | Noticed a juggernaut
185130 | Zig:22   | Noticed a juggernaut
185130 | Zig:22   | Noticed a juggernaut
185130 | Zig:22   | Noticed a juggernaut
185131 | Zig:22   | Killed a juggernaut
185131 | Zig:22   | Killed a juggernaut
185131 | Zig:22   | Noticed a juggernaut
185132 | Zig:22   | Killed a juggernaut
185132 | Zig:22   | Killed a juggernaut
185132 | Zig:22   | Killed a juggernaut
185132 | Zig:22   | Noticed a juggernaut
185132 | Zig:22   | Noticed a juggernaut
185134 | Zig:22   | Killed a juggernaut
185134 | Zig:22   | Noticed a juggernaut
185136 | Zig:22   | Noticed a juggernaut
185137 | Zig:22   | Killed a juggernaut
185137 | Zig:22   | Noticed a juggernaut
185138 | Zig:22   | Noticed a juggernaut
185139 | Zig:22   | Killed a juggernaut
185139 | Zig:22   | Killed a juggernaut
185140 | Zig:22   | Noticed a juggernaut
185141 | Zig:22   | Killed a juggernaut
185141 | Zig:22   | Noticed a juggernaut
185142 | Zig:22   | Noticed a juggernaut
185142 | Zig:22   | Noticed a juggernaut
185143 | Zig:22   | Killed a juggernaut
185143 | Zig:22   | Killed a juggernaut
185145 | Zig:22   | Killed a juggernaut
185145 | Zig:22   | Killed a juggernaut
185145 | Zig:22   | Noticed a juggernaut
185145 | Zig:22   | Noticed a juggernaut
185145 | Zig:22   | Noticed a juggernaut
185147 | Zig:22   | Killed a juggernaut
185147 | Zig:22   | Killed a juggernaut
185147 | Zig:22   | Noticed a juggernaut
185147 | Zig:22   | Noticed a juggernaut
185147 | Zig:22   | Noticed a juggernaut
185149 | Zig:22   | Noticed a juggernaut
185149 | Zig:22   | Noticed a juggernaut
185151 | Zig:22   | Killed a juggernaut
185151 | Zig:22   | Killed a juggernaut
185151 | Zig:22   | Killed a juggernaut
185151 | Zig:22   | Killed a juggernaut
185151 | Zig:22   | Killed a juggernaut
185151 | Zig:22   | Noticed a juggernaut
185151 | Zig:22   | Noticed a juggernaut
185153 | Zig:22   | Killed a juggernaut
185153 | Zig:22   | Killed a juggernaut
185153 | Zig:22   | Noticed a juggernaut
185155 | Zig:22   | Killed a juggernaut
185157 | Zig:22   | Killed a juggernaut
185158 | Zig:22   | Noticed a juggernaut
185159 | Zig:22   | Killed a juggernaut
185159 | Zig:22   | Killed a juggernaut
185159 | Zig:22   | Noticed a juggernaut
185161 | Zig:22   | Killed a juggernaut
185163 | Zig:22   | Noticed a juggernaut
185164 | Zig:22   | Killed a juggernaut
185166 | Zig:22   | Noticed a juggernaut
185166 | Zig:22   | Killed a juggernaut
185170 | Zig:22   | Killed a juggernaut
185396 | Zig:22   | Identified the Disquisition on the Oath and Stones
185399 | Zig:22   | Identified the Incunabulum of Sinister Secrets and
                  | Beguiling
185401 | Zig:22   | Identified the Catalogue of the Escort and Confrontation
185404 | Zig:22   | Got a shimmering granite ring
185410 | Zig:22   | Identified the Catalogue of Self-Improvement
185434 | Zig:22   | Got a pitted ring mail
185442 | Zig:22   | Got a jewelled scale mail
185449 | Zig:23   | Entered Level 23 of a ziggurat
185493 | Zig:23   | Noticed Mov Upnuqe the pandemonium lord
185501 | Zig:23   | Killed Mov Upnuqe the pandemonium lord
185726 | Zig:23   | Got a wavering amethyst amulet
185746 | Zig:23   | Got a faintly glowing wooden ring
185800 | Zig:23   | Got a warped plate armour
185802 | Zig:23   | Got a slimy scale mail
185810 | Zig:24   | Entered Level 24 of a ziggurat
186074 | Zig:24   | Got a twitching ruby amulet
186075 | Zig:24   | Identified the Catalogue of Transmigration
186077 | Zig:24   | Identified Nism's Handbook of Moulding
186080 | Zig:24   | Got a fine sapphire amulet
186108 | Zig:24   | Identified the +2 ring mail of Iqutt {Int+4 Dex+4} (You
                  | found it on level 22 of a ziggurat)
186119 | Zig:24   | Identified the +4 scale mail "Guharike" {rF- Int+2 Stlth+}
                  | (You found it on level 22 of a ziggurat)
186130 | Zig:24   | Identified the +4 plate armour of Pragmatism {Stlth+} (You
                  | found it on level 23 of a ziggurat)
186141 | Zig:24   | Identified the +4 scale mail "Rabaej" {rElec rN+} (You
                  | found it on level 23 of a ziggurat)
186151 | Zig:24   | Identified the Catalogue of Necromancy
186168 | Zig:24   | Got a clouded copper ring
186170 | Zig:24   | Got a slimy lead ring
186173 | Zig:24   | Got a translucent silver amulet
186178 | Zig:24   | Identified Dood's Tome of Congealing Dislocation
186220 | Zig:24   | Identified the ring of Rucleiff {rCorr Dex+3 Slay-2} (You
                  | found it on level 22 of a ziggurat)
186222 | Zig:24   | Identified the cursed ring "Quathef" {+Blink rC+ Dex-2}
                  | (You found it on level 24 of a ziggurat)
186224 | Zig:24   | Identified the ring of Jedemooso {Wiz Stlth+} (You found it
                  | on level 24 of a ziggurat)
186226 | Zig:24   | Identified the amulet of Psychosis {Reflect rF+ Int+2 SH+2}
                  | (You found it on level 23 of a ziggurat)
186228 | Zig:24   | Identified the ring of Uzeugeoc {Ice Dex+6} (You found it
                  | on level 23 of a ziggurat)
186230 | Zig:24   | Identified the amulet of Oghy Yploa {Gourm rElec rC+
                  | Slay+3} (You found it on level 24 of a ziggurat)
186232 | Zig:24   | Identified the amulet of Rono Vez {+Rage MR+} (You found it
                  | on level 24 of a ziggurat)
186234 | Zig:24   | Identified the amulet "Uruedaw" {Acrobat rC- rN+ Dex+2
                  | SInv} (You found it on level 24 of a ziggurat)
186243 | Zig:25   | Entered Level 25 of a ziggurat
186560 | Zig:25   | Got a sparkling steel ring
186569 | Zig:25   | Identified the Volume of Lightness and Protection
186577 | Zig:25   | Got a shimmering brass amulet
186585 | Zig:25   | Got a twitching amber ring
186591 | Zig:25   | Identified the Catalogue of the Volcanoes and Poisoning
186616 | Zig:25   | Got a serpentine zirconium amulet
186623 | Zig:25   | Got a jewelled troll leather armour
186625 | Zig:25   | Got a fine chain mail
186627 | Zig:25   | Got a faintly glowing chain mail
186633 | Zig:25   | Got a steaming ring mail
186640 | Zig:25   | Got a crude chain mail
186668 | Zig:25   | Identified the +1 troll leather armour of Joy {*Slow rF+
                  | MR+ Regen+ Dex+6} (You found it on level 25 of a ziggurat)
186678 | Zig:25   | Identified the cursed +1 chain mail "Qiemnenk" {rC- Int+6}
                  | (You found it on level 25 of a ziggurat)
186679 | Zig:25   | Identified the amulet "Loisig" {Harm *Drain Int+2 Dex+3}
                  | (You found it on level 25 of a ziggurat)
186693 | Zig:25   | Identified the +5 chain mail of Huahy {rCorr} (You found it
                  | on level 25 of a ziggurat)
186704 | Zig:25   | Identified the +6 chain mail of the Snake Pit {Dex+3} (You
                  | found it on level 25 of a ziggurat)
186715 | Zig:25   | Identified the +5 ring mail of Generosity {Str+2 Dex+3
                  | Stlth+} (You found it on level 25 of a ziggurat)
186728 | Zig:25   | Identified the amulet of Girusodd {Gourm rC+ Str+4} (You
                  | found it on level 25 of a ziggurat)
186738 | Zig:25   | Identified the ring of Grace {Fire rN++ MR+ Dex+3 SInv}
                  | (You found it on level 25 of a ziggurat)
186740 | Zig:25   | Identified the ring of Samos {*Drain rElec rF+ Stlth+} (You
                  | found it on level 25 of a ziggurat)
186767 | Zig:26   | Entered Level 26 of a ziggurat
186767 | Zig:26   | Noticed an ancient lich
186767 | Zig:26   | Noticed an ancient lich
186767 | Zig:26   | Noticed an ancient lich
186767 | Zig:26   | Noticed an ancient lich
186767 | Zig:26   | Noticed an ancient lich
186767 | Zig:26   | Noticed an ancient lich
186767 | Zig:26   | Noticed an ancient lich
186767 | Zig:26   | Noticed an ancient lich
186768 | Zig:26   | Killed an ancient lich
186769 | Zig:26   | Noticed an ancient lich
186769 | Zig:26   | Killed an ancient lich
186769 | Zig:26   | Killed an ancient lich
186769 | Zig:26   | Killed an ancient lich
186769 | Zig:26   | Killed an ancient lich
186769 | Zig:26   | Killed an ancient lich
186770 | Zig:26   | Killed an ancient lich
186770 | Zig:26   | Killed an ancient lich
186770 | Zig:26   | Killed an ancient lich
186770 | Zig:26   | Noticed an ancient lich
186771 | Zig:26   | Killed an ancient lich
186771 | Zig:26   | Noticed an ancient lich
186772 | Zig:26   | Noticed an ancient lich
186772 | Zig:26   | Noticed an ancient lich
186773 | Zig:26   | Killed an ancient lich
186773 | Zig:26   | Noticed an ancient lich
186774 | Zig:26   | Noticed an ancient lich
186775 | Zig:26   | Noticed an ancient lich
186777 | Zig:26   | Noticed an ancient lich
186777 | Zig:26   | Noticed an ancient lich
186778 | Zig:26   | Killed an ancient lich
186778 | Zig:26   | Killed an ancient lich
186778 | Zig:26   | Killed an ancient lich
186778 | Zig:26   | Noticed an ancient lich
186779 | Zig:26   | Killed an ancient lich
186779 | Zig:26   | Killed an ancient lich
186779 | Zig:26   | Killed an ancient lich
186779 | Zig:26   | Killed an ancient lich
186779 | Zig:26   | Noticed an ancient lich
186779 | Zig:26   | Noticed an ancient lich
186779 | Zig:26   | Noticed an ancient lich
186780 | Zig:26   | Killed an ancient lich
186780 | Zig:26   | Noticed an ancient lich
186780 | Zig:26   | Noticed an ancient lich
186781 | Zig:26   | Noticed an ancient lich
186781 | Zig:26   | Killed an ancient lich
186781 | Zig:26   | Killed an ancient lich
186781 | Zig:26   | Noticed an ancient lich
186782 | Zig:26   | Killed an ancient lich
186782 | Zig:26   | Killed an ancient lich
186782 | Zig:26   | Killed an ancient lich
186782 | Zig:26   | Noticed an ancient lich
186782 | Zig:26   | Noticed an ancient lich
186784 | Zig:26   | Noticed an ancient lich
186784 | Zig:26   | Killed an ancient lich
186784 | Zig:26   | Killed an ancient lich
186784 | Zig:26   | Noticed an ancient lich
186784 | Zig:26   | Noticed an ancient lich
186784 | Zig:26   | Noticed an ancient lich
186785 | Zig:26   | Noticed an ancient lich
186785 | Zig:26   | Noticed an ancient lich
186785 | Zig:26   | Noticed an ancient lich
186786 | Zig:26   | Noticed an ancient lich
186786 | Zig:26   | Killed an ancient lich
186786 | Zig:26   | Killed an ancient lich
186786 | Zig:26   | Killed an ancient lich
186786 | Zig:26   | Noticed an ancient lich
186786 | Zig:26   | Noticed an ancient lich
186786 | Zig:26   | Noticed an ancient lich
186788 | Zig:26   | Killed an ancient lich
186788 | Zig:26   | Killed an ancient lich
186788 | Zig:26   | Killed an ancient lich
186788 | Zig:26   | Killed an ancient lich
186788 | Zig:26   | Killed an ancient lich
186788 | Zig:26   | Noticed an ancient lich
186789 | Zig:26   | Noticed an ancient lich
186790 | Zig:26   | Noticed an ancient lich
186790 | Zig:26   | Killed an ancient lich
186790 | Zig:26   | Killed an ancient lich
186790 | Zig:26   | Killed an ancient lich
186790 | Zig:26   | Killed an ancient lich
186790 | Zig:26   | Noticed an ancient lich
186792 | Zig:26   | Noticed an ancient lich
186792 | Zig:26   | Killed an ancient lich
186792 | Zig:26   | Killed an ancient lich
186792 | Zig:26   | Killed an ancient lich
186793 | Zig:26   | Noticed an ancient lich
186794 | Zig:26   | Killed an ancient lich
186794 | Zig:26   | Killed an ancient lich
186794 | Zig:26   | Killed an ancient lich
186794 | Zig:26   | Noticed an ancient lich
186796 | Zig:26   | Killed an ancient lich
186796 | Zig:26   | Killed an ancient lich
186797 | Zig:26   | Noticed an ancient lich
186798 | Zig:26   | Noticed an ancient lich
186800 | Zig:26   | Noticed an ancient lich
186800 | Zig:26   | Killed an ancient lich
186800 | Zig:26   | Killed an ancient lich
186800 | Zig:26   | Noticed an ancient lich
186802 | Zig:26   | Killed an ancient lich
186804 | Zig:26   | Killed an ancient lich
186804 | Zig:26   | Noticed an ancient lich
186806 | Zig:26   | Noticed an ancient lich
186807 | Zig:26   | Noticed an ancient lich
186809 | Zig:26   | Noticed an ancient lich
186809 | Zig:26   | Noticed an ancient lich
186810 | Zig:26   | Killed an ancient lich
186810 | Zig:26   | Killed an ancient lich
186810 | Zig:26   | Killed an ancient lich
186810 | Zig:26   | Noticed an ancient lich
186811 | Zig:26   | Noticed an ancient lich
186812 | Zig:26   | Killed an ancient lich
186812 | Zig:26   | Killed an ancient lich
186812 | Zig:26   | Noticed an ancient lich
186814 | Zig:26   | Killed an ancient lich
186814 | Zig:26   | Killed an ancient lich
186815 | Zig:26   | Noticed an ancient lich
186816 | Zig:26   | Killed an ancient lich
186819 | Zig:26   | Noticed an ancient lich
186820 | Zig:26   | Killed an ancient lich
186820 | Zig:26   | Noticed an ancient lich
186822 | Zig:26   | Noticed an ancient lich
186822 | Zig:26   | Killed an ancient lich
186824 | Zig:26   | Noticed an ancient lich
186824 | Zig:26   | Killed an ancient lich
186824 | Zig:26   | Killed an ancient lich
186826 | Zig:26   | Killed an ancient lich
186826 | Zig:26   | Noticed an ancient lich
186830 | Zig:26   | Killed an ancient lich
186837 | Zig:26   | Noticed an ancient lich
186840 | Zig:26   | Killed an ancient lich
186999 | Zig:26   | Got a scorched wooden ring
187006 | Zig:26   | Got a flickering jade ring
187010 | Zig:26   | Identified Sif Muna's Guide on the Ashen Entourage
187014 | Zig:26   | Got a flickering ruby amulet
187037 | Zig:26   | Got a pair of translucent gloves
187040 | Zig:26   | Got a shimmering ring mail
187059 | Zig:27   | Entered Level 27 of a ziggurat
187059 | Zig:27   | Noticed an ancient lich
187059 | Zig:27   | Noticed an ancient lich
187059 | Zig:27   | Noticed an ancient lich
187059 | Zig:27   | Noticed an ancient lich
187059 | Zig:27   | Noticed an ancient lich
187059 | Zig:27   | Noticed an ancient lich
187059 | Zig:27   | Noticed an ancient lich
187059 | Zig:27   | Noticed an ancient lich
187060 | Zig:27   | Killed an ancient lich
187060 | Zig:27   | Killed an ancient lich
187060 | Zig:27   | Noticed an ancient lich
187060 | Zig:27   | Noticed an ancient lich
187061 | Zig:27   | Killed an ancient lich
187061 | Zig:27   | Killed an ancient lich
187061 | Zig:27   | Killed an ancient lich
187061 | Zig:27   | Killed an ancient lich
187061 | Zig:27   | Noticed an ancient lich
187061 | Zig:27   | Noticed an ancient lich
187062 | Zig:27   | Noticed an ancient lich
187062 | Zig:27   | Killed an ancient lich
187062 | Zig:27   | Killed an ancient lich
187062 | Zig:27   | Killed an ancient lich
187062 | Zig:27   | Noticed an ancient lich
187063 | Zig:27   | Killed an ancient lich
187063 | Zig:27   | Killed an ancient lich
187063 | Zig:27   | Killed an ancient lich
187064 | Zig:27   | Killed an ancient lich
187064 | Zig:27   | Noticed an ancient lich
187064 | Zig:27   | Noticed an ancient lich
187064 | Zig:27   | Noticed an ancient lich
187065 | Zig:27   | Noticed an ancient lich
187066 | Zig:27   | Killed an ancient lich
187066 | Zig:27   | Killed an ancient lich
187068 | Zig:27   | Noticed an ancient lich
187068 | Zig:27   | Noticed an ancient lich
187069 | Zig:27   | Noticed an ancient lich
187072 | Zig:27   | Noticed an ancient lich
187073 | Zig:27   | Killed an ancient lich
187073 | Zig:27   | Killed an ancient lich
187073 | Zig:27   | Killed an ancient lich
187073 | Zig:27   | Killed an ancient lich
187073 | Zig:27   | Noticed an ancient lich
187074 | Zig:27   | Killed an ancient lich
187074 | Zig:27   | Killed an ancient lich
187074 | Zig:27   | Noticed an ancient lich
187075 | Zig:27   | Killed an ancient lich
187075 | Zig:27   | Killed an ancient lich
187075 | Zig:27   | Noticed an ancient lich
187075 | Zig:27   | Noticed an ancient lich
187075 | Zig:27   | Noticed an ancient lich
187076 | Zig:27   | Killed an ancient lich
187076 | Zig:27   | Noticed an ancient lich
187076 | Zig:27   | Noticed an ancient lich
187077 | Zig:27   | Noticed an ancient lich
187077 | Zig:27   | Killed an ancient lich
187077 | Zig:27   | Killed an ancient lich
187077 | Zig:27   | Killed an ancient lich
187077 | Zig:27   | Noticed an ancient lich
187078 | Zig:27   | Killed an ancient lich
187078 | Zig:27   | Killed an ancient lich
187079 | Zig:27   | Noticed an ancient lich
187079 | Zig:27   | Killed an ancient lich
187079 | Zig:27   | Killed an ancient lich
187079 | Zig:27   | Noticed an ancient lich
187081 | Zig:27   | Noticed an ancient lich
187084 | Zig:27   | Noticed an ancient lich
187085 | Zig:27   | Killed an ancient lich
187086 | Zig:27   | Noticed an ancient lich
187089 | Zig:27   | Noticed an ancient lich
187090 | Zig:27   | Noticed an ancient lich
187091 | Zig:27   | Killed an ancient lich
187092 | Zig:27   | Killed an ancient lich
187092 | Zig:27   | Killed an ancient lich
187092 | Zig:27   | Noticed an ancient lich
187093 | Zig:27   | Killed an ancient lich
187093 | Zig:27   | Killed an ancient lich
187093 | Zig:27   | Killed an ancient lich
187093 | Zig:27   | Noticed an ancient lich
187093 | Zig:27   | Noticed an ancient lich
187094 | Zig:27   | Noticed an ancient lich
187094 | Zig:27   | Killed an ancient lich
187094 | Zig:27   | Noticed an ancient lich
187094 | Zig:27   | Noticed an ancient lich
187095 | Zig:27   | Killed an ancient lich
187095 | Zig:27   | Killed an ancient lich
187095 | Zig:27   | Killed an ancient lich
187095 | Zig:27   | Killed an ancient lich
187095 | Zig:27   | Noticed an ancient lich
187095 | Zig:27   | Noticed an ancient lich
187096 | Zig:27   | Noticed an ancient lich
187098 | Zig:27   | Killed an ancient lich
187098 | Zig:27   | Killed an ancient lich
187098 | Zig:27   | Killed an ancient lich
187098 | Zig:27   | Noticed an ancient lich
187098 | Zig:27   | Noticed an ancient lich
187099 | Zig:27   | Noticed an ancient lich
187099 | Zig:27   | Noticed an ancient lich
187103 | Zig:27   | Noticed an ancient lich
187104 | Zig:27   | Killed an ancient lich
187104 | Zig:27   | Noticed an ancient lich
187105 | Zig:27   | Killed an ancient lich
187105 | Zig:27   | Killed an ancient lich
187105 | Zig:27   | Killed an ancient lich
187105 | Zig:27   | Killed an ancient lich
187105 | Zig:27   | Noticed an ancient lich
187105 | Zig:27   | Noticed an ancient lich
187105 | Zig:27   | Noticed an ancient lich
187106 | Zig:27   | Killed an ancient lich
187106 | Zig:27   | Killed an ancient lich
187106 | Zig:27   | Killed an ancient lich
187106 | Zig:27   | Noticed an ancient lich
187107 | Zig:27   | Noticed an ancient lich
187107 | Zig:27   | Killed an ancient lich
187107 | Zig:27   | Killed an ancient lich
187108 | Zig:27   | Killed an ancient lich
187108 | Zig:27   | Killed an ancient lich
187109 | Zig:27   | Noticed an ancient lich
187110 | Zig:27   | Killed an ancient lich
187111 | Zig:27   | Noticed an ancient lich
187113 | Zig:27   | Killed an ancient lich
187129 | Zig:27   | Noticed an ancient lich
187133 | Zig:27   | Noticed an ancient lich
187133 | Zig:27   | Killed an ancient lich
187134 | Zig:27   | Killed an ancient lich
187314 | Zig:27   | Got a crude sapphire amulet
187318 | Zig:27   | Identified the Volume of Supportive Protection
187331 | Zig:27   | Got a twitching lapis lazuli ring
187353 | Zig:27   | Got a coiled lead ring
187395 | Zig:27   | Identified the +4 pair of gloves of Jemoul {-Tele rPois
                  | Dex+7 Stlth+} (You found it on level 26 of a ziggurat)
187415 | Zig:27   | Identified the cursed +0 ring mail "Huipt" {Dex+4} (You
                  | found it on level 26 of a ziggurat)
187437 | Zig:27   | Identified the ring "Hibow Doits" {rElec rC- rN+ Dex+3}
                  | (You found it on level 26 of a ziggurat)
187439 | Zig:27   | Identified the cursed ring of Understanding {AC-3 Str+4}
                  | (You found it on level 26 of a ziggurat)
187441 | Zig:27   | Identified the cursed ring of Aqouheri {rElec Int+3 Dex-3
                  | Slay-3} (You found it on level 27 of a ziggurat)
187444 | Zig:27   | Identified an amulet of Wonder {Spirit Str+4} (You found it
                  | on level 26 of a ziggurat)
187447 | Zig:27   | Identified the amulet "Doall" {Faith rN+ Dex+4} (You found
                  | it on level 27 of a ziggurat)
187451 | Zig:27   | Identified the ring "Zedages" {rElec MP+9 Dex-2 Slay+2
                  | Stlth+} (You found it on level 27 of a ziggurat)
187468 | Zig:27   | Got a slimy plate armour
187480 | Zig:27   | Got turquoise-studded ice dragon scales
187535 | Depths:4 | Identified the +4 plate armour of Qona {Dex+6} (You found
                  | it on level 27 of a ziggurat)
187545 | Depths:4 | Identified the +5 ice dragon scales "Roesch" {*Slow rF-
                  | rC++ Str+3 Dex+2 Stlth+} (You found it on level 27 of a
                  | ziggurat)
187636 | Depths:4 | Got a jewelled crystal plate armour
187636 | Depths:4 | Got a pair of shimmering boots
187637 | Depths:4 | Got a pair of shimmering gloves
187637 | Depths:4 | Got a pair of slimy boots
187637 | Depths:4 | Got a transparent cloak
187666 | Depths:4 | Identified the +10 crystal plate armour "Lusonic" {Dex+2}
                  | (You acquired it on level 4 of the Depths)
187676 | Depths:4 | Identified the +0 pair of boots of the Swan {MR+} (You
                  | acquired it on level 4 of the Depths)
187686 | Depths:4 | Identified the -4 pair of gloves of the Valley of Death
                  | {Int+4 Dex+5} (You acquired it on level 4 of the Depths)
187696 | Depths:4 | Identified the +0 pair of boots of Philately {rF+ rCorr}
                  | (You acquired it on level 4 of the Depths)
187706 | Depths:4 | Identified the +0 cloak "Dexzynle" {+Blink Regen+ Dex+6
                  | Slay-4} (You acquired it on level 4 of the Depths)
187794 | Zig:1    | Entered Level 1 of a ziggurat
187860 | Zig:2    | Entered Level 2 of a ziggurat
187863 | Zig:2    | Noticed Yti Icopp the pandemonium lord
187866 | Zig:2    | Killed Yti Icopp the pandemonium lord
187940 | Zig:2    | Identified the Grimoire of Evil Secrets
187954 | Zig:3    | Entered Level 3 of a ziggurat
187954 | Zig:3    | Noticed a shard shrike
187954 | Zig:3    | Noticed a shard shrike
187955 | Zig:3    | Killed a shard shrike
187955 | Zig:3    | Killed a shard shrike
187955 | Zig:3    | Killed a shard shrike
187956 | Zig:3    | Noticed a shard shrike
187956 | Zig:3    | Noticed a shard shrike
187961 | Zig:3    | Killed a shard shrike
187963 | Zig:3    | Killed a shard shrike
188060 | Zig:4    | Entered Level 4 of a ziggurat
188171 | Zig:5    | Entered Level 5 of a ziggurat
188315 | Zig:5    | Identified Sif Muna's Handbook of Unstable Curses
188317 | Zig:5    | Identified Sutal's Guide on Dark Envenoming
188325 | Zig:6    | Entered Level 6 of a ziggurat
188325 | Zig:6    | Noticed a greater mummy
188325 | Zig:6    | Noticed a greater mummy
188325 | Zig:6    | Noticed a greater mummy
188325 | Zig:6    | Noticed a greater mummy
188325 | Zig:6    | Noticed a greater mummy
188325 | Zig:6    | Noticed a greater mummy
188325 | Zig:6    | Noticed a greater mummy
188326 | Zig:6    | Killed a greater mummy
188326 | Zig:6    | Killed a greater mummy
188326 | Zig:6    | Killed a greater mummy
188326 | Zig:6    | Killed a greater mummy
188326 | Zig:6    | Killed a greater mummy
188326 | Zig:6    | Noticed a greater mummy
188326 | Zig:6    | Noticed a greater mummy
188327 | Zig:6    | Killed a greater mummy
188330 | Zig:6    | Killed a greater mummy
188334 | Zig:6    | Noticed a greater mummy
188339 | Zig:6    | Killed a greater mummy
188339 | Zig:6    | Noticed a greater mummy
188340 | Zig:6    | Killed a greater mummy
188341 | Zig:6    | Noticed a greater mummy
188349 | Zig:6    | Killed a greater mummy
188349 | Zig:6    | Killed a greater mummy
188350 | Zig:6    | Killed a greater mummy
188501 | Zig:6    | Identified Gamus's Grimoire of Unstable Transmigration
188517 | Zig:6    | Got a faintly humming scale mail
188524 | Zig:7    | Entered Level 7 of a ziggurat
188545 | Zig:7    | Identified the cursed +0 large shield of the Boiling Point
                  | {rPois rN+ Str+4 SInv}
188727 | Zig:8    | Entered Level 8 of a ziggurat
188727 | Zig:8    | Noticed a shard shrike
188727 | Zig:8    | Noticed a shard shrike
188727 | Zig:8    | Noticed a shard shrike
188727 | Zig:8    | Noticed a shard shrike
188727 | Zig:8    | Noticed a shard shrike
188728 | Zig:8    | Killed a shard shrike
188728 | Zig:8    | Killed a shard shrike
188728 | Zig:8    | Killed a shard shrike
188728 | Zig:8    | Killed a shard shrike
188728 | Zig:8    | Killed a shard shrike
188728 | Zig:8    | Noticed a shard shrike
188728 | Zig:8    | Noticed a shard shrike
188728 | Zig:8    | Noticed a shard shrike
188729 | Zig:8    | Killed a shard shrike
188729 | Zig:8    | Killed a shard shrike
188729 | Zig:8    | Noticed a shard shrike
188729 | Zig:8    | Noticed a shard shrike
188729 | Zig:8    | Noticed a shard shrike
188731 | Zig:8    | Killed a shard shrike
188731 | Zig:8    | Killed a shard shrike
188731 | Zig:8    | Killed a shard shrike
188731 | Zig:8    | Noticed a shard shrike
188733 | Zig:8    | Killed a shard shrike
188735 | Zig:8    | Killed a shard shrike
188735 | Zig:8    | Noticed a shard shrike
188739 | Zig:8    | Killed a shard shrike
188744 | Zig:8    | Noticed a shard shrike
188747 | Zig:8    | Killed a shard shrike
188902 | Zig:8    | Identified The Arcane Arts Continued
188913 | Zig:8    | Got a sparkling copper ring
188920 | Zig:8    | Got a bloodstained scale mail
188925 | Zig:9    | Entered Level 9 of a ziggurat
189146 | Zig:9    | Got a shimmering scale mail
189153 | Zig:10   | Entered Level 10 of a ziggurat
189153 | Zig:10   | Noticed an ancient lich
189153 | Zig:10   | Noticed an ancient lich
189153 | Zig:10   | Noticed an ancient lich
189153 | Zig:10   | Noticed an ancient lich
189153 | Zig:10   | Noticed an ancient lich
189153 | Zig:10   | Noticed an ancient lich
189153 | Zig:10   | Noticed an ancient lich
189153 | Zig:10   | Noticed an ancient lich
189153 | Zig:10   | Noticed an ancient lich
189154 | Zig:10   | Killed an ancient lich
189154 | Zig:10   | Noticed an ancient lich
189154 | Zig:10   | Noticed an ancient lich
189155 | Zig:10   | Killed an ancient lich
189155 | Zig:10   | Killed an ancient lich
189155 | Zig:10   | Killed an ancient lich
189155 | Zig:10   | Killed an ancient lich
189155 | Zig:10   | Killed an ancient lich
189155 | Zig:10   | Killed an ancient lich
189155 | Zig:10   | Killed an ancient lich
189155 | Zig:10   | Killed an ancient lich
189155 | Zig:10   | Killed an ancient lich
189155 | Zig:10   | Noticed an ancient lich
189157 | Zig:10   | Killed an ancient lich
189158 | Zig:10   | Noticed an ancient lich
189158 | Zig:10   | Killed an ancient lich
189158 | Zig:10   | Killed an ancient lich
189158 | Zig:10   | Noticed an ancient lich
189158 | Zig:10   | Noticed an ancient lich
189161 | Zig:10   | Noticed an ancient lich
189161 | Zig:10   | Noticed an ancient lich
189162 | Zig:10   | Killed an ancient lich
189162 | Zig:10   | Killed an ancient lich
189162 | Zig:10   | Killed an ancient lich
189162 | Zig:10   | Noticed an ancient lich
189164 | Zig:10   | Killed an ancient lich
189164 | Zig:10   | Noticed an ancient lich
189166 | Zig:10   | Killed an ancient lich
189166 | Zig:10   | Noticed an ancient lich
189166 | Zig:10   | Noticed an ancient lich
189168 | Zig:10   | Killed an ancient lich
189168 | Zig:10   | Killed an ancient lich
189168 | Zig:10   | Noticed an ancient lich
189170 | Zig:10   | Killed an ancient lich
189172 | Zig:10   | Noticed an ancient lich
189174 | Zig:10   | Killed an ancient lich
189174 | Zig:10   | Killed an ancient lich
189336 | Zig:10   | Got a bound sapphire amulet
189344 | Zig:10   | Got a brightly glowing pewter ring
189348 | Zig:10   | Got a sparkling amber ring
189370 | Zig:11   | Entered Level 11 of a ziggurat
189624 | Zig:11   | Identified Sif Muna's Papyrus of Torrid Snow
189637 | Zig:12   | Entered Level 12 of a ziggurat
189899 | Zig:12   | Identified the Handbook of Ashen Shape Shifting
189908 | Zig:13   | Entered Level 13 of a ziggurat
190185 | Zig:14   | Entered Level 14 of a ziggurat
190419 | Zig:14   | Got a vibrating pewter amulet
190426 | Zig:14   | Identified the Tome of Aid and Necromancy
190473 | Zig:15   | Entered Level 15 of a ziggurat
190721 | Zig:15   | Got a faintly humming scale mail
190727 | Zig:15   | Got a distressingly furry chain mail
190733 | Zig:16   | Entered Level 16 of a ziggurat
190733 | Zig:16   | Noticed a greater mummy
190733 | Zig:16   | Noticed a greater mummy
190733 | Zig:16   | Noticed a greater mummy
190733 | Zig:16   | Noticed a greater mummy
190733 | Zig:16   | Noticed a greater mummy
190733 | Zig:16   | Noticed a greater mummy
190733 | Zig:16   | Noticed a greater mummy
190733 | Zig:16   | Noticed a greater mummy
190733 | Zig:16   | Noticed a greater mummy
190733 | Zig:16   | Noticed a greater mummy
190737 | Zig:16   | Noticed an ancient lich
190737 | Zig:16   | Killed a greater mummy
190737 | Zig:16   | Killed a greater mummy
190737 | Zig:16   | Noticed a greater mummy
190737 | Zig:16   | Noticed a greater mummy
190738 | Zig:16   | Killed a greater mummy
190738 | Zig:16   | Killed a greater mummy
190738 | Zig:16   | Killed an ancient lich
190738 | Zig:16   | Killed a greater mummy
190738 | Zig:16   | Noticed a greater mummy
190738 | Zig:16   | Noticed a greater mummy
190739 | Zig:16   | Killed a greater mummy
190739 | Zig:16   | Killed a greater mummy
190739 | Zig:16   | Noticed a greater mummy
190739 | Zig:16   | Noticed a greater mummy
190740 | Zig:16   | Killed a greater mummy
190740 | Zig:16   | Killed a greater mummy
190740 | Zig:16   | Killed a greater mummy
190740 | Zig:16   | Killed a greater mummy
190740 | Zig:16   | Killed a greater mummy
190740 | Zig:16   | Noticed a greater mummy
190741 | Zig:16   | Noticed a greater mummy
190745 | Zig:16   | Killed a greater mummy
190745 | Zig:16   | Killed a greater mummy
190746 | Zig:16   | Killed a greater mummy
190746 | Zig:16   | Killed a greater mummy
190746 | Zig:16   | Noticed a greater mummy
190747 | Zig:16   | Killed a greater mummy
190747 | Zig:16   | Killed a greater mummy
190750 | Zig:16   | Killed a greater mummy
190752 | Zig:16   | Noticed a greater mummy
190758 | Zig:16   | Killed a greater mummy
190760 | Zig:16   | Noticed a greater mummy
190760 | Zig:16   | Noticed a greater mummy
190763 | Zig:16   | Noticed a greater mummy
190765 | Zig:16   | Noticed a greater mummy
190768 | Zig:16   | Killed a greater mummy
190768 | Zig:16   | Killed a greater mummy
190768 | Zig:16   | Noticed a greater mummy
190770 | Zig:16   | Killed a greater mummy
190770 | Zig:16   | Killed a greater mummy
190770 | Zig:16   | Noticed a greater mummy
190773 | Zig:16   | Noticed a greater mummy
190774 | Zig:16   | Killed a greater mummy
190775 | Zig:16   | Noticed a greater mummy
190776 | Zig:16   | Killed a greater mummy
190778 | Zig:16   | Killed a greater mummy
190779 | Zig:16   | Killed a greater mummy
190784 | Zig:16   | Noticed a greater mummy
190792 | Zig:16   | Killed a greater mummy
190960 | Zig:16   | Identified the Tome of the Enthralling Mountains
190963 | Zig:16   | Got a shimmering steel ring
190966 | Zig:16   | Got a sparkling bronze ring
190995 | Zig:17   | Entered Level 17 of a ziggurat
191265 | Zig:17   | Identified the +1 scale mail of Goefecyi {rF+} (You found
                  | it on level 6 of a ziggurat)
191276 | Zig:17   | Identified the +2 scale mail of Ennui {-Cast rElec rF+
                  | Str+5} (You found it on level 8 of a ziggurat)
191287 | Zig:17   | Identified the +0 scale mail "Healaq" {rN+ Str+7 Stlth+}
                  | (You found it on level 9 of a ziggurat)
191298 | Zig:17   | Identified the +5 scale mail of the Villain {+Blink rC+ MR+
                  | Str+4} (You found it on level 15 of a ziggurat)
191309 | Zig:17   | Identified the +7 chain mail of Xafol {rF- rCorr Slay+6}
                  | (You found it on level 15 of a ziggurat)
191316 | Zig:17   | Identified the ring of Xerho {rElec MR+ MP+9 Int+3 Dex-5}
                  | (You found it on level 10 of a ziggurat)
191319 | Zig:17   | Identified the ring of Okawaru's Castigation {MP+9 Str+2
                  | Int+3} (You found it on level 8 of a ziggurat)
191321 | Zig:17   | Identified the ring "Huas Uri" {+Blink +Fly rN+ Str+4
                  | Dex-4} (You found it on level 10 of a ziggurat)
191323 | Zig:17   | Identified the ring of Nukhieme {+Fly MR- AC+2 Str+7
                  | Stlth+} (You found it on level 16 of a ziggurat)
191325 | Zig:17   | Identified the ring of Wufaifem {rF+ MR+ SInv} (You found
                  | it on level 16 of a ziggurat)
191329 | Zig:17   | Identified the amulet "Rileuv" {Acrobat rElec MR+} (You
                  | found it on level 10 of a ziggurat)
191332 | Zig:17   | Identified the amulet "Vidili Qulai" {Faith +Inv} (You
                  | found it on level 14 of a ziggurat)
191356 | Zig:17   | Got a coiled bronze ring
191368 | Zig:17   | Got a transparent ivory ring
191382 | Zig:17   | Got a scorched plate armour
191394 | Zig:17   | Got a shimmering triple sword
191397 | Zig:17   | Identified the +0 triple sword of Rubbish {slice, rF+
                  | Str+4} (You found it on level 17 of a ziggurat)
191409 | Zig:17   | Identified the +2 plate armour "Pirihis" {MP+9 Dex+3} (You
                  | found it on level 17 of a ziggurat)
191415 | Zig:17   | Identified the ring "Unen" {rF+ MR+ Int+6 Stlth-} (You
                  | found it on level 17 of a ziggurat)
191417 | Zig:17   | Identified the ring "Poruskoh" {*Slow rPois rF+ Str+2
                  | Stlth+} (You found it on level 17 of a ziggurat)
191443 | Zig:18   | Entered Level 18 of a ziggurat
191518 | Zig:18   | Killed a starcursed mass
191716 | Zig:18   | Got a pitted bronze ring
191723 | Zig:18   | Got a heavily runed brass ring
191738 | Zig:18   | Got a transparent pewter ring
191740 | Zig:18   | Got a glittering pewter ring
191762 | Zig:19   | Entered Level 19 of a ziggurat
191762 | Zig:19   | Noticed a Killer Klown
191762 | Zig:19   | Noticed Yshraetell the pandemonium lord
191762 | Zig:19   | Noticed a Killer Klown
191762 | Zig:19   | Noticed Yxituom the pandemonium lord
191762 | Zig:19   | Noticed Wunusch the pandemonium lord
191762 | Zig:19   | Noticed Safuho the pandemonium lord
191762 | Zig:19   | Noticed Orphog the pandemonium lord
191762 | Zig:19   | Noticed a Killer Klown
191762 | Zig:19   | Noticed Xaemies the pandemonium lord
191762 | Zig:19   | Noticed Caurobuv the pandemonium lord
191762 | Zig:19   | Noticed Plog the pandemonium lord
191762 | Zig:19   | Noticed Jagyr the pandemonium lord
191762 | Zig:19   | Noticed a Killer Klown
191762 | Zig:19   | Noticed Feuhun the pandemonium lord
191762 | Zig:19   | Noticed Quumm the pandemonium lord
191762 | Zig:19   | Noticed a Killer Klown
191762 | Zig:19   | Noticed a Killer Klown
191762 | Zig:19   | Noticed Leuvvu the pandemonium lord
191762 | Zig:19   | Noticed Pimamos the pandemonium lord
191762 | Zig:19   | Noticed Ozat the pandemonium lord
191762 | Zig:19   | Noticed Luron the pandemonium lord
191762 | Zig:19   | Noticed a Killer Klown
191762 | Zig:19   | Noticed Yjaetol the pandemonium lord
191762 | Zig:19   | Noticed Talasex the pandemonium lord
191762 | Zig:19   | Noticed Gekhek the pandemonium lord
191762 | Zig:19   | Noticed Otiod the pandemonium lord
191762 | Zig:19   | Noticed Janiles the pandemonium lord
191762 | Zig:19   | Noticed a Killer Klown
191762 | Zig:19   | Noticed a Killer Klown
191762 | Zig:19   | Noticed Uhiul the pandemonium lord
191762 | Zig:19   | Noticed a Killer Klown
191762 | Zig:19   | Noticed Oddiys the pandemonium lord
191762 | Zig:19   | Noticed Laygryug the pandemonium lord
191762 | Zig:19   | Noticed Ixelih the pandemonium lord
191762 | Zig:19   | Noticed Numu the pandemonium lord
191762 | Zig:19   | Noticed Dozitoag the pandemonium lord
191762 | Zig:19   | Noticed Paafoawom the pandemonium lord
191762 | Zig:19   | Noticed Icacvis the pandemonium lord
191762 | Zig:19   | Noticed a Killer Klown
191762 | Zig:19   | Noticed Henipuag the pandemonium lord
191762 | Zig:19   | Noticed Fishrats the pandemonium lord
191764 | Zig:19   | Noticed Juall the pandemonium lord
191765 | Zig:19   | Killed a Killer Klown
191765 | Zig:19   | Killed a Killer Klown
191765 | Zig:19   | Killed Orphog the pandemonium lord
191765 | Zig:19   | Killed Yjaetol the pandemonium lord
191765 | Zig:19   | Killed a Killer Klown
191765 | Zig:19   | Killed a Killer Klown
191765 | Zig:19   | Killed Janiles the pandemonium lord
191765 | Zig:19   | Killed a Killer Klown
191765 | Zig:19   | Killed Talasex the pandemonium lord
191765 | Zig:19   | Killed a Killer Klown
191765 | Zig:19   | Killed Numu the pandemonium lord
191765 | Zig:19   | Killed Leuvvu the pandemonium lord
191765 | Zig:19   | Killed Laygryug the pandemonium lord
191765 | Zig:19   | Killed a Killer Klown
191765 | Zig:19   | Killed Henipuag the pandemonium lord
191765 | Zig:19   | Killed a Killer Klown
191765 | Zig:19   | Killed a Killer Klown
191765 | Zig:19   | Killed Paafoawom the pandemonium lord
191765 | Zig:19   | Killed Ixelih the pandemonium lord
191765 | Zig:19   | Noticed a Killer Klown
191765 | Zig:19   | Noticed Fucad the pandemonium lord
191765 | Zig:19   | Noticed a Killer Klown
191766 | Zig:19   | Noticed Pun Qon the pandemonium lord
191766 | Zig:19   | Killed Icacvis the pandemonium lord
191766 | Zig:19   | Killed a Killer Klown
191766 | Zig:19   | Killed a Killer Klown
191766 | Zig:19   | Killed Xaemies the pandemonium lord
191766 | Zig:19   | Killed a Killer Klown
191766 | Zig:19   | Killed Safuho the pandemonium lord
191766 | Zig:19   | Noticed Qehug the pandemonium lord
191766 | Zig:19   | Noticed Feduth the pandemonium lord
191766 | Zig:19   | Noticed Nubufel the pandemonium lord
191766 | Zig:19   | Noticed Ful Vet the pandemonium lord
191767 | Zig:19   | Noticed Sigy the pandemonium lord
191767 | Zig:19   | Killed Uhiul the pandemonium lord
191767 | Zig:19   | Killed Ozat the pandemonium lord
191767 | Zig:19   | Killed Wunusch the pandemonium lord
191767 | Zig:19   | Killed Quumm the pandemonium lord
191767 | Zig:19   | Killed a Killer Klown
191767 | Zig:19   | Killed Pimamos the pandemonium lord
191767 | Zig:19   | Killed Gekhek the pandemonium lord
191767 | Zig:19   | Noticed Yziel the pandemonium lord
191767 | Zig:19   | Noticed Otougij the pandemonium lord
191768 | Zig:19   | Killed Dozitoag the pandemonium lord
191768 | Zig:19   | Killed Otiod the pandemonium lord
191768 | Zig:19   | Killed Fucad the pandemonium lord
191768 | Zig:19   | Killed Yxituom the pandemonium lord
191768 | Zig:19   | Killed Fishrats the pandemonium lord
191768 | Zig:19   | Killed Oddiys the pandemonium lord
191768 | Zig:19   | Noticed Akkecow the pandemonium lord
191769 | Zig:19   | Killed Jagyr the pandemonium lord
191769 | Zig:19   | Killed Feuhun the pandemonium lord
191769 | Zig:19   | Killed Yshraetell the pandemonium lord
191769 | Zig:19   | Killed Ful Vet the pandemonium lord
191769 | Zig:19   | Killed Plog the pandemonium lord
191769 | Zig:19   | Noticed Dorywkog the pandemonium lord
191769 | Zig:19   | Noticed Raaliq the pandemonium lord
191770 | Zig:19   | Noticed Guuraef Xaru the pandemonium lord
191770 | Zig:19   | Noticed Pynem the pandemonium lord
191770 | Zig:19   | Noticed Jotost the pandemonium lord
191772 | Zig:19   | Noticed a Killer Klown
191774 | Zig:19   | Noticed Gerchuol the pandemonium lord
191775 | Zig:19   | Noticed a Killer Klown
191776 | Zig:19   | Killed Juall the pandemonium lord
191776 | Zig:19   | Noticed Peuseske the pandemonium lord
191776 | Zig:19   | Noticed Ykikagov the pandemonium lord
191776 | Zig:19   | Noticed a Killer Klown
191777 | Zig:19   | Killed Caurobuv the pandemonium lord
191777 | Zig:19   | Killed a Killer Klown
191777 | Zig:19   | Killed Jotost the pandemonium lord
191777 | Zig:19   | Killed Otougij the pandemonium lord
191777 | Zig:19   | Killed Pun Qon the pandemonium lord
191777 | Zig:19   | Killed a Killer Klown
191777 | Zig:19   | Noticed Ipheu the pandemonium lord
191777 | Zig:19   | Noticed Nemempel the pandemonium lord
191778 | Zig:19   | Killed a Killer Klown
191778 | Zig:19   | Noticed Okoraff the pandemonium lord
191778 | Zig:19   | Noticed a Killer Klown
191778 | Zig:19   | Noticed Ydolutucw the pandemonium lord
191779 | Zig:19   | Killed Feduth the pandemonium lord
191779 | Zig:19   | Killed Nubufel the pandemonium lord
191779 | Zig:19   | Killed Qehug the pandemonium lord
191779 | Zig:19   | Killed Pynem the pandemonium lord
191779 | Zig:19   | Killed Gerchuol the pandemonium lord
191779 | Zig:19   | Killed Ykikagov the pandemonium lord
191779 | Zig:19   | Killed Dorywkog the pandemonium lord
191779 | Zig:19   | Noticed Fasarphegg the pandemonium lord
191780 | Zig:19   | Noticed Imnof the pandemonium lord
191780 | Zig:19   | Killed Raaliq the pandemonium lord
191780 | Zig:19   | Killed Yziel the pandemonium lord
191780 | Zig:19   | Noticed Tafyeric the pandemonium lord
191780 | Zig:19   | Noticed a Killer Klown
191781 | Zig:19   | Killed a Killer Klown
191782 | Zig:19   | Noticed Xuisupro the pandemonium lord
191782 | Zig:19   | Noticed Peskiur the pandemonium lord
191782 | Zig:19   | Noticed a Killer Klown
191783 | Zig:19   | Noticed Iligulul the pandemonium lord
191783 | Zig:19   | Noticed Axzap the pandemonium lord
191784 | Zig:19   | Noticed a Killer Klown
191785 | Zig:19   | Noticed Xejilamo the pandemonium lord
191785 | Zig:19   | Noticed Ciuskaax the pandemonium lord
191786 | Zig:19   | Noticed Tarenohu the pandemonium lord
191787 | Zig:19   | Noticed Kixkuzoapo the pandemonium lord
191787 | Zig:19   | Killed Luron the pandemonium lord
191787 | Zig:19   | Noticed Diufohal the pandemonium lord
191787 | Zig:19   | Noticed a Killer Klown
191787 | Zig:19   | Noticed Gicwy the pandemonium lord
191788 | Zig:19   | Noticed Naexis the pandemonium lord
191788 | Zig:19   | Killed Nemempel the pandemonium lord
191789 | Zig:19   | Noticed Dighuud the pandemonium lord
191790 | Zig:19   | Noticed Rizeatiy the pandemonium lord
191790 | Zig:19   | Noticed Venwedoh the pandemonium lord
191791 | Zig:19   | Noticed a Killer Klown
191791 | Zig:19   | Killed a Killer Klown
191791 | Zig:19   | Killed Akkecow the pandemonium lord
191791 | Zig:19   | Noticed a Killer Klown
191791 | Zig:19   | Noticed Waimutwi the pandemonium lord
191792 | Zig:19   | Killed Imnof the pandemonium lord
191792 | Zig:19   | Killed Ydolutucw the pandemonium lord
191792 | Zig:19   | Killed Sigy the pandemonium lord
191792 | Zig:19   | Killed a Killer Klown
191792 | Zig:19   | Killed a Killer Klown
191792 | Zig:19   | Killed a Killer Klown
191792 | Zig:19   | Killed a Killer Klown
191793 | Zig:19   | Killed Peuseske the pandemonium lord
191793 | Zig:19   | Killed Xejilamo the pandemonium lord
191793 | Zig:19   | Killed a Killer Klown
191793 | Zig:19   | Killed Axzap the pandemonium lord
191793 | Zig:19   | Noticed Boitibef the pandemonium lord
191793 | Zig:19   | Noticed a Killer Klown
191793 | Zig:19   | Noticed a Killer Klown
191793 | Zig:19   | Noticed Ucomas the pandemonium lord
191793 | Zig:19   | Noticed a Killer Klown
191794 | Zig:19   | Killed Ipheu the pandemonium lord
191794 | Zig:19   | Killed Iligulul the pandemonium lord
191794 | Zig:19   | Killed Tarenohu the pandemonium lord
191794 | Zig:19   | Killed Okoraff the pandemonium lord
191794 | Zig:19   | Killed Tafyeric the pandemonium lord
191794 | Zig:19   | Noticed Kiate the pandemonium lord
191795 | Zig:19   | Noticed Wuif the pandemonium lord
191795 | Zig:19   | Killed Ciuskaax the pandemonium lord
191795 | Zig:19   | Killed a Killer Klown
191795 | Zig:19   | Noticed Buori the pandemonium lord
191795 | Zig:19   | Noticed Hiclaec the pandemonium lord
191796 | Zig:19   | Killed Xuisupro the pandemonium lord
191796 | Zig:19   | Killed a Killer Klown
191796 | Zig:19   | Killed Peskiur the pandemonium lord
191796 | Zig:19   | Killed Fasarphegg the pandemonium lord
191796 | Zig:19   | Killed Boitibef the pandemonium lord
191796 | Zig:19   | Killed a Killer Klown
191796 | Zig:19   | Killed Guuraef Xaru the pandemonium lord
191797 | Zig:19   | Noticed Locaanes the pandemonium lord
191797 | Zig:19   | Noticed Xysomeuf the pandemonium lord
191798 | Zig:19   | Noticed a Killer Klown
191798 | Zig:19   | Killed Kixkuzoapo the pandemonium lord
191798 | Zig:19   | Killed a Killer Klown
191798 | Zig:19   | Killed Waimutwi the pandemonium lord
191798 | Zig:19   | Noticed a Killer Klown
191798 | Zig:19   | Noticed Isotab the pandemonium lord
191798 | Zig:19   | Noticed a Killer Klown
191798 | Zig:19   | Noticed Azustroq the pandemonium lord
191798 | Zig:19   | Noticed Vuma the pandemonium lord
191799 | Zig:19   | Noticed Rywuk the pandemonium lord
191800 | Zig:19   | Noticed Mish the pandemonium lord
191800 | Zig:19   | Noticed Beanauh the pandemonium lord
191800 | Zig:19   | Noticed Xehaeguf the pandemonium lord
191800 | Zig:19   | Noticed Womusa the pandemonium lord
191800 | Zig:19   | Noticed Gollauce the pandemonium lord
191801 | Zig:19   | Noticed a Killer Klown
191801 | Zig:19   | Noticed Ryisih the pandemonium lord
191802 | Zig:19   | Killed Diufohal the pandemonium lord
191803 | Zig:19   | Noticed a Killer Klown
191803 | Zig:19   | Noticed Zedarer the pandemonium lord
191803 | Zig:19   | Noticed Ewopafa the pandemonium lord
191803 | Zig:19   | Noticed a Killer Klown
191804 | Zig:19   | Noticed Cigydgh the pandemonium lord
191804 | Zig:19   | Killed Naexis the pandemonium lord
191804 | Zig:19   | Killed Gicwy the pandemonium lord
191805 | Zig:19   | Killed Azustroq the pandemonium lord
191806 | Zig:19   | Killed Hiclaec the pandemonium lord
191806 | Zig:19   | Killed Wuif the pandemonium lord
191806 | Zig:19   | Killed a Killer Klown
191806 | Zig:19   | Killed Rywuk the pandemonium lord
191806 | Zig:19   | Killed a Killer Klown
191806 | Zig:19   | Killed a Killer Klown
191806 | Zig:19   | Killed Ryisih the pandemonium lord
191806 | Zig:19   | Killed a Killer Klown
191806 | Zig:19   | Killed Isotab the pandemonium lord
191806 | Zig:19   | Noticed Zusef the pandemonium lord
191807 | Zig:19   | Killed Xysomeuf the pandemonium lord
191808 | Zig:19   | Noticed Asiveguh the pandemonium lord
191808 | Zig:19   | Noticed Coilamem the pandemonium lord
191808 | Zig:19   | Noticed Viukk the pandemonium lord
191810 | Zig:19   | Noticed Koot the pandemonium lord
191823 | Zig:19   | Killed Kiate the pandemonium lord
191824 | Zig:19   | Noticed Qoasm the pandemonium lord
191826 | Zig:19   | Killed Beanauh the pandemonium lord
191826 | Zig:19   | Killed Venwedoh the pandemonium lord
191826 | Zig:19   | Killed Buori the pandemonium lord
191828 | Zig:19   | Killed Vuma the pandemonium lord
191829 | Zig:19   | Killed Rizeatiy the pandemonium lord
191829 | Zig:19   | Killed Zedarer the pandemonium lord
191833 | Zig:19   | Killed Ucomas the pandemonium lord
191833 | Zig:19   | Killed Mish the pandemonium lord
191833 | Zig:19   | Killed Ysuasm the pandemonium lord
191833 | Zig:19   | Killed Dighuud the pandemonium lord
191834 | Zig:19   | Killed Locaanes the pandemonium lord
191834 | Zig:19   | Killed Ewopafa the pandemonium lord
191834 | Zig:19   | Noticed Zuell the pandemonium lord
191835 | Zig:19   | Killed Cigydgh the pandemonium lord
191835 | Zig:19   | Killed Coilamem the pandemonium lord
191835 | Zig:19   | Killed Asiveguh the pandemonium lord
191836 | Zig:19   | Killed Qoasm the pandemonium lord
191836 | Zig:19   | Killed Xehaeguf the pandemonium lord
191836 | Zig:19   | Killed Gollauce the pandemonium lord
191836 | Zig:19   | Noticed Egem the pandemonium lord
191842 | Zig:19   | Killed Womusa the pandemonium lord
191843 | Zig:19   | Killed Egem the pandemonium lord
191844 | Zig:19   | Killed Zuell the pandemonium lord
191844 | Zig:19   | Killed Viukk the pandemonium lord
191844 | Zig:19   | Killed Zusef the pandemonium lord
191844 | Zig:19   | Killed Koot the pandemonium lord
192046 | Zig:19   | Identified the Handbook of Enthralling Earth
192055 | Zig:19   | Got a jewelled ring mail
192068 | Zig:19   | Got a warped chain mail
192075 | Zig:20   | Entered Level 20 of a ziggurat
192338 | Zig:20   | Got a crude jade ring
192351 | Zig:20   | Identified the Handbook of Virous Curses
192387 | Zig:20   | Got a diamond-encrusted scale mail
192394 | Zig:21   | Entered Level 21 of a ziggurat
192689 | Zig:21   | Got a scorched silver ring
192700 | Zig:21   | Identified Ycwilyeh's Reference Book on Harmful Evil
192710 | Zig:21   | Got a smoking brass ring
192715 | Zig:21   | Got a scintillating wooden ring
192719 | Zig:21   | Got a glittering lead ring
192734 | Zig:21   | Identified the ring "Irunalil" {rF+ Dex+4 Slay+5} (You
                  | found it on level 18 of a ziggurat)
192736 | Zig:21   | Identified the ring "Mocorr" {rF+ rC++ SInv} (You found it
                  | on level 18 of a ziggurat)
192738 | Zig:21   | Identified the ring "Yheok" {rElec MR+} (You found it on
                  | level 18 of a ziggurat)
192740 | Zig:21   | Identified the ring of Faepnam {+Fly rPois Int+5 Dex-2}
                  | (You found it on level 18 of a ziggurat)
192742 | Zig:21   | Identified the ring of Asiar {AC+3 Dex+5 Slay+2} (You found
                  | it on level 20 of a ziggurat)
192744 | Zig:21   | Identified the ring of Gawibrur {*Tele Dex+4} (You found it
                  | on level 21 of a ziggurat)
192746 | Zig:21   | Identified the ring "Benem" {Str+3 Stlth-} (You found it on
                  | level 21 of a ziggurat)
192748 | Zig:21   | Identified the cursed ring "Full" {rElec rF- MR+++ Int-2
                  | Dex-3} (You found it on level 21 of a ziggurat)
192750 | Zig:21   | Identified the ring of Lesser Demons {+Fly rF+ Int+2 Dex+4
                  | Slay+3} (You found it on level 21 of a ziggurat)
192762 | Zig:21   | Identified the +1 scale mail of Leaves {rC+ rCorr} (You
                  | found it on level 20 of a ziggurat)
192773 | Zig:21   | Identified the +1 chain mail of Quantum Leap {rC+ Str+5}
                  | (You found it on level 19 of a ziggurat)
192784 | Zig:21   | Identified the +3 ring mail of the Bulwark {rN+ rCorr} (You
                  | found it on level 19 of a ziggurat)
192804 | Zig:21   | Got a smoking ring mail
192808 | Zig:21   | Got an ichor-stained plate armour
192811 | Zig:21   | Got a spiked scale mail
192819 | Zig:22   | Entered Level 22 of a ziggurat
192929 | Zig:22   | Noticed an ancient lich
192935 | Zig:22   | Killed an ancient lich
192977 | Zig:22   | Killed a starcursed mass
193343 | Zig:22   | Identified the Compendium of Conjuration and Unholy Magic
193360 | Zig:22   | Identified Sif Muna's Witchery Continued
193373 | Zig:23   | Entered Level 23 of a ziggurat
193679 | Zig:23   | Identified Amiti's Papyrus of the Arsonist
193682 | Zig:23   | Identified Sif Muna's Incunabulum of Translocation
193708 | Zig:23   | Got a distressingly furry ring mail
193719 | Zig:24   | Entered Level 24 of a ziggurat
193719 | Zig:24   | Noticed Kedd the pandemonium lord
193719 | Zig:24   | Noticed Inengy the pandemonium lord
193719 | Zig:24   | Noticed Haomm the pandemonium lord
193719 | Zig:24   | Noticed Vur Big the pandemonium lord
193719 | Zig:24   | Noticed Qaghavi the pandemonium lord
193719 | Zig:24   | Noticed Feemy the pandemonium lord
193719 | Zig:24   | Noticed Piprac the pandemonium lord
193719 | Zig:24   | Noticed Jimut the pandemonium lord
193719 | Zig:24   | Noticed a Killer Klown
193719 | Zig:24   | Noticed Alahonn the pandemonium lord
193719 | Zig:24   | Noticed Oreliffe the pandemonium lord
193719 | Zig:24   | Noticed Oworauz the pandemonium lord
193719 | Zig:24   | Noticed Wemor the pandemonium lord
193719 | Zig:24   | Noticed a Killer Klown
193719 | Zig:24   | Noticed Zoteingo the pandemonium lord
193719 | Zig:24   | Noticed Fyitied the pandemonium lord
193719 | Zig:24   | Noticed Qenlop the pandemonium lord
193719 | Zig:24   | Noticed Zassotri the pandemonium lord
193719 | Zig:24   | Noticed Xial the pandemonium lord
193719 | Zig:24   | Noticed Jesorchem the pandemonium lord
193719 | Zig:24   | Noticed Sassed the pandemonium lord
193719 | Zig:24   | Noticed Xeuhoox the pandemonium lord
193719 | Zig:24   | Noticed Vuamp the pandemonium lord
193719 | Zig:24   | Noticed a Killer Klown
193719 | Zig:24   | Noticed Ibukkad the pandemonium lord
193719 | Zig:24   | Noticed Rankiy the pandemonium lord
193719 | Zig:24   | Noticed Ezxi the pandemonium lord
193719 | Zig:24   | Noticed Citweigi the pandemonium lord
193719 | Zig:24   | Noticed Ujiruysk the pandemonium lord
193719 | Zig:24   | Noticed Hekiol the pandemonium lord
193719 | Zig:24   | Noticed Mirrun the pandemonium lord
193719 | Zig:24   | Noticed Buisyz the pandemonium lord
193719 | Zig:24   | Noticed Eczol the pandemonium lord
193719 | Zig:24   | Noticed Buvao the pandemonium lord
193719 | Zig:24   | Noticed Peful the pandemonium lord
193719 | Zig:24   | Noticed Avukhaxt the pandemonium lord
193719 | Zig:24   | Noticed a Killer Klown
193719 | Zig:24   | Noticed a Killer Klown
193720 | Zig:24   | Killed Kedd the pandemonium lord
193720 | Zig:24   | Killed Alahonn the pandemonium lord
193720 | Zig:24   | Killed Wemor the pandemonium lord
193720 | Zig:24   | Killed Qaghavi the pandemonium lord
193720 | Zig:24   | Killed Zassotri the pandemonium lord
193720 | Zig:24   | Killed a Killer Klown
193720 | Zig:24   | Killed a Killer Klown
193720 | Zig:24   | Killed Xial the pandemonium lord
193720 | Zig:24   | Killed Ibukkad the pandemonium lord
193720 | Zig:24   | Killed Rankiy the pandemonium lord
193720 | Zig:24   | Killed Eczol the pandemonium lord
193720 | Zig:24   | Killed Buvao the pandemonium lord
193720 | Zig:24   | Killed a Killer Klown
193720 | Zig:24   | Noticed Fohotir the pandemonium lord
193720 | Zig:24   | Noticed Gatihuin the pandemonium lord
193720 | Zig:24   | Noticed Dont the pandemonium lord
193721 | Zig:24   | Killed Peful the pandemonium lord
193721 | Zig:24   | Killed Jesorchem the pandemonium lord
193721 | Zig:24   | Killed Ezxi the pandemonium lord
193721 | Zig:24   | Killed Piprac the pandemonium lord
193721 | Zig:24   | Killed Qenlop the pandemonium lord
193721 | Zig:24   | Killed a Killer Klown
193721 | Zig:24   | Noticed Calintas the pandemonium lord
193721 | Zig:24   | Noticed a Killer Klown
193721 | Zig:24   | Noticed Fibleuh the pandemonium lord
193722 | Zig:24   | Noticed Ubluq the pandemonium lord
193722 | Zig:24   | Killed a Killer Klown
193722 | Zig:24   | Noticed Qeteum the pandemonium lord
193722 | Zig:24   | Noticed Dymiumy the pandemonium lord
193722 | Zig:24   | Noticed Kinnu the pandemonium lord
193722 | Zig:24   | Noticed a Killer Klown
193723 | Zig:24   | Noticed Ibapsirph the pandemonium lord
193723 | Zig:24   | Killed Ujiruysk the pandemonium lord
193723 | Zig:24   | Noticed Doarghyth the pandemonium lord
193723 | Zig:24   | Noticed Oredusch the pandemonium lord
193724 | Zig:24   | Noticed Adus the pandemonium lord
193724 | Zig:24   | Killed Mirrun the pandemonium lord
193726 | Zig:24   | Killed Buisyz the pandemonium lord
193726 | Zig:24   | Killed Oworauz the pandemonium lord
193726 | Zig:24   | Noticed Vyng the pandemonium lord
193726 | Zig:24   | Noticed Teox the pandemonium lord
193727 | Zig:24   | Killed Citweigi the pandemonium lord
193727 | Zig:24   | Killed Zoteingo the pandemonium lord
193727 | Zig:24   | Killed Hekiol the pandemonium lord
193727 | Zig:24   | Killed Inengy the pandemonium lord
193727 | Zig:24   | Killed Xeuhoox the pandemonium lord
193728 | Zig:24   | Noticed Emnoonegopp the pandemonium lord
193729 | Zig:24   | Killed Vur Big the pandemonium lord
193730 | Zig:24   | Noticed Zis Gera the pandemonium lord
193730 | Zig:24   | Noticed a Killer Klown
193730 | Zig:24   | Noticed a Killer Klown
193731 | Zig:24   | Noticed Zoac the pandemonium lord
193731 | Zig:24   | Noticed Leah the pandemonium lord
193732 | Zig:24   | Noticed Xeaduecw the pandemonium lord
193735 | Zig:24   | Noticed Nangaol the pandemonium lord
193735 | Zig:24   | Noticed a Killer Klown
193735 | Zig:24   | Noticed Hehuthrei the pandemonium lord
193735 | Zig:24   | Noticed Suudobib the pandemonium lord
193735 | Zig:24   | Noticed Raurchaakk the pandemonium lord
193735 | Zig:24   | Killed Vuamp the pandemonium lord
193735 | Zig:24   | Killed Haomm the pandemonium lord
193736 | Zig:24   | Noticed Ymibbun the pandemonium lord
193736 | Zig:24   | Noticed Cyobiuq the pandemonium lord
193736 | Zig:24   | Noticed Zilab the pandemonium lord
193736 | Zig:24   | Noticed Unacaly the pandemonium lord
193736 | Zig:24   | Noticed Omiad the pandemonium lord
193736 | Zig:24   | Noticed Mazash the pandemonium lord
193736 | Zig:24   | Killed Avukhaxt the pandemonium lord
193736 | Zig:24   | Killed Feemy the pandemonium lord
193736 | Zig:24   | Noticed Xackufyi the pandemonium lord
193736 | Zig:24   | Noticed Boloil Yhea the pandemonium lord
193737 | Zig:24   | Noticed Vacex the pandemonium lord
193737 | Zig:24   | Noticed Jyremeyg the pandemonium lord
193737 | Zig:24   | Noticed Afiorphoudo the pandemonium lord
193737 | Zig:24   | Noticed a Killer Klown
193737 | Zig:24   | Killed Kinnu the pandemonium lord
193737 | Zig:24   | Noticed a Killer Klown
193738 | Zig:24   | Killed Sassed the pandemonium lord
193738 | Zig:24   | Killed Ibapsirph the pandemonium lord
193738 | Zig:24   | Killed Qeteum the pandemonium lord
193738 | Zig:24   | Killed Oreliffe the pandemonium lord
193738 | Zig:24   | Killed Calintas the pandemonium lord
193738 | Zig:24   | Killed a Killer Klown
193738 | Zig:24   | Noticed Hanabav the pandemonium lord
193739 | Zig:24   | Noticed Osenabiz the pandemonium lord
193739 | Zig:24   | Killed a Killer Klown
193739 | Zig:24   | Killed a Killer Klown
193739 | Zig:24   | Killed Jimut the pandemonium lord
193739 | Zig:24   | Killed Fibleuh the pandemonium lord
193739 | Zig:24   | Killed Zoac the pandemonium lord
193739 | Zig:24   | Killed a Killer Klown
193739 | Zig:24   | Killed Fohotir the pandemonium lord
193739 | Zig:24   | Killed Mazash the pandemonium lord
193739 | Zig:24   | Killed a Killer Klown
193739 | Zig:24   | Killed a Killer Klown
193739 | Zig:24   | Killed a Killer Klown
193739 | Zig:24   | Noticed Zopybuust the pandemonium lord
193739 | Zig:24   | Noticed a Killer Klown
193739 | Zig:24   | Noticed Elye the pandemonium lord
193739 | Zig:24   | Noticed Ubloh the pandemonium lord
193740 | Zig:24   | Noticed Getuma the pandemonium lord
193740 | Zig:24   | Killed Adus the pandemonium lord
193740 | Zig:24   | Killed Leah the pandemonium lord
193740 | Zig:24   | Killed Cyobiuq the pandemonium lord
193740 | Zig:24   | Killed Unacaly the pandemonium lord
193740 | Zig:24   | Killed Boloil Yhea the pandemonium lord
193740 | Zig:24   | Killed Emnoonegopp the pandemonium lord
193740 | Zig:24   | Noticed Ularph the pandemonium lord
193740 | Zig:24   | Noticed a Killer Klown
193740 | Zig:24   | Noticed Ritwun the pandemonium lord
193740 | Zig:24   | Noticed Duoddum the pandemonium lord
193740 | Zig:24   | Noticed Mukaoj the pandemonium lord
193740 | Zig:24   | Noticed a Killer Klown
193741 | Zig:24   | Noticed a Killer Klown
193741 | Zig:24   | Noticed Nimpeyz the pandemonium lord
193742 | Zig:24   | Noticed Vasmean the pandemonium lord
193742 | Zig:24   | Noticed Sizivuk the pandemonium lord
193742 | Zig:24   | Killed Hehuthrei the pandemonium lord
193742 | Zig:24   | Killed Hanabav the pandemonium lord
193742 | Zig:24   | Killed Oredusch the pandemonium lord
193742 | Zig:24   | Killed Xeaduecw the pandemonium lord
193742 | Zig:24   | Killed Omiad the pandemonium lord
193742 | Zig:24   | Killed a Killer Klown
193742 | Zig:24   | Killed Dont the pandemonium lord
193742 | Zig:24   | Killed Ubloh the pandemonium lord
193742 | Zig:24   | Killed Ubluq the pandemonium lord
193742 | Zig:24   | Killed Dymiumy the pandemonium lord
193742 | Zig:24   | Killed Suudobib the pandemonium lord
193742 | Zig:24   | Killed Doarghyth the pandemonium lord
193742 | Zig:24   | Killed Zopybuust the pandemonium lord
193742 | Zig:24   | Killed Xackufyi the pandemonium lord
193742 | Zig:24   | Noticed Xiatt the pandemonium lord
193743 | Zig:24   | Noticed a Killer Klown
193743 | Zig:24   | Killed Vacex the pandemonium lord
193743 | Zig:24   | Killed Afiorphoudo the pandemonium lord
193743 | Zig:24   | Killed Raurchaakk the pandemonium lord
193743 | Zig:24   | Killed Teox the pandemonium lord
193743 | Zig:24   | Killed a Killer Klown
193743 | Zig:24   | Killed a Killer Klown
193743 | Zig:24   | Killed Osenabiz the pandemonium lord
193743 | Zig:24   | Noticed Sisy the pandemonium lord
193743 | Zig:24   | Noticed Ramat the pandemonium lord
193743 | Zig:24   | Noticed Higana the pandemonium lord
193744 | Zig:24   | Noticed Ofiv the pandemonium lord
193744 | Zig:24   | Noticed a Killer Klown
193745 | Zig:24   | Noticed Gaskulis the pandemonium lord
193745 | Zig:24   | Noticed Jutierr the pandemonium lord
193745 | Zig:24   | Killed Zis Gera the pandemonium lord
193745 | Zig:24   | Killed Vyng the pandemonium lord
193745 | Zig:24   | Killed Jyremeyg the pandemonium lord
193746 | Zig:24   | Noticed Kesipo the pandemonium lord
193746 | Zig:24   | Noticed Cesuolovo the pandemonium lord
193746 | Zig:24   | Noticed Caitote the pandemonium lord
193747 | Zig:24   | Noticed Bistasol the pandemonium lord
193747 | Zig:24   | Killed Nangaol the pandemonium lord
193747 | Zig:24   | Killed Gatihuin the pandemonium lord
193747 | Zig:24   | Noticed Hagirgh the pandemonium lord
193748 | Zig:24   | Killed Ymibbun the pandemonium lord
193748 | Zig:24   | Killed Ofiv the pandemonium lord
193748 | Zig:24   | Killed a Killer Klown
193748 | Zig:24   | Killed Zilab the pandemonium lord
193748 | Zig:24   | Noticed a Killer Klown
193748 | Zig:24   | Noticed a Killer Klown
193749 | Zig:24   | Noticed Losoap the pandemonium lord
193749 | Zig:24   | Killed Vasmean the pandemonium lord
193749 | Zig:24   | Killed Mukaoj the pandemonium lord
193749 | Zig:24   | Killed Duoddum the pandemonium lord
193749 | Zig:24   | Killed a Killer Klown
193749 | Zig:24   | Noticed a Killer Klown
193749 | Zig:24   | Noticed Sen Vae the pandemonium lord
193750 | Zig:24   | Noticed Lowkoffe the pandemonium lord
193751 | Zig:24   | Noticed Cezoryem the pandemonium lord
193751 | Zig:24   | Noticed Hoti the pandemonium lord
193753 | Zig:24   | Noticed Qeisyos the pandemonium lord
193756 | Zig:24   | Killed Nimpeyz the pandemonium lord
193756 | Zig:24   | Killed Ritwun the pandemonium lord
193756 | Zig:24   | Killed Cesuolovo the pandemonium lord
193757 | Zig:24   | Noticed Turuot the pandemonium lord
193757 | Zig:24   | Killed Ularph the pandemonium lord
193757 | Zig:24   | Killed a Killer Klown
193757 | Zig:24   | Killed Hagirgh the pandemonium lord
193757 | Zig:24   | Killed Elye the pandemonium lord
193757 | Zig:24   | Killed Ramat the pandemonium lord
193757 | Zig:24   | Noticed Ymeedi Egota the pandemonium lord
193757 | Zig:24   | Noticed a Killer Klown
193757 | Zig:24   | Noticed a Killer Klown
193758 | Zig:24   | Killed a Killer Klown
193758 | Zig:24   | Noticed a Killer Klown
193758 | Zig:24   | Noticed Hasurch the pandemonium lord
193759 | Zig:24   | Killed Sisy the pandemonium lord
193759 | Zig:24   | Killed Kesipo the pandemonium lord
193759 | Zig:24   | Noticed Feodwum the pandemonium lord
193760 | Zig:24   | Noticed a Killer Klown
193760 | Zig:24   | Noticed Zatushes the pandemonium lord
193760 | Zig:24   | Killed Jutierr the pandemonium lord
193760 | Zig:24   | Killed Caitote the pandemonium lord
193760 | Zig:24   | Killed a Killer Klown
193760 | Zig:24   | Killed Sen Vae the pandemonium lord
193760 | Zig:24   | Killed Getuma the pandemonium lord
193760 | Zig:24   | Killed Higana the pandemonium lord
193760 | Zig:24   | Noticed a Killer Klown
193760 | Zig:24   | Noticed Oheoka Peum the pandemonium lord
193761 | Zig:24   | Killed Hoti the pandemonium lord
193761 | Zig:24   | Killed a Killer Klown
193761 | Zig:24   | Killed a Killer Klown
193761 | Zig:24   | Killed a Killer Klown
193761 | Zig:24   | Killed a Killer Klown
193761 | Zig:24   | Noticed Niulet the pandemonium lord
193761 | Zig:24   | Noticed Zeuga the pandemonium lord
193761 | Zig:24   | Noticed Qoawep the pandemonium lord
193762 | Zig:24   | Noticed Umel the pandemonium lord
193762 | Zig:24   | Noticed Leqonk the pandemonium lord
193762 | Zig:24   | Killed Oheoka Peum the pandemonium lord
193762 | Zig:24   | Killed Xiatt the pandemonium lord
193762 | Zig:24   | Killed Hasurch the pandemonium lord
193762 | Zig:24   | Killed Feodwum the pandemonium lord
193762 | Zig:24   | Killed Zatushes the pandemonium lord
193762 | Zig:24   | Noticed a Killer Klown
193763 | Zig:24   | Noticed Xiblios the pandemonium lord
193764 | Zig:24   | Noticed Zoijaen the pandemonium lord
193764 | Zig:24   | Killed Cezoryem the pandemonium lord
193764 | Zig:24   | Killed Ymeedi Egota the pandemonium lord
193764 | Zig:24   | Killed Qeisyos the pandemonium lord
193764 | Zig:24   | Killed Turuot the pandemonium lord
193764 | Zig:24   | Noticed Mizxaw the pandemonium lord
193764 | Zig:24   | Noticed Faplov the pandemonium lord
193765 | Zig:24   | Noticed Gaboesuc the pandemonium lord
193767 | Zig:24   | Noticed Pacaacs the pandemonium lord
193767 | Zig:24   | Killed Gaskulis the pandemonium lord
193767 | Zig:24   | Killed Sizivuk the pandemonium lord
193767 | Zig:24   | Noticed Ysam the pandemonium lord
193768 | Zig:24   | Killed Lowkoffe the pandemonium lord
193768 | Zig:24   | Killed Losoap the pandemonium lord
193768 | Zig:24   | Noticed a Killer Klown
193769 | Zig:24   | Noticed Qoneitia the pandemonium lord
193769 | Zig:24   | Killed a Killer Klown
193769 | Zig:24   | Killed Bistasol the pandemonium lord
193769 | Zig:24   | Noticed Uzxewy the pandemonium lord
193770 | Zig:24   | Killed a Killer Klown
193770 | Zig:24   | Killed Qoawep the pandemonium lord
193770 | Zig:24   | Noticed Zagod the pandemonium lord
193771 | Zig:24   | Noticed Viliyng the pandemonium lord
193771 | Zig:24   | Noticed a Killer Klown
193772 | Zig:24   | Noticed Fukiveom the pandemonium lord
193772 | Zig:24   | Killed Niulet the pandemonium lord
193772 | Zig:24   | Killed a Killer Klown
193772 | Zig:24   | Killed Qoneitia the pandemonium lord
193772 | Zig:24   | Noticed Kanocur the pandemonium lord
193772 | Zig:24   | Noticed a Killer Klown
193772 | Zig:24   | Noticed Lygeb the pandemonium lord
193772 | Zig:24   | Noticed Quigac the pandemonium lord
193773 | Zig:24   | Noticed a Killer Klown
193773 | Zig:24   | Killed Faplov the pandemonium lord
193773 | Zig:24   | Killed Pacaacs the pandemonium lord
193773 | Zig:24   | Killed Xiblios the pandemonium lord
193773 | Zig:24   | Killed Viliyng the pandemonium lord
193773 | Zig:24   | Noticed Reyxuig the pandemonium lord
193773 | Zig:24   | Noticed Ude Cih the pandemonium lord
193773 | Zig:24   | Noticed Seepruokk the pandemonium lord
193774 | Zig:24   | Noticed Puyn the pandemonium lord
193775 | Zig:24   | Killed Ysam the pandemonium lord
193776 | Zig:24   | Killed a Killer Klown
193776 | Zig:24   | Killed Gaboesuc the pandemonium lord
193778 | Zig:24   | Noticed Nianog the pandemonium lord
193778 | Zig:24   | Killed Fyitied the pandemonium lord
193778 | Zig:24   | Killed Mizxaw the pandemonium lord
193778 | Zig:24   | Killed Leqonk the pandemonium lord
193778 | Zig:24   | Killed Lygeb the pandemonium lord
193778 | Zig:24   | Killed Zeuga the pandemonium lord
193778 | Zig:24   | Noticed a Killer Klown
193778 | Zig:24   | Noticed Enoh the pandemonium lord
193779 | Zig:24   | Killed a Killer Klown
193779 | Zig:24   | Killed Nianog the pandemonium lord
193779 | Zig:24   | Killed Puyn the pandemonium lord
193779 | Zig:24   | Killed Uzxewy the pandemonium lord
193779 | Zig:24   | Killed a Killer Klown
193779 | Zig:24   | Killed Fukiveom the pandemonium lord
193779 | Zig:24   | Noticed Vauxewao the pandemonium lord
193779 | Zig:24   | Noticed Fonin the pandemonium lord
193779 | Zig:24   | Noticed Astruamu the pandemonium lord
193781 | Zig:24   | Noticed Imaomn the pandemonium lord
193783 | Zig:24   | Noticed a Killer Klown
193783 | Zig:24   | Killed Umel the pandemonium lord
193783 | Zig:24   | Noticed Keudeuha the pandemonium lord
193783 | Zig:24   | Noticed Ozazulipn the pandemonium lord
193783 | Zig:24   | Noticed Nyw Womm the pandemonium lord
193783 | Zig:24   | Noticed Ifraor Buot the pandemonium lord
193783 | Zig:24   | Noticed Ratsiask the pandemonium lord
193784 | Zig:24   | Noticed Paumaf the pandemonium lord
193784 | Zig:24   | Noticed a Killer Klown
193784 | Zig:24   | Killed a Killer Klown
193784 | Zig:24   | Killed Ude Cih the pandemonium lord
193784 | Zig:24   | Killed Zoijaen the pandemonium lord
193784 | Zig:24   | Killed Kanocur the pandemonium lord
193785 | Zig:24   | Killed Seepruokk the pandemonium lord
193785 | Zig:24   | Killed a Killer Klown
193785 | Zig:24   | Killed Paumaf the pandemonium lord
193785 | Zig:24   | Killed Reyxuig the pandemonium lord
193785 | Zig:24   | Killed Imaomn the pandemonium lord
193785 | Zig:24   | Killed a Killer Klown
193785 | Zig:24   | Killed Zagod the pandemonium lord
193785 | Zig:24   | Noticed a Killer Klown
193786 | Zig:24   | Killed Enoh the pandemonium lord
193786 | Zig:24   | Killed Astruamu the pandemonium lord
193786 | Zig:24   | Killed Ratsiask the pandemonium lord
193786 | Zig:24   | Killed Ifraor Buot the pandemonium lord
193786 | Zig:24   | Killed a Killer Klown
193786 | Zig:24   | Noticed Yraxin the pandemonium lord
193786 | Zig:24   | Noticed Pain the pandemonium lord
193786 | Zig:24   | Noticed Ufeeppix the pandemonium lord
193786 | Zig:24   | Noticed Zekeck the pandemonium lord
193787 | Zig:24   | Noticed Foto the pandemonium lord
193787 | Zig:24   | Noticed Kaegoon the pandemonium lord
193788 | Zig:24   | Noticed Wuozxun the pandemonium lord
193791 | Zig:24   | Noticed Idiri the pandemonium lord
193791 | Zig:24   | Noticed Viadyemu the pandemonium lord
193792 | Zig:24   | Noticed Loghudek the pandemonium lord
193794 | Zig:24   | Killed Quigac the pandemonium lord
193794 | Zig:24   | Killed Vauxewao the pandemonium lord
193794 | Zig:24   | Killed Keudeuha the pandemonium lord
193794 | Zig:24   | Killed Fonin the pandemonium lord
193795 | Zig:24   | Killed Nyw Womm the pandemonium lord
193795 | Zig:24   | Killed Viadyemu the pandemonium lord
193795 | Zig:24   | Killed Ozazulipn the pandemonium lord
193795 | Zig:24   | Killed Foto the pandemonium lord
193795 | Zig:24   | Killed Zekeck the pandemonium lord
193796 | Zig:24   | Killed Idiri the pandemonium lord
193797 | Zig:24   | Killed Wuozxun the pandemonium lord
193797 | Zig:24   | Killed Pain the pandemonium lord
193798 | Zig:24   | Killed Ufeeppix the pandemonium lord
193805 | Zig:24   | Killed Kaegoon the pandemonium lord
193808 | Zig:24   | Killed Yraxin the pandemonium lord
193812 | Zig:24   | Killed Loghudek the pandemonium lord
194077 | Zig:24   | Got a heavily runed tin ring
194084 | Zig:24   | Got a warped platinum ring
194090 | Zig:24   | Got a wavering ivory ring
194102 | Zig:24   | Identified the Incunabulum of Attacks
194110 | Zig:24   | Identified The Intricacies of the Arcane Arts
194120 | Zig:24   | Got a wavering marble ring
194141 | Zig:24   | Got a bound bronze ring
194162 | Zig:24   | Got a bloodstained cloak
194177 | Zig:24   | Got an encrusted chain mail
194195 | Zig:25   | Entered Level 25 of a ziggurat
194301 | Zig:25   | Killed a starcursed mass
194303 | Zig:25   | Killed a starcursed mass
194303 | Zig:25   | Killed a starcursed mass
194542 | Zig:25   | Identified Sif Muna's Reference Book on Displaced Venom
194551 | Zig:25   | Got a twitching amber ring
194577 | Zig:25   | Identified the cursed ring "Upyd" {rF++ MR+ Int-6} (You
                  | found it on level 24 of a ziggurat)
194579 | Zig:25   | Identified the ring of Royalty {*Drain rN+++ MP-9 EV+2
                  | Dex+6} (You found it on level 24 of a ziggurat)
194581 | Zig:25   | Identified the ring "Raguinu" {+Inv Int+4 Dex+4 Stlth+}
                  | (You found it on level 24 of a ziggurat)
194597 | Zig:25   | Got a heavily runed amber ring
194609 | Zig:25   | Identified the ring "Saehuh" {MR- Str+4 Dex+3 SInv Stlth+}
                  | (You found it on level 25 of a ziggurat)
194611 | Zig:25   | Identified the ring of Piotikai {rElec MR- MP+9 Str+4} (You
                  | found it on level 24 of a ziggurat)
194613 | Zig:25   | Identified the ring of Xom's Righteous Fury {Str+2 Int+3
                  | Slay+2 Stlth+} (You found it on level 24 of a ziggurat)
194615 | Zig:25   | Identified the ring "Kearch" {rN+ Str-2 Int+4 Dex+2 Stlth+}
                  | (You found it on level 25 of a ziggurat)
194640 | Zig:25   | Got a crude ruby amulet
194661 | Zig:25   | Got a sparkling jade amulet
194665 | Zig:25   | Got a sparkling turquoise ring
194673 | Zig:25   | Got a distressingly furry plate armour
194691 | Zig:25   | Got a translucent shield
194698 | Zig:25   | Identified the ring of the Final Decision {rElec MR+ Str-4
                  | SInv Stlth+} (You found it on level 25 of a ziggurat)
194701 | Zig:25   | Identified the amulet "Ikhleasol" {Faith Int+4} (You found
                  | it on level 25 of a ziggurat)
194704 | Zig:25   | Identified the amulet of Huroerph {+Rage rPois Str+4} (You
                  | found it on level 25 of a ziggurat)
194718 | Zig:25   | Identified the +4 ring mail "Cupaf" {Str+2} (You found it
                  | on level 21 of a ziggurat)
194729 | Zig:25   | Identified the +3 scale mail of Buowol {Stlth+} (You found
                  | it on level 21 of a ziggurat)
194740 | Zig:25   | Identified the +4 ring mail of the Heavens {rF+ rCorr
                  | Int+4} (You found it on level 23 of a ziggurat)
194751 | Zig:25   | Identified the +4 chain mail of the Three Souls {rCorr
                  | Str+3} (You found it on level 24 of a ziggurat)
194767 | Zig:25   | Identified the cursed +0 cloak "Othirut" {Dex+6} (You found
                  | it on level 24 of a ziggurat)
194784 | Zig:25   | Identified the cursed +0 shield of the Wumpus {*Slow rN+
                  | rCorr Str+3} (You found it on level 25 of a ziggurat)
194796 | Zig:25   | Identified the +3 plate armour "Jausot" {rCorr Int+4 Dex+2
                  | Slay+2} (You found it on level 25 of a ziggurat)
194807 | Zig:25   | Identified the cursed +1 plate armour "Monoec" {Dex+4 SInv}
                  | (You found it on level 21 of a ziggurat)
194849 | Zig:26   | Entered Level 26 of a ziggurat
194849 | Zig:26   | Noticed a greater mummy
194849 | Zig:26   | Noticed a greater mummy
194849 | Zig:26   | Noticed a greater mummy
194849 | Zig:26   | Noticed a greater mummy
194849 | Zig:26   | Noticed a greater mummy
194849 | Zig:26   | Noticed a greater mummy
194849 | Zig:26   | Noticed a greater mummy
194849 | Zig:26   | Noticed a greater mummy
194849 | Zig:26   | Noticed a greater mummy
194849 | Zig:26   | Noticed a greater mummy
194849 | Zig:26   | Noticed a greater mummy
194849 | Zig:26   | Noticed a greater mummy
194849 | Zig:26   | Noticed a greater mummy
194849 | Zig:26   | Noticed a greater mummy
194849 | Zig:26   | Noticed a greater mummy
194850 | Zig:26   | Noticed a greater mummy
194851 | Zig:26   | Killed a greater mummy
194851 | Zig:26   | Killed a greater mummy
194851 | Zig:26   | Killed a greater mummy
194851 | Zig:26   | Killed a greater mummy
194851 | Zig:26   | Killed a greater mummy
194852 | Zig:26   | Killed a greater mummy
194852 | Zig:26   | Killed a greater mummy
194852 | Zig:26   | Killed a greater mummy
194852 | Zig:26   | Killed a greater mummy
194852 | Zig:26   | Killed a greater mummy
194852 | Zig:26   | Killed a greater mummy
194852 | Zig:26   | Killed a greater mummy
194852 | Zig:26   | Killed a greater mummy
194852 | Zig:26   | Killed a greater mummy
194852 | Zig:26   | Killed a greater mummy
194852 | Zig:26   | Noticed a greater mummy
194852 | Zig:26   | Noticed a greater mummy
194852 | Zig:26   | Noticed a greater mummy
194853 | Zig:26   | Killed a greater mummy
194854 | Zig:26   | Killed a greater mummy
194854 | Zig:26   | Noticed a greater mummy
194854 | Zig:26   | Noticed a greater mummy
194855 | Zig:26   | Killed a greater mummy
194855 | Zig:26   | Killed a greater mummy
194855 | Zig:26   | Noticed a greater mummy
194855 | Zig:26   | Noticed a greater mummy
194856 | Zig:26   | Killed a greater mummy
194856 | Zig:26   | Noticed a greater mummy
194856 | Zig:26   | Noticed a greater mummy
194858 | Zig:26   | Noticed a greater mummy
194859 | Zig:26   | Noticed a greater mummy
194860 | Zig:26   | Killed a greater mummy
194860 | Zig:26   | Noticed a greater mummy
194861 | Zig:26   | Killed a greater mummy
194861 | Zig:26   | Killed a greater mummy
194861 | Zig:26   | Noticed a greater mummy
194862 | Zig:26   | Killed a greater mummy
194862 | Zig:26   | Killed a greater mummy
194862 | Zig:26   | Killed a greater mummy
194862 | Zig:26   | Killed a greater mummy
194862 | Zig:26   | Noticed a greater mummy
194862 | Zig:26   | Noticed a greater mummy
194863 | Zig:26   | Noticed a greater mummy
194864 | Zig:26   | Killed a greater mummy
194864 | Zig:26   | Noticed a greater mummy
194865 | Zig:26   | Noticed a greater mummy
194866 | Zig:26   | Killed a greater mummy
194866 | Zig:26   | Killed a greater mummy
194866 | Zig:26   | Killed a greater mummy
194866 | Zig:26   | Noticed a greater mummy
194866 | Zig:26   | Noticed a greater mummy
194866 | Zig:26   | Noticed a greater mummy
194868 | Zig:26   | Killed a greater mummy
194868 | Zig:26   | Noticed a greater mummy
194868 | Zig:26   | Noticed a greater mummy
194869 | Zig:26   | Noticed a greater mummy
194871 | Zig:26   | Killed a greater mummy
194871 | Zig:26   | Killed a greater mummy
194871 | Zig:26   | Killed a greater mummy
194871 | Zig:26   | Killed a greater mummy
194871 | Zig:26   | Noticed a greater mummy
194871 | Zig:26   | Noticed a greater mummy
194874 | Zig:26   | Killed a greater mummy
194874 | Zig:26   | Killed a greater mummy
194874 | Zig:26   | Killed a greater mummy
194874 | Zig:26   | Killed a greater mummy
194877 | Zig:26   | Noticed a greater mummy
194878 | Zig:26   | Noticed a greater mummy
194879 | Zig:26   | Noticed a greater mummy
194880 | Zig:26   | Killed a greater mummy
194880 | Zig:26   | Killed a greater mummy
194880 | Zig:26   | Noticed a greater mummy
194881 | Zig:26   | Killed a greater mummy
194882 | Zig:26   | Noticed a greater mummy
194883 | Zig:26   | Killed a greater mummy
194883 | Zig:26   | Killed a greater mummy
194883 | Zig:26   | Noticed a greater mummy
194884 | Zig:26   | Noticed a greater mummy
194885 | Zig:26   | Killed a greater mummy
194885 | Zig:26   | Killed a greater mummy
194885 | Zig:26   | Noticed a greater mummy
194885 | Zig:26   | Noticed a greater mummy
194887 | Zig:26   | Noticed a greater mummy
194887 | Zig:26   | Noticed a greater mummy
194889 | Zig:26   | Killed a greater mummy
194889 | Zig:26   | Killed a greater mummy
194889 | Zig:26   | Noticed a greater mummy
194889 | Zig:26   | Noticed a greater mummy
194889 | Zig:26   | Noticed a greater mummy
194891 | Zig:26   | Killed a greater mummy
194891 | Zig:26   | Killed a greater mummy
194891 | Zig:26   | Noticed a greater mummy
194893 | Zig:26   | Killed a greater mummy
194893 | Zig:26   | Killed a greater mummy
194894 | Zig:26   | Noticed a greater mummy
194894 | Zig:26   | Noticed a greater mummy
194895 | Zig:26   | Killed a greater mummy
194895 | Zig:26   | Killed a greater mummy
194895 | Zig:26   | Killed a greater mummy
194897 | Zig:26   | Killed a greater mummy
194897 | Zig:26   | Killed a greater mummy
194901 | Zig:26   | Killed a greater mummy
194906 | Zig:26   | Noticed a greater mummy
194911 | Zig:26   | Killed a greater mummy
194912 | Zig:26   | Noticed a greater mummy
194913 | Zig:26   | Noticed a greater mummy
194915 | Zig:26   | Noticed a greater mummy
194915 | Zig:26   | Noticed a greater mummy
194915 | Zig:26   | Noticed a greater mummy
194917 | Zig:26   | Killed a greater mummy
194918 | Zig:26   | Noticed a greater mummy
194919 | Zig:26   | Killed a greater mummy
194921 | Zig:26   | Killed a greater mummy
194921 | Zig:26   | Killed a greater mummy
194923 | Zig:26   | Killed a greater mummy
194924 | Zig:26   | Noticed a greater mummy
194925 | Zig:26   | Killed a greater mummy
194925 | Zig:26   | Noticed a greater mummy
194929 | Zig:26   | Killed a greater mummy
194931 | Zig:26   | Noticed a greater mummy
194933 | Zig:26   | Killed a greater mummy
194933 | Zig:26   | Noticed a greater mummy
194936 | Zig:26   | Killed a greater mummy
194936 | Zig:26   | Noticed a greater mummy
194939 | Zig:26   | Killed a greater mummy
194939 | Zig:26   | Noticed a greater mummy
194939 | Zig:26   | Noticed a greater mummy
194940 | Zig:26   | Noticed a greater mummy
194944 | Zig:26   | Noticed a greater mummy
194945 | Zig:26   | Killed a greater mummy
194945 | Zig:26   | Killed a greater mummy
194945 | Zig:26   | Killed a greater mummy
194945 | Zig:26   | Killed a greater mummy
194949 | Zig:26   | Killed a greater mummy
195159 | Zig:26   | Identified the Volume of Envenoming and the Snowflakes
195161 | Zig:26   | Identified the Incunabulum of Ashen Flight
195163 | Zig:26   | Identified Further Steps in the Hermit's Heritage
195184 | Zig:26   | Got a warped glass ring
195187 | Zig:26   | Got a steaming lead ring
195190 | Zig:26   | Identified the Compendium of Shifting Summoning
195198 | Zig:26   | Got a translucent glass ring
195231 | Zig:27   | Entered Level 27 of a ziggurat
195582 | Zig:27   | Identified the Papyrus of Beguiling and Good Luck
195587 | Zig:27   | Got a glittering jade amulet
195597 | Zig:27   | Got a coiled copper ring
195610 | Zig:27   | Identified the Volume of Aerial Summoning
195616 | Zig:27   | Got a translucent tin ring
195618 | Zig:27   | Identified Ororchia's Guide on Congealing Clay
195676 | Depths:4 | Identified the amulet of Poniett {Faith *Drain rF+++ Str+3
                  | Dex-4} (You found it on level 27 of a ziggurat)
195680 | Depths:4 | Identified the ring "Siucamah" {*Slow +Inv rF+ rN+} (You
                  | found it on level 26 of a ziggurat)
195681 | Depths:4 | Identified the ring "Puyweima" {MP+9 Str+4 Int+8 Dex-5
                  | Stlth-} (You found it on level 26 of a ziggurat)
195682 | Depths:4 | Identified the ring of Zilu {+Inv MR- Int+4 Dex+5 SInv}
                  | (You found it on level 26 of a ziggurat)
195683 | Depths:4 | Identified the ring "Muxturapho" {rPois Int+2} (You found
                  | it on level 27 of a ziggurat)
195684 | Depths:4 | Identified the ring of Qioboluh {Fire +Fly MR- Int-3 Dex+6}
                  | (You found it on level 27 of a ziggurat)
195697 | Zig:1    | Entered Level 1 of a ziggurat
195755 | Zig:2    | Entered Level 2 of a ziggurat
195755 | Zig:2    | Noticed an ancient lich
195755 | Zig:2    | Noticed an ancient lich
195755 | Zig:2    | Noticed an ancient lich
195760 | Zig:2    | Killed an ancient lich
195760 | Zig:2    | Killed an ancient lich
195760 | Zig:2    | Killed an ancient lich
195831 | Zig:3    | Entered Level 3 of a ziggurat
195967 | Zig:4    | Entered Level 4 of a ziggurat
195970 | Zig:4    | Noticed a juggernaut
195977 | Zig:4    | Killed a juggernaut
196110 | Zig:5    | Entered Level 5 of a ziggurat
196110 | Zig:5    | Noticed an ancient lich
196110 | Zig:5    | Noticed an ancient lich
196110 | Zig:5    | Noticed an ancient lich
196110 | Zig:5    | Noticed an ancient lich
196110 | Zig:5    | Noticed an ancient lich
196110 | Zig:5    | Noticed an ancient lich
196111 | Zig:5    | Killed an ancient lich
196112 | Zig:5    | Killed an ancient lich
196112 | Zig:5    | Killed an ancient lich
196112 | Zig:5    | Killed an ancient lich
196112 | Zig:5    | Killed an ancient lich
196112 | Zig:5    | Killed an ancient lich
196115 | Zig:5    | Noticed an ancient lich
196120 | Zig:5    | Killed an ancient lich
196234 | Zig:5    | Got a scorched copper ring
196254 | Zig:6    | Entered Level 6 of a ziggurat
196254 | Zig:6    | Noticed a juggernaut
196254 | Zig:6    | Noticed a juggernaut
196254 | Zig:6    | Noticed a juggernaut
196256 | Zig:6    | Noticed a juggernaut
196256 | Zig:6    | Killed a juggernaut
196256 | Zig:6    | Killed a juggernaut
196256 | Zig:6    | Noticed a juggernaut
196257 | Zig:6    | Killed a juggernaut
196258 | Zig:6    | Noticed a juggernaut
196259 | Zig:6    | Killed a juggernaut
196259 | Zig:6    | Killed a juggernaut
196259 | Zig:6    | Noticed a juggernaut
196260 | Zig:6    | Killed a juggernaut
196262 | Zig:6    | Killed a juggernaut
196262 | Zig:6    | Noticed a juggernaut
196266 | Zig:6    | Killed a juggernaut
196434 | Zig:6    | Got a steaming glass ring
196467 | Zig:7    | Entered Level 7 of a ziggurat
196485 | Zig:7    | Noticed Yxon the pandemonium lord
196487 | Zig:7    | Killed Yxon the pandemonium lord
196613 | Zig:7    | Got a bound tin ring
196629 | Zig:8    | Entered Level 8 of a ziggurat
196629 | Zig:8    | Noticed an ancient lich
196629 | Zig:8    | Noticed an ancient lich
196629 | Zig:8    | Noticed an ancient lich
196630 | Zig:8    | Noticed an ancient lich
196631 | Zig:8    | Killed an ancient lich
196631 | Zig:8    | Killed an ancient lich
196631 | Zig:8    | Killed an ancient lich
196631 | Zig:8    | Noticed an ancient lich
196633 | Zig:8    | Noticed an ancient lich
196633 | Zig:8    | Noticed an ancient lich
196634 | Zig:8    | Noticed an ancient lich
196634 | Zig:8    | Killed an ancient lich
196635 | Zig:8    | Noticed an ancient lich
196636 | Zig:8    | Noticed an ancient lich
196636 | Zig:8    | Noticed an ancient lich
196636 | Zig:8    | Killed an ancient lich
196636 | Zig:8    | Killed an ancient lich
196636 | Zig:8    | Killed an ancient lich
196638 | Zig:8    | Killed an ancient lich
196640 | Zig:8    | Killed an ancient lich
196640 | Zig:8    | Killed an ancient lich
196640 | Zig:8    | Killed an ancient lich
196736 | Zig:8    | Identified the Reference Book on Calling and Transformation
196740 | Zig:8    | Identified the Papyrus of the Ashen Compass
196743 | Zig:8    | Identified the Disquisition on Warped Stolen Souls
196831 | Zig:9    | Entered Level 9 of a ziggurat
196831 | Zig:9    | Noticed a juggernaut
196831 | Zig:9    | Noticed a juggernaut
196831 | Zig:9    | Noticed a juggernaut
196831 | Zig:9    | Noticed a juggernaut
196833 | Zig:9    | Killed a juggernaut
196833 | Zig:9    | Noticed a juggernaut
196834 | Zig:9    | Killed a juggernaut
196834 | Zig:9    | Killed a juggernaut
196834 | Zig:9    | Noticed a juggernaut
196835 | Zig:9    | Killed a juggernaut
196835 | Zig:9    | Killed a juggernaut
196835 | Zig:9    | Noticed a juggernaut
196839 | Zig:9    | Noticed a juggernaut
196840 | Zig:9    | Killed a juggernaut
196840 | Zig:9    | Killed a juggernaut
196844 | Zig:9    | Killed a juggernaut
197010 | Zig:9    | Identified the Tome of Confrontation
197012 | Zig:9    | Identified the Tome of Boosting Transmutation
197028 | Zig:10   | Entered Level 10 of a ziggurat
197231 | Zig:10   | Identified the Grimoire of Vitriolic Earth
197235 | Zig:10   | Got a vibrating brass ring
197252 | Zig:10   | Got an ancient chain mail
197261 | Zig:11   | Entered Level 11 of a ziggurat
197342 | Zig:11   | Identified the Handbook of Talismans and the Escort
197347 | Zig:11   | Identified the Guide on Assistive Transmigration
197546 | Zig:12   | Entered Level 12 of a ziggurat
197788 | Zig:12   | Identified the Almanac of Translocation and Lightness
197792 | Zig:12   | Got a warped copper ring
197816 | Zig:12   | Identified the +1 chain mail of Moong {Int+3} (You found it
                  | on level 10 of a ziggurat)
197828 | Zig:12   | Identified the ring "Cicerok" {rPois rN+ SInv} (You found
                  | it on level 5 of a ziggurat)
197830 | Zig:12   | Identified the ring "Otoghim" {rF+ Int+5} (You found it on
                  | level 6 of a ziggurat)
197832 | Zig:12   | Identified the ring of the Solstice {+Fly Str+4 Dex+7} (You
                  | found it on level 7 of a ziggurat)
197834 | Zig:12   | Identified the ring "Waluh" {*Tele rC+ rN+} (You found it
                  | on level 10 of a ziggurat)
197836 | Zig:12   | Identified the ring "Bos Napt" {*Tele +Fly rN+} (You found
                  | it on level 12 of a ziggurat)
197864 | Zig:12   | Got a brightly glowing emerald amulet
197870 | Zig:12   | Got a translucent large shield
197872 | Zig:12   | Got an ichor-stained chain mail
197893 | Zig:12   | Identified the +5 large shield "Mokk" {Int+5} (You found it
                  | on level 12 of a ziggurat)
197909 | Zig:12   | Identified the cursed +0 chain mail of Submission {rF+ MP+9
                  | Dex+2} (You found it on level 12 of a ziggurat)
197934 | Zig:12   | Identified an amulet of Taewu {Spirit Dex+4} (You found it
                  | on level 12 of a ziggurat)
197955 | Zig:13   | Entered Level 13 of a ziggurat
197955 | Zig:13   | Noticed a greater mummy
197955 | Zig:13   | Noticed a greater mummy
197955 | Zig:13   | Noticed a greater mummy
197955 | Zig:13   | Noticed a greater mummy
197955 | Zig:13   | Noticed a greater mummy
197955 | Zig:13   | Noticed a greater mummy
197955 | Zig:13   | Noticed a greater mummy
197955 | Zig:13   | Noticed a greater mummy
197955 | Zig:13   | Noticed a greater mummy
197958 | Zig:13   | Noticed a greater mummy
197958 | Zig:13   | Noticed a greater mummy
197958 | Zig:13   | Noticed a greater mummy
197959 | Zig:13   | Noticed a greater mummy
197960 | Zig:13   | Killed a greater mummy
197960 | Zig:13   | Killed a greater mummy
197960 | Zig:13   | Noticed a greater mummy
197961 | Zig:13   | Killed a greater mummy
197961 | Zig:13   | Killed a greater mummy
197961 | Zig:13   | Killed a greater mummy
197961 | Zig:13   | Killed a greater mummy
197961 | Zig:13   | Killed a greater mummy
197961 | Zig:13   | Killed a greater mummy
197961 | Zig:13   | Killed a greater mummy
197961 | Zig:13   | Noticed a greater mummy
197962 | Zig:13   | Killed a greater mummy
197962 | Zig:13   | Killed a greater mummy
197962 | Zig:13   | Killed a greater mummy
197962 | Zig:13   | Noticed a greater mummy
197966 | Zig:13   | Noticed a greater mummy
197967 | Zig:13   | Killed a greater mummy
197968 | Zig:13   | Killed a greater mummy
197968 | Zig:13   | Killed a greater mummy
197969 | Zig:13   | Noticed a greater mummy
197972 | Zig:13   | Noticed a greater mummy
197975 | Zig:13   | Killed a greater mummy
197976 | Zig:13   | Killed a greater mummy
197976 | Zig:13   | Noticed a greater mummy
197977 | Zig:13   | Noticed a greater mummy
197978 | Zig:13   | Noticed a greater mummy
197978 | Zig:13   | Noticed a greater mummy
197983 | Zig:13   | Killed a greater mummy
197983 | Zig:13   | Killed a greater mummy
197983 | Zig:13   | Noticed a greater mummy
197985 | Zig:13   | Killed a greater mummy
197985 | Zig:13   | Killed a greater mummy
197985 | Zig:13   | Killed a greater mummy
197985 | Zig:13   | Noticed a greater mummy
197987 | Zig:13   | Killed a greater mummy
197987 | Zig:13   | Killed a greater mummy
197993 | Zig:13   | Killed a greater mummy
198207 | Zig:13   | Identified the Collected Works on Aerial Stones
198210 | Zig:13   | Identified the Papyrus of Cloudy Battle Magic
198213 | Zig:13   | Identified Pocradghi's Papyrus of Evil Creation
198235 | Zig:14   | Entered Level 14 of a ziggurat
198509 | Zig:14   | Got a twitching amber ring
198551 | Zig:14   | Got an encrusted chain mail
198557 | Zig:15   | Entered Level 15 of a ziggurat
198797 | Zig:15   | Identified the Guide on Envenoming and Malediction
198799 | Zig:15   | Identified Taprir's Catalogue of Icy Stones
198835 | Zig:15   | Got a bronze chain mail
198852 | Zig:16   | Entered Level 16 of a ziggurat
198852 | Zig:16   | Noticed an ancient lich
198852 | Zig:16   | Noticed an ancient lich
198852 | Zig:16   | Noticed an ancient lich
198852 | Zig:16   | Noticed an ancient lich
198852 | Zig:16   | Noticed an ancient lich
198852 | Zig:16   | Noticed an ancient lich
198852 | Zig:16   | Noticed an ancient lich
198852 | Zig:16   | Noticed an ancient lich
198852 | Zig:16   | Noticed an ancient lich
198852 | Zig:16   | Noticed an ancient lich
198852 | Zig:16   | Noticed an ancient lich
198852 | Zig:16   | Noticed an ancient lich
198852 | Zig:16   | Noticed an ancient lich
198852 | Zig:16   | Noticed an ancient lich
198853 | Zig:16   | Killed an ancient lich
198853 | Zig:16   | Killed an ancient lich
198854 | Zig:16   | Killed an ancient lich
198854 | Zig:16   | Killed an ancient lich
198854 | Zig:16   | Killed an ancient lich
198854 | Zig:16   | Killed an ancient lich
198854 | Zig:16   | Killed an ancient lich
198854 | Zig:16   | Killed an ancient lich
198854 | Zig:16   | Killed an ancient lich
198854 | Zig:16   | Killed an ancient lich
198854 | Zig:16   | Killed an ancient lich
198855 | Zig:16   | Killed an ancient lich
198855 | Zig:16   | Killed an ancient lich
198855 | Zig:16   | Killed an ancient lich
198855 | Zig:16   | Noticed an ancient lich
198856 | Zig:16   | Noticed an ancient lich
198857 | Zig:16   | Killed an ancient lich
198857 | Zig:16   | Noticed an ancient lich
198859 | Zig:16   | Noticed an ancient lich
198860 | Zig:16   | Noticed an ancient lich
198860 | Zig:16   | Noticed an ancient lich
198860 | Zig:16   | Noticed an ancient lich
198861 | Zig:16   | Killed an ancient lich
198861 | Zig:16   | Noticed an ancient lich
198862 | Zig:16   | Noticed an ancient lich
198863 | Zig:16   | Killed an ancient lich
198863 | Zig:16   | Killed an ancient lich
198863 | Zig:16   | Killed an ancient lich
198863 | Zig:16   | Killed an ancient lich
198863 | Zig:16   | Noticed an ancient lich
198865 | Zig:16   | Killed an ancient lich
198865 | Zig:16   | Killed an ancient lich
198865 | Zig:16   | Noticed an ancient lich
198866 | Zig:16   | Noticed an ancient lich
198867 | Zig:16   | Killed an ancient lich
198867 | Zig:16   | Killed an ancient lich
198868 | Zig:16   | Noticed an ancient lich
198869 | Zig:16   | Killed an ancient lich
198869 | Zig:16   | Killed an ancient lich
198869 | Zig:16   | Noticed an ancient lich
198870 | Zig:16   | Noticed an ancient lich
198872 | Zig:16   | Killed an ancient lich
198872 | Zig:16   | Killed an ancient lich
198872 | Zig:16   | Noticed an ancient lich
198875 | Zig:16   | Killed an ancient lich
198877 | Zig:16   | Killed an ancient lich
198881 | Zig:16   | Noticed an ancient lich
198881 | Zig:16   | Noticed an ancient lich
198887 | Zig:16   | Killed an ancient lich
198889 | Zig:16   | Killed an ancient lich
198891 | Zig:16   | Noticed an ancient lich
198899 | Zig:16   | Killed an ancient lich
199094 | Zig:16   | Identified the Collected Works on Lucky Dark Rituals
199105 | Zig:16   | Got a crude platinum amulet
199106 | Zig:16   | Identified the Catalogue of the Gastropod
199120 | Zig:16   | Identified the Reference Book on Venomous Displacement
199151 | Zig:17   | Entered Level 17 of a ziggurat
199460 | Zig:17   | Got a clouded turquoise ring
199463 | Zig:17   | Identified the Disquisition on Earthen Execration
199500 | Zig:17   | Got a jewelled crystal plate armour
199502 | Zig:17   | Got a creamy pearl robe
199518 | Zig:18   | Entered Level 18 of a ziggurat
199779 | Zig:18   | Got a heavily runed steel ring
199793 | Zig:18   | Got a shimmering robe
199797 | Zig:18   | Got a brightly glowing leather armour
199808 | Zig:18   | Got a heavily runed ring mail
199816 | Zig:19   | Entered Level 19 of a ziggurat
199816 | Zig:19   | Noticed a Killer Klown
199816 | Zig:19   | Noticed a Killer Klown
199816 | Zig:19   | Noticed Witz the pandemonium lord
199816 | Zig:19   | Noticed a Killer Klown
199816 | Zig:19   | Noticed Amiamecu the pandemonium lord
199816 | Zig:19   | Noticed a Killer Klown
199816 | Zig:19   | Noticed Feiv the pandemonium lord
199816 | Zig:19   | Noticed Veisimimp the pandemonium lord
199816 | Zig:19   | Noticed Ceoki the pandemonium lord
199816 | Zig:19   | Noticed Wuafekil the pandemonium lord
199816 | Zig:19   | Noticed Caicrun the pandemonium lord
199816 | Zig:19   | Noticed a Killer Klown
199816 | Zig:19   | Noticed Toqil the pandemonium lord
199816 | Zig:19   | Noticed Cobaetoi the pandemonium lord
199816 | Zig:19   | Noticed Xohaex the pandemonium lord
199816 | Zig:19   | Noticed Gewem the pandemonium lord
199816 | Zig:19   | Noticed Amiwn the pandemonium lord
199816 | Zig:19   | Noticed Wihuf the pandemonium lord
199816 | Zig:19   | Noticed a Killer Klown
199816 | Zig:19   | Noticed Ezein the pandemonium lord
199816 | Zig:19   | Noticed Ichun the pandemonium lord
199816 | Zig:19   | Noticed Inkiss the pandemonium lord
199816 | Zig:19   | Noticed a Killer Klown
199816 | Zig:19   | Noticed Keykadoa the pandemonium lord
199816 | Zig:19   | Noticed Fijig the pandemonium lord
199816 | Zig:19   | Noticed Nouxkado the pandemonium lord
199816 | Zig:19   | Noticed a Killer Klown
199816 | Zig:19   | Noticed Xaakux the pandemonium lord
199816 | Zig:19   | Noticed Getaghix the pandemonium lord
199816 | Zig:19   | Noticed Ezxytan the pandemonium lord
199816 | Zig:19   | Noticed Nyoheiri the pandemonium lord
199816 | Zig:19   | Noticed Cyguw the pandemonium lord
199816 | Zig:19   | Noticed a Killer Klown
199816 | Zig:19   | Noticed Owoqu the pandemonium lord
199816 | Zig:19   | Noticed Doleukle the pandemonium lord
199816 | Zig:19   | Noticed Rourit the pandemonium lord
199816 | Zig:19   | Noticed Waczat the pandemonium lord
199816 | Zig:19   | Noticed Koaw the pandemonium lord
199816 | Zig:19   | Noticed Jisalu Hyir the pandemonium lord
199816 | Zig:19   | Noticed Puessaq the pandemonium lord
199816 | Zig:19   | Noticed Peygen the pandemonium lord
199816 | Zig:19   | Noticed Xyzarr the pandemonium lord
199816 | Zig:19   | Noticed a Killer Klown
199822 | Zig:19   | Killed a Killer Klown
199822 | Zig:19   | Killed a Killer Klown
199822 | Zig:19   | Killed Cyguw the pandemonium lord
199822 | Zig:19   | Killed Xaakux the pandemonium lord
199822 | Zig:19   | Killed Doleukle the pandemonium lord
199822 | Zig:19   | Killed a Killer Klown
199822 | Zig:19   | Killed Nouxkado the pandemonium lord
199822 | Zig:19   | Killed a Killer Klown
199822 | Zig:19   | Killed Koaw the pandemonium lord
199822 | Zig:19   | Killed a Killer Klown
199822 | Zig:19   | Killed Owoqu the pandemonium lord
199822 | Zig:19   | Killed Waczat the pandemonium lord
199822 | Zig:19   | Killed Puessaq the pandemonium lord
199823 | Zig:19   | Killed Xohaex the pandemonium lord
199823 | Zig:19   | Killed Jisalu Hyir the pandemonium lord
199823 | Zig:19   | Killed Getaghix the pandemonium lord
199823 | Zig:19   | Killed a Killer Klown
199823 | Zig:19   | Killed a Killer Klown
199823 | Zig:19   | Noticed Saidor the pandemonium lord
199824 | Zig:19   | Killed Peygen the pandemonium lord
199824 | Zig:19   | Killed a Killer Klown
199824 | Zig:19   | Killed a Killer Klown
199824 | Zig:19   | Noticed a Killer Klown
199824 | Zig:19   | Noticed a Killer Klown
199825 | Zig:19   | Killed Nyoheiri the pandemonium lord
199825 | Zig:19   | Killed Gewem the pandemonium lord
199825 | Zig:19   | Killed Ichun the pandemonium lord
199825 | Zig:19   | Killed a Killer Klown
199825 | Zig:19   | Noticed Jurafol the pandemonium lord
199825 | Zig:19   | Noticed a Killer Klown
199825 | Zig:19   | Noticed Soajod the pandemonium lord
199826 | Zig:19   | Noticed a Killer Klown
199826 | Zig:19   | Killed Keykadoa the pandemonium lord
199826 | Zig:19   | Killed Wihuf the pandemonium lord
199826 | Zig:19   | Killed Inkiss the pandemonium lord
199826 | Zig:19   | Killed Toqil the pandemonium lord
199826 | Zig:19   | Killed a Killer Klown
199826 | Zig:19   | Noticed a Killer Klown
199826 | Zig:19   | Noticed Xoteckoi the pandemonium lord
199827 | Zig:19   | Noticed Uduhur the pandemonium lord
199827 | Zig:19   | Noticed Tiwed the pandemonium lord
199827 | Zig:19   | Killed Ezxytan the pandemonium lord
199827 | Zig:19   | Killed a Killer Klown
199827 | Zig:19   | Killed a Killer Klown
199827 | Zig:19   | Noticed Iddeprusmo the pandemonium lord
199828 | Zig:19   | Killed Rourit the pandemonium lord
199828 | Zig:19   | Noticed Kipyr the pandemonium lord
199828 | Zig:19   | Noticed Texin the pandemonium lord
199829 | Zig:19   | Noticed Bahy the pandemonium lord
199829 | Zig:19   | Killed Fijig the pandemonium lord
199829 | Zig:19   | Killed Veisimimp the pandemonium lord
199829 | Zig:19   | Noticed Sippud the pandemonium lord
199829 | Zig:19   | Noticed Titigherph the pandemonium lord
199829 | Zig:19   | Noticed Riapaog the pandemonium lord
199830 | Zig:19   | Noticed Boax the pandemonium lord
199830 | Zig:19   | Killed Saidor the pandemonium lord
199830 | Zig:19   | Killed Amiwn the pandemonium lord
199831 | Zig:19   | Noticed Nenk the pandemonium lord
199831 | Zig:19   | Killed Amiamecu the pandemonium lord
199831 | Zig:19   | Killed Cobaetoi the pandemonium lord
199831 | Zig:19   | Killed Ezein the pandemonium lord
199831 | Zig:19   | Killed a Killer Klown
199831 | Zig:19   | Killed Soajod the pandemonium lord
199831 | Zig:19   | Killed Feiv the pandemonium lord
199831 | Zig:19   | Killed Riapaog the pandemonium lord
199831 | Zig:19   | Killed Boax the pandemonium lord
199831 | Zig:19   | Noticed Jeumubag the pandemonium lord
199831 | Zig:19   | Noticed Deomp the pandemonium lord
199832 | Zig:19   | Noticed Pami the pandemonium lord
199833 | Zig:19   | Killed Iddeprusmo the pandemonium lord
199833 | Zig:19   | Killed Xyzarr the pandemonium lord
199833 | Zig:19   | Killed Jurafol the pandemonium lord
199833 | Zig:19   | Noticed Ydezuxt the pandemonium lord
199833 | Zig:19   | Noticed a Killer Klown
199833 | Zig:19   | Noticed Moip the pandemonium lord
199834 | Zig:19   | Noticed Bowkuvex the pandemonium lord
199834 | Zig:19   | Noticed a Killer Klown
199834 | Zig:19   | Killed Tiwed the pandemonium lord
199835 | Zig:19   | Noticed Ysomi the pandemonium lord
199835 | Zig:19   | Killed Moip the pandemonium lord
199836 | Zig:19   | Noticed Yplu the pandemonium lord
199836 | Zig:19   | Noticed a Killer Klown
199838 | Zig:19   | Noticed Nahej the pandemonium lord
199839 | Zig:19   | Killed Witz the pandemonium lord
199839 | Zig:19   | Killed Uduhur the pandemonium lord
199839 | Zig:19   | Killed a Killer Klown
199839 | Zig:19   | Killed Kipyr the pandemonium lord
199839 | Zig:19   | Noticed Joocviy the pandemonium lord
199840 | Zig:19   | Noticed Don Usam the pandemonium lord
199840 | Zig:19   | Killed Texin the pandemonium lord
199840 | Zig:19   | Killed a Killer Klown
199840 | Zig:19   | Killed Titigherph the pandemonium lord
199840 | Zig:19   | Killed a Killer Klown
199840 | Zig:19   | Killed a Killer Klown
199840 | Zig:19   | Noticed a Killer Klown
199840 | Zig:19   | Noticed Hurghu the pandemonium lord
199840 | Zig:19   | Noticed Ocunlievila the pandemonium lord
199841 | Zig:19   | Noticed Vuuhuod the pandemonium lord
199841 | Zig:19   | Noticed Deibuc the pandemonium lord
199843 | Zig:19   | Noticed Miskureh the pandemonium lord
199843 | Zig:19   | Killed Bahy the pandemonium lord
199843 | Zig:19   | Killed Xoteckoi the pandemonium lord
199843 | Zig:19   | Killed Pami the pandemonium lord
199843 | Zig:19   | Noticed Qocizuco the pandemonium lord
199844 | Zig:19   | Noticed Dososounwu the pandemonium lord
199844 | Zig:19   | Noticed a Killer Klown
199845 | Zig:19   | Noticed Dioplome the pandemonium lord
199845 | Zig:19   | Killed Nenk the pandemonium lord
199845 | Zig:19   | Killed Ysomi the pandemonium lord
199845 | Zig:19   | Noticed a Killer Klown
199845 | Zig:19   | Noticed Bifryiryt the pandemonium lord
199846 | Zig:19   | Noticed Juijuom the pandemonium lord
199846 | Zig:19   | Noticed a Killer Klown
199847 | Zig:19   | Noticed Welicof the pandemonium lord
199847 | Zig:19   | Noticed Zis Dua the pandemonium lord
199847 | Zig:19   | Noticed a Killer Klown
199847 | Zig:19   | Noticed Axzigepy the pandemonium lord
199848 | Zig:19   | Noticed Jeont the pandemonium lord
199848 | Zig:19   | Noticed Qoawnaih the pandemonium lord
199848 | Zig:19   | Noticed a Killer Klown
199848 | Zig:19   | Noticed Efoupn the pandemonium lord
199848 | Zig:19   | Noticed Jiruts the pandemonium lord
199848 | Zig:19   | Noticed Vinnazae the pandemonium lord
199848 | Zig:19   | Noticed Winetomp the pandemonium lord
199848 | Zig:19   | Killed a Killer Klown
199848 | Zig:19   | Killed Caicrun the pandemonium lord
199848 | Zig:19   | Noticed Feathri the pandemonium lord
199849 | Zig:19   | Killed Ydezuxt the pandemonium lord
199849 | Zig:19   | Killed Joocviy the pandemonium lord
199850 | Zig:19   | Killed Sippud the pandemonium lord
199850 | Zig:19   | Killed Miskureh the pandemonium lord
199850 | Zig:19   | Killed Bowkuvex the pandemonium lord
199851 | Zig:19   | Killed Deibuc the pandemonium lord
199851 | Zig:19   | Killed Jeont the pandemonium lord
199851 | Zig:19   | Killed a Killer Klown
199851 | Zig:19   | Killed Ocunlievila the pandemonium lord
199851 | Zig:19   | Killed Yplu the pandemonium lord
199851 | Zig:19   | Noticed Ysueja Bora the pandemonium lord
199852 | Zig:19   | Noticed a Killer Klown
199852 | Zig:19   | Noticed Fawn the pandemonium lord
199852 | Zig:19   | Killed Welicof the pandemonium lord
199852 | Zig:19   | Killed a Killer Klown
199852 | Zig:19   | Killed Ceoki the pandemonium lord
199852 | Zig:19   | Killed Vuuhuod the pandemonium lord
199852 | Zig:19   | Killed Deomp the pandemonium lord
199852 | Zig:19   | Killed Zis Dua the pandemonium lord
199852 | Zig:19   | Killed a Killer Klown
199852 | Zig:19   | Killed a Killer Klown
199852 | Zig:19   | Killed Juijuom the pandemonium lord
199852 | Zig:19   | Killed a Killer Klown
199852 | Zig:19   | Killed Dososounwu the pandemonium lord
199852 | Zig:19   | Killed Axzigepy the pandemonium lord
199852 | Zig:19   | Killed Vinnazae the pandemonium lord
199852 | Zig:19   | Killed Qoawnaih the pandemonium lord
199852 | Zig:19   | Killed Dioplome the pandemonium lord
199852 | Zig:19   | Killed a Killer Klown
199852 | Zig:19   | Killed Qocizuco the pandemonium lord
199852 | Zig:19   | Noticed a Killer Klown
199852 | Zig:19   | Noticed Veurer the pandemonium lord
199852 | Zig:19   | Noticed Xeockeg the pandemonium lord
199853 | Zig:19   | Noticed Onouv the pandemonium lord
199853 | Zig:19   | Noticed Vumeetib the pandemonium lord
199856 | Zig:19   | Noticed Koif the pandemonium lord
199857 | Zig:19   | Noticed Munud the pandemonium lord
199859 | Zig:19   | Noticed Vuffefu the pandemonium lord
199860 | Zig:19   | Killed Jeumubag the pandemonium lord
199860 | Zig:19   | Killed Don Usam the pandemonium lord
199860 | Zig:19   | Noticed Zewnadd the pandemonium lord
199860 | Zig:19   | Noticed Roanue the pandemonium lord
199861 | Zig:19   | Killed a Killer Klown
199861 | Zig:19   | Killed Nahej the pandemonium lord
199861 | Zig:19   | Killed Efoupn the pandemonium lord
199861 | Zig:19   | Killed Ysueja Bora the pandemonium lord
199862 | Zig:19   | Killed Bifryiryt the pandemonium lord
199862 | Zig:19   | Killed Munud the pandemonium lord
199862 | Zig:19   | Killed Hurghu the pandemonium lord
199862 | Zig:19   | Killed Vuffefu the pandemonium lord
199864 | Zig:19   | Noticed Bariome the pandemonium lord
199865 | Zig:19   | Noticed Uqyjunom the pandemonium lord
199867 | Zig:19   | Noticed a Killer Klown
199868 | Zig:19   | Killed Veurer the pandemonium lord
199868 | Zig:19   | Killed Wuafekil the pandemonium lord
199868 | Zig:19   | Killed Xeockeg the pandemonium lord
199868 | Zig:19   | Killed Jiruts the pandemonium lord
199868 | Zig:19   | Noticed a Killer Klown
199869 | Zig:19   | Killed Onouv the pandemonium lord
199870 | Zig:19   | Killed Winetomp the pandemonium lord
199870 | Zig:19   | Killed Koif the pandemonium lord
199870 | Zig:19   | Killed a Killer Klown
199870 | Zig:19   | Killed Zewnadd the pandemonium lord
199870 | Zig:19   | Noticed Ojoxoux the pandemonium lord
199871 | Zig:19   | Killed Uqyjunom the pandemonium lord
199871 | Zig:19   | Killed Vumeetib the pandemonium lord
199871 | Zig:19   | Killed Roanue the pandemonium lord
199871 | Zig:19   | Noticed Xihulu the pandemonium lord
199871 | Zig:19   | Noticed Qidoiqa the pandemonium lord
199872 | Zig:19   | Killed a Killer Klown
199873 | Zig:19   | Noticed Nig Hoez the pandemonium lord
199874 | Zig:19   | Noticed Gux Pya the pandemonium lord
199874 | Zig:19   | Noticed Bumon the pandemonium lord
199875 | Zig:19   | Killed Bariome the pandemonium lord
199875 | Zig:19   | Killed Gux Pya the pandemonium lord
199875 | Zig:19   | Noticed Gazeiv the pandemonium lord
199876 | Zig:19   | Killed Feathri the pandemonium lord
199876 | Zig:19   | Killed Fawn the pandemonium lord
199877 | Zig:19   | Killed Qidoiqa the pandemonium lord
199877 | Zig:19   | Killed Ojoxoux the pandemonium lord
199878 | Zig:19   | Killed Nig Hoez the pandemonium lord
199878 | Zig:19   | Killed Bumon the pandemonium lord
199878 | Zig:19   | Noticed Woskameh the pandemonium lord
199878 | Zig:19   | Noticed Raseg the pandemonium lord
199879 | Zig:19   | Noticed Komipt the pandemonium lord
199881 | Zig:19   | Killed Xihulu the pandemonium lord
199886 | Zig:19   | Killed Komipt the pandemonium lord
199886 | Zig:19   | Noticed Axasal Uriusk the pandemonium lord
199889 | Zig:19   | Noticed Wextuplof the pandemonium lord
199892 | Zig:19   | Killed Wextuplof the pandemonium lord
199894 | Zig:19   | Killed Woskameh the pandemonium lord
199900 | Zig:19   | Killed Gazeiv the pandemonium lord
199900 | Zig:19   | Killed Raseg the pandemonium lord
199901 | Zig:19   | Killed Axasal Uriusk the pandemonium lord
200072 | Zig:19   | Identified the ring of Neurosis {Fire SInv} (You found it
                  | on level 14 of a ziggurat)
200074 | Zig:19   | Identified an amulet "Naplarghu" {Spirit Slay+2} (You found
                  | it on level 16 of a ziggurat)
200076 | Zig:19   | Identified the ring "Wioruxt" {+Fly rF+ MR+ Int+7} (You
                  | found it on level 17 of a ziggurat)
200078 | Zig:19   | Identified the ring "Wahedut" {rC+ Dex+2} (You found it on
                  | level 18 of a ziggurat)
200083 | Zig:19   | Got a spiked leather armour
200085 | Zig:19   | Got an ancient steel ring
200100 | Zig:20   | Entered Level 20 of a ziggurat
200442 | Zig:20   | Got a vibrating wooden ring
200449 | Zig:20   | Identified the Tome of Beguiling
200546 | Zig:20   | Got a clouded brass amulet
200598 | Zig:20   | Identified the ring "Qemp" {Fire *Contam +Inv MP+9 Str+6}
                  | (You found it on level 19 of a ziggurat)
200600 | Zig:20   | Identified the ring "Kokky" {rF+ Str-2 Dex+6} (You found it
                  | on level 20 of a ziggurat)
200602 | Zig:20   | Identified the amulet "Linokh" {Fragile +Rage rPois rF+
                  | Int+6} (You found it on level 20 of a ziggurat)
200606 | Zig:20   | Got a translucent platinum ring
200614 | Zig:20   | Identified the Papyrus of Shifting Displacement
200663 | Zig:20   | Got a brightly glowing robe
200666 | Zig:20   | Got heavily runed shadow dragon scales
200675 | Zig:21   | Entered Level 21 of a ziggurat
200675 | Zig:21   | Noticed Saculoah the pandemonium lord
200675 | Zig:21   | Noticed Foimiox the pandemonium lord
200675 | Zig:21   | Noticed a Killer Klown
200675 | Zig:21   | Noticed Otitwiph the pandemonium lord
200675 | Zig:21   | Noticed Zeixonwe the pandemonium lord
200675 | Zig:21   | Noticed a Killer Klown
200675 | Zig:21   | Noticed Coyfinor the pandemonium lord
200675 | Zig:21   | Noticed Vejeptot the pandemonium lord
200675 | Zig:21   | Noticed Ovaunwew the pandemonium lord
200675 | Zig:21   | Noticed Wearph the pandemonium lord
200675 | Zig:21   | Noticed Sougott the pandemonium lord
200675 | Zig:21   | Noticed Vimuh the pandemonium lord
200675 | Zig:21   | Noticed Butsun the pandemonium lord
200675 | Zig:21   | Noticed a Killer Klown
200675 | Zig:21   | Noticed a Killer Klown
200675 | Zig:21   | Noticed Buschiso the pandemonium lord
200675 | Zig:21   | Noticed Isipim the pandemonium lord
200675 | Zig:21   | Noticed Silin the pandemonium lord
200675 | Zig:21   | Noticed a Killer Klown
200675 | Zig:21   | Noticed a Killer Klown
200675 | Zig:21   | Noticed a Killer Klown
200675 | Zig:21   | Noticed a Killer Klown
200675 | Zig:21   | Noticed Duahiapp the pandemonium lord
200675 | Zig:21   | Noticed Dussig the pandemonium lord
200675 | Zig:21   | Noticed Enimub the pandemonium lord
200675 | Zig:21   | Noticed Winounyu the pandemonium lord
200675 | Zig:21   | Noticed Vyitzuc the pandemonium lord
200675 | Zig:21   | Noticed Ufosou the pandemonium lord
200675 | Zig:21   | Noticed a Killer Klown
200675 | Zig:21   | Noticed a Killer Klown
200675 | Zig:21   | Noticed Acluovawu the pandemonium lord
200675 | Zig:21   | Noticed Wianik the pandemonium lord
200675 | Zig:21   | Noticed Festut the pandemonium lord
200676 | Zig:21   | Killed Otitwiph the pandemonium lord
200676 | Zig:21   | Killed a Killer Klown
200676 | Zig:21   | Killed a Killer Klown
200676 | Zig:21   | Killed a Killer Klown
200676 | Zig:21   | Killed a Killer Klown
200676 | Zig:21   | Killed Isipim the pandemonium lord
200676 | Zig:21   | Killed a Killer Klown
200676 | Zig:21   | Killed a Killer Klown
200676 | Zig:21   | Killed a Killer Klown
200676 | Zig:21   | Killed a Killer Klown
200676 | Zig:21   | Killed Ufosou the pandemonium lord
200676 | Zig:21   | Noticed Laic the pandemonium lord
200676 | Zig:21   | Noticed Daves the pandemonium lord
200676 | Zig:21   | Noticed Nian the pandemonium lord
200677 | Zig:21   | Noticed a Killer Klown
200677 | Zig:21   | Noticed Budepea the pandemonium lord
200677 | Zig:21   | Killed Wianik the pandemonium lord
200677 | Zig:21   | Killed Sougott the pandemonium lord
200677 | Zig:21   | Killed a Killer Klown
200677 | Zig:21   | Killed a Killer Klown
200677 | Zig:21   | Killed a Killer Klown
200677 | Zig:21   | Noticed Vagad the pandemonium lord
200677 | Zig:21   | Noticed Ciotett the pandemonium lord
200679 | Zig:21   | Noticed Nitiumes the pandemonium lord
200679 | Zig:21   | Noticed Numiurch the pandemonium lord
200679 | Zig:21   | Noticed Esha the pandemonium lord
200679 | Zig:21   | Noticed Puly the pandemonium lord
200679 | Zig:21   | Killed Duahiapp the pandemonium lord
200679 | Zig:21   | Noticed a Killer Klown
200679 | Zig:21   | Noticed a Killer Klown
200679 | Zig:21   | Noticed Soisah the pandemonium lord
200680 | Zig:21   | Noticed Rapt the pandemonium lord
200680 | Zig:21   | Noticed Kesi the pandemonium lord
200682 | Zig:21   | Killed Silin the pandemonium lord
200682 | Zig:21   | Killed Vyitzuc the pandemonium lord
200682 | Zig:21   | Killed Zeixonwe the pandemonium lord
200683 | Zig:21   | Noticed Fyahipt the pandemonium lord
200683 | Zig:21   | Noticed Nitanoza the pandemonium lord
200683 | Zig:21   | Killed Acluovawu the pandemonium lord
200683 | Zig:21   | Noticed Foubledgh the pandemonium lord
200684 | Zig:21   | Killed Butsun the pandemonium lord
200684 | Zig:21   | Killed a Killer Klown
200684 | Zig:21   | Killed Kesi the pandemonium lord
200684 | Zig:21   | Killed a Killer Klown
200684 | Zig:21   | Killed Dussig the pandemonium lord
200684 | Zig:21   | Killed Soisah the pandemonium lord
200684 | Zig:21   | Noticed Iqotex the pandemonium lord
200684 | Zig:21   | Noticed Hyve Yti the pandemonium lord
200684 | Zig:21   | Noticed Ysyloh the pandemonium lord
200684 | Zig:21   | Noticed Egixie the pandemonium lord
200685 | Zig:21   | Killed Ciotett the pandemonium lord
200685 | Zig:21   | Killed Nitiumes the pandemonium lord
200685 | Zig:21   | Killed Winounyu the pandemonium lord
200685 | Zig:21   | Killed Daves the pandemonium lord
200685 | Zig:21   | Killed Esha the pandemonium lord
200685 | Zig:21   | Killed Fyahipt the pandemonium lord
200685 | Zig:21   | Noticed Epredan the pandemonium lord
200685 | Zig:21   | Noticed Mebbouse the pandemonium lord
200685 | Zig:21   | Noticed Laed the pandemonium lord
200685 | Zig:21   | Noticed a Killer Klown
200685 | Zig:21   | Noticed Dat Tink the pandemonium lord
200686 | Zig:21   | Killed Festut the pandemonium lord
200686 | Zig:21   | Killed Coyfinor the pandemonium lord
200686 | Zig:21   | Killed Ysyloh the pandemonium lord
200686 | Zig:21   | Killed Laic the pandemonium lord
200686 | Zig:21   | Noticed Waimiop the pandemonium lord
200686 | Zig:21   | Noticed Wiorritif the pandemonium lord
200686 | Zig:21   | Noticed Idghetymm the pandemonium lord
200686 | Zig:21   | Noticed Impevunn the pandemonium lord
200686 | Zig:21   | Noticed Luirelef the pandemonium lord
200689 | Zig:21   | Killed Enimub the pandemonium lord
200690 | Zig:21   | Noticed Cemiavum the pandemonium lord
200690 | Zig:21   | Killed Iqotex the pandemonium lord
200690 | Zig:21   | Noticed a Killer Klown
200691 | Zig:21   | Noticed Ageaju the pandemonium lord
200691 | Zig:21   | Killed Foubledgh the pandemonium lord
200691 | Zig:21   | Noticed Amozy the pandemonium lord
200691 | Zig:21   | Noticed a Killer Klown
200692 | Zig:21   | Noticed Ladu the pandemonium lord
200692 | Zig:21   | Killed Buschiso the pandemonium lord
200692 | Zig:21   | Noticed Giroeth the pandemonium lord
200693 | Zig:21   | Noticed a Killer Klown
200694 | Zig:21   | Killed Foimiox the pandemonium lord
200694 | Zig:21   | Noticed Cucvys the pandemonium lord
200694 | Zig:21   | Killed Vejeptot the pandemonium lord
200694 | Zig:21   | Noticed a Killer Klown
200695 | Zig:21   | Noticed Ycaikix the pandemonium lord
200695 | Zig:21   | Killed a Killer Klown
200695 | Zig:21   | Noticed Liatied the pandemonium lord
200696 | Zig:21   | Noticed Lienk the pandemonium lord
200696 | Zig:21   | Killed Epredan the pandemonium lord
200696 | Zig:21   | Killed Waimiop the pandemonium lord
200696 | Zig:21   | Killed Hyve Yti the pandemonium lord
200696 | Zig:21   | Killed a Killer Klown
200696 | Zig:21   | Noticed Iniatz the pandemonium lord
200696 | Zig:21   | Noticed Lepnebb the pandemonium lord
200696 | Zig:21   | Noticed Fabunev the pandemonium lord
200696 | Zig:21   | Noticed Vutiunti the pandemonium lord
200697 | Zig:21   | Killed Wiorritif the pandemonium lord
200697 | Zig:21   | Killed Ageaju the pandemonium lord
200697 | Zig:21   | Killed a Killer Klown
200697 | Zig:21   | Killed a Killer Klown
200697 | Zig:21   | Noticed a Killer Klown
200697 | Zig:21   | Noticed Urihootu the pandemonium lord
200697 | Zig:21   | Noticed a Killer Klown
200697 | Zig:21   | Noticed Wiul the pandemonium lord
200698 | Zig:21   | Noticed Baxien the pandemonium lord
200698 | Zig:21   | Noticed Maefulo the pandemonium lord
200699 | Zig:21   | Noticed Kaeck the pandemonium lord
200699 | Zig:21   | Killed Cucvys the pandemonium lord
200699 | Zig:21   | Killed Impevunn the pandemonium lord
200699 | Zig:21   | Killed Vimuh the pandemonium lord
200699 | Zig:21   | Killed Giroeth the pandemonium lord
200699 | Zig:21   | Killed Dat Tink the pandemonium lord
200699 | Zig:21   | Killed Saculoah the pandemonium lord
200699 | Zig:21   | Killed Egixie the pandemonium lord
200699 | Zig:21   | Killed Puly the pandemonium lord
200699 | Zig:21   | Killed Wearph the pandemonium lord
200699 | Zig:21   | Noticed Neschafee the pandemonium lord
200700 | Zig:21   | Noticed Itruhuel the pandemonium lord
200700 | Zig:21   | Killed Ycaikix the pandemonium lord
200700 | Zig:21   | Killed Nian the pandemonium lord
200700 | Zig:21   | Killed Vutiunti the pandemonium lord
200700 | Zig:21   | Killed a Killer Klown
200700 | Zig:21   | Noticed a Killer Klown
200700 | Zig:21   | Killed a Killer Klown
200700 | Zig:21   | Noticed a Killer Klown
200701 | Zig:21   | Killed Vagad the pandemonium lord
200701 | Zig:21   | Killed Numiurch the pandemonium lord
200701 | Zig:21   | Killed Lepnebb the pandemonium lord
200701 | Zig:21   | Noticed Xoettu the pandemonium lord
200702 | Zig:21   | Noticed Miosuuw the pandemonium lord
200702 | Zig:21   | Killed Liatied the pandemonium lord
200702 | Zig:21   | Noticed a Killer Klown
200703 | Zig:21   | Noticed Gunam the pandemonium lord
200703 | Zig:21   | Noticed Nokhipp the pandemonium lord
200704 | Zig:21   | Noticed Kitun the pandemonium lord
200704 | Zig:21   | Killed Cemiavum the pandemonium lord
200704 | Zig:21   | Killed Baxien the pandemonium lord
200704 | Zig:21   | Noticed Xuunlaugru the pandemonium lord
200704 | Zig:21   | Noticed Maqousih the pandemonium lord
200705 | Zig:21   | Killed Luirelef the pandemonium lord
200705 | Zig:21   | Killed a Killer Klown
200705 | Zig:21   | Killed Xoettu the pandemonium lord
200705 | Zig:21   | Killed Mebbouse the pandemonium lord
200705 | Zig:21   | Noticed Awkabap the pandemonium lord
200705 | Zig:21   | Noticed Toettuit the pandemonium lord
200705 | Zig:21   | Noticed Yshrul the pandemonium lord
200705 | Zig:21   | Killed a Killer Klown
200705 | Zig:21   | Killed Urihootu the pandemonium lord
200705 | Zig:21   | Noticed Soodd the pandemonium lord
200706 | Zig:21   | Killed Ladu the pandemonium lord
200706 | Zig:21   | Killed Rapt the pandemonium lord
200706 | Zig:21   | Killed Kaeck the pandemonium lord
200706 | Zig:21   | Killed Miosuuw the pandemonium lord
200706 | Zig:21   | Killed a Killer Klown
200706 | Zig:21   | Killed Soodd the pandemonium lord
200706 | Zig:21   | Noticed a Killer Klown
200706 | Zig:21   | Noticed Foobrer the pandemonium lord
200706 | Zig:21   | Noticed a Killer Klown
200707 | Zig:21   | Noticed a Killer Klown
200708 | Zig:21   | Killed Budepea the pandemonium lord
200708 | Zig:21   | Noticed Yloren the pandemonium lord
200709 | Zig:21   | Killed a Killer Klown
200709 | Zig:21   | Killed a Killer Klown
200709 | Zig:21   | Killed Itruhuel the pandemonium lord
200709 | Zig:21   | Killed Maqousih the pandemonium lord
200709 | Zig:21   | Killed Xuunlaugru the pandemonium lord
200709 | Zig:21   | Killed Wiul the pandemonium lord
200709 | Zig:21   | Killed Nokhipp the pandemonium lord
200709 | Zig:21   | Noticed Xiatse Yddue the pandemonium lord
200709 | Zig:21   | Noticed Iphic the pandemonium lord
200709 | Zig:21   | Noticed a Killer Klown
200709 | Zig:21   | Noticed Rafrizai the pandemonium lord
200709 | Zig:21   | Noticed Foqi Lei the pandemonium lord
200710 | Zig:21   | Noticed Faorer the pandemonium lord
200710 | Zig:21   | Killed Awkabap the pandemonium lord
200710 | Zig:21   | Killed Nitanoza the pandemonium lord
200710 | Zig:21   | Killed a Killer Klown
200710 | Zig:21   | Killed a Killer Klown
200710 | Zig:21   | Killed Yloren the pandemonium lord
200710 | Zig:21   | Killed Kitun the pandemonium lord
200710 | Zig:21   | Noticed Gapt the pandemonium lord
200711 | Zig:21   | Killed Yshrul the pandemonium lord
200711 | Zig:21   | Killed Neschafee the pandemonium lord
200711 | Zig:21   | Noticed Demifu the pandemonium lord
200711 | Zig:21   | Noticed a Killer Klown
200712 | Zig:21   | Noticed Curoxtorch the pandemonium lord
200712 | Zig:21   | Noticed Luelutel the pandemonium lord
200713 | Zig:21   | Killed Gunam the pandemonium lord
200713 | Zig:21   | Killed Foobrer the pandemonium lord
200713 | Zig:21   | Killed Fabunev the pandemonium lord
200713 | Zig:21   | Killed Maefulo the pandemonium lord
200713 | Zig:21   | Noticed Qotis the pandemonium lord
200714 | Zig:21   | Noticed Paes the pandemonium lord
200716 | Zig:21   | Noticed Guehum the pandemonium lord
200716 | Zig:21   | Noticed Fizuong the pandemonium lord
200716 | Zig:21   | Noticed Noviraja the pandemonium lord
200716 | Zig:21   | Noticed Lum Kach the pandemonium lord
200716 | Zig:21   | Noticed Nepyusm the pandemonium lord
200716 | Zig:21   | Noticed Amy Digg the pandemonium lord
200717 | Zig:21   | Noticed Nanorotu the pandemonium lord
200717 | Zig:21   | Noticed Qutsaole the pandemonium lord
200717 | Zig:21   | Noticed Anaeve the pandemonium lord
200717 | Zig:21   | Noticed Syoblid the pandemonium lord
200717 | Zig:21   | Noticed Bowofy the pandemonium lord
200717 | Zig:21   | Noticed Itisattu the pandemonium lord
200718 | Zig:21   | Killed a Killer Klown
200718 | Zig:21   | Killed a Killer Klown
200719 | Zig:21   | Killed Xiatse Yddue the pandemonium lord
200719 | Zig:21   | Killed Toettuit the pandemonium lord
200719 | Zig:21   | Killed Idghetymm the pandemonium lord
200719 | Zig:21   | Killed Faorer the pandemonium lord
200719 | Zig:21   | Killed Iniatz the pandemonium lord
200719 | Zig:21   | Killed Luelutel the pandemonium lord
200721 | Zig:21   | Killed Lienk the pandemonium lord
200722 | Zig:21   | Noticed Cufuoc the pandemonium lord
200722 | Zig:21   | Noticed Qinaq the pandemonium lord
200722 | Zig:21   | Noticed Pait the pandemonium lord
200724 | Zig:21   | Killed Curoxtorch the pandemonium lord
200724 | Zig:21   | Killed Iphic the pandemonium lord
200724 | Zig:21   | Noticed Cabydulu the pandemonium lord
200724 | Zig:21   | Noticed a Killer Klown
200724 | Zig:21   | Noticed Yruqedan the pandemonium lord
200725 | Zig:21   | Noticed a Killer Klown
200727 | Zig:21   | Noticed Qigukai the pandemonium lord
200727 | Zig:21   | Noticed Ekux the pandemonium lord
200727 | Zig:21   | Killed Rafrizai the pandemonium lord
200727 | Zig:21   | Killed Qutsaole the pandemonium lord
200727 | Zig:21   | Killed Paes the pandemonium lord
200727 | Zig:21   | Killed Lum Kach the pandemonium lord
200727 | Zig:21   | Killed Bowofy the pandemonium lord
200727 | Zig:21   | Killed Cufuoc the pandemonium lord
200727 | Zig:21   | Killed a Killer Klown
200727 | Zig:21   | Killed a Killer Klown
200728 | Zig:21   | Killed Foqi Lei the pandemonium lord
200728 | Zig:21   | Killed Qinaq the pandemonium lord
200728 | Zig:21   | Noticed Vixioc the pandemonium lord
200729 | Zig:21   | Killed Yruqedan the pandemonium lord
200729 | Zig:21   | Killed Qigukai the pandemonium lord
200729 | Zig:21   | Killed Vixioc the pandemonium lord
200729 | Zig:21   | Killed Gapt the pandemonium lord
200729 | Zig:21   | Killed Demifu the pandemonium lord
200729 | Zig:21   | Noticed a Killer Klown
200731 | Zig:21   | Noticed Xeow the pandemonium lord
200733 | Zig:21   | Killed Qotis the pandemonium lord
200734 | Zig:21   | Killed Fizuong the pandemonium lord
200734 | Zig:21   | Killed Pait the pandemonium lord
200734 | Zig:21   | Noticed a Killer Klown
200734 | Zig:21   | Noticed Vosoabb the pandemonium lord
200735 | Zig:21   | Noticed Anuus the pandemonium lord
200735 | Zig:21   | Killed Syoblid the pandemonium lord
200735 | Zig:21   | Killed Itisattu the pandemonium lord
200735 | Zig:21   | Killed a Killer Klown
200735 | Zig:21   | Noticed Fiemof the pandemonium lord
200736 | Zig:21   | Killed Ekux the pandemonium lord
200736 | Zig:21   | Killed Cabydulu the pandemonium lord
200736 | Zig:21   | Killed Nanorotu the pandemonium lord
200736 | Zig:21   | Killed Vosoabb the pandemonium lord
200736 | Zig:21   | Killed Noviraja the pandemonium lord
200736 | Zig:21   | Noticed a Killer Klown
200736 | Zig:21   | Noticed Dalun the pandemonium lord
200737 | Zig:21   | Killed a Killer Klown
200737 | Zig:21   | Noticed Siyq the pandemonium lord
200739 | Zig:21   | Killed Xeow the pandemonium lord
200739 | Zig:21   | Noticed a Killer Klown
200740 | Zig:21   | Noticed a Killer Klown
200741 | Zig:21   | Killed Laed the pandemonium lord
200741 | Zig:21   | Killed a Killer Klown
200741 | Zig:21   | Killed Anaeve the pandemonium lord
200741 | Zig:21   | Killed Anuus the pandemonium lord
200741 | Zig:21   | Killed a Killer Klown
200741 | Zig:21   | Killed Amozy the pandemonium lord
200741 | Zig:21   | Killed Amy Digg the pandemonium lord
200741 | Zig:21   | Killed Siyq the pandemonium lord
200741 | Zig:21   | Noticed Watunatz the pandemonium lord
200741 | Zig:21   | Noticed Caorrele the pandemonium lord
200745 | Zig:21   | Killed Nepyusm the pandemonium lord
200746 | Zig:21   | Killed Dalun the pandemonium lord
200746 | Zig:21   | Killed a Killer Klown
200748 | Zig:21   | Killed Caorrele the pandemonium lord
200748 | Zig:21   | Killed Guehum the pandemonium lord
200748 | Zig:21   | Noticed Vyexziar the pandemonium lord
200749 | Zig:21   | Noticed Xikyuv the pandemonium lord
200751 | Zig:21   | Noticed Ywnam the pandemonium lord
200751 | Zig:21   | Noticed a Killer Klown
200754 | Zig:21   | Noticed Xob Waiwn the pandemonium lord
200754 | Zig:21   | Noticed Forph the pandemonium lord
200755 | Zig:21   | Noticed Ciptip the pandemonium lord
200755 | Zig:21   | Noticed Qyisygg the pandemonium lord
200757 | Zig:21   | Killed Fiemof the pandemonium lord
200758 | Zig:21   | Killed a Killer Klown
200758 | Zig:21   | Noticed Eschoamao the pandemonium lord
200758 | Zig:21   | Noticed Vugeuz the pandemonium lord
200759 | Zig:21   | Killed Watunatz the pandemonium lord
200761 | Zig:21   | Noticed Loifotug the pandemonium lord
200761 | Zig:21   | Killed Ywnam the pandemonium lord
200761 | Zig:21   | Noticed Redd the pandemonium lord
200763 | Zig:21   | Noticed Sysu the pandemonium lord
200767 | Zig:21   | Killed Xikyuv the pandemonium lord
200767 | Zig:21   | Killed Eschoamao the pandemonium lord
200767 | Zig:21   | Noticed Poecuff the pandemonium lord
200768 | Zig:21   | Noticed Ubohatah the pandemonium lord
200768 | Zig:21   | Killed Vugeuz the pandemonium lord
200769 | Zig:21   | Noticed Opaeng the pandemonium lord
200770 | Zig:21   | Killed Vyexziar the pandemonium lord
200770 | Zig:21   | Killed Ciptip the pandemonium lord
200782 | Zig:21   | Killed Ubohatah the pandemonium lord
200784 | Zig:21   | Killed Opaeng the pandemonium lord
200784 | Zig:21   | Killed Qyisygg the pandemonium lord
200785 | Zig:21   | Killed Poecuff the pandemonium lord
200785 | Zig:21   | Noticed Ciynlixy the pandemonium lord
200786 | Zig:21   | Killed Sysu the pandemonium lord
200786 | Zig:21   | Killed Xob Waiwn the pandemonium lord
200786 | Zig:21   | Killed Ovaunwew the pandemonium lord
200787 | Zig:21   | Killed Loifotug the pandemonium lord
200787 | Zig:21   | Killed Forph the pandemonium lord
200788 | Zig:21   | Killed Redd the pandemonium lord
200790 | Zig:21   | Killed Ciynlixy the pandemonium lord
200969 | Zig:21   | Identified the Guide on Frigorific Ignition
200983 | Zig:21   | Identified the ring of Xom's Benevolence {Wiz MR+ Int+6}
                  | (You found it on level 20 of a ziggurat)
201003 | Zig:21   | Identified the +1 leather armour of the Sun {rF+ MR- Regen+
                  | Str+2} (You found it on level 19 of a ziggurat)
201014 | Zig:21   | Identified the +8 chain mail of Gravity {rElec rF- Slay+2
                  | Stlth+} (You found it on level 14 of a ziggurat)
201025 | Zig:21   | Identified the +2 robe of the Battered Coins {+Blink rElec
                  | rC+} (You found it on level 20 of a ziggurat)
201036 | Zig:21   | Identified the +7 chain mail of the Iron City of Dis
                  | {Int+2} (You found it on level 15 of a ziggurat)
201047 | Zig:21   | Identified the cursed +1 crystal plate armour of Quetesch
                  | {+Fly Str+2 SInv Stlth+} (You found it on level 17 of a
                  | ziggurat)
201059 | Zig:21   | Identified the +1 robe of Daisies {rC+ Int-2 Slay+2 Stlth+}
                  | (You found it on level 17 of a ziggurat)
201070 | Zig:21   | Identified the +0 robe "Aqoetrof" {rPois rF- rC- Str+7}
                  | (You found it on level 18 of a ziggurat)
201081 | Zig:21   | Identified the +0 shadow dragon scales of Nihilism {rF+
                  | Regen+ Str+3 Stlth++++} (You found it on level 20 of a
                  | ziggurat)
201092 | Zig:21   | Identified the +5 leather armour of Eternal Vigilance
                  | {SInv} (You found it on level 18 of a ziggurat)
201103 | Zig:21   | Identified the +1 ring mail "Heikipa" {rElec Stlth+} (You
                  | found it on level 18 of a ziggurat)
201126 | Zig:21   | Got a faintly glowing bronze ring
201132 | Zig:21   | Identified the ring "Gacousoh" {rElec Str+3} (You found it
                  | on level 21 of a ziggurat)
201136 | Zig:22   | Entered Level 22 of a ziggurat
201136 | Zig:22   | Noticed an ancient lich
201136 | Zig:22   | Noticed an ancient lich
201136 | Zig:22   | Noticed an ancient lich
201136 | Zig:22   | Noticed an ancient lich
201136 | Zig:22   | Noticed an ancient lich
201136 | Zig:22   | Noticed an ancient lich
201136 | Zig:22   | Noticed an ancient lich
201136 | Zig:22   | Noticed an ancient lich
201138 | Zig:22   | Noticed an ancient lich
201138 | Zig:22   | Killed an ancient lich
201139 | Zig:22   | Killed an ancient lich
201139 | Zig:22   | Killed an ancient lich
201139 | Zig:22   | Killed an ancient lich
201139 | Zig:22   | Killed an ancient lich
201139 | Zig:22   | Killed an ancient lich
201139 | Zig:22   | Noticed an ancient lich
201140 | Zig:22   | Killed an ancient lich
201140 | Zig:22   | Killed an ancient lich
201141 | Zig:22   | Killed an ancient lich
201141 | Zig:22   | Killed an ancient lich
201141 | Zig:22   | Noticed an ancient lich
201141 | Zig:22   | Noticed an ancient lich
201143 | Zig:22   | Noticed an ancient lich
201143 | Zig:22   | Noticed an ancient lich
201145 | Zig:22   | Killed an ancient lich
201145 | Zig:22   | Killed an ancient lich
201145 | Zig:22   | Killed an ancient lich
201147 | Zig:22   | Killed an ancient lich
201147 | Zig:22   | Noticed an ancient lich
201147 | Zig:22   | Noticed an ancient lich
201149 | Zig:22   | Noticed an ancient lich
201150 | Zig:22   | Noticed an ancient lich
201151 | Zig:22   | Noticed an ancient lich
201151 | Zig:22   | Killed an ancient lich
201151 | Zig:22   | Killed an ancient lich
201151 | Zig:22   | Killed an ancient lich
201151 | Zig:22   | Noticed an ancient lich
201151 | Zig:22   | Noticed an ancient lich
201151 | Zig:22   | Noticed an ancient lich
201153 | Zig:22   | Killed an ancient lich
201153 | Zig:22   | Killed an ancient lich
201153 | Zig:22   | Noticed an ancient lich
201155 | Zig:22   | Killed an ancient lich
201155 | Zig:22   | Killed an ancient lich
201155 | Zig:22   | Killed an ancient lich
201155 | Zig:22   | Noticed an ancient lich
201155 | Zig:22   | Noticed an ancient lich
201157 | Zig:22   | Killed an ancient lich
201158 | Zig:22   | Noticed an ancient lich
201158 | Zig:22   | Noticed an ancient lich
201159 | Zig:22   | Killed an ancient lich
201159 | Zig:22   | Killed an ancient lich
201159 | Zig:22   | Noticed an ancient lich
201159 | Zig:22   | Noticed an ancient lich
201159 | Zig:22   | Noticed an ancient lich
201161 | Zig:22   | Noticed an ancient lich
201161 | Zig:22   | Noticed an ancient lich
201163 | Zig:22   | Killed an ancient lich
201163 | Zig:22   | Killed an ancient lich
201164 | Zig:22   | Noticed an ancient lich
201164 | Zig:22   | Noticed an ancient lich
201165 | Zig:22   | Noticed an ancient lich
201165 | Zig:22   | Killed an ancient lich
201165 | Zig:22   | Killed an ancient lich
201165 | Zig:22   | Killed an ancient lich
201166 | Zig:22   | Killed an ancient lich
201166 | Zig:22   | Killed an ancient lich
201166 | Zig:22   | Noticed an ancient lich
201167 | Zig:22   | Killed an ancient lich
201167 | Zig:22   | Killed an ancient lich
201167 | Zig:22   | Killed an ancient lich
201167 | Zig:22   | Noticed an ancient lich
201169 | Zig:22   | Noticed an ancient lich
201169 | Zig:22   | Killed an ancient lich
201169 | Zig:22   | Noticed an ancient lich
201171 | Zig:22   | Killed an ancient lich
201173 | Zig:22   | Killed an ancient lich
201173 | Zig:22   | Killed an ancient lich
201173 | Zig:22   | Noticed an ancient lich
201175 | Zig:22   | Killed an ancient lich
201176 | Zig:22   | Noticed an ancient lich
201180 | Zig:22   | Noticed an ancient lich
201180 | Zig:22   | Killed an ancient lich
201182 | Zig:22   | Killed an ancient lich
201185 | Zig:22   | Noticed an ancient lich
201188 | Zig:22   | Killed an ancient lich
201190 | Zig:22   | Noticed an ancient lich
201193 | Zig:22   | Killed an ancient lich
201401 | Zig:22   | Got a scorched lapis lazuli ring
201403 | Zig:22   | Got a warped bone ring
201418 | Zig:22   | Identified the Tome of Poisonous Earth
201437 | Zig:22   | Got a jet-encrusted ring mail
201443 | Zig:22   | Got a steaming scale mail
201461 | Zig:23   | Entered Level 23 of a ziggurat
201461 | Zig:23   | Noticed a greater mummy
201461 | Zig:23   | Noticed a greater mummy
201461 | Zig:23   | Noticed a greater mummy
201461 | Zig:23   | Noticed a greater mummy
201461 | Zig:23   | Noticed a greater mummy
201461 | Zig:23   | Noticed a greater mummy
201461 | Zig:23   | Noticed a greater mummy
201461 | Zig:23   | Noticed a greater mummy
201461 | Zig:23   | Noticed a greater mummy
201461 | Zig:23   | Noticed a greater mummy
201461 | Zig:23   | Noticed a greater mummy
201461 | Zig:23   | Noticed a greater mummy
201461 | Zig:23   | Noticed a greater mummy
201461 | Zig:23   | Noticed a greater mummy
201461 | Zig:23   | Noticed a greater mummy
201461 | Zig:23   | Noticed a greater mummy
201462 | Zig:23   | Noticed a greater mummy
201462 | Zig:23   | Noticed a greater mummy
201462 | Zig:23   | Noticed a greater mummy
201462 | Zig:23   | Noticed a greater mummy
201464 | Zig:23   | Killed a greater mummy
201464 | Zig:23   | Killed a greater mummy
201464 | Zig:23   | Killed a greater mummy
201464 | Zig:23   | Noticed a greater mummy
201464 | Zig:23   | Noticed a greater mummy
201465 | Zig:23   | Killed a greater mummy
201465 | Zig:23   | Killed a greater mummy
201465 | Zig:23   | Killed a greater mummy
201465 | Zig:23   | Killed a greater mummy
201465 | Zig:23   | Killed a greater mummy
201465 | Zig:23   | Killed a greater mummy
201465 | Zig:23   | Killed a greater mummy
201465 | Zig:23   | Killed a greater mummy
201465 | Zig:23   | Killed a greater mummy
201465 | Zig:23   | Killed a greater mummy
201465 | Zig:23   | Killed a greater mummy
201465 | Zig:23   | Killed a greater mummy
201465 | Zig:23   | Killed a greater mummy
201466 | Zig:23   | Killed a greater mummy
201466 | Zig:23   | Killed a greater mummy
201466 | Zig:23   | Killed a greater mummy
201466 | Zig:23   | Killed a greater mummy
201466 | Zig:23   | Noticed a greater mummy
201466 | Zig:23   | Noticed a greater mummy
201467 | Zig:23   | Noticed a greater mummy
201467 | Zig:23   | Noticed a greater mummy
201468 | Zig:23   | Killed a greater mummy
201468 | Zig:23   | Noticed a greater mummy
201472 | Zig:23   | Killed a greater mummy
201472 | Zig:23   | Noticed a greater mummy
201474 | Zig:23   | Killed a greater mummy
201474 | Zig:23   | Killed a greater mummy
201474 | Zig:23   | Noticed a greater mummy
201474 | Zig:23   | Noticed a greater mummy
201475 | Zig:23   | Killed a greater mummy
201475 | Zig:23   | Killed a greater mummy
201475 | Zig:23   | Killed a greater mummy
201475 | Zig:23   | Noticed a greater mummy
201475 | Zig:23   | Noticed a greater mummy
201476 | Zig:23   | Killed a greater mummy
201476 | Zig:23   | Noticed a greater mummy
201476 | Zig:23   | Noticed a greater mummy
201477 | Zig:23   | Killed a greater mummy
201477 | Zig:23   | Killed a greater mummy
201477 | Zig:23   | Killed a greater mummy
201477 | Zig:23   | Noticed a greater mummy
201478 | Zig:23   | Noticed a greater mummy
201478 | Zig:23   | Noticed a greater mummy
201478 | Zig:23   | Noticed a greater mummy
201479 | Zig:23   | Killed a greater mummy
201479 | Zig:23   | Noticed a greater mummy
201481 | Zig:23   | Killed a greater mummy
201481 | Zig:23   | Killed a greater mummy
201481 | Zig:23   | Killed a greater mummy
201481 | Zig:23   | Noticed a greater mummy
201481 | Zig:23   | Noticed a greater mummy
201483 | Zig:23   | Killed a greater mummy
201484 | Zig:23   | Noticed a greater mummy
201485 | Zig:23   | Killed a greater mummy
201485 | Zig:23   | Killed a greater mummy
201485 | Zig:23   | Killed a greater mummy
201485 | Zig:23   | Noticed a greater mummy
201486 | Zig:23   | Noticed a greater mummy
201486 | Zig:23   | Noticed a greater mummy
201487 | Zig:23   | Killed a greater mummy
201487 | Zig:23   | Killed a greater mummy
201488 | Zig:23   | Noticed a greater mummy
201490 | Zig:23   | Noticed a greater mummy
201493 | Zig:23   | Killed a greater mummy
201494 | Zig:23   | Noticed a greater mummy
201495 | Zig:23   | Killed a greater mummy
201495 | Zig:23   | Killed a greater mummy
201495 | Zig:23   | Noticed a greater mummy
201497 | Zig:23   | Killed a greater mummy
201497 | Zig:23   | Noticed a greater mummy
201497 | Zig:23   | Noticed a greater mummy
201499 | Zig:23   | Killed a greater mummy
201499 | Zig:23   | Killed a greater mummy
201499 | Zig:23   | Killed a greater mummy
201499 | Zig:23   | Killed a greater mummy
201503 | Zig:23   | Killed a greater mummy
201503 | Zig:23   | Killed a greater mummy
201503 | Zig:23   | Noticed a greater mummy
201504 | Zig:23   | Noticed a greater mummy
201504 | Zig:23   | Noticed a greater mummy
201505 | Zig:23   | Noticed a greater mummy
201506 | Zig:23   | Noticed a greater mummy
201507 | Zig:23   | Noticed a greater mummy
201509 | Zig:23   | Killed a greater mummy
201509 | Zig:23   | Killed a greater mummy
201509 | Zig:23   | Killed a greater mummy
201511 | Zig:23   | Killed a greater mummy
201513 | Zig:23   | Killed a greater mummy
201513 | Zig:23   | Killed a greater mummy
201516 | Zig:23   | Noticed a greater mummy
201521 | Zig:23   | Killed a greater mummy
201530 | Zig:23   | Noticed a greater mummy
201531 | Zig:23   | Noticed a greater mummy
201535 | Zig:23   | Killed a greater mummy
201537 | Zig:23   | Noticed a greater mummy
201543 | Zig:23   | Killed a greater mummy
201547 | Zig:23   | Killed a greater mummy
201738 | Zig:23   | Got an ancient jade ring
201749 | Zig:23   | Identified the Guide on the Shifting Entourage
201753 | Zig:23   | Identified the Papyrus of Enhancements and Clay
201758 | Zig:23   | Identified the Tome of Transmutation
201767 | Zig:23   | Got an ancient platinum ring
201777 | Zig:23   | Got a translucent turquoise ring
201815 | Zig:23   | Got a warped plate armour
201821 | Zig:23   | Got a pair of spiked boots
201830 | Zig:24   | Entered Level 24 of a ziggurat
201830 | Zig:24   | Noticed an ancient lich
201830 | Zig:24   | Noticed an ancient lich
201830 | Zig:24   | Noticed an ancient lich
201830 | Zig:24   | Noticed an ancient lich
201830 | Zig:24   | Noticed an ancient lich
201830 | Zig:24   | Noticed an ancient lich
201830 | Zig:24   | Noticed an ancient lich
201830 | Zig:24   | Noticed an ancient lich
201830 | Zig:24   | Noticed an ancient lich
201830 | Zig:24   | Noticed an ancient lich
201830 | Zig:24   | Noticed an ancient lich
201830 | Zig:24   | Noticed an ancient lich
201830 | Zig:24   | Noticed an ancient lich
201830 | Zig:24   | Noticed an ancient lich
201830 | Zig:24   | Noticed an ancient lich
201830 | Zig:24   | Noticed an ancient lich
201830 | Zig:24   | Noticed an ancient lich
201832 | Zig:24   | Killed an ancient lich
201832 | Zig:24   | Noticed an ancient lich
201832 | Zig:24   | Noticed an ancient lich
201833 | Zig:24   | Killed an ancient lich
201833 | Zig:24   | Killed an ancient lich
201833 | Zig:24   | Killed an ancient lich
201833 | Zig:24   | Killed an ancient lich
201833 | Zig:24   | Killed an ancient lich
201833 | Zig:24   | Killed an ancient lich
201833 | Zig:24   | Killed an ancient lich
201833 | Zig:24   | Killed an ancient lich
201833 | Zig:24   | Noticed an ancient lich
201834 | Zig:24   | Killed an ancient lich
201834 | Zig:24   | Killed an ancient lich
201834 | Zig:24   | Killed an ancient lich
201834 | Zig:24   | Killed an ancient lich
201834 | Zig:24   | Killed an ancient lich
201834 | Zig:24   | Killed an ancient lich
201834 | Zig:24   | Killed an ancient lich
201834 | Zig:24   | Killed an ancient lich
201834 | Zig:24   | Killed an ancient lich
201834 | Zig:24   | Noticed an ancient lich
201834 | Zig:24   | Noticed an ancient lich
201835 | Zig:24   | Noticed an ancient lich
201835 | Zig:24   | Killed an ancient lich
201835 | Zig:24   | Killed an ancient lich
201835 | Zig:24   | Killed an ancient lich
201835 | Zig:24   | Noticed an ancient lich
201836 | Zig:24   | Noticed an ancient lich
201836 | Zig:24   | Killed an ancient lich
201837 | Zig:24   | Noticed an ancient lich
201837 | Zig:24   | Killed an ancient lich
201837 | Zig:24   | Killed an ancient lich
201837 | Zig:24   | Noticed an ancient lich
201837 | Zig:24   | Noticed an ancient lich
201838 | Zig:24   | Noticed an ancient lich
201839 | Zig:24   | Killed an ancient lich
201839 | Zig:24   | Noticed an ancient lich
201841 | Zig:24   | Killed an ancient lich
201841 | Zig:24   | Killed an ancient lich
201841 | Zig:24   | Killed an ancient lich
201841 | Zig:24   | Killed an ancient lich
201841 | Zig:24   | Noticed an ancient lich
201842 | Zig:24   | Noticed an ancient lich
201843 | Zig:24   | Killed an ancient lich
201843 | Zig:24   | Noticed an ancient lich
201843 | Zig:24   | Noticed an ancient lich
201844 | Zig:24   | Noticed an ancient lich
201845 | Zig:24   | Noticed an ancient lich
201845 | Zig:24   | Noticed an ancient lich
201845 | Zig:24   | Killed an ancient lich
201845 | Zig:24   | Killed an ancient lich
201845 | Zig:24   | Noticed an ancient lich
201845 | Zig:24   | Noticed an ancient lich
201845 | Zig:24   | Noticed an ancient lich
201846 | Zig:24   | Noticed an ancient lich
201846 | Zig:24   | Noticed an ancient lich
201848 | Zig:24   | Noticed an ancient lich
201848 | Zig:24   | Killed an ancient lich
201848 | Zig:24   | Killed an ancient lich
201848 | Zig:24   | Killed an ancient lich
201848 | Zig:24   | Killed an ancient lich
201848 | Zig:24   | Killed an ancient lich
201848 | Zig:24   | Killed an ancient lich
201848 | Zig:24   | Noticed an ancient lich
201848 | Zig:24   | Noticed an ancient lich
201848 | Zig:24   | Noticed an ancient lich
201848 | Zig:24   | Noticed an ancient lich
201849 | Zig:24   | Noticed an ancient lich
201850 | Zig:24   | Killed an ancient lich
201850 | Zig:24   | Killed an ancient lich
201850 | Zig:24   | Killed an ancient lich
201850 | Zig:24   | Killed an ancient lich
201850 | Zig:24   | Killed an ancient lich
201850 | Zig:24   | Killed an ancient lich
201850 | Zig:24   | Noticed an ancient lich
201851 | Zig:24   | Noticed an ancient lich
201851 | Zig:24   | Noticed an ancient lich
201852 | Zig:24   | Noticed an ancient lich
201852 | Zig:24   | Killed an ancient lich
201852 | Zig:24   | Noticed an ancient lich
201853 | Zig:24   | Noticed an ancient lich
201854 | Zig:24   | Noticed an ancient lich
201854 | Zig:24   | Killed an ancient lich
201854 | Zig:24   | Killed an ancient lich
201854 | Zig:24   | Killed an ancient lich
201854 | Zig:24   | Killed an ancient lich
201854 | Zig:24   | Killed an ancient lich
201854 | Zig:24   | Killed an ancient lich
201854 | Zig:24   | Killed an ancient lich
201854 | Zig:24   | Noticed an ancient lich
201854 | Zig:24   | Noticed an ancient lich
201855 | Zig:24   | Noticed an ancient lich
201856 | Zig:24   | Noticed an ancient lich
201856 | Zig:24   | Noticed an ancient lich
201856 | Zig:24   | Noticed an ancient lich
201856 | Zig:24   | Killed an ancient lich
201856 | Zig:24   | Killed an ancient lich
201856 | Zig:24   | Killed an ancient lich
201857 | Zig:24   | Noticed an ancient lich
201858 | Zig:24   | Noticed an ancient lich
201858 | Zig:24   | Killed an ancient lich
201858 | Zig:24   | Killed an ancient lich
201858 | Zig:24   | Killed an ancient lich
201858 | Zig:24   | Killed an ancient lich
201858 | Zig:24   | Noticed an ancient lich
201860 | Zig:24   | Noticed an ancient lich
201860 | Zig:24   | Killed an ancient lich
201860 | Zig:24   | Killed an ancient lich
201860 | Zig:24   | Killed an ancient lich
201860 | Zig:24   | Killed an ancient lich
201860 | Zig:24   | Noticed an ancient lich
201860 | Zig:24   | Noticed an ancient lich
201861 | Zig:24   | Noticed an ancient lich
201862 | Zig:24   | Noticed an ancient lich
201862 | Zig:24   | Killed an ancient lich
201862 | Zig:24   | Killed an ancient lich
201862 | Zig:24   | Noticed an ancient lich
201863 | Zig:24   | Noticed an ancient lich
201864 | Zig:24   | Killed an ancient lich
201864 | Zig:24   | Killed an ancient lich
201864 | Zig:24   | Killed an ancient lich
201864 | Zig:24   | Killed an ancient lich
201864 | Zig:24   | Noticed an ancient lich
201865 | Zig:24   | Noticed an ancient lich
201866 | Zig:24   | Killed an ancient lich
201866 | Zig:24   | Killed an ancient lich
201866 | Zig:24   | Killed an ancient lich
201867 | Zig:24   | Noticed an ancient lich
201867 | Zig:24   | Noticed an ancient lich
201867 | Zig:24   | Noticed an ancient lich
201868 | Zig:24   | Noticed an ancient lich
201871 | Zig:24   | Noticed an ancient lich
201872 | Zig:24   | Killed an ancient lich
201872 | Zig:24   | Killed an ancient lich
201872 | Zig:24   | Killed an ancient lich
201872 | Zig:24   | Killed an ancient lich
201872 | Zig:24   | Killed an ancient lich
201873 | Zig:24   | Noticed an ancient lich
201874 | Zig:24   | Killed an ancient lich
201874 | Zig:24   | Killed an ancient lich
201874 | Zig:24   | Noticed an ancient lich
201876 | Zig:24   | Noticed an ancient lich
201876 | Zig:24   | Noticed an ancient lich
201876 | Zig:24   | Killed an ancient lich
201876 | Zig:24   | Killed an ancient lich
201877 | Zig:24   | Noticed an ancient lich
201878 | Zig:24   | Killed an ancient lich
201879 | Zig:24   | Noticed an ancient lich
201880 | Zig:24   | Noticed an ancient lich
201880 | Zig:24   | Killed an ancient lich
201881 | Zig:24   | Noticed an ancient lich
201881 | Zig:24   | Killed an ancient lich
201881 | Zig:24   | Killed an ancient lich
201882 | Zig:24   | Noticed an ancient lich
201882 | Zig:24   | Killed an ancient lich
201884 | Zig:24   | Noticed an ancient lich
201886 | Zig:24   | Noticed an ancient lich
201886 | Zig:24   | Killed an ancient lich
201886 | Zig:24   | Killed an ancient lich
201892 | Zig:24   | Noticed an ancient lich
201893 | Zig:24   | Killed an ancient lich
201895 | Zig:24   | Killed an ancient lich
202134 | Zig:24   | Identified Mychucs's Disquisition on the Vitriolic Arsonist
202144 | Zig:24   | Got a shimmering bone amulet
202145 | Zig:24   | Identified Sif Muna's Reference Book on Icy Dark Arts
202150 | Zig:24   | Identified the Reference Book on Creative Changing
202202 | Zig:25   | Entered Level 25 of a ziggurat
202214 | Zig:25   | Noticed an ancient lich
202215 | Zig:25   | Killed an ancient lich
202249 | Zig:25   | Killed a starcursed mass
202627 | Zig:25   | Identified the Handbook of the Helpful Mountains
202645 | Zig:25   | Identified the Collected Works on Beguiling
202671 | Zig:25   | Identified the ring "Ruv Sixo" {*Tele rN++ Dex-4} (You
                  | found it on level 22 of a ziggurat)
202673 | Zig:25   | Identified the ring "Fycoqaum" {Ice rElec rN+} (You found
                  | it on level 22 of a ziggurat)
202675 | Zig:25   | Identified the ring "Keddotru" {AC+1 Stlth+} (You found it
                  | on level 23 of a ziggurat)
202677 | Zig:25   | Identified the ring "Uremegee" {rN+ Str+7} (You found it on
                  | level 23 of a ziggurat)
202679 | Zig:25   | Identified the ring "Ezxoisa" {Ice Str+4} (You found it on
                  | level 23 of a ziggurat)
202681 | Zig:25   | Identified the amulet "Ceofuinu" {Reflect +Blink Str+3
                  | Int-5 SH+6} (You found it on level 24 of a ziggurat)
202687 | Zig:25   | Got a translucent plate armour
202701 | Zig:26   | Entered Level 26 of a ziggurat
202721 | Zig:26   | Identified the +0 large shield of Music {rPois Int+8}
202726 | Zig:26   | Killed a starcursed mass
202837 | Zig:26   | Got a sparkling amber ring
202854 | Zig:26   | Got a brightly glowing emerald amulet
202855 | Zig:26   | Identified Advanced Steps in the Arcane Arts
202864 | Zig:26   | Got a faintly glowing ivory amulet
203188 | Zig:26   | Got a faintly glowing bronze ring
203230 | Zig:26   | Identified the Papyrus of the Mountains
203240 | Zig:26   | Got a faintly humming scale mail
203283 | Zig:26   | Identified the ring of Ovvulya {rPois MR+ Str+4} (You found
                  | it on level 26 of a ziggurat)
203285 | Zig:26   | Identified the amulet "Muizok" {Gourm rC+ Int-3 Dex+4} (You
                  | found it on level 26 of a ziggurat)
203287 | Zig:26   | Identified the amulet "Ylod" {Acrobat Dex+4} (You found it
                  | on level 26 of a ziggurat)
203289 | Zig:26   | Identified the ring "Teiloguy" {+Fly rC+} (You found it on
                  | level 26 of a ziggurat)
203301 | Zig:26   | Identified the +9 plate armour of Tiul {*Drain rF+ Slay+2}
                  | (You found it on level 25 of a ziggurat)
203312 | Zig:26   | Identified the cursed +0 scale mail "Afaem" {+Inv MR+} (You
                  | found it on level 26 of a ziggurat)
203324 | Zig:26   | Identified the +10 plate armour of the Salmon {Int+4} (You
                  | found it on level 23 of a ziggurat)
203335 | Zig:26   | Identified the cursed +1 ring mail of the Manifold Shrikes
                  | {+Inv rC- rN+} (You found it on level 22 of a ziggurat)
203352 | Zig:26   | Identified the cursed +0 pair of boots of Hopscotch {rElec
                  | MR+ Slay+3} (You found it on level 23 of a ziggurat)
203364 | Zig:26   | Identified the cursed +0 scale mail "Joor" {MR+ rCorr} (You
                  | found it on level 22 of a ziggurat)
203387 | Zig:26   | Got a fine ring mail
203397 | Zig:27   | Entered Level 27 of a ziggurat
203447 | Zig:27   | Noticed an ancient lich
203452 | Zig:27   | Killed an ancient lich
203475 | Zig:27   | Killed a starcursed mass
203906 | Zig:27   | Identified Qacoeczimag's Reference Book on Necromancy and
                  | Ice
203918 | Zig:27   | Got a coiled ivory ring
203930 | Zig:27   | Got a jewelled shield
203937 | Zig:27   | Got a spiked plate armour
203947 | Zig:27   | Got a faintly glowing ring mail
203949 | Zig:27   | Got smoking pearl dragon scales
203972 | Zig:27   | Identified the ring "Tajutadi" {rF- MP+9 Str+4 Dex+5} (You
                  | found it on level 27 of a ziggurat)
203984 | Zig:27   | Identified the +3 ring mail "Zagh" {Str+5 Stlth-} (You
                  | found it on level 26 of a ziggurat)
204000 | Zig:27   | Identified the cursed +0 shield of Midwinter {+Inv rF++
                  | Dex+2 Stlth-} (You found it on level 27 of a ziggurat)
204012 | Zig:27   | Identified the +1 ring mail of the Moon {rElec rN+ Int+4}
                  | (You found it on level 27 of a ziggurat)
204028 | Zig:27   | Identified the +4 pearl dragon scales of Brilliance {rF-
                  | rN+ MR++ Int+3 Stlth+} (You found it on level 27 of a
                  | ziggurat)
204039 | Zig:27   | Identified the cursed +1 plate armour of Sin {Dex+3} (You
                  | found it on level 27 of a ziggurat)
204080 | Depths:4 | Got a bloodstained large shield
204080 | Depths:4 | Got a crude cloak
204080 | Depths:4 | Got a crude plate armour
204080 | Depths:4 | Got a pair of crude gloves
204081 | Depths:4 | Got a fine cloak
204081 | Depths:4 | Got a pair of jewelled boots
204081 | Depths:4 | Got a pair of pitted boots
204082 | Depths:4 | Got a scorched crystal plate armour
204082 | Depths:4 | Got a smoking cloak
204082 | Depths:4 | Got a twisted shield
204095 | Depths:4 | Identified the +0 large shield "Buazi" {rElec Dex+2} (You
                  | acquired it on level 4 of the Depths)
204111 | Depths:4 | Identified the +0 cloak "Lokufony" {Regen+ Stlth+} (You
                  | acquired it on level 4 of the Depths)
204122 | Depths:4 | Identified the +6 plate armour of the Skies Above {rC+}
                  | (You acquired it on level 4 of the Depths)
204132 | Depths:4 | Identified the +1 pair of gloves of Midsummer {+Inv} (You
                  | acquired it on level 4 of the Depths)
204142 | Depths:4 | Identified the -6 cloak of the World {rCorr Str+7} (You
                  | acquired it on level 4 of the Depths)
204152 | Depths:4 | Identified the +2 pair of boots of Wiutwycw {+Blink +Inv
                  | rC+ Dex-5} (You acquired it on level 4 of the Depths)
204162 | Depths:4 | Identified the +0 pair of boots of the Alphagorgon {rElec
                  | rPois Dex+4} (You acquired it on level 4 of the Depths)
204172 | Depths:4 | Identified the +14 crystal plate armour of Hospitality
                  | {rC+++ Dex-3} (You acquired it on level 4 of the Depths)
204182 | Depths:4 | Identified the +2 cloak of Qerrah {MR+ Str+3} (You acquired
                  | it on level 4 of the Depths)
204187 | Depths:4 | Identified the +1 shield of Qeho {rPois Regen+ Str-3 Dex+4}
                  | (You acquired it on level 4 of the Depths)
204278 | Zig:1    | Entered Level 1 of a ziggurat
204338 | Zig:2    | Entered Level 2 of a ziggurat
204441 | Zig:3    | Entered Level 3 of a ziggurat
204441 | Zig:3    | Noticed a greater mummy
204441 | Zig:3    | Noticed a greater mummy
204445 | Zig:3    | Killed a greater mummy
204446 | Zig:3    | Killed a greater mummy
204504 | Zig:3    | Identified the Volume of the Frigorific Traveller
204607 | Zig:4    | Entered Level 4 of a ziggurat
204607 | Zig:4    | Noticed an ancient lich
204607 | Zig:4    | Noticed an ancient lich
204607 | Zig:4    | Noticed an ancient lich
204607 | Zig:4    | Noticed an ancient lich
204607 | Zig:4    | Noticed an ancient lich
204607 | Zig:4    | Noticed an ancient lich
204607 | Zig:4    | Noticed an ancient lich
204610 | Zig:4    | Killed an ancient lich
204611 | Zig:4    | Killed an ancient lich
204611 | Zig:4    | Killed an ancient lich
204612 | Zig:4    | Killed an ancient lich
204612 | Zig:4    | Killed an ancient lich
204612 | Zig:4    | Killed an ancient lich
204613 | Zig:4    | Killed an ancient lich
204741 | Zig:4    | Identified the Grimoire of Cloudy Bewitchment
204771 | Zig:5    | Entered Level 5 of a ziggurat
204771 | Zig:5    | Noticed an ancient lich
204771 | Zig:5    | Noticed an ancient lich
204773 | Zig:5    | Noticed an ancient lich
204773 | Zig:5    | Noticed an ancient lich
204773 | Zig:5    | Noticed an ancient lich
204774 | Zig:5    | Noticed an ancient lich
204774 | Zig:5    | Killed an ancient lich
204774 | Zig:5    | Noticed an ancient lich
204775 | Zig:5    | Killed an ancient lich
204775 | Zig:5    | Killed an ancient lich
204775 | Zig:5    | Killed an ancient lich
204775 | Zig:5    | Killed an ancient lich
204777 | Zig:5    | Noticed an ancient lich
204778 | Zig:5    | Killed an ancient lich
204778 | Zig:5    | Killed an ancient lich
204778 | Zig:5    | Noticed an ancient lich
204780 | Zig:5    | Killed an ancient lich
204781 | Zig:5    | Noticed an ancient lich
204781 | Zig:5    | Noticed an ancient lich
204782 | Zig:5    | Killed an ancient lich
204784 | Zig:5    | Killed an ancient lich
204785 | Zig:5    | Killed an ancient lich
204835 | Zig:5    | Identified Xipacvah's Catalogue of the Cankerous Compass
204840 | Zig:5    | Got a smoking ruby amulet
204842 | Zig:5    | Got a clouded glass ring
204846 | Zig:5    | Identified the Incunabulum of the Hurtful Snowflakes
204945 | Zig:6    | Entered Level 6 of a ziggurat
205099 | Zig:6    | Got a brightly glowing iron ring
205107 | Zig:7    | Entered Level 7 of a ziggurat
205107 | Zig:7    | Noticed a shard shrike
205107 | Zig:7    | Noticed a shard shrike
205107 | Zig:7    | Noticed a shard shrike
205107 | Zig:7    | Noticed a shard shrike
205107 | Zig:7    | Noticed a shard shrike
205107 | Zig:7    | Noticed a shard shrike
205108 | Zig:7    | Killed a shard shrike
205108 | Zig:7    | Killed a shard shrike
205108 | Zig:7    | Killed a shard shrike
205108 | Zig:7    | Killed a shard shrike
205108 | Zig:7    | Killed a shard shrike
205108 | Zig:7    | Killed a shard shrike
205111 | Zig:7    | Noticed a shard shrike
205111 | Zig:7    | Noticed a shard shrike
205112 | Zig:7    | Noticed a shard shrike
205113 | Zig:7    | Noticed a shard shrike
205114 | Zig:7    | Killed a shard shrike
205114 | Zig:7    | Killed a shard shrike
205114 | Zig:7    | Killed a shard shrike
205114 | Zig:7    | Killed a shard shrike
205114 | Zig:7    | Noticed a shard shrike
205121 | Zig:7    | Killed a shard shrike
205183 | Zig:7    | Got a vibrating bronze ring
205427 | Zig:7    | Got a scorched ring mail
205436 | Zig:8    | Entered Level 8 of a ziggurat
205436 | Zig:8    | Noticed Soneggig the pandemonium lord
205436 | Zig:8    | Noticed Mayrits the pandemonium lord
205436 | Zig:8    | Noticed Duwi Xan the pandemonium lord
205436 | Zig:8    | Noticed Xoruj the pandemonium lord
205436 | Zig:8    | Noticed Rarchaji the pandemonium lord
205436 | Zig:8    | Noticed Ylycoif the pandemonium lord
205436 | Zig:8    | Noticed Esaissoupa the pandemonium lord
205436 | Zig:8    | Noticed Loclon the pandemonium lord
205436 | Zig:8    | Noticed Fyijoe the pandemonium lord
205437 | Zig:8    | Noticed a Killer Klown
205438 | Zig:8    | Noticed Athrecomi the pandemonium lord
205438 | Zig:8    | Noticed Gaehywau the pandemonium lord
205438 | Zig:8    | Noticed a Killer Klown
205438 | Zig:8    | Noticed Wivud the pandemonium lord
205438 | Zig:8    | Noticed Humiv the pandemonium lord
205438 | Zig:8    | Noticed a Killer Klown
205438 | Zig:8    | Noticed a Killer Klown
205438 | Zig:8    | Noticed Pyosynur the pandemonium lord
205438 | Zig:8    | Noticed Mobb the pandemonium lord
205439 | Zig:8    | Noticed Yfi Kitucw the pandemonium lord
205439 | Zig:8    | Noticed Ibaregg the pandemonium lord
205439 | Zig:8    | Noticed a Killer Klown
205439 | Zig:8    | Noticed Neets the pandemonium lord
205439 | Zig:8    | Noticed Linits the pandemonium lord
205439 | Zig:8    | Noticed Gagor the pandemonium lord
205439 | Zig:8    | Noticed Fatt the pandemonium lord
205439 | Zig:8    | Noticed a Killer Klown
205440 | Zig:8    | Noticed a Killer Klown
205440 | Zig:8    | Noticed Adoam the pandemonium lord
205441 | Zig:8    | Noticed a Killer Klown
205441 | Zig:8    | Noticed a Killer Klown
205442 | Zig:8    | Killed a Killer Klown
205442 | Zig:8    | Killed Mayrits the pandemonium lord
205442 | Zig:8    | Killed a Killer Klown
205442 | Zig:8    | Killed Neets the pandemonium lord
205442 | Zig:8    | Killed a Killer Klown
205442 | Zig:8    | Killed Humiv the pandemonium lord
205442 | Zig:8    | Killed a Killer Klown
205442 | Zig:8    | Killed a Killer Klown
205442 | Zig:8    | Killed a Killer Klown
205442 | Zig:8    | Killed Loclon the pandemonium lord
205442 | Zig:8    | Noticed a Killer Klown
205442 | Zig:8    | Noticed a Killer Klown
205442 | Zig:8    | Noticed a Killer Klown
205442 | Zig:8    | Noticed Izxidol the pandemonium lord
205442 | Zig:8    | Noticed Sosch the pandemonium lord
205442 | Zig:8    | Noticed Qosytuef the pandemonium lord
205442 | Zig:8    | Noticed Qech the pandemonium lord
205443 | Zig:8    | Killed Ylycoif the pandemonium lord
205443 | Zig:8    | Killed a Killer Klown
205443 | Zig:8    | Killed a Killer Klown
205443 | Zig:8    | Killed a Killer Klown
205443 | Zig:8    | Killed Yfi Kitucw the pandemonium lord
205443 | Zig:8    | Killed a Killer Klown
205443 | Zig:8    | Killed a Killer Klown
205443 | Zig:8    | Killed a Killer Klown
205443 | Zig:8    | Noticed Picitz the pandemonium lord
205443 | Zig:8    | Noticed Vimac the pandemonium lord
205443 | Zig:8    | Noticed Wezunen the pandemonium lord
205443 | Zig:8    | Noticed a Killer Klown
205444 | Zig:8    | Killed Duwi Xan the pandemonium lord
205444 | Zig:8    | Noticed Pipeu the pandemonium lord
205444 | Zig:8    | Noticed Suekked the pandemonium lord
205444 | Zig:8    | Noticed Redioh the pandemonium lord
205444 | Zig:8    | Noticed Vunuseyf the pandemonium lord
205445 | Zig:8    | Noticed Mophyroa the pandemonium lord
205445 | Zig:8    | Killed Rarchaji the pandemonium lord
205445 | Zig:8    | Killed Esaissoupa the pandemonium lord
205445 | Zig:8    | Killed Mobb the pandemonium lord
205445 | Zig:8    | Killed Pyosynur the pandemonium lord
205445 | Zig:8    | Noticed Caomien the pandemonium lord
205445 | Zig:8    | Noticed Guiquef the pandemonium lord
205446 | Zig:8    | Noticed Tafouxt the pandemonium lord
205446 | Zig:8    | Killed Fyijoe the pandemonium lord
205446 | Zig:8    | Killed Xoruj the pandemonium lord
205446 | Zig:8    | Killed Fatt the pandemonium lord
205446 | Zig:8    | Noticed Dubit the pandemonium lord
205447 | Zig:8    | Killed Qech the pandemonium lord
205448 | Zig:8    | Noticed Buklyxaf the pandemonium lord
205452 | Zig:8    | Killed Athrecomi the pandemonium lord
205452 | Zig:8    | Killed Soneggig the pandemonium lord
205452 | Zig:8    | Killed Pipeu the pandemonium lord
205453 | Zig:8    | Noticed Imouvvuch the pandemonium lord
205453 | Zig:8    | Killed Ibaregg the pandemonium lord
205453 | Zig:8    | Noticed Dath the pandemonium lord
205454 | Zig:8    | Noticed a Killer Klown
205454 | Zig:8    | Killed Gaehywau the pandemonium lord
205454 | Zig:8    | Killed Adoam the pandemonium lord
205454 | Zig:8    | Noticed Ekhah the pandemonium lord
205455 | Zig:8    | Noticed Wafaisu the pandemonium lord
205455 | Zig:8    | Killed Wezunen the pandemonium lord
205455 | Zig:8    | Killed a Killer Klown
205455 | Zig:8    | Killed Sosch the pandemonium lord
205455 | Zig:8    | Killed Wivud the pandemonium lord
205455 | Zig:8    | Killed Mophyroa the pandemonium lord
205456 | Zig:8    | Killed Gagor the pandemonium lord
205456 | Zig:8    | Killed Guiquef the pandemonium lord
205456 | Zig:8    | Killed Qosytuef the pandemonium lord
205457 | Zig:8    | Noticed a Killer Klown
205458 | Zig:8    | Killed Dubit the pandemonium lord
205458 | Zig:8    | Killed Buklyxaf the pandemonium lord
205458 | Zig:8    | Killed Redioh the pandemonium lord
205458 | Zig:8    | Killed a Killer Klown
205459 | Zig:8    | Killed Linits the pandemonium lord
205459 | Zig:8    | Killed Dath the pandemonium lord
205461 | Zig:8    | Noticed Xele the pandemonium lord
205463 | Zig:8    | Noticed a Killer Klown
205463 | Zig:8    | Killed Picitz the pandemonium lord
205463 | Zig:8    | Killed a Killer Klown
205463 | Zig:8    | Killed Caomien the pandemonium lord
205463 | Zig:8    | Killed Imouvvuch the pandemonium lord
205464 | Zig:8    | Noticed Owiy the pandemonium lord
205464 | Zig:8    | Killed Izxidol the pandemonium lord
205464 | Zig:8    | Killed Xele the pandemonium lord
205464 | Zig:8    | Killed a Killer Klown
205464 | Zig:8    | Killed Vunuseyf the pandemonium lord
205465 | Zig:8    | Killed Vimac the pandemonium lord
205466 | Zig:8    | Killed Tafouxt the pandemonium lord
205466 | Zig:8    | Noticed Laod the pandemonium lord
205466 | Zig:8    | Noticed Wofechot the pandemonium lord
205466 | Zig:8    | Noticed Wob Neof the pandemonium lord
205468 | Zig:8    | Killed Ekhah the pandemonium lord
205468 | Zig:8    | Noticed Fokhly the pandemonium lord
205471 | Zig:8    | Noticed Ysaciekk the pandemonium lord
205473 | Zig:8    | Killed Wob Neof the pandemonium lord
205477 | Zig:8    | Killed Suekked the pandemonium lord
205479 | Zig:8    | Killed Laod the pandemonium lord
205480 | Zig:8    | Killed Owiy the pandemonium lord
205480 | Zig:8    | Killed Wafaisu the pandemonium lord
205481 | Zig:8    | Killed Ysaciekk the pandemonium lord
205485 | Zig:8    | Killed Wofechot the pandemonium lord
205501 | Zig:8    | Killed Fokhly the pandemonium lord
205683 | Zig:8    | Got a sparkling brass ring
205694 | Zig:8    | Identified the Incunabulum of Helpful Beguiling
205699 | Zig:8    | Got a spiked plate armour
205709 | Zig:9    | Entered Level 9 of a ziggurat
205783 | Zig:9    | Identified the Reference Book on Clay and Changing
206008 | Zig:9    | Got slimy steam dragon scales
206016 | Zig:10   | Entered Level 10 of a ziggurat
206043 | Zig:10   | Noticed Nuqeas the pandemonium lord
206056 | Zig:10   | Killed Nuqeas the pandemonium lord
206301 | Zig:10   | Got a flickering granite ring
206304 | Zig:10   | Got a steaming troll leather armour
206313 | Zig:11   | Entered Level 11 of a ziggurat
206313 | Zig:11   | Noticed an ancient lich
206313 | Zig:11   | Noticed an ancient lich
206313 | Zig:11   | Noticed an ancient lich
206313 | Zig:11   | Noticed an ancient lich
206314 | Zig:11   | Noticed an ancient lich
206314 | Zig:11   | Noticed an ancient lich
206315 | Zig:11   | Noticed an ancient lich
206315 | Zig:11   | Noticed an ancient lich
206317 | Zig:11   | Noticed an ancient lich
206318 | Zig:11   | Killed an ancient lich
206318 | Zig:11   | Killed an ancient lich
206318 | Zig:11   | Killed an ancient lich
206318 | Zig:11   | Killed an ancient lich
206318 | Zig:11   | Killed an ancient lich
206318 | Zig:11   | Killed an ancient lich
206318 | Zig:11   | Killed an ancient lich
206318 | Zig:11   | Killed an ancient lich
206318 | Zig:11   | Noticed an ancient lich
206319 | Zig:11   | Noticed an ancient lich
206319 | Zig:11   | Noticed an ancient lich
206319 | Zig:11   | Noticed an ancient lich
206319 | Zig:11   | Noticed an ancient lich
206320 | Zig:11   | Noticed an ancient lich
206320 | Zig:11   | Noticed an ancient lich
206320 | Zig:11   | Noticed an ancient lich
206320 | Zig:11   | Noticed an ancient lich
206320 | Zig:11   | Noticed an ancient lich
206321 | Zig:11   | Noticed an ancient lich
206321 | Zig:11   | Noticed an ancient lich
206322 | Zig:11   | Killed an ancient lich
206322 | Zig:11   | Killed an ancient lich
206322 | Zig:11   | Noticed an ancient lich
206323 | Zig:11   | Killed an ancient lich
206323 | Zig:11   | Killed an ancient lich
206323 | Zig:11   | Killed an ancient lich
206323 | Zig:11   | Killed an ancient lich
206323 | Zig:11   | Killed an ancient lich
206323 | Zig:11   | Killed an ancient lich
206323 | Zig:11   | Killed an ancient lich
206323 | Zig:11   | Killed an ancient lich
206323 | Zig:11   | Noticed an ancient lich
206326 | Zig:11   | Killed an ancient lich
206326 | Zig:11   | Killed an ancient lich
206326 | Zig:11   | Killed an ancient lich
206326 | Zig:11   | Killed an ancient lich
206327 | Zig:11   | Killed an ancient lich
206415 | Zig:11   | Got a pitted platinum ring
206656 | Zig:12   | Entered Level 12 of a ziggurat
207032 | Zig:12   | Identified the Almanac of Fire and Talismans
207037 | Zig:12   | Identified the amulet of Eternity {+Rage rPois rC+ MR+}
                  | (You found it on level 5 of a ziggurat)
207039 | Zig:12   | Identified the ring of the Dragon {*Tele +Inv rElec rC-}
                  | (You found it on level 5 of a ziggurat)
207041 | Zig:12   | Identified the ring "Uhuty" {+Blink rPois Int+5 Dex-3} (You
                  | found it on level 6 of a ziggurat)
207043 | Zig:12   | Identified the ring of Ohuevul {rF+ rN+ MR- Slay+4 SInv}
                  | (You found it on level 7 of a ziggurat)
207045 | Zig:12   | Identified the ring "Vuwnesoe" {rC+ MR+ Str+2 Stlth-} (You
                  | found it on level 8 of a ziggurat)
207047 | Zig:12   | Identified the ring "Bujir" {rPois Str+3} (You found it on
                  | level 10 of a ziggurat)
207049 | Zig:12   | Identified the ring "Tydu Huw" {MR++ Str-4 Dex+3 Stlth+}
                  | (You found it on level 11 of a ziggurat)
207062 | Zig:12   | Identified the cursed +1 ring mail "Aperhiv" {+Inv rF-
                  | Dex+8 Stlth+} (You found it on level 7 of a ziggurat)
207074 | Zig:12   | Identified the +8 plate armour of Buntemn {rC+ rCorr Dex+4}
                  | (You found it on level 8 of a ziggurat)
207085 | Zig:12   | Identified the +4 steam dragon scales of Lies {Int+3} (You
                  | found it on level 9 of a ziggurat)
207096 | Zig:12   | Identified the +3 troll leather armour of Livoahoo {Regen+
                  | Dex+2} (You found it on level 10 of a ziggurat)
207122 | Zig:12   | Got a sparkling bone ring
207128 | Zig:12   | Got a glittering silver ring
207171 | Zig:12   | Got a distressingly furry scale mail
207180 | Zig:13   | Entered Level 13 of a ziggurat
207180 | Zig:13   | Noticed a greater mummy
207180 | Zig:13   | Noticed a greater mummy
207180 | Zig:13   | Noticed a greater mummy
207180 | Zig:13   | Noticed a greater mummy
207180 | Zig:13   | Noticed a greater mummy
207180 | Zig:13   | Noticed a greater mummy
207180 | Zig:13   | Noticed a greater mummy
207180 | Zig:13   | Noticed a greater mummy
207180 | Zig:13   | Noticed a greater mummy
207180 | Zig:13   | Noticed a greater mummy
207183 | Zig:13   | Killed a greater mummy
207183 | Zig:13   | Killed a greater mummy
207183 | Zig:13   | Killed a greater mummy
207183 | Zig:13   | Noticed a greater mummy
207184 | Zig:13   | Noticed a greater mummy
207185 | Zig:13   | Killed a greater mummy
207185 | Zig:13   | Killed a greater mummy
207185 | Zig:13   | Killed a greater mummy
207185 | Zig:13   | Killed a greater mummy
207185 | Zig:13   | Noticed a greater mummy
207186 | Zig:13   | Killed a greater mummy
207186 | Zig:13   | Killed a greater mummy
207187 | Zig:13   | Killed a greater mummy
207187 | Zig:13   | Noticed a greater mummy
207187 | Zig:13   | Noticed a greater mummy
207189 | Zig:13   | Killed a greater mummy
207189 | Zig:13   | Noticed a greater mummy
207189 | Zig:13   | Noticed a greater mummy
207191 | Zig:13   | Killed a greater mummy
207191 | Zig:13   | Killed a greater mummy
207191 | Zig:13   | Noticed a greater mummy
207191 | Zig:13   | Noticed a greater mummy
207193 | Zig:13   | Killed a greater mummy
207193 | Zig:13   | Killed a greater mummy
207193 | Zig:13   | Noticed a greater mummy
207193 | Zig:13   | Noticed a greater mummy
207195 | Zig:13   | Noticed a greater mummy
207198 | Zig:13   | Killed a greater mummy
207200 | Zig:13   | Killed a greater mummy
207200 | Zig:13   | Killed a greater mummy
207200 | Zig:13   | Noticed a greater mummy
207201 | Zig:13   | Noticed a greater mummy
207202 | Zig:13   | Killed a greater mummy
207202 | Zig:13   | Killed a greater mummy
207202 | Zig:13   | Killed a greater mummy
207202 | Zig:13   | Noticed a greater mummy
207202 | Zig:13   | Noticed a greater mummy
207203 | Zig:13   | Noticed a greater mummy
207203 | Zig:13   | Noticed a greater mummy
207206 | Zig:13   | Killed a greater mummy
207208 | Zig:13   | Noticed a greater mummy
207209 | Zig:13   | Killed a greater mummy
207209 | Zig:13   | Killed a greater mummy
207209 | Zig:13   | Noticed a greater mummy
207209 | Zig:13   | Noticed a greater mummy
207211 | Zig:13   | Killed a greater mummy
207211 | Zig:13   | Killed a greater mummy
207211 | Zig:13   | Killed a greater mummy
207211 | Zig:13   | Killed a greater mummy
207214 | Zig:13   | Killed a greater mummy
207215 | Zig:13   | Noticed a greater mummy
207216 | Zig:13   | Killed a greater mummy
207216 | Zig:13   | Killed a greater mummy
207216 | Zig:13   | Noticed a greater mummy
207216 | Zig:13   | Noticed a greater mummy
207219 | Zig:13   | Noticed a greater mummy
207219 | Zig:13   | Noticed a greater mummy
207219 | Zig:13   | Noticed a greater mummy
207221 | Zig:13   | Killed a greater mummy
207221 | Zig:13   | Killed a greater mummy
207223 | Zig:13   | Killed a greater mummy
207224 | Zig:13   | Killed a greater mummy
207224 | Zig:13   | Killed a greater mummy
207227 | Zig:13   | Killed a greater mummy
207229 | Zig:13   | Noticed a greater mummy
207234 | Zig:13   | Noticed a greater mummy
207234 | Zig:13   | Noticed a greater mummy
207235 | Zig:13   | Killed a greater mummy
207238 | Zig:13   | Noticed a greater mummy
207239 | Zig:13   | Killed a greater mummy
207239 | Zig:13   | Killed a greater mummy
207243 | Zig:13   | Killed a greater mummy
207249 | Zig:13   | Noticed a greater mummy
207254 | Zig:13   | Killed a greater mummy
207256 | Zig:13   | Noticed a greater mummy
207259 | Zig:13   | Killed a greater mummy
207492 | Zig:13   | Got a shimmering crystal amulet
207518 | Zig:14   | Entered Level 14 of a ziggurat
208045 | Zig:14   | Got a clouded silver amulet
208053 | Zig:14   | Got a clouded iron amulet
208060 | Zig:14   | Identified the Guide on Transformation and Talismans
208099 | Zig:15   | Entered Level 15 of a ziggurat
208099 | Zig:15   | Noticed Pivud the pandemonium lord
208099 | Zig:15   | Noticed Feischeli the pandemonium lord
208099 | Zig:15   | Noticed Ohoesel the pandemonium lord
208099 | Zig:15   | Noticed Aqeaf the pandemonium lord
208099 | Zig:15   | Noticed Loz Ixeomp the pandemonium lord
208099 | Zig:15   | Noticed Puugue Teong the pandemonium lord
208099 | Zig:15   | Noticed Myvus the pandemonium lord
208099 | Zig:15   | Noticed Maunuth the pandemonium lord
208099 | Zig:15   | Noticed Duxzaj the pandemonium lord
208099 | Zig:15   | Noticed Jyzax the pandemonium lord
208099 | Zig:15   | Noticed Xuohet Lets the pandemonium lord
208099 | Zig:15   | Noticed Liytuwus the pandemonium lord
208099 | Zig:15   | Noticed Zeusayl the pandemonium lord
208099 | Zig:15   | Noticed Hextodad the pandemonium lord
208099 | Zig:15   | Noticed Kujuygg the pandemonium lord
208099 | Zig:15   | Noticed Keseskoq the pandemonium lord
208100 | Zig:15   | Noticed Elugewei the pandemonium lord
208100 | Zig:15   | Noticed Fisautu the pandemonium lord
208100 | Zig:15   | Noticed Jiukamu the pandemonium lord
208100 | Zig:15   | Noticed Veis the pandemonium lord
208100 | Zig:15   | Noticed Oryes the pandemonium lord
208100 | Zig:15   | Noticed Giasog the pandemonium lord
208100 | Zig:15   | Noticed Inanosm the pandemonium lord
208100 | Zig:15   | Noticed Astim the pandemonium lord
208100 | Zig:15   | Noticed Duquar the pandemonium lord
208100 | Zig:15   | Noticed Lejybim the pandemonium lord
208100 | Zig:15   | Noticed Comiruicw the pandemonium lord
208101 | Zig:15   | Noticed a Killer Klown
208101 | Zig:15   | Noticed Coraequ the pandemonium lord
208101 | Zig:15   | Noticed Ujeuhoeg the pandemonium lord
208101 | Zig:15   | Noticed a Killer Klown
208101 | Zig:15   | Noticed Zekuemeo the pandemonium lord
208101 | Zig:15   | Noticed a Killer Klown
208103 | Zig:15   | Noticed Wuwovar the pandemonium lord
208103 | Zig:15   | Noticed Lisofa the pandemonium lord
208103 | Zig:15   | Noticed Tojye the pandemonium lord
208103 | Zig:15   | Noticed a Killer Klown
208103 | Zig:15   | Noticed a Killer Klown
208105 | Zig:15   | Killed Kujuygg the pandemonium lord
208105 | Zig:15   | Noticed Taillo the pandemonium lord
208106 | Zig:15   | Killed Loz Ixeomp the pandemonium lord
208106 | Zig:15   | Killed Myvus the pandemonium lord
208106 | Zig:15   | Killed Elugewei the pandemonium lord
208106 | Zig:15   | Noticed Pienemil the pandemonium lord
208106 | Zig:15   | Noticed Ycag the pandemonium lord
208107 | Zig:15   | Noticed Taxy the pandemonium lord
208107 | Zig:15   | Killed Hextodad the pandemonium lord
208107 | Zig:15   | Killed Feischeli the pandemonium lord
208107 | Zig:15   | Killed Xuohet Lets the pandemonium lord
208107 | Zig:15   | Killed Zeusayl the pandemonium lord
208107 | Zig:15   | Killed Liytuwus the pandemonium lord
208107 | Zig:15   | Noticed Waerar the pandemonium lord
208107 | Zig:15   | Noticed a Killer Klown
208108 | Zig:15   | Killed Puugue Teong the pandemonium lord
208108 | Zig:15   | Killed Jyzax the pandemonium lord
208108 | Zig:15   | Killed Keseskoq the pandemonium lord
208108 | Zig:15   | Killed Giasog the pandemonium lord
208108 | Zig:15   | Noticed Hevoaraw the pandemonium lord
208108 | Zig:15   | Noticed Upassujejo the pandemonium lord
208109 | Zig:15   | Killed a Killer Klown
208109 | Zig:15   | Killed Pivud the pandemonium lord
208109 | Zig:15   | Killed Maunuth the pandemonium lord
208109 | Zig:15   | Noticed Panuon the pandemonium lord
208109 | Zig:15   | Noticed Plog the pandemonium lord
208109 | Zig:15   | Noticed Saleop the pandemonium lord
208110 | Zig:15   | Killed Inanosm the pandemonium lord
208110 | Zig:15   | Killed Aqeaf the pandemonium lord
208110 | Zig:15   | Killed Ohoesel the pandemonium lord
208110 | Zig:15   | Killed Comiruicw the pandemonium lord
208110 | Zig:15   | Killed Fisautu the pandemonium lord
208110 | Zig:15   | Killed Taillo the pandemonium lord
208110 | Zig:15   | Killed Duquar the pandemonium lord
208110 | Zig:15   | Killed a Killer Klown
208110 | Zig:15   | Noticed Kabiynigi the pandemonium lord
208110 | Zig:15   | Noticed Pil Hohe the pandemonium lord
208111 | Zig:15   | Noticed Jaonud the pandemonium lord
208111 | Zig:15   | Killed Ujeuhoeg the pandemonium lord
208111 | Zig:15   | Killed Tojye the pandemonium lord
208111 | Zig:15   | Killed Lejybim the pandemonium lord
208112 | Zig:15   | Noticed Ogogogyo the pandemonium lord
208112 | Zig:15   | Killed Taxy the pandemonium lord
208112 | Zig:15   | Killed Oryes the pandemonium lord
208112 | Zig:15   | Noticed Ketuyvo the pandemonium lord
208113 | Zig:15   | Noticed Ycrar Uruept the pandemonium lord
208113 | Zig:15   | Killed Lisofa the pandemonium lord
208113 | Zig:15   | Killed Zekuemeo the pandemonium lord
208113 | Zig:15   | Killed Jiukamu the pandemonium lord
208113 | Zig:15   | Killed Astim the pandemonium lord
208113 | Zig:15   | Killed Veis the pandemonium lord
208113 | Zig:15   | Noticed Puamiwn the pandemonium lord
208113 | Zig:15   | Noticed Plog the pandemonium lord
208113 | Zig:15   | Noticed Piepag the pandemonium lord
208114 | Zig:15   | Killed a Killer Klown
208114 | Zig:15   | Killed Coraequ the pandemonium lord
208114 | Zig:15   | Noticed Zoibotij the pandemonium lord
208114 | Zig:15   | Noticed Zotton the pandemonium lord
208115 | Zig:15   | Killed Ycag the pandemonium lord
208115 | Zig:15   | Noticed Reimosch the pandemonium lord
208116 | Zig:15   | Noticed Xyrinkycw the pandemonium lord
208116 | Zig:15   | Killed Pil Hohe the pandemonium lord
208116 | Zig:15   | Killed Upassujejo the pandemonium lord
208116 | Zig:15   | Killed Ketuyvo the pandemonium lord
208116 | Zig:15   | Killed Plog the pandemonium lord
208116 | Zig:15   | Noticed a Killer Klown
208116 | Zig:15   | Noticed Yzuggod the pandemonium lord
208117 | Zig:15   | Noticed Feurph the pandemonium lord
208117 | Zig:15   | Noticed Sif Iral the pandemonium lord
208117 | Zig:15   | Noticed Fuemuak the pandemonium lord
208117 | Zig:15   | Noticed Mihox the pandemonium lord
208118 | Zig:15   | Noticed Duch the pandemonium lord
208118 | Zig:15   | Killed Piepag the pandemonium lord
208118 | Zig:15   | Killed Saleop the pandemonium lord
208118 | Zig:15   | Killed Wuwovar the pandemonium lord
208119 | Zig:15   | Killed Puamiwn the pandemonium lord
208119 | Zig:15   | Killed Hevoaraw the pandemonium lord
208119 | Zig:15   | Noticed Yssim the pandemonium lord
208120 | Zig:15   | Noticed Amuxud the pandemonium lord
208120 | Zig:15   | Noticed a Killer Klown
208120 | Zig:15   | Noticed Vaolouje the pandemonium lord
208120 | Zig:15   | Noticed Wamext the pandemonium lord
208121 | Zig:15   | Killed Jaonud the pandemonium lord
208121 | Zig:15   | Killed a Killer Klown
208121 | Zig:15   | Killed Duxzaj the pandemonium lord
208121 | Zig:15   | Noticed a Killer Klown
208122 | Zig:15   | Killed Waerar the pandemonium lord
208122 | Zig:15   | Noticed a Killer Klown
208122 | Zig:15   | Noticed Lebufi Kawe the pandemonium lord
208123 | Zig:15   | Noticed a Killer Klown
208123 | Zig:15   | Killed Ycrar Uruept the pandemonium lord
208123 | Zig:15   | Killed Panuon the pandemonium lord
208123 | Zig:15   | Killed Zotton the pandemonium lord
208124 | Zig:15   | Noticed a Killer Klown
208124 | Zig:15   | Killed Pienemil the pandemonium lord
208124 | Zig:15   | Killed Kabiynigi the pandemonium lord
208124 | Zig:15   | Killed Yzuggod the pandemonium lord
208124 | Zig:15   | Killed a Killer Klown
208124 | Zig:15   | Killed Fuemuak the pandemonium lord
208124 | Zig:15   | Killed Duch the pandemonium lord
208124 | Zig:15   | Noticed Hedue the pandemonium lord
208125 | Zig:15   | Killed Sif Iral the pandemonium lord
208125 | Zig:15   | Killed Yssim the pandemonium lord
208125 | Zig:15   | Killed a Killer Klown
208125 | Zig:15   | Killed a Killer Klown
208125 | Zig:15   | Killed Ogogogyo the pandemonium lord
208125 | Zig:15   | Killed a Killer Klown
208125 | Zig:15   | Killed Lebufi Kawe the pandemonium lord
208125 | Zig:15   | Killed a Killer Klown
208125 | Zig:15   | Killed Plog the pandemonium lord
208125 | Zig:15   | Noticed Nast the pandemonium lord
208125 | Zig:15   | Noticed a Killer Klown
208125 | Zig:15   | Noticed a Killer Klown
208126 | Zig:15   | Noticed Atywioc the pandemonium lord
208126 | Zig:15   | Killed Wamext the pandemonium lord
208126 | Zig:15   | Killed Feurph the pandemonium lord
208126 | Zig:15   | Killed a Killer Klown
208126 | Zig:15   | Noticed Matox the pandemonium lord
208126 | Zig:15   | Noticed Fuucseqa the pandemonium lord
208126 | Zig:15   | Noticed a Killer Klown
208127 | Zig:15   | Killed Zoibotij the pandemonium lord
208127 | Zig:15   | Killed Mihox the pandemonium lord
208127 | Zig:15   | Noticed a Killer Klown
208127 | Zig:15   | Noticed Wotant the pandemonium lord
208127 | Zig:15   | Noticed Lied the pandemonium lord
208127 | Zig:15   | Noticed Ebronloa the pandemonium lord
208127 | Zig:15   | Noticed Kiopirof the pandemonium lord
208127 | Zig:15   | Noticed Ackeg the pandemonium lord
208127 | Zig:15   | Noticed Xezxi the pandemonium lord
208128 | Zig:15   | Noticed Hicweth the pandemonium lord
208128 | Zig:15   | Noticed Kedaimec the pandemonium lord
208128 | Zig:15   | Killed a Killer Klown
208128 | Zig:15   | Killed Hedue the pandemonium lord
208128 | Zig:15   | Killed a Killer Klown
208128 | Zig:15   | Noticed Dimmuczofi the pandemonium lord
208129 | Zig:15   | Killed Ackeg the pandemonium lord
208129 | Zig:15   | Killed Kedaimec the pandemonium lord
208129 | Zig:15   | Noticed Zas Couw the pandemonium lord
208130 | Zig:15   | Noticed Baec the pandemonium lord
208132 | Zig:15   | Noticed Eplal the pandemonium lord
208132 | Zig:15   | Noticed Oxotec the pandemonium lord
208134 | Zig:15   | Noticed Cuohoj the pandemonium lord
208134 | Zig:15   | Killed Vaolouje the pandemonium lord
208134 | Zig:15   | Noticed Uthoevemuy the pandemonium lord
208134 | Zig:15   | Noticed a Killer Klown
208135 | Zig:15   | Noticed Munnunk the pandemonium lord
208137 | Zig:15   | Killed Reimosch the pandemonium lord
208137 | Zig:15   | Killed Atywioc the pandemonium lord
208137 | Zig:15   | Noticed Wieniad the pandemonium lord
208138 | Zig:15   | Killed Xyrinkycw the pandemonium lord
208138 | Zig:15   | Killed Fuucseqa the pandemonium lord
208138 | Zig:15   | Killed a Killer Klown
208139 | Zig:15   | Killed Nast the pandemonium lord
208139 | Zig:15   | Killed a Killer Klown
208140 | Zig:15   | Noticed a Killer Klown
208140 | Zig:15   | Noticed Utiges the pandemonium lord
208140 | Zig:15   | Noticed a Killer Klown
208140 | Zig:15   | Noticed Kaatant the pandemonium lord
208140 | Zig:15   | Noticed Teosuzaxe the pandemonium lord
208141 | Zig:15   | Noticed Qajoqaz the pandemonium lord
208141 | Zig:15   | Noticed a Killer Klown
208141 | Zig:15   | Noticed Saddoxu the pandemonium lord
208141 | Zig:15   | Noticed Ceivveoc the pandemonium lord
208141 | Zig:15   | Noticed Magext Pixa the pandemonium lord
208141 | Zig:15   | Noticed Xossupp the pandemonium lord
208141 | Zig:15   | Killed Oxotec the pandemonium lord
208142 | Zig:15   | Noticed Dukow the pandemonium lord
208142 | Zig:15   | Noticed Fuuc the pandemonium lord
208142 | Zig:15   | Noticed a Killer Klown
208142 | Zig:15   | Noticed a Killer Klown
208142 | Zig:15   | Noticed Tucakh the pandemonium lord
208143 | Zig:15   | Killed Lied the pandemonium lord
208143 | Zig:15   | Killed a Killer Klown
208143 | Zig:15   | Killed Xossupp the pandemonium lord
208143 | Zig:15   | Killed Teosuzaxe the pandemonium lord
208143 | Zig:15   | Killed a Killer Klown
208143 | Zig:15   | Killed Munnunk the pandemonium lord
208143 | Zig:15   | Killed a Killer Klown
208143 | Zig:15   | Killed Fuuc the pandemonium lord
208143 | Zig:15   | Killed a Killer Klown
208143 | Zig:15   | Killed a Killer Klown
208144 | Zig:15   | Killed a Killer Klown
208144 | Zig:15   | Killed Cuohoj the pandemonium lord
208144 | Zig:15   | Killed Kaatant the pandemonium lord
208144 | Zig:15   | Killed Utiges the pandemonium lord
208144 | Zig:15   | Killed Saddoxu the pandemonium lord
208144 | Zig:15   | Killed Ceivveoc the pandemonium lord
208144 | Zig:15   | Noticed Gypn the pandemonium lord
208144 | Zig:15   | Noticed Toig Mea the pandemonium lord
208145 | Zig:15   | Noticed Pegosh the pandemonium lord
208145 | Zig:15   | Killed Uthoevemuy the pandemonium lord
208145 | Zig:15   | Killed Baec the pandemonium lord
208145 | Zig:15   | Killed Dimmuczofi the pandemonium lord
208148 | Zig:15   | Killed Matox the pandemonium lord
208148 | Zig:15   | Killed Hicweth the pandemonium lord
208148 | Zig:15   | Killed Wotant the pandemonium lord
208149 | Zig:15   | Killed Wieniad the pandemonium lord
208150 | Zig:15   | Noticed Ler Hic the pandemonium lord
208150 | Zig:15   | Killed Magext Pixa the pandemonium lord
208150 | Zig:15   | Killed Kiopirof the pandemonium lord
208150 | Zig:15   | Killed Zas Couw the pandemonium lord
208150 | Zig:15   | Killed Amuxud the pandemonium lord
208151 | Zig:15   | Killed Qajoqaz the pandemonium lord
208151 | Zig:15   | Killed Ebronloa the pandemonium lord
208151 | Zig:15   | Killed Pegosh the pandemonium lord
208151 | Zig:15   | Killed Xezxi the pandemonium lord
208152 | Zig:15   | Killed Gypn the pandemonium lord
208154 | Zig:15   | Killed Ler Hic the pandemonium lord
208156 | Zig:15   | Killed Eplal the pandemonium lord
208156 | Zig:15   | Killed Tucakh the pandemonium lord
208157 | Zig:15   | Noticed Dycoagia the pandemonium lord
208158 | Zig:15   | Noticed Geetez the pandemonium lord
208158 | Zig:15   | Noticed Sucul the pandemonium lord
208160 | Zig:15   | Killed Dycoagia the pandemonium lord
208163 | Zig:15   | Killed Dukow the pandemonium lord
208163 | Zig:15   | Noticed Uvvi Dumole the pandemonium lord
208165 | Zig:15   | Killed Sucul the pandemonium lord
208168 | Zig:15   | Noticed Loekov the pandemonium lord
208169 | Zig:15   | Killed Loekov the pandemonium lord
208171 | Zig:15   | Killed Uvvi Dumole the pandemonium lord
208173 | Zig:15   | Killed Toig Mea the pandemonium lord
208173 | Zig:15   | Killed Geetez the pandemonium lord
208480 | Zig:15   | Identified the Disquisition on Vitriolic Creation
208483 | Zig:15   | Got a steaming copper ring
208495 | Zig:15   | Identified the Collected Works on the Creative Compass
208499 | Zig:15   | Got a sparkling jade amulet
208504 | Zig:15   | Got a pitted bronze amulet
208512 | Zig:15   | Got a heavily runed plate armour
208523 | Zig:16   | Entered Level 16 of a ziggurat
208594 | Zig:16   | Noticed Hufaall the pandemonium lord
208599 | Zig:16   | Killed Hufaall the pandemonium lord
208851 | Zig:16   | Identified the ring "Wetzej" {rPois rN+} (You found it on
                  | level 12 of a ziggurat)
208853 | Zig:16   | Identified the ring of Megalomania {MR- Str+6 Dex+3 Stlth+}
                  | (You found it on level 12 of a ziggurat)
208855 | Zig:16   | Identified an amulet of Muleenad {Spirit rPois rC++} (You
                  | found it on level 13 of a ziggurat)
208857 | Zig:16   | Identified the amulet "Qaavaefa" {rC+ Regen+ Str+2 Stlth-}
                  | (You found it on level 14 of a ziggurat)
208858 | Zig:16   | Identified the amulet of Haceid Inu {Harm *Drain rElec rC+
                  | MR+ Str-5} (You found it on level 14 of a ziggurat)
208860 | Zig:16   | Identified the ring of the Locust {rPois rF+ Str-4 Int+4}
                  | (You found it on level 15 of a ziggurat)
208862 | Zig:16   | Identified an amulet of Xymejog {Spirit rPois MR+ Str+5
                  | Int-3} (You found it on level 15 of a ziggurat)
208864 | Zig:16   | Identified the amulet of the Final Decision {Inacc rPois}
                  | (You found it on level 15 of a ziggurat)
208878 | Zig:16   | Identified the +5 scale mail "Famau" {*Slow rElec Dex+5}
                  | (You found it on level 12 of a ziggurat)
208889 | Zig:16   | Identified the +3 plate armour of Intercession {Int+4} (You
                  | found it on level 15 of a ziggurat)
208905 | Zig:16   | Got a pitted tin ring
208934 | Zig:16   | Identified the ring of the Cockroach {rElec rC+ rN+ EV+4}
                  | (You found it on level 16 of a ziggurat)
208937 | Zig:17   | Entered Level 17 of a ziggurat
209342 | Zig:17   | Got a sparkling ivory ring
209346 | Zig:17   | Identified the Collected Works on Weightlessness and
                  | Orientation
209363 | Zig:18   | Entered Level 18 of a ziggurat
209649 | Zig:18   | Got a vibrating wooden ring
209656 | Zig:18   | Got a glittering steel ring
209710 | Zig:18   | Got a bloodstained chain mail
209723 | Zig:19   | Entered Level 19 of a ziggurat
210228 | Zig:19   | Identified the Reference Book on Mutagenic Dislocation
210243 | Zig:19   | Identified the Incunabulum of the Excruciating Volcanoes
210248 | Zig:19   | Identified the Catalogue of the Mutagenic Voyage
210251 | Zig:19   | Identified the Collected Works on the Hurtful Voyage
210283 | Zig:19   | Got a polished ring mail
210298 | Zig:20   | Entered Level 20 of a ziggurat
210640 | Zig:20   | Identified the Grimoire of Flying Earth
210649 | Zig:20   | Got a shimmering bronze ring
210662 | Zig:20   | Got a smoking jade ring
210665 | Zig:20   | Got a serpentine brass ring
210681 | Zig:20   | Identified the +6 chain mail "Ygeukol" {*Corrode rF- Regen+
                  | Stlth+} (You found it on level 18 of a ziggurat)
210749 | Zig:20   | Identified the cursed +1 ring mail of the Sacrificial
                  | Victim {rElec Dex+3} (You found it on level 19 of a
                  | ziggurat)
210767 | Zig:20   | Got a vibrating golden ring
210772 | Zig:20   | Got a scorched lapis lazuli ring
210793 | Zig:20   | Identified the ring of Greed {+Fly AC+5 Dex+5 Stlth-} (You
                  | found it on level 20 of a ziggurat)
210795 | Zig:20   | Identified the ring "Voafusm" {MR- Str+7 Dex+2 Stlth-} (You
                  | found it on level 17 of a ziggurat)
210797 | Zig:20   | Identified the ring "Jesmeutz" {rF++ rC- EV+3} (You found
                  | it on level 18 of a ziggurat)
210799 | Zig:20   | Identified the ring "Laukh" {rF+ Int+3} (You found it on
                  | level 18 of a ziggurat)
210801 | Zig:20   | Identified the ring "Waoqim" {rF+ Str+5 Stlth+} (You found
                  | it on level 20 of a ziggurat)
210803 | Zig:20   | Identified the ring "Lanaog" {rN+ Dex+5 Slay-6} (You found
                  | it on level 20 of a ziggurat)
210805 | Zig:20   | Identified the ring of Femuxzio {rPois Str+2 Dex+3 Slay+3}
                  | (You found it on level 20 of a ziggurat)
210807 | Zig:20   | Identified the ring "Piusytoe" {-Tele *Corrode +Fly rF+
                  | Int+7} (You found it on level 20 of a ziggurat)
210820 | Zig:21   | Entered Level 21 of a ziggurat
211162 | Zig:21   | Got a bound amber ring
211165 | Zig:21   | Got a bound tin ring
211175 | Zig:21   | Got a vibrating marble ring
211186 | Zig:21   | Got a flickering platinum amulet
211207 | Zig:21   | Got a pair of translucent boots
211226 | Zig:22   | Entered Level 22 of a ziggurat
211877 | Zig:22   | Got a bloodstained scale mail
211884 | Zig:22   | Got a steaming chain mail
211894 | Zig:23   | Entered Level 23 of a ziggurat
211899 | Zig:23   | Noticed an ancient lich
211899 | Zig:23   | Noticed an ancient lich
211900 | Zig:23   | Noticed an ancient lich
211900 | Zig:23   | Noticed an ancient lich
211901 | Zig:23   | Noticed an ancient lich
211902 | Zig:23   | Noticed an ancient lich
211902 | Zig:23   | Noticed an ancient lich
211902 | Zig:23   | Noticed an ancient lich
211903 | Zig:23   | Noticed an ancient lich
211903 | Zig:23   | Killed an ancient lich
211903 | Zig:23   | Killed an ancient lich
211903 | Zig:23   | Killed an ancient lich
211904 | Zig:23   | Noticed an ancient lich
211904 | Zig:23   | Noticed an ancient lich
211905 | Zig:23   | Noticed an ancient lich
211905 | Zig:23   | Noticed an ancient lich
211905 | Zig:23   | Noticed an ancient lich
211905 | Zig:23   | Noticed an ancient lich
211906 | Zig:23   | Noticed an ancient lich
211906 | Zig:23   | Killed an ancient lich
211906 | Zig:23   | Killed an ancient lich
211906 | Zig:23   | Killed an ancient lich
211906 | Zig:23   | Killed an ancient lich
211906 | Zig:23   | Killed an ancient lich
211906 | Zig:23   | Killed an ancient lich
211906 | Zig:23   | Killed an ancient lich
211906 | Zig:23   | Noticed an ancient lich
211907 | Zig:23   | Noticed an ancient lich
211907 | Zig:23   | Killed an ancient lich
211907 | Zig:23   | Killed an ancient lich
211907 | Zig:23   | Killed an ancient lich
211907 | Zig:23   | Killed an ancient lich
211907 | Zig:23   | Killed an ancient lich
211907 | Zig:23   | Killed an ancient lich
211907 | Zig:23   | Noticed an ancient lich
211907 | Zig:23   | Noticed an ancient lich
211908 | Zig:23   | Noticed an ancient lich
211908 | Zig:23   | Killed an ancient lich
211908 | Zig:23   | Killed an ancient lich
211908 | Zig:23   | Killed an ancient lich
211908 | Zig:23   | Noticed an ancient lich
211908 | Zig:23   | Noticed an ancient lich
211908 | Zig:23   | Noticed an ancient lich
211908 | Zig:23   | Noticed an ancient lich
211909 | Zig:23   | Noticed an ancient lich
211910 | Zig:23   | Killed an ancient lich
211910 | Zig:23   | Killed an ancient lich
211910 | Zig:23   | Noticed an ancient lich
211910 | Zig:23   | Noticed an ancient lich
211911 | Zig:23   | Noticed an ancient lich
211912 | Zig:23   | Killed an ancient lich
211912 | Zig:23   | Killed an ancient lich
211912 | Zig:23   | Killed an ancient lich
211912 | Zig:23   | Noticed an ancient lich
211912 | Zig:23   | Noticed an ancient lich
211912 | Zig:23   | Noticed an ancient lich
211912 | Zig:23   | Noticed an ancient lich
211912 | Zig:23   | Noticed an ancient lich
211912 | Zig:23   | Noticed an ancient lich
211913 | Zig:23   | Noticed an ancient lich
211913 | Zig:23   | Noticed an ancient lich
211913 | Zig:23   | Noticed an ancient lich
211914 | Zig:23   | Noticed an ancient lich
211914 | Zig:23   | Killed an ancient lich
211914 | Zig:23   | Killed an ancient lich
211914 | Zig:23   | Killed an ancient lich
211914 | Zig:23   | Killed an ancient lich
211914 | Zig:23   | Killed an ancient lich
211914 | Zig:23   | Killed an ancient lich
211914 | Zig:23   | Killed an ancient lich
211915 | Zig:23   | Noticed an ancient lich
211915 | Zig:23   | Noticed an ancient lich
211915 | Zig:23   | Noticed an ancient lich
211916 | Zig:23   | Killed an ancient lich
211916 | Zig:23   | Killed an ancient lich
211916 | Zig:23   | Killed an ancient lich
211916 | Zig:23   | Killed an ancient lich
211916 | Zig:23   | Killed an ancient lich
211916 | Zig:23   | Killed an ancient lich
211916 | Zig:23   | Noticed an ancient lich
211916 | Zig:23   | Noticed an ancient lich
211916 | Zig:23   | Noticed an ancient lich
211918 | Zig:23   | Killed an ancient lich
211918 | Zig:23   | Killed an ancient lich
211918 | Zig:23   | Killed an ancient lich
211919 | Zig:23   | Noticed an ancient lich
211919 | Zig:23   | Noticed an ancient lich
211920 | Zig:23   | Killed an ancient lich
211920 | Zig:23   | Killed an ancient lich
211920 | Zig:23   | Killed an ancient lich
211920 | Zig:23   | Noticed an ancient lich
211920 | Zig:23   | Noticed an ancient lich
211921 | Zig:23   | Noticed an ancient lich
211922 | Zig:23   | Noticed an ancient lich
211922 | Zig:23   | Noticed an ancient lich
211922 | Zig:23   | Killed an ancient lich
211922 | Zig:23   | Killed an ancient lich
211922 | Zig:23   | Killed an ancient lich
211922 | Zig:23   | Noticed an ancient lich
211923 | Zig:23   | Noticed an ancient lich
211924 | Zig:23   | Noticed an ancient lich
211924 | Zig:23   | Noticed an ancient lich
211924 | Zig:23   | Killed an ancient lich
211924 | Zig:23   | Killed an ancient lich
211924 | Zig:23   | Killed an ancient lich
211924 | Zig:23   | Killed an ancient lich
211924 | Zig:23   | Killed an ancient lich
211924 | Zig:23   | Killed an ancient lich
211924 | Zig:23   | Killed an ancient lich
211924 | Zig:23   | Noticed an ancient lich
211924 | Zig:23   | Noticed an ancient lich
211924 | Zig:23   | Noticed an ancient lich
211926 | Zig:23   | Noticed an ancient lich
211926 | Zig:23   | Killed an ancient lich
211926 | Zig:23   | Killed an ancient lich
211926 | Zig:23   | Killed an ancient lich
211926 | Zig:23   | Noticed an ancient lich
211926 | Zig:23   | Noticed an ancient lich
211928 | Zig:23   | Killed an ancient lich
211928 | Zig:23   | Killed an ancient lich
211928 | Zig:23   | Killed an ancient lich
211928 | Zig:23   | Noticed an ancient lich
211929 | Zig:23   | Noticed an ancient lich
211931 | Zig:23   | Noticed an ancient lich
211931 | Zig:23   | Noticed an ancient lich
211932 | Zig:23   | Killed an ancient lich
211932 | Zig:23   | Killed an ancient lich
211932 | Zig:23   | Killed an ancient lich
211932 | Zig:23   | Noticed an ancient lich
211932 | Zig:23   | Noticed an ancient lich
211933 | Zig:23   | Noticed an ancient lich
211934 | Zig:23   | Killed an ancient lich
211934 | Zig:23   | Killed an ancient lich
211934 | Zig:23   | Killed an ancient lich
211934 | Zig:23   | Killed an ancient lich
211934 | Zig:23   | Noticed an ancient lich
211934 | Zig:23   | Noticed an ancient lich
211936 | Zig:23   | Noticed an ancient lich
211936 | Zig:23   | Killed an ancient lich
211936 | Zig:23   | Killed an ancient lich
211936 | Zig:23   | Killed an ancient lich
211936 | Zig:23   | Noticed an ancient lich
211938 | Zig:23   | Killed an ancient lich
211938 | Zig:23   | Killed an ancient lich
211938 | Zig:23   | Noticed an ancient lich
211939 | Zig:23   | Noticed an ancient lich
211940 | Zig:23   | Noticed an ancient lich
211940 | Zig:23   | Noticed an ancient lich
211940 | Zig:23   | Noticed an ancient lich
211940 | Zig:23   | Killed an ancient lich
211940 | Zig:23   | Killed an ancient lich
211943 | Zig:23   | Noticed an ancient lich
211944 | Zig:23   | Killed an ancient lich
211944 | Zig:23   | Killed an ancient lich
211946 | Zig:23   | Noticed an ancient lich
211946 | Zig:23   | Killed an ancient lich
211946 | Zig:23   | Killed an ancient lich
211946 | Zig:23   | Killed an ancient lich
211948 | Zig:23   | Killed an ancient lich
211948 | Zig:23   | Killed an ancient lich
211950 | Zig:23   | Noticed an ancient lich
211952 | Zig:23   | Noticed an ancient lich
211953 | Zig:23   | Killed an ancient lich
211953 | Zig:23   | Killed an ancient lich
211955 | Zig:23   | Noticed an ancient lich
211955 | Zig:23   | Killed an ancient lich
211956 | Zig:23   | Noticed an ancient lich
211958 | Zig:23   | Noticed an ancient lich
211958 | Zig:23   | Noticed an ancient lich
211959 | Zig:23   | Killed an ancient lich
211963 | Zig:23   | Killed an ancient lich
211965 | Zig:23   | Killed an ancient lich
211973 | Zig:23   | Noticed an ancient lich
211973 | Zig:23   | Noticed an ancient lich
211973 | Zig:23   | Noticed an ancient lich
211975 | Zig:23   | Noticed an ancient lich
211975 | Zig:23   | Killed an ancient lich
211975 | Zig:23   | Killed an ancient lich
211977 | Zig:23   | Killed an ancient lich
211977 | Zig:23   | Killed an ancient lich
212175 | Zig:23   | Identified the Papyrus of Shifting Bewitchment
212179 | Zig:23   | Identified Sif Muna's Reference Book on Black Rituals and
                  | Changing
212194 | Zig:23   | Got a serpentine turquoise ring
212220 | Zig:23   | Identified the +1 pair of boots of Lesser Demons {rPois
                  | Int+5} (You found it on level 21 of a ziggurat)
212236 | Zig:23   | Identified the +2 scale mail "Ekkiuly" {Int+2} (You found
                  | it on level 22 of a ziggurat)
212247 | Zig:23   | Identified the cursed +1 chain mail of the First Snow {rF++
                  | Int+2} (You found it on level 22 of a ziggurat)
212267 | Zig:23   | Identified the Collected Works on Evil Toxins
212274 | Zig:23   | Got a flickering copper ring
212276 | Zig:23   | Got a smoking sapphire amulet
212283 | Zig:23   | Identified the Incunabulum of Flying Fire
212308 | Zig:23   | Got a sparkling brass amulet
212314 | Zig:23   | Identified the ring "Oggy" {rElec rPois} (You found it on
                  | level 21 of a ziggurat)
212316 | Zig:23   | Identified the ring "Ampiajou" {rC- MR+ Str+3 Dex+3} (You
                  | found it on level 21 of a ziggurat)
212318 | Zig:23   | Identified the ring of Gaod {rN+ MR+ MP+9 Dex+2} (You found
                  | it on level 21 of a ziggurat)
212320 | Zig:23   | Identified the amulet of the Serpent {Acrobat Str+2} (You
                  | found it on level 21 of a ziggurat)
212322 | Zig:23   | Identified the ring "Wiecrur" {rElec Dex+3} (You found it
                  | on level 23 of a ziggurat)
212324 | Zig:23   | Identified an amulet "Ijomidgho" {Spirit rPois rF+ Str+2}
                  | (You found it on level 23 of a ziggurat)
212326 | Zig:23   | Identified the amulet "Liblain" {Faith rF- rC+ Dex+2} (You
                  | found it on level 23 of a ziggurat)
212328 | Zig:23   | Identified the ring "Vetikkea" {rCorr +Fly rN+ Str+4
                  | Stlth-} (You found it on level 23 of a ziggurat)
212334 | Zig:23   | Got a heavily runed brass amulet
212379 | Zig:23   | Got fine gold dragon scales
212383 | Zig:23   | Got a translucent scale mail
212389 | Zig:23   | Got a bloodstained chain mail
212400 | Zig:23   | Got a transparent plate armour
212405 | Zig:23   | Got a distressingly furry plate armour
212417 | Zig:24   | Entered Level 24 of a ziggurat
213119 | Zig:24   | Got a clouded jade ring
213127 | Zig:24   | Got a glittering ruby amulet
213162 | Zig:24   | Identified the +11 gold dragon scales of Gravitas {+Fly
                  | rPois rF+ rC+ Int+3} (You found it on level 23 of a
                  | ziggurat)
213172 | Zig:24   | Identified the +4 scale mail of the Immovable Curses {rC+
                  | Int+4} (You found it on level 23 of a ziggurat)
213183 | Zig:24   | Identified the +8 chain mail of Qolamal {MP+9} (You found
                  | it on level 23 of a ziggurat)
213194 | Zig:24   | Identified the cursed +0 plate armour of the Dragon {Dex+4}
                  | (You found it on level 23 of a ziggurat)
213207 | Zig:24   | Identified the cursed +1 plate armour "Fajie" {rPois rCorr
                  | Int+4} (You found it on level 23 of a ziggurat)
213216 | Zig:24   | Identified an amulet of Disaster {Spirit rF+++ rC++ MR-
                  | Int-2} (You found it on level 23 of a ziggurat)
213220 | Zig:24   | Identified the ring "Gigeer" {MR+ AC+3} (You found it on
                  | level 24 of a ziggurat)
213222 | Zig:24   | Identified the amulet "Cydorchoo" {Reflect Str+4 SH+2} (You
                  | found it on level 24 of a ziggurat)
213265 | Zig:25   | Entered Level 25 of a ziggurat
213610 | Zig:25   | Got a glittering tin ring
213622 | Zig:25   | Got a bound iron amulet
213624 | Zig:25   | Got a translucent silver ring
213627 | Zig:25   | Identified the Collected Works on Blistering Malediction
213717 | Zig:25   | Got a slimy bardiche
213720 | Zig:25   | Identified the +4 bardiche of the Hills {venom, rElec Str+2
                  | Stlth+} (You found it on level 25 of a ziggurat)
213730 | Zig:25   | Got a spiked scale mail
213738 | Zig:26   | Entered Level 26 of a ziggurat
214115 | Zig:26   | Got a coiled gossamer ring
214145 | Zig:26   | Identified the Papyrus of Spatial Enhancements
214224 | Zig:26   | Got an agate-encrusted plate armour
214228 | Zig:27   | Entered Level 27 of a ziggurat
214233 | Zig:27   | Noticed an ancient lich
214234 | Zig:27   | Noticed an ancient lich
214234 | Zig:27   | Noticed an ancient lich
214235 | Zig:27   | Noticed an ancient lich
214236 | Zig:27   | Killed an ancient lich
214236 | Zig:27   | Killed an ancient lich
214237 | Zig:27   | Killed an ancient lich
214238 | Zig:27   | Noticed an ancient lich
214239 | Zig:27   | Noticed an ancient lich
214240 | Zig:27   | Noticed an ancient lich
214241 | Zig:27   | Killed an ancient lich
214242 | Zig:27   | Killed an ancient lich
214242 | Zig:27   | Killed an ancient lich
214242 | Zig:27   | Noticed an ancient lich
214243 | Zig:27   | Killed an ancient lich
214244 | Zig:27   | Killed an ancient lich
214244 | Zig:27   | Noticed an ancient lich
214244 | Zig:27   | Noticed an ancient lich
214246 | Zig:27   | Killed an ancient lich
214246 | Zig:27   | Noticed an ancient lich
214247 | Zig:27   | Killed an ancient lich
214256 | Zig:27   | Noticed an ancient lich
214257 | Zig:27   | Killed an ancient lich
214257 | Zig:27   | Killed an ancient lich
214257 | Zig:27   | Noticed an ancient lich
214262 | Zig:27   | Noticed an ancient lich
214265 | Zig:27   | Noticed an ancient lich
214266 | Zig:27   | Noticed an ancient lich
214266 | Zig:27   | Noticed an ancient lich
214267 | Zig:27   | Noticed an ancient lich
214267 | Zig:27   | Killed an ancient lich
214267 | Zig:27   | Killed an ancient lich
214268 | Zig:27   | Killed an ancient lich
214268 | Zig:27   | Killed an ancient lich
214270 | Zig:27   | Noticed an ancient lich
214274 | Zig:27   | Killed an ancient lich
214274 | Zig:27   | Killed an ancient lich
214274 | Zig:27   | Killed an ancient lich
214274 | Zig:27   | Noticed an ancient lich
214274 | Zig:27   | Noticed an ancient lich
214276 | Zig:27   | Noticed an ancient lich
214278 | Zig:27   | Noticed an ancient lich
214278 | Zig:27   | Noticed an ancient lich
214278 | Zig:27   | Noticed an ancient lich
214280 | Zig:27   | Noticed an ancient lich
214281 | Zig:27   | Killed an ancient lich
214281 | Zig:27   | Killed an ancient lich
214281 | Zig:27   | Killed an ancient lich
214281 | Zig:27   | Killed an ancient lich
214281 | Zig:27   | Killed an ancient lich
214281 | Zig:27   | Killed an ancient lich
214281 | Zig:27   | Killed an ancient lich
214295 | Zig:27   | Noticed an ancient lich
214295 | Zig:27   | Noticed an ancient lich
214297 | Zig:27   | Noticed an ancient lich
214299 | Zig:27   | Noticed an ancient lich
214299 | Zig:27   | Noticed an ancient lich
214300 | Zig:27   | Noticed an ancient lich
214301 | Zig:27   | Killed an ancient lich
214301 | Zig:27   | Killed an ancient lich
214301 | Zig:27   | Killed an ancient lich
214303 | Zig:27   | Killed an ancient lich
214303 | Zig:27   | Killed an ancient lich
214308 | Zig:27   | Killed an ancient lich
214309 | Zig:27   | Noticed an ancient lich
214313 | Zig:27   | Killed an ancient lich
214333 | Zig:27   | Noticed an ancient lich
214345 | Zig:27   | Killed an ancient lich
214653 | Zig:27   | Identified The Arcane Secrets of Casting
214656 | Zig:27   | Identified the Catalogue of Aid and the Mountains
214659 | Zig:27   | Got a steaming wooden ring
214662 | Zig:27   | Got a faintly glowing copper ring
214733 | Zig:27   | Identified the +4 scale mail "Jeewkij" {Regen+ Int+3} (You
                  | found it on level 25 of a ziggurat)
214744 | Zig:27   | Identified the cursed +0 plate armour of True Grit {rElec
                  | rF+} (You found it on level 26 of a ziggurat)
214752 | Zig:27   | Got a pair of bloodstained gloves
214763 | Zig:27   | Identified the ring "Zuihach" {rPois Int+3} (You found it
                  | on level 25 of a ziggurat)
214765 | Zig:27   | Identified the amulet of Makhleb's Reproof {Gourm Dex+5}
                  | (You found it on level 25 of a ziggurat)
214777 | Zig:27   | Identified the +1 pair of gloves "Vuurogetz" {*Slow rElec
                  | rPois Str-4} (You found it on level 27 of a ziggurat)
214783 | Zig:27   | Identified the ring "Atoluzov" {+Fly MR+ Str+4} (You found
                  | it on level 27 of a ziggurat)
214785 | Zig:27   | Identified the ring of Litu {rCorr *Corrode rElec MR+
                  | Dex+7} (You found it on level 27 of a ziggurat)
214786 | Zig:27   | Identified the ring "Saqil" {+Fly Str+3} (You found it on
                  | level 25 of a ziggurat)
214788 | Zig:27   | Identified the ring of Wusoceel {+Blink +Fly Str-3 Int+7
                  | Dex+4} (You found it on level 26 of a ziggurat)
214945 | Zig:1    | Entered Level 1 of a ziggurat
214992 | Zig:1    | Identified the Incunabulum of Shifting Confrontation
215026 | Zig:2    | Entered Level 2 of a ziggurat
215026 | Zig:2    | Noticed a greater mummy
215027 | Zig:2    | Noticed a greater mummy
215027 | Zig:2    | Noticed a greater mummy
215030 | Zig:2    | Killed a greater mummy
215030 | Zig:2    | Noticed a greater mummy
215031 | Zig:2    | Noticed a greater mummy
215032 | Zig:2    | Killed a greater mummy
215032 | Zig:2    | Killed a greater mummy
215034 | Zig:2    | Killed a greater mummy
215037 | Zig:2    | Killed a greater mummy
215165 | Zig:3    | Entered Level 3 of a ziggurat
215165 | Zig:3    | Noticed a greater mummy
215165 | Zig:3    | Noticed a greater mummy
215165 | Zig:3    | Noticed a greater mummy
215168 | Zig:3    | Killed a greater mummy
215169 | Zig:3    | Killed a greater mummy
215171 | Zig:3    | Killed a greater mummy
215290 | Zig:4    | Entered Level 4 of a ziggurat
215290 | Zig:4    | Noticed a shard shrike
215290 | Zig:4    | Noticed a shard shrike
215290 | Zig:4    | Noticed a shard shrike
215290 | Zig:4    | Noticed a shard shrike
215290 | Zig:4    | Noticed a shard shrike
215291 | Zig:4    | Killed a shard shrike
215291 | Zig:4    | Killed a shard shrike
215291 | Zig:4    | Killed a shard shrike
215291 | Zig:4    | Killed a shard shrike
215291 | Zig:4    | Killed a shard shrike
215293 | Zig:4    | Noticed a shard shrike
215301 | Zig:4    | Killed a shard shrike
215422 | Zig:4    | Got a scorched turquoise ring
215436 | Zig:5    | Entered Level 5 of a ziggurat
215436 | Zig:5    | Noticed an ancient lich
215436 | Zig:5    | Noticed an ancient lich
215436 | Zig:5    | Noticed an ancient lich
215436 | Zig:5    | Noticed an ancient lich
215436 | Zig:5    | Noticed an ancient lich
215436 | Zig:5    | Noticed an ancient lich
215439 | Zig:5    | Noticed an ancient lich
215439 | Zig:5    | Killed an ancient lich
215439 | Zig:5    | Killed an ancient lich
215439 | Zig:5    | Killed an ancient lich
215439 | Zig:5    | Killed an ancient lich
215439 | Zig:5    | Noticed an ancient lich
215440 | Zig:5    | Killed an ancient lich
215440 | Zig:5    | Killed an ancient lich
215441 | Zig:5    | Noticed an ancient lich
215445 | Zig:5    | Killed an ancient lich
215447 | Zig:5    | Killed an ancient lich
215447 | Zig:5    | Killed an ancient lich
215448 | Zig:5    | Noticed an ancient lich
215449 | Zig:5    | Noticed an ancient lich
215450 | Zig:5    | Noticed an ancient lich
215459 | Zig:5    | Killed an ancient lich
215460 | Zig:5    | Killed an ancient lich
215463 | Zig:5    | Killed an ancient lich
215558 | Zig:5    | Got a vibrating glass ring
215579 | Zig:6    | Entered Level 6 of a ziggurat
215579 | Zig:6    | Noticed a juggernaut
215579 | Zig:6    | Noticed a juggernaut
215579 | Zig:6    | Noticed a juggernaut
215579 | Zig:6    | Noticed a juggernaut
215579 | Zig:6    | Noticed a juggernaut
215579 | Zig:6    | Noticed a juggernaut
215579 | Zig:6    | Noticed a juggernaut
215579 | Zig:6    | Noticed a juggernaut
215579 | Zig:6    | Noticed a juggernaut
215581 | Zig:6    | Killed a juggernaut
215581 | Zig:6    | Killed a juggernaut
215581 | Zig:6    | Killed a juggernaut
215582 | Zig:6    | Killed a juggernaut
215582 | Zig:6    | Killed a juggernaut
215582 | Zig:6    | Killed a juggernaut
215582 | Zig:6    | Killed a juggernaut
215582 | Zig:6    | Killed a juggernaut
215582 | Zig:6    | Killed a juggernaut
215582 | Zig:6    | Noticed a juggernaut
215583 | Zig:6    | Noticed a juggernaut
215584 | Zig:6    | Noticed a juggernaut
215589 | Zig:6    | Killed a juggernaut
215589 | Zig:6    | Killed a juggernaut
215590 | Zig:6    | Killed a juggernaut
215752 | Zig:6    | Identified Welieph's Arcane Secrets of Wizardry
215759 | Zig:6    | Got a smoking golden amulet
215776 | Zig:7    | Entered Level 7 of a ziggurat
215987 | Zig:7    | Got a shimmering glass ring
215991 | Zig:7    | Identified the Guide on Warped Conjuration
215999 | Zig:8    | Entered Level 8 of a ziggurat
216192 | Zig:8    | Got a brightly glowing tin amulet
216200 | Zig:9    | Entered Level 9 of a ziggurat
216420 | Zig:9    | Identified Sif Muna's Grimoire of Summoning and Stones
216424 | Zig:9    | Got a slimy bone amulet
216436 | Zig:10   | Entered Level 10 of a ziggurat
216475 | Zig:10   | Killed a starcursed mass
216618 | Zig:10   | Identified the Handbook of Virous Changing
216620 | Zig:10   | Identified Biqicuah's Almanac of the Glacier and
                  | Intoxication
216674 | Zig:10   | Identified the Grimoire of Dusty Ice
216681 | Zig:10   | Got a pair of ancient boots
216687 | Zig:11   | Entered Level 11 of a ziggurat
216880 | Zig:11   | Got a steaming lapis lazuli ring
216883 | Zig:11   | Identified the Grimoire of Sinister Earth
216892 | Zig:12   | Entered Level 12 of a ziggurat
216892 | Zig:12   | Noticed an ancient lich
216892 | Zig:12   | Noticed an ancient lich
216892 | Zig:12   | Noticed an ancient lich
216892 | Zig:12   | Noticed an ancient lich
216892 | Zig:12   | Noticed an ancient lich
216892 | Zig:12   | Noticed an ancient lich
216892 | Zig:12   | Noticed an ancient lich
216892 | Zig:12   | Noticed an ancient lich
216892 | Zig:12   | Noticed an ancient lich
216892 | Zig:12   | Noticed an ancient lich
216892 | Zig:12   | Noticed an ancient lich
216893 | Zig:12   | Killed an ancient lich
216893 | Zig:12   | Killed an ancient lich
216893 | Zig:12   | Noticed an ancient lich
216894 | Zig:12   | Killed an ancient lich
216894 | Zig:12   | Killed an ancient lich
216894 | Zig:12   | Killed an ancient lich
216894 | Zig:12   | Killed an ancient lich
216894 | Zig:12   | Killed an ancient lich
216894 | Zig:12   | Killed an ancient lich
216894 | Zig:12   | Killed an ancient lich
216895 | Zig:12   | Killed an ancient lich
216895 | Zig:12   | Killed an ancient lich
216895 | Zig:12   | Killed an ancient lich
216895 | Zig:12   | Noticed an ancient lich
216895 | Zig:12   | Noticed an ancient lich
216897 | Zig:12   | Noticed an ancient lich
216897 | Zig:12   | Noticed an ancient lich
216897 | Zig:12   | Noticed an ancient lich
216897 | Zig:12   | Noticed an ancient lich
216897 | Zig:12   | Noticed an ancient lich
216899 | Zig:12   | Killed an ancient lich
216899 | Zig:12   | Killed an ancient lich
216901 | Zig:12   | Noticed an ancient lich
216901 | Zig:12   | Noticed an ancient lich
216901 | Zig:12   | Killed an ancient lich
216901 | Zig:12   | Killed an ancient lich
216901 | Zig:12   | Killed an ancient lich
216901 | Zig:12   | Killed an ancient lich
216901 | Zig:12   | Killed an ancient lich
216902 | Zig:12   | Killed an ancient lich
216903 | Zig:12   | Noticed an ancient lich
216904 | Zig:12   | Noticed an ancient lich
216905 | Zig:12   | Killed an ancient lich
216909 | Zig:12   | Killed an ancient lich
216909 | Zig:12   | Killed an ancient lich
216911 | Zig:12   | Noticed an ancient lich
216914 | Zig:12   | Noticed an ancient lich
216915 | Zig:12   | Noticed an ancient lich
216915 | Zig:12   | Killed an ancient lich
216915 | Zig:12   | Killed an ancient lich
216915 | Zig:12   | Killed an ancient lich
216917 | Zig:12   | Noticed an ancient lich
216920 | Zig:12   | Killed an ancient lich
217120 | Zig:12   | Identified Sif Muna's Handbook of Fetching Lightness
217136 | Zig:12   | Got a shimmering lapis lazuli ring
217139 | Zig:12   | Got a glittering silver ring
217152 | Zig:13   | Entered Level 13 of a ziggurat
217152 | Zig:13   | Noticed a juggernaut
217152 | Zig:13   | Noticed a juggernaut
217152 | Zig:13   | Noticed a juggernaut
217152 | Zig:13   | Noticed a juggernaut
217152 | Zig:13   | Noticed a juggernaut
217152 | Zig:13   | Noticed a juggernaut
217153 | Zig:13   | Noticed a juggernaut
217154 | Zig:13   | Killed a juggernaut
217155 | Zig:13   | Killed a juggernaut
217155 | Zig:13   | Killed a juggernaut
217155 | Zig:13   | Killed a juggernaut
217155 | Zig:13   | Killed a juggernaut
217156 | Zig:13   | Killed a juggernaut
217156 | Zig:13   | Noticed a juggernaut
217156 | Zig:13   | Noticed a juggernaut
217158 | Zig:13   | Killed a juggernaut
217160 | Zig:13   | Noticed a juggernaut
217161 | Zig:13   | Noticed a juggernaut
217161 | Zig:13   | Noticed a juggernaut
217162 | Zig:13   | Killed a juggernaut
217162 | Zig:13   | Killed a juggernaut
217163 | Zig:13   | Killed a juggernaut
217164 | Zig:13   | Killed a juggernaut
217164 | Zig:13   | Killed a juggernaut
217164 | Zig:13   | Noticed a juggernaut
217167 | Zig:13   | Noticed a juggernaut
217169 | Zig:13   | Noticed a juggernaut
217171 | Zig:13   | Noticed a juggernaut
217171 | Zig:13   | Killed a juggernaut
217171 | Zig:13   | Killed a juggernaut
217171 | Zig:13   | Killed a juggernaut
217174 | Zig:13   | Killed a juggernaut
217361 | Zig:13   | Identified the +1 pair of boots of Kindness {rF+ Int+2}
                  | (You found it on level 10 of a ziggurat)
217367 | Zig:13   | Identified the ring of Eklac {rElec Str+2 Int+4 Stlth+}
                  | (You found it on level 4 of a ziggurat)
217370 | Zig:13   | Identified the ring "Pooqyps" {rF+++ rC- MR+ Dex+7} (You
                  | found it on level 5 of a ziggurat)
217372 | Zig:13   | Identified the amulet of Lugonu's Esteem {Harm *Drain
                  | Dex+8} (You found it on level 6 of a ziggurat)
217374 | Zig:13   | Identified the ring of Xoasoro {rF+ MR+ Dex+3} (You found
                  | it on level 7 of a ziggurat)
217376 | Zig:13   | Identified the amulet "Forget-Me-Not" {Acrobat Slay+2 SInv
                  | Stlth+} (You found it on level 8 of a ziggurat)
217380 | Zig:13   | Identified the amulet "Udwiwaupp" {Reflect rElec rC++ Dex+2
                  | Slay+2 SH+3} (You found it on level 9 of a ziggurat)
217382 | Zig:13   | Identified the ring "Quatu" {+Blink +Fly rC+ rN+ Dex-5}
                  | (You found it on level 12 of a ziggurat)
217384 | Zig:13   | Identified the ring "Jane" {*Tele *Drain Dex+3 SInv} (You
                  | found it on level 11 of a ziggurat)
217386 | Zig:13   | Identified the ring of the Sun {rElec rN+} (You found it on
                  | level 12 of a ziggurat)
217391 | Zig:13   | Got a fine silver ring
217396 | Zig:13   | Got a glittering copper ring
217399 | Zig:13   | Got a scorched golden ring
217412 | Zig:13   | Got a scorched ruby amulet
217429 | Zig:13   | Got a slimy chain mail
217433 | Zig:14   | Entered Level 14 of a ziggurat
217433 | Zig:14   | Noticed a Killer Klown
217433 | Zig:14   | Noticed Tusil the pandemonium lord
217433 | Zig:14   | Noticed Hugeutezou the pandemonium lord
217433 | Zig:14   | Noticed Huss the pandemonium lord
217433 | Zig:14   | Noticed Lumpeno the pandemonium lord
217433 | Zig:14   | Noticed Dutaet the pandemonium lord
217433 | Zig:14   | Noticed Cyochod the pandemonium lord
217433 | Zig:14   | Noticed Biph the pandemonium lord
217433 | Zig:14   | Noticed Loigih the pandemonium lord
217433 | Zig:14   | Noticed Curagaz the pandemonium lord
217433 | Zig:14   | Noticed Ovell the pandemonium lord
217433 | Zig:14   | Noticed Otiomm the pandemonium lord
217433 | Zig:14   | Noticed Faev the pandemonium lord
217433 | Zig:14   | Noticed a Killer Klown
217433 | Zig:14   | Noticed Zyov the pandemonium lord
217433 | Zig:14   | Noticed Husiamm the pandemonium lord
217433 | Zig:14   | Noticed Daaty the pandemonium lord
217433 | Zig:14   | Noticed a Killer Klown
217433 | Zig:14   | Noticed Vieff the pandemonium lord
217433 | Zig:14   | Noticed Todwuqy the pandemonium lord
217433 | Zig:14   | Noticed Zuggygh the pandemonium lord
217433 | Zig:14   | Noticed Zusum the pandemonium lord
217433 | Zig:14   | Noticed Evvymmu the pandemonium lord
217433 | Zig:14   | Noticed a Killer Klown
217433 | Zig:14   | Noticed Foappub the pandemonium lord
217433 | Zig:14   | Noticed Vabusugh the pandemonium lord
217433 | Zig:14   | Noticed Taryvox the pandemonium lord
217433 | Zig:14   | Noticed Ricunat the pandemonium lord
217433 | Zig:14   | Noticed Weonijuth the pandemonium lord
217433 | Zig:14   | Noticed Veolarou the pandemonium lord
217433 | Zig:14   | Noticed a Killer Klown
217433 | Zig:14   | Noticed Benes the pandemonium lord
217433 | Zig:14   | Noticed a Killer Klown
217435 | Zig:14   | Noticed Wacsiem the pandemonium lord
217435 | Zig:14   | Noticed Seetu the pandemonium lord
217437 | Zig:14   | Noticed a Killer Klown
217439 | Zig:14   | Noticed Tupaoshry the pandemonium lord
217440 | Zig:14   | Killed a Killer Klown
217441 | Zig:14   | Noticed a Killer Klown
217441 | Zig:14   | Killed Todwuqy the pandemonium lord
217443 | Zig:14   | Killed Zusum the pandemonium lord
217445 | Zig:14   | Noticed Dasyon the pandemonium lord
217445 | Zig:14   | Killed a Killer Klown
217445 | Zig:14   | Killed a Killer Klown
217445 | Zig:14   | Killed a Killer Klown
217445 | Zig:14   | Killed a Killer Klown
217445 | Zig:14   | Killed a Killer Klown
217445 | Zig:14   | Killed Evvymmu the pandemonium lord
217445 | Zig:14   | Killed Lumpeno the pandemonium lord
217445 | Zig:14   | Killed Taryvox the pandemonium lord
217445 | Zig:14   | Killed a Killer Klown
217445 | Zig:14   | Killed a Killer Klown
217445 | Zig:14   | Killed Zyov the pandemonium lord
217445 | Zig:14   | Killed Ricunat the pandemonium lord
217445 | Zig:14   | Killed Weonijuth the pandemonium lord
217445 | Zig:14   | Killed Husiamm the pandemonium lord
217446 | Zig:14   | Killed Huss the pandemonium lord
217446 | Zig:14   | Killed Tusil the pandemonium lord
217446 | Zig:14   | Killed Faev the pandemonium lord
217446 | Zig:14   | Killed Benes the pandemonium lord
217446 | Zig:14   | Noticed Rawoatox the pandemonium lord
217446 | Zig:14   | Noticed Jyckezi the pandemonium lord
217446 | Zig:14   | Noticed Tiadwaq the pandemonium lord
217446 | Zig:14   | Noticed Kotuerho the pandemonium lord
217446 | Zig:14   | Noticed Nojineafe the pandemonium lord
217447 | Zig:14   | Killed Vieff the pandemonium lord
217447 | Zig:14   | Killed Daaty the pandemonium lord
217447 | Zig:14   | Killed Cyochod the pandemonium lord
217447 | Zig:14   | Killed Tupaoshry the pandemonium lord
217447 | Zig:14   | Killed Ovell the pandemonium lord
217447 | Zig:14   | Killed Zuggygh the pandemonium lord
217447 | Zig:14   | Killed Veolarou the pandemonium lord
217447 | Zig:14   | Killed Foappub the pandemonium lord
217447 | Zig:14   | Noticed a Killer Klown
217447 | Zig:14   | Noticed Elank the pandemonium lord
217447 | Zig:14   | Noticed Kot Fait the pandemonium lord
217448 | Zig:14   | Noticed Pecy the pandemonium lord
217448 | Zig:14   | Killed Dutaet the pandemonium lord
217448 | Zig:14   | Killed Biph the pandemonium lord
217448 | Zig:14   | Killed Otiomm the pandemonium lord
217448 | Zig:14   | Killed Curagaz the pandemonium lord
217448 | Zig:14   | Killed Nojineafe the pandemonium lord
217448 | Zig:14   | Killed Vabusugh the pandemonium lord
217448 | Zig:14   | Noticed a Killer Klown
217448 | Zig:14   | Noticed a Killer Klown
217448 | Zig:14   | Noticed Plog the pandemonium lord
217449 | Zig:14   | Noticed Xitzuidy the pandemonium lord
217449 | Zig:14   | Killed Elank the pandemonium lord
217449 | Zig:14   | Killed Wacsiem the pandemonium lord
217449 | Zig:14   | Noticed Varankun the pandemonium lord
217449 | Zig:14   | Noticed a Killer Klown
217449 | Zig:14   | Noticed a Killer Klown
217450 | Zig:14   | Killed a Killer Klown
217450 | Zig:14   | Killed Dasyon the pandemonium lord
217450 | Zig:14   | Noticed a Killer Klown
217450 | Zig:14   | Noticed a Killer Klown
217451 | Zig:14   | Noticed a Killer Klown
217452 | Zig:14   | Noticed Raizuon the pandemonium lord
217452 | Zig:14   | Killed Loigih the pandemonium lord
217452 | Zig:14   | Killed a Killer Klown
217452 | Zig:14   | Noticed a Killer Klown
217453 | Zig:14   | Noticed Kixurola the pandemonium lord
217453 | Zig:14   | Noticed Mousuib the pandemonium lord
217455 | Zig:14   | Noticed Igoicyod the pandemonium lord
217455 | Zig:14   | Killed a Killer Klown
217455 | Zig:14   | Killed a Killer Klown
217455 | Zig:14   | Killed a Killer Klown
217455 | Zig:14   | Killed a Killer Klown
217455 | Zig:14   | Killed Seetu the pandemonium lord
217455 | Zig:14   | Noticed Buschuex the pandemonium lord
217455 | Zig:14   | Noticed a Killer Klown
217455 | Zig:14   | Noticed Luz Gaoh the pandemonium lord
217455 | Zig:14   | Noticed Tirheun the pandemonium lord
217457 | Zig:14   | Killed Raizuon the pandemonium lord
217457 | Zig:14   | Killed Kotuerho the pandemonium lord
217457 | Zig:14   | Killed a Killer Klown
217457 | Zig:14   | Noticed a Killer Klown
217457 | Zig:14   | Noticed Kyschil the pandemonium lord
217458 | Zig:14   | Noticed Ridoud the pandemonium lord
217458 | Zig:14   | Noticed Nauramat the pandemonium lord
217458 | Zig:14   | Noticed a Killer Klown
217459 | Zig:14   | Noticed Eghuinin the pandemonium lord
217459 | Zig:14   | Noticed Sitwol the pandemonium lord
217459 | Zig:14   | Noticed a Killer Klown
217459 | Zig:14   | Killed Hugeutezou the pandemonium lord
217459 | Zig:14   | Killed a Killer Klown
217459 | Zig:14   | Killed Igoicyod the pandemonium lord
217459 | Zig:14   | Noticed Edgheuhui the pandemonium lord
217459 | Zig:14   | Noticed a Killer Klown
217459 | Zig:14   | Noticed Nyoza Udiq the pandemonium lord
217460 | Zig:14   | Noticed a Killer Klown
217461 | Zig:14   | Killed Rawoatox the pandemonium lord
217461 | Zig:14   | Killed a Killer Klown
217461 | Zig:14   | Killed Jyckezi the pandemonium lord
217461 | Zig:14   | Killed a Killer Klown
217461 | Zig:14   | Killed Mousuib the pandemonium lord
217461 | Zig:14   | Killed a Killer Klown
217461 | Zig:14   | Killed Tiadwaq the pandemonium lord
217461 | Zig:14   | Noticed a Killer Klown
217461 | Zig:14   | Noticed a Killer Klown
217461 | Zig:14   | Noticed a Killer Klown
217462 | Zig:14   | Killed Xitzuidy the pandemonium lord
217462 | Zig:14   | Killed a Killer Klown
217462 | Zig:14   | Killed Buschuex the pandemonium lord
217462 | Zig:14   | Killed Varankun the pandemonium lord
217462 | Zig:14   | Killed a Killer Klown
217462 | Zig:14   | Killed a Killer Klown
217462 | Zig:14   | Noticed a Killer Klown
217462 | Zig:14   | Noticed Olyreh the pandemonium lord
217462 | Zig:14   | Noticed Aliligh the pandemonium lord
217462 | Zig:14   | Noticed a Killer Klown
217463 | Zig:14   | Noticed a Killer Klown
217464 | Zig:14   | Noticed Haojujusk the pandemonium lord
217464 | Zig:14   | Noticed Kiodyonn the pandemonium lord
217465 | Zig:14   | Killed Kixurola the pandemonium lord
217465 | Zig:14   | Killed Pecy the pandemonium lord
217465 | Zig:14   | Killed a Killer Klown
217465 | Zig:14   | Killed a Killer Klown
217466 | Zig:14   | Noticed Lirr the pandemonium lord
217466 | Zig:14   | Killed Kyschil the pandemonium lord
217466 | Zig:14   | Killed Edgheuhui the pandemonium lord
217466 | Zig:14   | Killed Sitwol the pandemonium lord
217466 | Zig:14   | Killed a Killer Klown
217466 | Zig:14   | Killed a Killer Klown
217466 | Zig:14   | Killed a Killer Klown
217466 | Zig:14   | Noticed a Killer Klown
217466 | Zig:14   | Noticed Qutisa Ronur the pandemonium lord
217466 | Zig:14   | Noticed Yleth the pandemonium lord
217467 | Zig:14   | Killed Luz Gaoh the pandemonium lord
217467 | Zig:14   | Killed Nauramat the pandemonium lord
217467 | Zig:14   | Killed a Killer Klown
217468 | Zig:14   | Noticed Pamoptom the pandemonium lord
217468 | Zig:14   | Killed Eghuinin the pandemonium lord
217468 | Zig:14   | Killed a Killer Klown
217469 | Zig:14   | Noticed Pawukhy the pandemonium lord
217469 | Zig:14   | Noticed Ekhluy Kuzei the pandemonium lord
217470 | Zig:14   | Noticed Itosaxil the pandemonium lord
217470 | Zig:14   | Noticed Vepik the pandemonium lord
217471 | Zig:14   | Killed Plog the pandemonium lord
217471 | Zig:14   | Killed Pamoptom the pandemonium lord
217472 | Zig:14   | Noticed Ettoe the pandemonium lord
217472 | Zig:14   | Noticed a Killer Klown
217472 | Zig:14   | Noticed Beepargh the pandemonium lord
217474 | Zig:14   | Killed Lirr the pandemonium lord
217474 | Zig:14   | Killed Ridoud the pandemonium lord
217474 | Zig:14   | Noticed Kighutoh the pandemonium lord
217474 | Zig:14   | Noticed Foso the pandemonium lord
217475 | Zig:14   | Killed Nyoza Udiq the pandemonium lord
217475 | Zig:14   | Killed Ekhluy Kuzei the pandemonium lord
217475 | Zig:14   | Killed a Killer Klown
217475 | Zig:14   | Killed Itosaxil the pandemonium lord
217477 | Zig:14   | Killed Foso the pandemonium lord
217479 | Zig:14   | Killed Kiodyonn the pandemonium lord
217479 | Zig:14   | Killed Ettoe the pandemonium lord
217480 | Zig:14   | Killed Pawukhy the pandemonium lord
217480 | Zig:14   | Killed Olyreh the pandemonium lord
217480 | Zig:14   | Killed Haojujusk the pandemonium lord
217480 | Zig:14   | Noticed Sawkyode the pandemonium lord
217480 | Zig:14   | Noticed a Killer Klown
217480 | Zig:14   | Noticed Zuyrhoog the pandemonium lord
217481 | Zig:14   | Noticed Cuisotoq the pandemonium lord
217482 | Zig:14   | Noticed Femi Buagill the pandemonium lord
217482 | Zig:14   | Killed Qutisa Ronur the pandemonium lord
217482 | Zig:14   | Noticed a Killer Klown
217483 | Zig:14   | Killed Aliligh the pandemonium lord
217483 | Zig:14   | Killed a Killer Klown
217483 | Zig:14   | Killed Kot Fait the pandemonium lord
217486 | Zig:14   | Noticed a Killer Klown
217486 | Zig:14   | Killed a Killer Klown
217486 | Zig:14   | Killed Beepargh the pandemonium lord
217486 | Zig:14   | Noticed Luufewn the pandemonium lord
217486 | Zig:14   | Noticed Xyxeni the pandemonium lord
217488 | Zig:14   | Killed Tirheun the pandemonium lord
217488 | Zig:14   | Killed Vepik the pandemonium lord
217488 | Zig:14   | Killed Kighutoh the pandemonium lord
217490 | Zig:14   | Killed a Killer Klown
217490 | Zig:14   | Killed Yleth the pandemonium lord
217498 | Zig:14   | Killed Zuyrhoog the pandemonium lord
217498 | Zig:14   | Killed Luufewn the pandemonium lord
217498 | Zig:14   | Killed Sawkyode the pandemonium lord
217502 | Zig:14   | Killed Femi Buagill the pandemonium lord
217504 | Zig:14   | Killed Xyxeni the pandemonium lord
217511 | Zig:14   | Killed Cuisotoq the pandemonium lord
217676 | Zig:14   | Identified the Guide on Shape Shifting and Necromancy
217686 | Zig:14   | Got a smoking lead ring
217690 | Zig:14   | Identified the Guide on the Destructive Frostbite
217698 | Zig:14   | Got a jewelled scale mail
217700 | Zig:14   | Got a transparent chain mail
217704 | Zig:14   | Got an amethyst-encrusted ring mail
217707 | Zig:15   | Entered Level 15 of a ziggurat
217707 | Zig:15   | Noticed an ancient lich
217707 | Zig:15   | Noticed an ancient lich
217707 | Zig:15   | Noticed an ancient lich
217707 | Zig:15   | Noticed an ancient lich
217707 | Zig:15   | Noticed an ancient lich
217707 | Zig:15   | Noticed an ancient lich
217707 | Zig:15   | Noticed an ancient lich
217707 | Zig:15   | Noticed an ancient lich
217707 | Zig:15   | Noticed an ancient lich
217707 | Zig:15   | Noticed an ancient lich
217707 | Zig:15   | Noticed an ancient lich
217707 | Zig:15   | Noticed an ancient lich
217707 | Zig:15   | Noticed an ancient lich
217707 | Zig:15   | Noticed an ancient lich
217707 | Zig:15   | Noticed an ancient lich
217710 | Zig:15   | Killed an ancient lich
217710 | Zig:15   | Killed an ancient lich
217711 | Zig:15   | Noticed an ancient lich
217711 | Zig:15   | Killed an ancient lich
217711 | Zig:15   | Killed an ancient lich
217711 | Zig:15   | Killed an ancient lich
217711 | Zig:15   | Killed an ancient lich
217711 | Zig:15   | Killed an ancient lich
217711 | Zig:15   | Killed an ancient lich
217711 | Zig:15   | Killed an ancient lich
217711 | Zig:15   | Killed an ancient lich
217712 | Zig:15   | Noticed an ancient lich
217712 | Zig:15   | Killed an ancient lich
217712 | Zig:15   | Killed an ancient lich
217712 | Zig:15   | Killed an ancient lich
217712 | Zig:15   | Killed an ancient lich
217713 | Zig:15   | Noticed an ancient lich
217713 | Zig:15   | Killed an ancient lich
217713 | Zig:15   | Noticed an ancient lich
217713 | Zig:15   | Noticed an ancient lich
217714 | Zig:15   | Killed an ancient lich
217714 | Zig:15   | Noticed an ancient lich
217715 | Zig:15   | Killed an ancient lich
217715 | Zig:15   | Killed an ancient lich
217715 | Zig:15   | Killed an ancient lich
217715 | Zig:15   | Killed an ancient lich
217715 | Zig:15   | Killed an ancient lich
217715 | Zig:15   | Noticed an ancient lich
217716 | Zig:15   | Noticed an ancient lich
217717 | Zig:15   | Noticed an ancient lich
217719 | Zig:15   | Noticed an ancient lich
217721 | Zig:15   | Killed an ancient lich
217721 | Zig:15   | Killed an ancient lich
217721 | Zig:15   | Killed an ancient lich
217722 | Zig:15   | Noticed an ancient lich
217723 | Zig:15   | Killed an ancient lich
217723 | Zig:15   | Noticed an ancient lich
217723 | Zig:15   | Noticed an ancient lich
217725 | Zig:15   | Killed an ancient lich
217727 | Zig:15   | Killed an ancient lich
217727 | Zig:15   | Killed an ancient lich
217727 | Zig:15   | Noticed an ancient lich
217728 | Zig:15   | Noticed an ancient lich
217729 | Zig:15   | Noticed an ancient lich
217731 | Zig:15   | Killed an ancient lich
217731 | Zig:15   | Killed an ancient lich
217734 | Zig:15   | Noticed an ancient lich
217735 | Zig:15   | Killed an ancient lich
217735 | Zig:15   | Noticed an ancient lich
217736 | Zig:15   | Noticed an ancient lich
217737 | Zig:15   | Killed an ancient lich
217739 | Zig:15   | Killed an ancient lich
217739 | Zig:15   | Killed an ancient lich
217740 | Zig:15   | Noticed an ancient lich
217746 | Zig:15   | Killed an ancient lich
217753 | Zig:15   | Noticed an ancient lich
217755 | Zig:15   | Killed an ancient lich
217933 | Zig:15   | Identified the Volume of the Gliding Arsonist
217960 | Zig:15   | Identified the Papyrus of Boosts
217969 | Zig:15   | Got smelly ice dragon scales
217976 | Zig:16   | Entered Level 16 of a ziggurat
217976 | Zig:16   | Noticed an ancient lich
217976 | Zig:16   | Noticed an ancient lich
217976 | Zig:16   | Noticed an ancient lich
217976 | Zig:16   | Noticed an ancient lich
217976 | Zig:16   | Noticed an ancient lich
217976 | Zig:16   | Noticed an ancient lich
217976 | Zig:16   | Noticed an ancient lich
217979 | Zig:16   | Killed an ancient lich
217979 | Zig:16   | Killed an ancient lich
217979 | Zig:16   | Noticed an ancient lich
217980 | Zig:16   | Noticed an ancient lich
217980 | Zig:16   | Killed an ancient lich
217980 | Zig:16   | Killed an ancient lich
217980 | Zig:16   | Killed an ancient lich
217980 | Zig:16   | Killed an ancient lich
217981 | Zig:16   | Noticed an ancient lich
217981 | Zig:16   | Killed an ancient lich
217981 | Zig:16   | Killed an ancient lich
217982 | Zig:16   | Noticed an ancient lich
217982 | Zig:16   | Killed an ancient lich
217982 | Zig:16   | Noticed an ancient lich
217983 | Zig:16   | Noticed an ancient lich
217984 | Zig:16   | Noticed an ancient lich
217986 | Zig:16   | Killed an ancient lich
217986 | Zig:16   | Killed an ancient lich
217986 | Zig:16   | Noticed an ancient lich
217987 | Zig:16   | Noticed an ancient lich
217987 | Zig:16   | Noticed an ancient lich
217988 | Zig:16   | Killed an ancient lich
217988 | Zig:16   | Killed an ancient lich
217988 | Zig:16   | Killed an ancient lich
217988 | Zig:16   | Noticed an ancient lich
217990 | Zig:16   | Noticed an ancient lich
217990 | Zig:16   | Killed an ancient lich
217990 | Zig:16   | Killed an ancient lich
217990 | Zig:16   | Noticed an ancient lich
217992 | Zig:16   | Noticed an ancient lich
217992 | Zig:16   | Killed an ancient lich
217992 | Zig:16   | Killed an ancient lich
217992 | Zig:16   | Noticed an ancient lich
217994 | Zig:16   | Killed an ancient lich
217994 | Zig:16   | Killed an ancient lich
217994 | Zig:16   | Noticed an ancient lich
217994 | Zig:16   | Noticed an ancient lich
217996 | Zig:16   | Killed an ancient lich
217996 | Zig:16   | Killed an ancient lich
217996 | Zig:16   | Noticed an ancient lich
217997 | Zig:16   | Noticed an ancient lich
217997 | Zig:16   | Noticed an ancient lich
217998 | Zig:16   | Killed an ancient lich
217998 | Zig:16   | Killed an ancient lich
218000 | Zig:16   | Noticed an ancient lich
218002 | Zig:16   | Killed an ancient lich
218002 | Zig:16   | Killed an ancient lich
218002 | Zig:16   | Noticed an ancient lich
218004 | Zig:16   | Killed an ancient lich
218004 | Zig:16   | Killed an ancient lich
218005 | Zig:16   | Noticed an ancient lich
218006 | Zig:16   | Noticed an ancient lich
218008 | Zig:16   | Killed an ancient lich
218008 | Zig:16   | Killed an ancient lich
218010 | Zig:16   | Noticed an ancient lich
218011 | Zig:16   | Noticed an ancient lich
218014 | Zig:16   | Killed an ancient lich
218015 | Zig:16   | Killed an ancient lich
218015 | Zig:16   | Killed an ancient lich
218184 | Zig:16   | Identified the Grimoire of Stones and Venom
218191 | Zig:16   | Identified Qaecasib's Collected Works on Nocuous Calling
218229 | Zig:16   | Identified the +5 chain mail of Jisearoe {rPois Str-5
                  | Dex+3} (You found it on level 13 of a ziggurat)
218240 | Zig:16   | Identified the +1 scale mail "Zototzug" {rPois Str+3} (You
                  | found it on level 14 of a ziggurat)
218251 | Zig:16   | Identified the +2 ring mail of Fuifat {rF- rN+ Int+2} (You
                  | found it on level 14 of a ziggurat)
218262 | Zig:16   | Identified the +5 ice dragon scales of Ratay {rF- rC++
                  | SInv} (You found it on level 15 of a ziggurat)
218273 | Zig:16   | Identified the +0 chain mail "Kullus" {rElec Int+4 Dex+4}
                  | (You found it on level 14 of a ziggurat)
218279 | Zig:16   | Identified the ring "Azxutsig" {rCorr *Contam *Slow rElec
                  | rPois} (You found it on level 13 of a ziggurat)
218281 | Zig:16   | Identified the ring "Paihaeq" {rN++ Str+3 Dex-3 SInv
                  | Stlth+} (You found it on level 13 of a ziggurat)
218283 | Zig:16   | Identified the ring "Votititosox" {rPois EV+1} (You found
                  | it on level 13 of a ziggurat)
218285 | Zig:16   | Identified the amulet of Leaves {Regen+ Str+6 Int+10} (You
                  | found it on level 13 of a ziggurat)
218287 | Zig:16   | Identified the ring "Pudor" {rF++ MR- Str+3} (You found it
                  | on level 14 of a ziggurat)
218328 | Zig:16   | Got heavily runed quicksilver dragon scales
218344 | Zig:16   | Identified the quicksilver dragon scales of the Orb {*Drain
                  | rElec rPois MR+} (You found it on level 16 of a ziggurat)
218359 | Zig:17   | Entered Level 17 of a ziggurat
218391 | Zig:17   | Noticed Focotibb the pandemonium lord
218393 | Zig:17   | Killed Focotibb the pandemonium lord
218575 | Zig:17   | Identified Sif Muna's Guide on Translocation and
                  | Intoxication
218602 | Zig:17   | Got a jet-encrusted scale mail
218613 | Zig:18   | Entered Level 18 of a ziggurat
218859 | Zig:18   | Got a translucent ivory ring
218868 | Zig:18   | Identified Sif Muna's Disquisition on Displaced Moulding
218871 | Zig:18   | Identified the Tome of Creation and Enchantment
218907 | Zig:19   | Entered Level 19 of a ziggurat
219180 | Zig:19   | Identified the Compendium of Destructive Poison
219232 | Zig:19   | Got a steaming amber ring
219235 | Zig:19   | Got a crude scale mail
219248 | Zig:20   | Entered Level 20 of a ziggurat
219501 | Zig:20   | Got a sparkling ivory ring
219503 | Zig:20   | Got a wavering iron ring
219510 | Zig:20   | Identified the Papyrus of the Hidden Allies
219517 | Zig:20   | Identified the Disquisition on Changing
219533 | Zig:20   | Identified the Catalogue of Enchanting Conjuration
219542 | Zig:20   | Got a wavering iron ring
219580 | Zig:20   | Got an encrusted chain mail
219589 | Zig:20   | Got a pair of warped boots
219608 | Zig:21   | Entered Level 21 of a ziggurat
219712 | Zig:21   | Killed a starcursed mass
219712 | Zig:21   | Killed a starcursed mass
219928 | Zig:21   | Identified the Tome of the Modern Orbs
219947 | Zig:21   | Got a smoking lead ring
219983 | Zig:21   | Identified the +5 scale mail "Olyarchics" {rCorr Slay+3
                  | SInv} (You found it on level 17 of a ziggurat)
219994 | Zig:21   | Identified the cursed +0 scale mail of Perpetual Drought
                  | {rF+ rC+ rCorr Stlth+} (You found it on level 19 of a
                  | ziggurat)
220006 | Zig:21   | Identified the cursed +1 chain mail "Dilojum" {rF- Int+3}
                  | (You found it on level 20 of a ziggurat)
220023 | Zig:21   | Identified the +4 pair of boots of Music {+Fly Slay+2} (You
                  | found it on level 20 of a ziggurat)
220029 | Zig:21   | Identified the ring "Aqic" {rElec rF+ Int+3 SInv} (You
                  | found it on level 18 of a ziggurat)
220030 | Zig:21   | Identified the ring of Imilay {rCorr rN++ Dex+4 SInv} (You
                  | found it on level 19 of a ziggurat)
220032 | Zig:21   | Identified the ring "Guitimm" {rN++ MP-9 Int+4} (You found
                  | it on level 20 of a ziggurat)
220034 | Zig:21   | Identified the cursed ring of the Imp {AC-3 Dex+2} (You
                  | found it on level 20 of a ziggurat)
220036 | Zig:21   | Identified the ring of Erutestu {Wiz rElec Int+2} (You
                  | found it on level 20 of a ziggurat)
220038 | Zig:21   | Identified the ring "Uruim Fuaqa" {rF+ rC++ MR+ Str-3
                  | Dex+3} (You found it on level 21 of a ziggurat)
220042 | Zig:21   | Got a warped plate armour
220045 | Zig:21   | Got a faintly humming scale mail
220056 | Zig:21   | Identified the +5 plate armour of Zinwufapal {Int+2} (You
                  | found it on level 21 of a ziggurat)
220067 | Zig:21   | Identified the cursed +1 scale mail "Efukkom" {*Slow rPois
                  | Str+4} (You found it on level 21 of a ziggurat)
220087 | Zig:22   | Entered Level 22 of a ziggurat
220087 | Zig:22   | Noticed a greater mummy
220087 | Zig:22   | Noticed a greater mummy
220087 | Zig:22   | Noticed a greater mummy
220087 | Zig:22   | Noticed a greater mummy
220087 | Zig:22   | Noticed a greater mummy
220087 | Zig:22   | Noticed a greater mummy
220087 | Zig:22   | Noticed a greater mummy
220087 | Zig:22   | Noticed a greater mummy
220087 | Zig:22   | Noticed a greater mummy
220087 | Zig:22   | Noticed a greater mummy
220087 | Zig:22   | Noticed a greater mummy
220087 | Zig:22   | Noticed a greater mummy
220087 | Zig:22   | Noticed a greater mummy
220087 | Zig:22   | Noticed a greater mummy
220087 | Zig:22   | Noticed a greater mummy
220087 | Zig:22   | Noticed a greater mummy
220088 | Zig:22   | Noticed a greater mummy
220089 | Zig:22   | Killed a greater mummy
220089 | Zig:22   | Killed a greater mummy
220089 | Zig:22   | Killed a greater mummy
220089 | Zig:22   | Killed a greater mummy
220089 | Zig:22   | Killed a greater mummy
220089 | Zig:22   | Killed a greater mummy
220090 | Zig:22   | Noticed a greater mummy
220092 | Zig:22   | Killed a greater mummy
220092 | Zig:22   | Killed a greater mummy
220092 | Zig:22   | Killed a greater mummy
220092 | Zig:22   | Killed a greater mummy
220092 | Zig:22   | Killed a greater mummy
220092 | Zig:22   | Killed a greater mummy
220092 | Zig:22   | Killed a greater mummy
220092 | Zig:22   | Killed a greater mummy
220092 | Zig:22   | Noticed a greater mummy
220093 | Zig:22   | Killed a greater mummy
220093 | Zig:22   | Killed a greater mummy
220093 | Zig:22   | Killed a greater mummy
220093 | Zig:22   | Noticed a greater mummy
220093 | Zig:22   | Noticed a greater mummy
220094 | Zig:22   | Noticed a greater mummy
220094 | Zig:22   | Noticed a greater mummy
220094 | Zig:22   | Noticed a greater mummy
220098 | Zig:22   | Killed a greater mummy
220098 | Zig:22   | Killed a greater mummy
220098 | Zig:22   | Noticed a greater mummy
220098 | Zig:22   | Noticed a greater mummy
220099 | Zig:22   | Noticed a greater mummy
220100 | Zig:22   | Killed a greater mummy
220100 | Zig:22   | Killed a greater mummy
220102 | Zig:22   | Killed a greater mummy
220102 | Zig:22   | Killed a greater mummy
220102 | Zig:22   | Killed a greater mummy
220102 | Zig:22   | Killed a greater mummy
220102 | Zig:22   | Noticed a greater mummy
220104 | Zig:22   | Killed a greater mummy
220104 | Zig:22   | Killed a greater mummy
220108 | Zig:22   | Noticed a greater mummy
220109 | Zig:22   | Noticed a greater mummy
220112 | Zig:22   | Noticed a greater mummy
220114 | Zig:22   | Killed a greater mummy
220114 | Zig:22   | Killed a greater mummy
220117 | Zig:22   | Noticed a greater mummy
220118 | Zig:22   | Killed a greater mummy
220118 | Zig:22   | Noticed a greater mummy
220118 | Zig:22   | Noticed a greater mummy
220118 | Zig:22   | Noticed a greater mummy
220120 | Zig:22   | Killed a greater mummy
220125 | Zig:22   | Killed a greater mummy
220125 | Zig:22   | Killed a greater mummy
220127 | Zig:22   | Killed a greater mummy
220127 | Zig:22   | Killed a greater mummy
220137 | Zig:22   | Noticed a greater mummy
220139 | Zig:22   | Noticed a greater mummy
220140 | Zig:22   | Noticed a greater mummy
220142 | Zig:22   | Killed a greater mummy
220144 | Zig:22   | Killed a greater mummy
220145 | Zig:22   | Killed a greater mummy
220146 | Zig:22   | Noticed a greater mummy
220150 | Zig:22   | Noticed a greater mummy
220151 | Zig:22   | Noticed a greater mummy
220154 | Zig:22   | Killed a greater mummy
220155 | Zig:22   | Noticed a greater mummy
220156 | Zig:22   | Killed a greater mummy
220158 | Zig:22   | Killed a greater mummy
220159 | Zig:22   | Killed a greater mummy
220159 | Zig:22   | Noticed a greater mummy
220163 | Zig:22   | Killed a greater mummy
220394 | Zig:22   | Identified the Volume of Confrontation and Fire
220397 | Zig:22   | Identified Sif Muna's Tome of the Quantum Rocks
220400 | Zig:22   | Got a flickering lead ring
220403 | Zig:22   | Identified the Volume of Noxious Transformation
220405 | Zig:22   | Identified Mommydiw's Volume of the Arsonist
220408 | Zig:22   | Got a slimy brass ring
220416 | Zig:22   | Got a slimy crystal plate armour
220421 | Zig:22   | Got an ichor-stained plate armour
220427 | Zig:22   | Got a translucent ring mail
220433 | Zig:23   | Entered Level 23 of a ziggurat
220737 | Zig:23   | Got a fine bronze amulet
220760 | Zig:23   | Got a brightly glowing chain mail
220770 | Zig:24   | Entered Level 24 of a ziggurat
221054 | Zig:24   | Got a crude bronze amulet
221057 | Zig:24   | Got a scorched pewter ring
221075 | Zig:24   | Identified the +10 crystal plate armour of the Saviour
                  | {*Drain +Blink +Inv rCorr} (You found it on level 22 of a
                  | ziggurat)
221086 | Zig:24   | Identified the +3 ring mail of Classification {Str+2} (You
                  | found it on level 22 of a ziggurat)
221097 | Zig:24   | Identified the +2 chain mail of Surprise {rElec rC++ Regen+
                  | Dex-4} (You found it on level 23 of a ziggurat)
221108 | Zig:24   | Identified the cursed +1 plate armour "Ryutaunt" {rN+} (You
                  | found it on level 22 of a ziggurat)
221121 | Zig:24   | Got a fine tin ring
221126 | Zig:24   | Got a heavily runed glass ring
221134 | Zig:24   | Identified Sif Muna's Grimoire of Supportive Bewitchment
221137 | Zig:24   | Identified the Compendium of Entrancing Sinister Rituals
221155 | Zig:24   | Got a crude bone ring
221158 | Zig:24   | Got a heavily runed cloak
221173 | Zig:24   | Identified the cursed -4 cloak of the Loofah {rF+ Dex+2}
                  | (You found it on level 24 of a ziggurat)
221190 | Zig:24   | Identified the ring of Elots {rF+ Int+5} (You found it on
                  | level 22 of a ziggurat)
221192 | Zig:24   | Identified the ring of Jescheez {*Tele rF+ rN+ Int+3} (You
                  | found it on level 22 of a ziggurat)
221194 | Zig:24   | Identified the ring "Zirphika" {rF+ rN+ Dex+3} (You found
                  | it on level 24 of a ziggurat)
221196 | Zig:24   | Identified the ring "Karphat" {rElec rN++ Int+3 Slay+5
                  | Stlth-} (You found it on level 24 of a ziggurat)
221198 | Zig:24   | Identified the ring "Ymeon" {rC+ rN+ Dex+3} (You found it
                  | on level 24 of a ziggurat)
221200 | Zig:24   | Identified the amulet of Puril {Faith rN+ MR- Str+3} (You
                  | found it on level 23 of a ziggurat)
221202 | Zig:24   | Identified the amulet of Ziddokidai {Faith rPois rF++ Dex-4
                  | Stlth+} (You found it on level 24 of a ziggurat)
221204 | Zig:24   | Identified the cursed ring "Pifogh" {MP+9 Str-2 Slay+2
                  | Stlth+} (You found it on level 24 of a ziggurat)
221208 | Zig:24   | Got a steaming scale mail
221229 | Zig:24   | Identified the +2 scale mail of the Monkey's Uncle {rC++
                  | Str+7 Slay-3} (You found it on level 24 of a ziggurat)
221250 | Zig:24   | Got a faintly humming leather armour
221254 | Zig:25   | Entered Level 25 of a ziggurat
221549 | Zig:25   | Identified the Papyrus of Curses and the Escort
221553 | Zig:25   | Got a pitted bone ring
221567 | Zig:25   | Got a sparkling copper ring
221575 | Zig:25   | Identified the Almanac of Summoning and Contamination
221594 | Zig:25   | Identified the Handbook of the Rocks and Orientation
221611 | Zig:25   | Got a dazzling chain mail
221624 | Zig:26   | Entered Level 26 of a ziggurat
221935 | Zig:26   | Got a glittering platinum ring
221937 | Zig:26   | Got a transparent bone ring
221941 | Zig:26   | Identified Kumikk's Catalogue of Toxins and Ignition
221947 | Zig:26   | Got a heavily runed golden ring
221952 | Zig:26   | Identified Sif Muna's Volume of the Voyage
221955 | Zig:26   | Got a scorched silver ring
221967 | Zig:26   | Got a steaming steel ring
221987 | Zig:26   | Identified the +3 leather armour "Asigenoxi" {rPois rC-
                  | Str+4} (You found it on level 24 of a ziggurat)
221998 | Zig:26   | Identified the +3 chain mail "Wacin" {rF+} (You found it on
                  | level 25 of a ziggurat)
222004 | Zig:26   | Identified the ring of Kanusesm {*Contam +Fly MP+9 Str+3}
                  | (You found it on level 25 of a ziggurat)
222006 | Zig:26   | Identified the ring of the Morning {+Fly rF++} (You found
                  | it on level 25 of a ziggurat)
222008 | Zig:26   | Identified the ring of Rosoac {Wiz *Corrode rF- Str+6
                  | Slay+5} (You found it on level 26 of a ziggurat)
222010 | Zig:26   | Identified the ring of Odwef {rPois Int+2 Dex+2} (You found
                  | it on level 26 of a ziggurat)
222012 | Zig:26   | Identified the ring "Raam" {MR- Str+7 Int+7 Stlth+} (You
                  | found it on level 26 of a ziggurat)
222014 | Zig:26   | Identified the ring "Waseph" {rF- rC+ Str+7 Dex+3} (You
                  | found it on level 26 of a ziggurat)
222016 | Zig:26   | Identified the ring of the Sun {rElec rN+ Str+3} (You found
                  | it on level 26 of a ziggurat)
222022 | Zig:26   | Got a steaming zirconium amulet
222026 | Zig:26   | Got a sparkling silver ring
222027 | Zig:26   | Identified Sif Muna's Papyrus of Evil Toxins
222036 | Zig:26   | Identified Sif Muna's Disquisition on Lethal Translocation
222044 | Zig:26   | Identified Unasixox's Catalogue of Stolen Souls
222065 | Zig:26   | Got an ancient chain mail
222068 | Zig:26   | Got a faintly humming plate armour
222078 | Zig:27   | Entered Level 27 of a ziggurat
222078 | Zig:27   | Noticed a juggernaut
222078 | Zig:27   | Noticed a juggernaut
222078 | Zig:27   | Noticed a juggernaut
222078 | Zig:27   | Noticed a juggernaut
222078 | Zig:27   | Noticed a juggernaut
222078 | Zig:27   | Noticed a juggernaut
222078 | Zig:27   | Noticed a juggernaut
222078 | Zig:27   | Noticed a juggernaut
222078 | Zig:27   | Noticed a juggernaut
222078 | Zig:27   | Noticed a juggernaut
222078 | Zig:27   | Noticed a juggernaut
222078 | Zig:27   | Noticed a juggernaut
222078 | Zig:27   | Noticed a juggernaut
222078 | Zig:27   | Noticed a juggernaut
222078 | Zig:27   | Noticed a juggernaut
222079 | Zig:27   | Killed a juggernaut
222079 | Zig:27   | Killed a juggernaut
222079 | Zig:27   | Killed a juggernaut
222079 | Zig:27   | Killed a juggernaut
222079 | Zig:27   | Killed a juggernaut
222079 | Zig:27   | Killed a juggernaut
222079 | Zig:27   | Killed a juggernaut
222079 | Zig:27   | Killed a juggernaut
222080 | Zig:27   | Killed a juggernaut
222080 | Zig:27   | Killed a juggernaut
222080 | Zig:27   | Killed a juggernaut
222080 | Zig:27   | Killed a juggernaut
222080 | Zig:27   | Killed a juggernaut
222080 | Zig:27   | Noticed a juggernaut
222081 | Zig:27   | Killed a juggernaut
222081 | Zig:27   | Killed a juggernaut
222082 | Zig:27   | Noticed a juggernaut
222082 | Zig:27   | Noticed a juggernaut
222083 | Zig:27   | Noticed a juggernaut
222084 | Zig:27   | Killed a juggernaut
222084 | Zig:27   | Noticed a juggernaut
222084 | Zig:27   | Noticed a juggernaut
222085 | Zig:27   | Noticed a juggernaut
222086 | Zig:27   | Noticed a juggernaut
222086 | Zig:27   | Noticed a juggernaut
222086 | Zig:27   | Noticed a juggernaut
222087 | Zig:27   | Killed a juggernaut
222087 | Zig:27   | Killed a juggernaut
222087 | Zig:27   | Killed a juggernaut
222087 | Zig:27   | Killed a juggernaut
222088 | Zig:27   | Noticed a juggernaut
222089 | Zig:27   | Killed a juggernaut
222089 | Zig:27   | Killed a juggernaut
222089 | Zig:27   | Noticed a juggernaut
222089 | Zig:27   | Noticed a juggernaut
222090 | Zig:27   | Noticed a juggernaut
222090 | Zig:27   | Noticed a juggernaut
222091 | Zig:27   | Killed a juggernaut
222091 | Zig:27   | Noticed a juggernaut
222091 | Zig:27   | Noticed a juggernaut
222092 | Zig:27   | Killed a juggernaut
222092 | Zig:27   | Killed a juggernaut
222092 | Zig:27   | Noticed a juggernaut
222093 | Zig:27   | Noticed a juggernaut
222093 | Zig:27   | Noticed a juggernaut
222093 | Zig:27   | Noticed a juggernaut
222093 | Zig:27   | Noticed a juggernaut
222094 | Zig:27   | Killed a juggernaut
222094 | Zig:27   | Killed a juggernaut
222094 | Zig:27   | Killed a juggernaut
222094 | Zig:27   | Killed a juggernaut
222094 | Zig:27   | Noticed a juggernaut
222095 | Zig:27   | Noticed a juggernaut
222096 | Zig:27   | Killed a juggernaut
222096 | Zig:27   | Killed a juggernaut
222096 | Zig:27   | Killed a juggernaut
222096 | Zig:27   | Killed a juggernaut
222096 | Zig:27   | Killed a juggernaut
222096 | Zig:27   | Noticed a juggernaut
222096 | Zig:27   | Noticed a juggernaut
222096 | Zig:27   | Noticed a juggernaut
222097 | Zig:27   | Killed a juggernaut
222097 | Zig:27   | Killed a juggernaut
222097 | Zig:27   | Noticed a juggernaut
222097 | Zig:27   | Noticed a juggernaut
222097 | Zig:27   | Noticed a juggernaut
222098 | Zig:27   | Noticed a juggernaut
222099 | Zig:27   | Killed a juggernaut
222099 | Zig:27   | Killed a juggernaut
222099 | Zig:27   | Killed a juggernaut
222099 | Zig:27   | Noticed a juggernaut
222099 | Zig:27   | Noticed a juggernaut
222099 | Zig:27   | Noticed a juggernaut
222099 | Zig:27   | Noticed a juggernaut
222100 | Zig:27   | Killed a juggernaut
222100 | Zig:27   | Killed a juggernaut
222100 | Zig:27   | Killed a juggernaut
222100 | Zig:27   | Killed a juggernaut
222100 | Zig:27   | Killed a juggernaut
222100 | Zig:27   | Killed a juggernaut
222100 | Zig:27   | Noticed a juggernaut
222100 | Zig:27   | Noticed a juggernaut
222101 | Zig:27   | Noticed a juggernaut
222101 | Zig:27   | Noticed a juggernaut
222101 | Zig:27   | Noticed a juggernaut
222103 | Zig:27   | Noticed a juggernaut
222103 | Zig:27   | Killed a juggernaut
222103 | Zig:27   | Killed a juggernaut
222103 | Zig:27   | Killed a juggernaut
222103 | Zig:27   | Killed a juggernaut
222103 | Zig:27   | Killed a juggernaut
222103 | Zig:27   | Killed a juggernaut
222103 | Zig:27   | Noticed a juggernaut
222103 | Zig:27   | Noticed a juggernaut
222104 | Zig:27   | Killed a juggernaut
222104 | Zig:27   | Killed a juggernaut
222107 | Zig:27   | Killed a juggernaut
222107 | Zig:27   | Killed a juggernaut
222107 | Zig:27   | Killed a juggernaut
222107 | Zig:27   | Killed a juggernaut
222107 | Zig:27   | Noticed a juggernaut
222108 | Zig:27   | Noticed a juggernaut
222109 | Zig:27   | Killed a juggernaut
222110 | Zig:27   | Killed a juggernaut
222110 | Zig:27   | Noticed a juggernaut
222112 | Zig:27   | Noticed a juggernaut
222112 | Zig:27   | Killed a juggernaut
222113 | Zig:27   | Noticed a juggernaut
222114 | Zig:27   | Killed a juggernaut
222114 | Zig:27   | Noticed a juggernaut
222115 | Zig:27   | Killed a juggernaut
222117 | Zig:27   | Noticed a juggernaut
222117 | Zig:27   | Killed a juggernaut
222117 | Zig:27   | Killed a juggernaut
222121 | Zig:27   | Killed a juggernaut
222123 | Zig:27   | Noticed a juggernaut
222127 | Zig:27   | Killed a juggernaut
222384 | Zig:27   | Got a steaming lead ring
222393 | Zig:27   | Got a clouded bone ring
222406 | Zig:27   | Identified the Guide on Bewitchment
222421 | Zig:27   | Identified the Compendium of Creative Attacks
222424 | Zig:27   | Identified the Grimoire of the Creative Arsonist
222466 | Zig:27   | Got a distressingly furry plate armour
222476 | Zig:27   | Got a translucent chain mail
222492 | Zig:27   | Identified the +5 chain mail of the Many Seas {rF+ rC++
                  | Str-3 Stlth+} (You found it on level 26 of a ziggurat)
222503 | Zig:27   | Identified the +8 plate armour "Onnow" {Int-2 Dex+5} (You
                  | found it on level 26 of a ziggurat)
222514 | Zig:27   | Identified the cursed +1 chain mail of the Catamount {rF+
                  | Str+2 Dex+3} (You found it on level 27 of a ziggurat)
222526 | Zig:27   | Identified the cursed +1 plate armour of the Insatiable
                  | Souls {+Fly Regen+ Int+2} (You found it on level 27 of a
                  | ziggurat)
222539 | Zig:27   | Identified the amulet "Fittyran" {Gourm Int+6 Stlth+} (You
                  | found it on level 26 of a ziggurat)
222541 | Zig:27   | Identified the ring "Plog" {rF+ Str+4} (You found it on
                  | level 26 of a ziggurat)
222543 | Zig:27   | Identified the ring of Rocif {*Tele Dex+4} (You found it on
                  | level 27 of a ziggurat)
222545 | Zig:27   | Identified the ring of Cecvoaw {+Fly rC- rN+ MR+ SInv} (You
                  | found it on level 27 of a ziggurat)
222647 | Zig:1    | Entered Level 1 of a ziggurat
222711 | Zig:2    | Entered Level 2 of a ziggurat
222711 | Zig:2    | Noticed an ancient lich
222711 | Zig:2    | Noticed an ancient lich
222711 | Zig:2    | Noticed an ancient lich
222711 | Zig:2    | Noticed an ancient lich
222711 | Zig:2    | Noticed an ancient lich
222711 | Zig:2    | Noticed an ancient lich
222711 | Zig:2    | Noticed an ancient lich
222711 | Zig:2    | Noticed an ancient lich
222711 | Zig:2    | Noticed an ancient lich
222712 | Zig:2    | Killed an ancient lich
222712 | Zig:2    | Killed an ancient lich
222713 | Zig:2    | Killed an ancient lich
222713 | Zig:2    | Killed an ancient lich
222713 | Zig:2    | Killed an ancient lich
222713 | Zig:2    | Killed an ancient lich
222713 | Zig:2    | Killed an ancient lich
222713 | Zig:2    | Killed an ancient lich
222714 | Zig:2    | Killed an ancient lich
222722 | Zig:2    | Noticed an ancient lich
222726 | Zig:2    | Killed an ancient lich
222805 | Zig:3    | Entered Level 3 of a ziggurat
222948 | Zig:4    | Entered Level 4 of a ziggurat
223085 | Zig:5    | Entered Level 5 of a ziggurat
223147 | Zig:5    | Identified the Grimoire of Cold and Black Arts
223230 | Zig:6    | Entered Level 6 of a ziggurat
223442 | Zig:7    | Entered Level 7 of a ziggurat
223658 | Zig:7    | Got a pitted chain mail
223661 | Zig:8    | Entered Level 8 of a ziggurat
223829 | Zig:8    | Got a smoking lead ring
223835 | Zig:8    | Got a twitching amber ring
223838 | Zig:8    | Got a shimmering tin ring
223849 | Zig:9    | Entered Level 9 of a ziggurat
224049 | Zig:9    | Identified the Compendium of Intimidation
224051 | Zig:9    | Identified the Handbook of Excruciating Calling
224056 | Zig:9    | Identified the Almanac of Transformation
224063 | Zig:9    | Got a translucent platinum ring
224081 | Zig:9    | Identified the Disquisition on Spatial Cold
224090 | Zig:10   | Entered Level 10 of a ziggurat
224305 | Zig:10   | Identified Sif Muna's Catalogue of the Voyage and Combat
                  | Magic
224309 | Zig:10   | Identified the Guide on Mutagenic Summoning
224313 | Zig:10   | Got a warped steel ring
224323 | Zig:11   | Entered Level 11 of a ziggurat
224565 | Zig:12   | Entered Level 12 of a ziggurat
224820 | Zig:12   | Got a transparent chain mail
224828 | Zig:13   | Entered Level 13 of a ziggurat
225048 | Zig:13   | Got a sparkling lapis lazuli ring
225054 | Zig:13   | Got a bound granite ring
225055 | Zig:13   | Identified the Handbook of Torrid Poisoning
225068 | Zig:13   | Identified the Almanac of Poison and Arcane Weapons
225097 | Zig:14   | Entered Level 14 of a ziggurat
225097 | Zig:14   | Noticed a juggernaut
225097 | Zig:14   | Noticed a juggernaut
225097 | Zig:14   | Noticed a juggernaut
225098 | Zig:14   | Killed a juggernaut
225099 | Zig:14   | Killed a juggernaut
225099 | Zig:14   | Noticed a juggernaut
225100 | Zig:14   | Killed a juggernaut
225100 | Zig:14   | Noticed a juggernaut
225100 | Zig:14   | Noticed a juggernaut
225100 | Zig:14   | Noticed a juggernaut
225101 | Zig:14   | Noticed a juggernaut
225102 | Zig:14   | Killed a juggernaut
225102 | Zig:14   | Killed a juggernaut
225102 | Zig:14   | Killed a juggernaut
225103 | Zig:14   | Noticed a juggernaut
225104 | Zig:14   | Killed a juggernaut
225104 | Zig:14   | Killed a juggernaut
225106 | Zig:14   | Noticed a juggernaut
225107 | Zig:14   | Noticed a juggernaut
225108 | Zig:14   | Killed a juggernaut
225108 | Zig:14   | Noticed a juggernaut
225108 | Zig:14   | Noticed a juggernaut
225110 | Zig:14   | Noticed a juggernaut
225112 | Zig:14   | Killed a juggernaut
225112 | Zig:14   | Killed a juggernaut
225112 | Zig:14   | Killed a juggernaut
225112 | Zig:14   | Killed a juggernaut
225112 | Zig:14   | Noticed a juggernaut
225113 | Zig:14   | Killed a juggernaut
225116 | Zig:14   | Killed a juggernaut
225117 | Zig:14   | Noticed a juggernaut
225123 | Zig:14   | Killed a juggernaut
225313 | Zig:14   | Got a slimy shield
225322 | Zig:15   | Entered Level 15 of a ziggurat
225325 | Zig:15   | HP: 7/273 [spriggan air mage/the air (28)]
225325 | Zig:15   | Killed from afar by a spriggan air mage

Skill      XL: |  1  2  3  4  5  6  7  8  9 10 11 12 13 14 15 16 17 18 19 20 21 22 23 24 25 26 27 |
---------------+----------------------------------------------------------------------------------+-----
Conjurations   | 1 2 3 4 5 6 27 | 27.0
Fire Magic     | 2 4 27 | 27.0
Air Magic      | 2 3 4 27 | 27.0
Poison Magic   | 3 6 9 27 | 27.0
Necromancy     | 3 6 8 9 11 12 13 16 17 18 27 | 27.0
Spellcasting   | 4 5 7 8 10 11 13 27 | 27.0
Dodging        | 3 6 8 27 | 27.0
Evocations     | 3 6 27 | 27.0
Fighting       | 3 5 8 10 27 | 27.0
Armour         | 3 5 8 10 27 | 27.0
Stealth        | 4 6 27 | 27.0
Polearms       | 3 6 27 | 27.0
Earth Magic    | 4 8 9 12 13 18 22 25 27 | 27.0
Shields        | 2 9 13 15 27 | 27.0
Charms         | 6 27 | 27.0
Transmutations | 10 15 18 27 | 27.0
Ice Magic      | 2 27 | 27.0
Hexes          | 27 | 27.0
Short Blades   | 27 | 27.0
Staves         | 27 | 27.0
Throwing       | 27 | 27.0
Maces & Flails | 27 | 27.0
Summonings     | 27 | 27.0
Translocations | 27 | 27.0
Slings         | 27 | 27.0
Axes           | 27 | 27.0
Crossbows      | 27 | 27.0
Long Blades    | 27 | 27.0
Unarmed Combat | 27 | 27.0
Bows           | 27 | 27.0
Invocations    | 27 | 27.0

Action                   |  1- 3 |  4- 6 |  7- 9 | 10-12 | 13-15 | 16-18 | 19-21 | 22-24 | 25-27 || total
-------------------------+-------+-------+-------+-------+-------+-------+-------+-------+-------++-------
Melee: Spear             |    26 |       |       |       |   990 |   918 |   766 |  1109 |   718 ||  4527
       Dagger            |    11 |     6 |    72 |   381 |       |       |       |       |       ||   470
       Trident           |       |       |       |    20 |       |       |       |       |       ||    20
       Scythe            |       |       |       |   123 |   249 |       |       |       |       ||   372
       Unarmed           |       |       |       |       |       |     4 |       |       |       ||     4
       Staff             |       |       |       |       |       |       |       |       |   205 ||   205
       Lance             |       |       |       |       |       |       |       |       |   271 ||   271
       Glaive            |       |       |       |       |       |       |       |       |   242 ||   242
       Double sword      |       |       |       |       |       |       |       |       |    68 ||    68
       Quarterstaff      |       |       |       |       |       |       |       |       |    22 ||    22
 Fire: Blowgun           |       |       |       |     8 |       |       |       |       |       ||     8
Throw: Javelin           |       |       |       |       |       |       |       |       |    30 ||    30
 Cast: Magic Dart        |    63 |    97 |   126 |   305 |    74 |    15 |       |       |       ||   680
       Conjure Flame     |       |     1 |    25 |    80 |   118 |    21 |    14 |     1 |       ||   260
       Mephitic Cloud    |       |       |    12 |    74 |   106 |    32 |     4 |    11 |       ||   239
       Dispel Undead     |       |       |       |     2 |     5 |     7 |     1 |    28 |    78 ||   121
       Vampiric Draining |       |       |       |    16 |    16 |     5 |       |       |       ||    37
       Borgnjor's Vile C |       |       |       |       |    37 |   164 |   190 |   250 |   567 ||  1208
       Sublimation of Bl |       |       |       |       |       |     3 |    23 |    11 |       ||    37
       Regeneration      |       |       |       |       |       |       |    16 |    12 |       ||    28
       Necromutation     |       |       |       |       |       |       |       |    56 |  1503 ||  1559
       Ozocubu's Armour  |       |       |       |       |       |       |       |     4 |   217 ||   221
       Shatter           |       |       |       |       |       |       |       |       |  7770 ||  7770
       Ignition          |       |       |       |       |       |       |       |       |  2675 ||  2675
       Tornado           |       |       |       |       |       |       |       |       |  1632 ||  1632
       Chain Lightning   |       |       |       |       |       |       |       |       |   241 ||   241
       Glaciate          |       |       |       |       |       |       |       |       |   133 ||   133
       Darkness          |       |       |       |       |       |       |       |       |    58 ||    58
       Spectral Weapon   |       |       |       |       |       |       |       |       |    12 ||    12
       Aura of Abjuratio |       |       |       |       |       |       |       |       |     5 ||     5
       Deflect Missiles  |       |       |       |       |       |       |       |       |     4 ||     4
       Ring of Flames    |       |       |       |       |       |       |       |       |     3 ||     3
       Swiftness         |       |       |       |       |       |       |       |       |     2 ||     2
Invok: Receive Necronomi |       |       |       |       |     1 |       |       |       |       ||     1
       Renounce Religion |       |       |       |       |     1 |       |       |       |       ||     1
       Potion Petition   |       |       |       |       |       |       |       |       |   127 ||   127
       Call Merchant     |       |       |       |       |       |       |       |       |    24 ||    24
 Abil: Dig               |     1 |     1 |     6 |    20 |    60 |    24 |     9 |    14 |   162 ||   297
       End Transformatio |       |       |       |       |       |       |       |       |    16 ||    16
       Shaft Self        |       |       |       |       |       |       |       |       |    20 ||    20
       Evoke Fog         |       |       |       |       |       |       |       |       |     2 ||     2
       Stop Flying       |       |       |       |       |       |       |       |       |     1 ||     1
       Evoke Flight      |       |       |       |       |       |       |       |       |     1 ||     1
       Evoke Ratskin     |       |       |       |       |       |       |       |       |     1 ||     1
Evoke: Wand              |       |       |       |     1 |     1 |     1 |       |       |   153 ||   156
       Lightning rod     |       |       |       |       |       |       |       |     2 |     1 ||     3
       Phial of floods   |       |       |       |       |       |       |       |     1 |     1 ||     2
       Staff of energy   |       |       |       |       |       |       |       |       | 14217 || 14217
       Staff of Wucad Mu |       |       |       |       |       |       |       |       |  6105 ||  6105
       Figurine of a zig |       |       |       |       |       |       |       |       |    16 ||    16
       Fan of gales      |       |       |       |       |       |       |       |       |     5 ||     5
  Use: Scroll            |       |       |     5 |     5 |     5 |     1 |    15 |    18 |   519 ||   568
       Potion            |       |       |       |     2 |     2 |     3 |     4 |    19 |    82 ||   112
 Stab: Confused          |       |       |     6 |    20 |    49 |     9 |       |     3 |       ||    87
       Sleeping          |       |       |       |     5 |    10 |     9 |     4 |    14 |     9 ||    51
       Distracted        |       |       |       |       |     5 |     4 |     7 |     7 |    71 ||    94
       Invisible         |       |       |       |       |       |     7 |       |       |       ||     7
       Paralysed         |       |       |       |       |       |     4 |       |       |       ||     4
  Eat: Chunk             |     1 |     6 |    13 |    25 |     8 |       |       |       |       ||    53
       Ration            |       |       |       |     1 |    14 |    13 |    10 |     5 |    64 ||   107
Armor: Robe              |     5 |     2 |     3 |       |       |       |       |       |   478 ||   488
       Troll leather arm |       |       |     5 |   117 |   289 |   113 |   105 |   115 |  1555 ||  2299
Dodge: Dodged            |    25 |    18 |    56 |   341 |   655 |   303 |   211 |   168 |  4180 ||  5957
       Deflected         |       |       |       |     2 |     9 |    59 |    18 |    30 |    83 ||   201
Block: Shield            |       |       |       |       |       |   199 |       |       |       ||   199
       Large shield      |       |       |       |       |       |   205 |   463 |   787 |  9335 || 10790
       Rpst.: Double sword |       |       |       |       |       |       |       |       |     2 ||     2
